Workbook

Sheet 帮扶项目确权表
B1: 帮扶产业项目权属及经营性项目“四个一批”分类结果表
A2: 序号 | B2: 项目 年度 | C2: 资金来源 | E2: 项目 名称 | F2: 项目实施地点 | G2: 项目主要建设内容 | H2: 计划投资（万元） | K2: 项目 分类情况 | L2: 所有权 | M2: 经营权 | N2: 受益权 | O2: 处置权 | P2: 监督权 | Q2: 经营性项目“四个一批”分类 | R2: 备注
H3: 合计 | I3: 政策性资金 | J3: 其他渠道资金
A4: 1 | B4: 2013 | C4: 专项扶贫资金 | E4: 鲁朗镇扎西岗旅游合作社接待中心建设项目 | F4: 鲁朗镇扎西岗村 | G4: 建设一个占地面积270平米集办公、接待、就餐、洗浴为一体的旅游接待中心,配套家庭旅馆消毒设备。 | H4: =I4+J4 -> 90 | I4: 90 | J4: 0 | K4: 经营类 | L4: 林芝市巴宜区鲁朗镇扎西岗村股份经济合作联合社 | M4: 林芝市巴宜区鲁朗镇扎西岗村股份经济合作联合社 | N4: 林芝市巴宜区鲁朗镇扎西岗村股份经济合作联合社 | O4: 林芝市巴宜区鲁朗镇扎西岗村股份经济合作联合社 | P4: 林芝市巴宜区农业农村局、林芝市巴宜区鲁朗镇人民政府 | Q4: 盘活
A5: 2 | B5: 2013 | C5: 专项扶贫资金 | E5: 林芝镇卡斯木村旅游接待点建设项目 | F5: 林芝镇卡斯木村 | G5: 建设占地面积600平米的旅游接待点，其中、接待楼1栋400平米，伙房及储物间200平米，修建砖混结构围墙59.6米。 | H5: =I5+J5 -> 80 | I5: 80 | J5: 0 | K5: 公益类 | L5: 林芝市巴宜区林芝镇卡斯木村股份经济合作联合社 | M5: 林芝市巴宜区林芝镇卡斯木村股份经济合作联合社 | N5: 林芝市巴宜区林芝镇卡斯木村股份经济合作联合社 | O5: 林芝市巴宜区林芝镇卡斯木村股份经济合作联合社 | P5: 林芝市巴宜区农业农村局、林芝市巴宜区林芝镇人民政府 | Q5: -
A6: 3 | B6: 2013 | C6: 专项扶贫资金 | E6: 林芝镇朗欧村旅游接待点建设项目 | F6: 林芝镇朗欧村 | G6: 建设占地面积600平米的旅游接待点，其中、接待楼1栋400平米，伙房及储物间200平米，修建砖混结构围墙59.6米。 | H6: =I6+J6 -> 80 | I6: 80 | J6: 0 | K6: 经营类 | L6: 林芝市巴宜区林芝镇朗欧村股份经济合作联合社 | M6: 个体户 | N6: 林芝市巴宜区林芝镇朗欧村股份经济合作联合社 | O6: 林芝市巴宜区林芝镇朗欧村股份经济合作联合社 | P6: 林芝市巴宜区农业农村局、林芝市巴宜区林芝镇人民政府 | Q6: 巩固
A7: 4 | B7: 2013 | C7: 专项扶贫资金 | E7: 林芝镇尼池村糌粑面粉加工场项目 | F7: 林芝镇尼池村 | G7: 修建砖混结构厂房及仓库86.4㎡，水泥砖围墙79.4m，购置Ф100型电动石磨、阁润100型自动青稞翻炒机各1台（套），配套大门1座及水电等附属设施。 | H7: =I7+J7 -> 22 | I7: 22 | J7: 0 | K7: 经营类 | L7: 林芝市巴宜区林芝镇尼池村尼池组股份经济合作社 | M7: 林芝市巴宜区林芝镇尼池村尼池组股份经济合作社 | N7: 林芝市巴宜区林芝镇尼池村尼池组股份经济合作社 | O7: 林芝市巴宜区林芝镇尼池村尼池组股份经济合作社 | P7: 林芝市巴宜区农业农村局、林芝市巴宜区林芝镇人民政府 | Q7: 巩固 | R7: 有尼池组、果若组两个合作社，确认给？
A8: 5 | B8: 2013 | C8: 专项扶贫资金 | E8: 林芝县鲁朗镇东久村、林芝镇邦纳村、米瑞乡泽列村犏奶牛养殖项目 | F8: 鲁朗镇东久村、邦纳村，米瑞乡泽列村 | G8: 购置犏奶牛130头，种植草地100亩；新建砖木结构牛舍65座； | H8: =I8+J8 -> 67 | I8: 67 | J8: 0 | K8: 到户类 | L8: 米瑞乡泽列村27户；鲁朗镇东久村18户，林芝镇帮纳村20户村民 | M8: 米瑞乡泽列村27户；鲁朗镇东久村18户，林芝镇帮纳村20户村民 | N8: 米瑞乡泽列村27户；鲁朗镇东久村18户，林芝镇帮纳村20户村民 | O8: 米瑞乡泽列村27户；鲁朗镇东久村18户，林芝镇帮纳村20户村民 | Q8: -
A9: 6 | B9: 2013 | C9: 专项扶贫资金 | E9: 米瑞乡通麦村养羊项目 | F9: 米瑞乡通麦村 | G9: 购置绵羊200头，苜蓿草种植100亩，新建砖木结构50平米羊舍10栋 | H9: =I9+J9 -> 14 | I9: 14 | J9: 0 | K9: 经营类 | L9: 林芝市巴宜区米瑞通麦绵羊养殖农牧民专业合作社 | M9: 林芝市巴宜区米瑞通麦绵羊养殖农牧民专业合作社 | N9: 林芝市巴宜区米瑞通麦绵羊养殖农牧民专业合作社 | O9: 林芝市巴宜区米瑞通麦绵羊养殖农牧民专业合作社 | P9: 林芝市巴宜区农业农村局、林芝市巴宜区米瑞乡人民政府 | Q9: 巩固 | R9: 农牧民专合社
A10: 7 | B10: 2013 | C10: 专项扶贫资金 | E10: 布久乡麦巴村经济林木建设项目 | F10: 布久乡麦巴村 | G10: 扶持15户低收入群众发展经济林木种植项目，购置核桃树苗7200株，集中连片种植180亩核桃。 | H10: =I10+J10 -> 18 | I10: 18 | J10: 0 | K10: 到户类 | L10: 布久项目麦巴村15户村民 | M10: 布久项目麦巴村15户村民 | N10: 布久项目麦巴村15户村民 | O10: 布久项目麦巴村15户村民 | Q10: -
A11: 8 | B11: 2013 | C11: 专项扶贫资金 | E11: 八一镇公仲村经济林木建设项目 | F11: 八一镇公仲村 | G11: 扶持20户低收入群众发展经济林木种植项目，购置水蜜桃、油桃、梨子、核桃树苗18000株，集中种植300亩，及配套灌溉渠道1500米。 | H11: =I11+J11 -> 40 | I11: 40 | J11: 0 | K11: 到户类 | L11: 八一镇公众村20户村民 | M11: 八一镇公众村20户村民 | N11: 八一镇公众村20户村民 | O11: 八一镇公众村20户村民 | Q11: -
A12: 9 | B12: 2013 | C12: 专项扶贫资金 | E12: 米瑞乡色果拉藏鸡养殖基地建设项目 | F12: 米瑞乡色果拉 | G12: 建设一个6000平方米的集中养殖点，其中包括鸡舍240平方米、活动场2400平方米、仓库及住宿房104平方米，以31户入社群众为主体，带动全村共46户群众（其中20户104名群众为扶贫对象）发展藏鸡养殖5000只，并配套修建大门及围墙等设施。包括培训经费2万元。 | H12: =I12+J12 -> 50 | I12: 50 | J12: 0 | K12: 经营类 | L12: 林芝市巴宜区米瑞乡色果拉村股份经济合作联合社 | M12: 林芝市巴宜区米瑞乡色果拉村祥和种植养殖农牧民合作社 | N12: 林芝市巴宜区米瑞乡色果拉村股份经济合作联合社 | O12: 林芝市巴宜区米瑞乡色果拉村股份经济合作联合社 | P12: 林芝市巴宜区农业农村局、林芝市巴宜区米瑞乡人民政府 | Q12: 盘活
A13: 10 | B13: 2013 | C13: 专项扶贫资金 | E13: 米瑞乡麦娘麦村蔬菜大棚建设项目 | F13: 米瑞乡麦娘麦村 | G13: 扶持米瑞乡麦娘麦村38户农牧民群众（其中扶贫对象22户，辐射带动户16户）共196人，发展蔬菜种植产业。按平均每1户一座共38座，共建设8×30m的单拱钢管插棚38座，每座面积为240m2；配套完善大棚灌溉土渠450米。 | H13: =I13+J13 -> 76 | I13: 76 | J13: 0 | K13: 到户类 | L13: 米瑞乡麦娘麦村（仲萨村）33户村民 | M13: 米瑞乡麦娘麦村（仲萨村）33户村民 | N13: 米瑞乡麦娘麦村（仲萨村）33户村民 | O13: 米瑞乡麦娘麦村（仲萨村）33户村民 | Q13: -
A14: 11 | B14: 2013 | C14: 专项扶贫资金 | E14: 米瑞乡嘎萨村土豆、苜蓿草种植项目 | F14: 米瑞乡嘎萨村 | G14: 扶持米瑞乡嘎萨村16户108人治理撂荒地200亩，种植土豆50亩、紫花苜蓿草150亩。 | H14: =I14+J14 -> 18 | I14: 18 | J14: 0 | K14: 到户类 | L14: 米瑞乡嘎萨村16户村民 | M14: 米瑞乡嘎萨村16户村民 | N14: 米瑞乡嘎萨村16户村民 | O14: 米瑞乡嘎萨村16户村民 | Q14: -
A15: 12 | B15: 2013 | C15: 专项扶贫资金 | E15: 百巴镇折巴村粮油加工厂项目 | F15: 百巴镇折巴村 | G15: 新建厂房120平方米，购置设备一套。 | H15: =I15+J15 -> 30 | I15: 30 | J15: 0 | K15: 公益类 | L15: 林芝市巴宜区百巴镇折巴村折巴组股份经济合作社 | M15: 林芝市巴宜区百巴镇折巴村折巴组股份经济合作社 | N15: 林芝市巴宜区百巴镇折巴村折巴组股份经济合作社 | O15: 林芝市巴宜区百巴镇折巴村折巴组股份经济合作社 | P15: 林芝市巴宜区农业农村局、林芝市巴宜区百巴镇人民政府 | Q15: - | R15: 有折巴组、伍巴组两个组，确认给？
A16: 13 | B16: 2013 | C16: 专项扶贫资金 | E16: 百巴镇折巴村“优菜”水渠建设项目 | F16: 百巴镇折巴村 | G16: 新建c20钢筋砼1600米(规格:0.4MX0.35M)，4米农用桥一座，配套完善分水口等设施。 | H16: =I16+J16 -> 46 | I16: 46 | J16: 0 | K16: 公益类 | L16: 林芝市巴宜区百巴镇折巴村折巴组股份经济合作社 | M16: 林芝市巴宜区百巴镇折巴村折巴组股份经济合作社 | N16: 林芝市巴宜区百巴镇折巴村折巴组股份经济合作社 | O16: 林芝市巴宜区百巴镇折巴村折巴组股份经济合作社 | P16: 林芝市巴宜区农业农村局、林芝市巴宜区百巴镇人民政府 | Q16: - | R16: 有折巴组、伍巴组两个组，确认给？
A17: 14 | B17: 2013 | C17: 专项扶贫资金 | E17: 米瑞乡通麦村农田灌溉水渠 | F17: 米瑞乡通麦村 | G17: 新建引水渠道1400米，及分水口农用桥等渠系配套建筑物。 | H17: =I17+J17 -> 51 | I17: 51 | J17: 0 | K17: 公益类 | L17: 林芝市巴宜区米瑞乡通麦村股份经济合作联合社 | M17: 林芝市巴宜区米瑞乡通麦村股份经济合作联合社 | N17: 林芝市巴宜区米瑞乡通麦村股份经济合作联合社 | O17: 林芝市巴宜区米瑞乡通麦村股份经济合作联合社 | P17: 林芝市巴宜区农业农村局、林芝市巴宜区米瑞乡人民政府 | Q17: -
A18: 15 | B18: 2013 | C18: 专项扶贫资金 | E18: 鲁朗镇东久村瓜果采摘园项目 | F18: 鲁朗镇东久村 | G18: 开垦80亩撂荒地；购置种植木瓜10亩；种植苹果30亩；种植桃树20亩；种植李子20亩；修建游客接待中心；安装网围栏1300米。 | H18: =I18+J18 -> 59 | I18: 59 | J18: 0 | K18: 经营类 | L18: 林芝市巴宜区鲁朗镇东久村股份经济合作联合社 | M18: 个体户 | N18: 林芝市巴宜区鲁朗镇东久村股份经济合作联合社 | O18: 林芝市巴宜区鲁朗镇东久村股份经济合作联合社 | P18: 林芝市巴宜区农业农村局、林芝市巴宜区鲁朗镇人民政府 | Q18: 巩固
A19: 16 | B19: 2013 | C19: 专项扶贫资金 | E19: 百巴镇拉格村农田灌溉水渠 | F19: 百巴镇拉格村 | G19: 修建砼矩形引水主渠1000米，及分水口、农用桥等渠系配套交叉建筑物。 | H19: =I19+J19 -> 39 | I19: 39 | J19: 0 | K19: 公益类 | L19: 林芝市巴宜区百巴镇拉格村股份经济合作联合社 | M19: 林芝市巴宜区百巴镇拉格村股份经济合作联合社 | N19: 林芝市巴宜区百巴镇拉格村股份经济合作联合社 | O19: 林芝市巴宜区百巴镇拉格村股份经济合作联合社 | P19: 林芝市巴宜区农业农村局、林芝市巴宜区百巴镇人民政府 | Q19: -
A20: 17 | B20: 2013 | C20: 专项扶贫资金 | E20: 百巴镇折巴村核桃种植项目 | F20: 百巴镇折巴村 | G20: 开垦山坡地200亩；种植核桃200亩。 | H20: =I20+J20 -> 50 | I20: 50 | J20: 0 | K20: 到户类 | L20: 百巴镇折巴村51户村民 | M20: 百巴镇折巴村51户村民 | N20: 百巴镇折巴村51户村民 | O20: 百巴镇折巴村51户村民 | Q20: -
A21: 18 | B21: 2013 | C21: 专项扶贫资金 | E21: 百巴镇强嘎村工布赛马休闲旅游山庄建设项目 | F21: 百巴镇强嘎村 | G21: 建设民俗演艺厅、藏餐厅、射箭场，购置马匹10匹，配套马具、音响设备、射箭用具、餐饮厨具等配套设备。 | H21: =I21+J21 -> 60 | I21: 60 | J21: 0 | K21: 经营类 | L21: 林芝市巴宜区百巴镇强嘎村股份经济合作联合社 | M21: 个体户 | N21: 林芝市巴宜区百巴镇强嘎村股份经济合作联合社 | O21: 林芝市巴宜区百巴镇强嘎村股份经济合作联合社 | P21: 林芝市巴宜区农业农村局、林芝市巴宜区百巴镇人民政府 | Q21: 升级
A22: 19 | B22: 2013 | C22: 专项扶贫资金 | E22: 林芝镇立定村果园建设项目 | F22: 林芝镇立定村 | G22: 种植核桃树苗200亩；苹果树苗100亩；李子树苗、苹果树苗共100亩。 | H22: =I22+J22 -> 40 | I22: 40 | J22: 0 | K22: 到户类 | L22: 林芝镇立定村25户村、榜纳村13户村、娘峨村22户村民 | M22: 林芝镇立定村25户村、榜纳村13户村、娘峨村22户村民 | N22: 林芝镇立定村25户村、榜纳村13户村、娘峨村22户村民 | O22: 林芝镇立定村25户村、榜纳村13户村、娘峨村22户村民 | Q22: -
A23: 20 | B23: 2013 | C23: 专项扶贫资金 | E23: 米瑞乡吉定村藏香猪养殖项目 | F23: 米瑞乡吉定村 | G23: 购置藏香猪1166头；修建猪圈53座。 | H23: =I23+J23 -> 40 | I23: 40 | J23: 0 | K23: 到户类 | L23: 米瑞乡吉定村32户村民 | M23: 米瑞乡吉定村32户村民 | N23: 米瑞乡吉定村32户村民 | O23: 米瑞乡吉定村32户村民 | Q23: -
A24: 21 | B24: 2013 | C24: 专项扶贫资金 | E24: 米瑞乡德木达嘎鲁丁糌粑加工厂建设项目 | F24: 米瑞乡曲尼贡嘎村 | G24: 新建加工厂房2栋（一栋130㎡，另一栋170㎡）共300㎡；购置6FP2550型磨面机1台、6ZQ28A清粮机1台，YZYX120-8型螺旋榨油机1台、YBLL320X14板框滤油机1台；购置100型电动石磨4台（套）、阁润自动青稞翻炒机各3台（套）、电动缝口机1台；配套修建场区围墙260米、大门1座及水电线路等设施。 | H24: =I24+J24 -> 80 | I24: 80 | J24: 0 | K24: 经营类 | L24: 米瑞乡德木康桑水磨糌粑面粉农民专业合作社 | M24: 米瑞乡德木康桑水磨糌粑面粉农民专业合作社 | N24: 米瑞乡德木康桑水磨糌粑面粉农民专业合作社 | O24: 米瑞乡德木康桑水磨糌粑面粉农民专业合作社 | P24: 林芝市巴宜区农业农村局、林芝市巴宜区米瑞乡人民政府 | Q24: 巩固 | R24: 农牧民专合社
A25: 22 | B25: 2013 | C25: 专项扶贫资金 | E25: 米瑞乡曲尼贡嘎村藏香猪养殖项目 | F25: 米瑞乡曲尼贡嘎村 | G25: 建造4800平方米藏猪养殖基地;购置藏香仔猪1000头,母猪300头,种公猪20头；购置防疫\防病设备一套。 | H25: =I25+J25 -> 79 | I25: 79 | J25: 0 | K25: 经营类 | L25: 林芝市米瑞乡曲尼贡嘎村达白养殖农牧民专业合作社 | M25: 林芝市米瑞乡曲尼贡嘎村达白养殖农牧民专业合作社 | N25: 林芝市米瑞乡曲尼贡嘎村达白养殖农牧民专业合作社 | O25: 林芝市米瑞乡曲尼贡嘎村达白养殖农牧民专业合作社 | P25: 林芝市巴宜区农业农村局、林芝市巴宜区米瑞乡人民政府 | Q25: 巩固 | R25: 农牧民专合社
A26: 23 | B26: 2013 | C26: 专项扶贫资金 | E26: 八一镇尼西村水果蔬菜种植温室项目 | F26: 八一镇尼西村 | G26: 建设规模及内容为修建20米×8米单拱三面砖混温室8座。 | H26: =I26+J26 -> 35 | I26: 35 | J26: 0 | K26: 到户类 | L26: 八一镇尼西村13户村民 | M26: 八一镇尼西村13户村民 | N26: 八一镇尼西村13户村民 | O26: 八一镇尼西村13户村民 | Q26: -
A27: 24 | B27: 2013 | C27: 专项扶贫资金 | E27: 更张乡白玛店村和扎曲村钢架大棚灵芝菌种植项目 | F27: 更张乡白玛店村、扎曲村 | G27: 修建35座钢架大棚，8米*30米＝240平米，种植灵芝菌项目；扎曲村修建20座两连栋大棚温室（面积320平米），配套水渠700米，围墙800米。 | H27: =I27+J27 -> 179 | I27: 179 | J27: 0 | K27: 经营类 | L27: 林芝市巴宜区更章门巴民族乡扎曲村股份经济合作联合社、林芝市巴宜区更章门巴民族乡白玛店社区股份经济合作联合社 | M27: 林芝市巴宜区更章门巴民族乡扎曲村股份经济合作联合社、林芝市巴宜区更章门巴民族乡白玛店社区股份经济合作联合社 | N27: 林芝市巴宜区更章门巴民族乡扎曲村股份经济合作联合社、林芝市巴宜区更章门巴民族乡白玛店社区股份经济合作联合社 | O27: 林芝市巴宜区更章门巴民族乡扎曲村股份经济合作联合社、林芝市巴宜区更章门巴民族乡白玛店社区股份经济合作联合社 | P27: 林芝市巴宜区农业农村局、林芝市巴宜区更章乡人民政府 | Q27: 调整 | S27: 不好
A28: 25 | B28: 2013 | C28: 专项扶贫资金 | E28: 八一镇色定村阿吉林特色经济发展农牧民专业合作社藏民族手工艺品生产厂区建设项目 | F28: 八一镇色定村 | G28: 建立供销一体化的民族手工艺品生产基地242.25平方米，购买烙画机、毛皮软化机、打磨机、粉碎机、真空包装机、烘干机、缝纫机、打孔机、编织机等机械设备，以及相关人员培训。 | H28: =I28+J28 -> 42 | I28: 42 | J28: 0 | K28: 经营类 | L28: 林芝县八一镇色定村阿吉特色经济发展农牧民专业合作社 | M28: 林芝县八一镇色定村阿吉特色经济发展农牧民专业合作社 | N28: 林芝县八一镇色定村阿吉特色经济发展农牧民专业合作社 | O28: 林芝县八一镇色定村阿吉特色经济发展农牧民专业合作社 | P28: 林芝市巴宜区农业农村局、林芝市巴宜区八一镇人民政府 | Q28: 调整 | R28: 农牧民专合社
A29: 26 | B29: 2013 | C29: 专项扶贫资金 | E29: 林芝镇康扎村旅游接待住宿项目 | F29: 林芝镇康扎村 | G29: 建一栋占地面积641.83平米（含伙房及储物间100平米）集住宿餐饮为一体的接待点，购置76套床，156套床单及被套、配备餐桌等相应设备，配套建设大门1座等 | H29: =I29+J29 -> 300 | I29: 150 | J29: 150 | K29: 公益类 | L29: 林芝市巴宜区林芝镇康扎村股份经济合作联合社 | M29: 林芝市巴宜区林芝镇康扎村股份经济合作联合社 | N29: 林芝市巴宜区林芝镇康扎村股份经济合作联合社 | O29: 林芝市巴宜区林芝镇康扎村股份经济合作联合社 | P29: 林芝市巴宜区农业农村局、林芝市巴宜区林芝镇人民政府 | Q29: -
A30: 28 | B30: 2013 | C30: 专项扶贫资金 | E30: 米瑞乡色果拉村农田灌溉水渠修护项目 | F30: 米瑞乡色果拉村 | G30: 色果拉村3000米主渠和2800米支渠的修护 | H30: =I30+J30 -> 10 | I30: 10 | J30: 0 | K30: 公益类 | L30: 林芝市巴宜区米瑞乡色果拉村股份经济合作联合社 | M30: 林芝市巴宜区米瑞乡色果拉村股份经济合作联合社 | N30: 林芝市巴宜区米瑞乡色果拉村股份经济合作联合社 | O30: 林芝市巴宜区米瑞乡色果拉村股份经济合作联合社 | P30: 林芝市巴宜区农业农村局、林芝市巴宜区米瑞乡人民政府 | Q30: -
A31: 29 | B31: 2013 | C31: 专项扶贫资金 | E31: 布久乡孜热村水渠维修 | F31: 布久乡孜热村 | G31: 维修桥梁1座，填埋过水管等 | H31: =I31+J31 -> 10.35 | I31: 10.35 | J31: 0 | K31: 公益类 | L31: 林芝市巴宜区布久乡孜热村股份经济合作联合社 | M31: 林芝市巴宜区布久乡孜热村股份经济合作联合社 | N31: 林芝市巴宜区布久乡孜热村股份经济合作联合社 | O31: 林芝市巴宜区布久乡孜热村股份经济合作联合社 | P31: 林芝市巴宜区农业农村局、林芝市巴宜区区布久乡人民政府 | Q31: -
A32: 30 | B32: 2013 | C32: 专项扶贫资金 | E32: 百巴镇大坝村温室供水 | F32: 百巴镇大坝村 | G32: 主渠dn110管2270米，dn90管2060米，新修17条支管，dn管3950米，渠系配套建筑物蓄水池1座。 | H32: =I32+J32 -> 110 | I32: 110 | J32: 0 | K32: 公益类 | L32: 林芝市巴宜区百巴镇大坝村经济联合社 | M32: 林芝市巴宜区百巴镇大坝村经济联合社 | N32: 林芝市巴宜区百巴镇大坝村经济联合社 | O32: 林芝市巴宜区百巴镇大坝村经济联合社 | P32: 林芝市巴宜区农业农村局、林芝市巴宜区百巴镇人民政府 | Q32: -
A33: 31 | B33: 2013 | C33: 专项扶贫资金 | E33: 百巴镇大坝村蔬菜温室工程缺口资金 | F33: 百巴镇大坝村 | G33: 蔬菜温室配套工程 | H33: 43.06 | I33: 43.06 | J33: 0 | K33: 公益类 | L33: 林芝市巴宜区百巴镇大坝村经济联合社 | M33: 林芝市巴宜区百巴镇大坝村经济联合社 | N33: 林芝市巴宜区百巴镇大坝村经济联合社 | O33: 林芝市巴宜区农业农村局、林芝市巴宜区百巴镇人民政府 | P33: 林芝市巴宜区百巴镇大坝村经济联合社
A34: 34 | B34: 2014 | C34: 专项扶贫资金 | E34: 八一镇永久村农家乐建设项目 | F34: 八一镇永久村 | G34: 建设占地面积1485平米的农家乐，其中包括集住宿饮食一体的接待楼1栋300平米，修建砖混结构围墙59.6米。 | H34: =I34+J34 -> 45 | I34: 45 | J34: 0 | K34: 到户类 | L34: 个体户 | M34: 个体户 | N34: 个体户 | O34: 个体户 | Q34: -
A35: 35 | B35: 2014 | C35: 专项扶贫资金 | E35: 八一镇加乃村农田灌溉项目 | F35: 八一镇加乃村 | G35: 新修建灌渠两条共计3000m（分别长1600m，1400m），新开荒地132亩，种植核桃102亩。 | H35: =I35+J35 -> 98.41 | I35: 98.41 | J35: 0 | K35: 公益类 | L35: 林芝市巴宜区八一镇加乃村股份经济合作联合社 | M35: 林芝市巴宜区八一镇加乃村股份经济合作联合社 | N35: 林芝市巴宜区八一镇加乃村股份经济合作联合社 | O35: 林芝市巴宜区八一镇加乃村股份经济合作联合社 | P35: 林芝市巴宜区农业农村局、林芝市巴宜区八一镇人民政府 | Q35: -
A36: 36 | B36: 2014 | C36: 专项扶贫资金 | E36: 八一镇色定村蜜蜂养殖项目 | F36: 八一镇色定村 | G36: 购置中锋220箱、意蜂220箱，购买白糖11吨，购买养蜂专用保温布250平方米。 | H36: =I36+J36 -> 60 | I36: 60 | J36: 0 | K36: 经营类 | L36: 八一镇色定村异彩种养业农牧民专业合作社 | M36: 八一镇色定村异彩种养业农牧民专业合作社 | N36: 八一镇色定村异彩种养业农牧民专业合作社 | O36: 八一镇色定村异彩种养业农牧民专业合作社 | P36: 林芝市巴宜区农业农村局、林芝市巴宜区八一镇人民政府 | Q36: 巩固 | R36: 农牧民专合社
A37: 37 | B37: 2014 | C37: 专项扶贫资金 | E37: 百巴镇伍巴村旅游接待点项目 | F37: 百巴镇伍巴村 | G37: 建设占地面积600平米的旅游接待点，其中修建两层自驾游旅馆500㎡。配套水电、围墙、洗车设备。 | H37: =I37+J37 -> 135 | I37: 135 | J37: 0 | K37: 经营类 | L37: 林芝市巴宜区百巴镇折巴村伍巴组股份经济合作社 | M37: 林芝市巴宜区伍巴高原红艺术品加工农牧民专业合作社 | N37: 林芝市巴宜区百巴镇折巴村伍巴组股份经济合作社 | O37: 林芝市巴宜区百巴镇折巴村伍巴组股份经济合作社 | P37: 林芝市巴宜区农业农村局、林芝市巴宜区百巴镇人民政府 | Q37: 巩固
A38: 38 | B38: 2014 | C38: 专项扶贫资金 | E38: 百巴镇扎地村天麻种植项目 | F38: 百巴镇扎地村 | G38: 扶持73户农牧民群众355人，开发7亩土地种植天麻。 | H38: =I38+J38 -> 31 | I38: 31 | J38: 0 | K38: 到户类 | L38: 百巴镇扎地村73户村民 | M38: 百巴镇扎地村73户村民 | N38: 百巴镇扎地村73户村民 | O38: 百巴镇扎地村73户村民 | Q38: -
A39: 39 | B39: 2014 | C39: 专项扶贫资金 | E39: 布久乡孜热村绵羊养殖项目 | F39: 布久乡孜热村 | G39: 购置绵羊养殖750只，配套修建砖木结构羊圈400平方米，苜蓿草种植100亩，网围栏1500米。 | H39: =I39+J39 -> 45 | I39: 45 | J39: 0 | K39: 到户类 | L39: 布久乡孜热村55户村民 | M39: 布久乡孜热村55户村民 | N39: 布久乡孜热村55户村民 | O39: 布久乡孜热村55户村民 | Q39: -
A40: 40 | B40: 2014 | C40: 专项扶贫资金 | E40: 米瑞乡增巴村旅游接待点建设 | F40: 米瑞乡增巴村 | G40: 建设集住宿饮食一体的接待楼1栋320平米，配套相关附属设施。 | H40: =I40+J40 -> 80 | I40: 80 | J40: 0 | K40: 经营类 | L40: 林芝市巴宜区米瑞乡增巴村经济联合社 | M40: 个体户 | N40: 林芝市巴宜区米瑞乡增巴村经济联合社 | O40: 林芝市巴宜区米瑞乡增巴村经济联合社 | P40: 林芝市巴宜区农业农村局、林芝市巴宜区米瑞乡人民政府 | Q40: 巩固
A41: 41 | B41: 2014 | C41: 专项扶贫资金 | E41: 米瑞乡曲尼贡嘎村达嘎杂自然村藏鸡养殖项目 | F41: 米瑞乡达嘎杂自然村 | G41: 建设6000平方米的集中养殖点，其中包括鸡舍400平方米、活动场2400平方米，仓库及住宿200平方米，发展藏鸡养殖8000只，并配套完善大门建设及围墙等设施。 | H41: =I41+J41 -> 70 | I41: 70 | J41: 0 | K41: 到户类 | L41: 和谐种养殖合作社 | M41: 和谐种养殖合作社 | N41: 和谐种养殖合作社 | O41: 和谐种养殖合作社
A42: 42 | B42: 2014 | C42: 专项扶贫资金 | E42: 更章乡久巴村水果大棚建设项目 | F42: 更章乡久巴村 | G42: 建设8×40m的单拱钢管塑料大棚28座，配套完善温室灌溉系统，修建断面为0.3×0.4m，渠底厚度0.1m、边墙宽0.12m的砼灌溉渠道600m，引水流量0.05m3/s。 | H42: =I42+J42 -> 100 | I42: 100 | J42: 0 | K42: 经营类 | L42: 林芝市巴宜区更章门巴民族乡久巴村股份经济合作联合社 | M42: 林芝市巴宜区更章门巴民族乡久巴村草莓种植专业合作社 | N42: 林芝市巴宜区更章门巴民族乡久巴村股份经济合作联合社 | O42: 林芝市巴宜区更章门巴民族乡久巴村股份经济合作联合社 | P42: 林芝市巴宜区农业农村局、林芝市巴宜区更章乡人民政府 | Q42: 巩固
A43: 43 | B43: 2014 | C43: 专项扶贫资金 | E43: 米瑞乡通麦村工布服装加工厂建设项目 | F43: 米瑞乡通麦村 | G43: 修建加工厂房300平方米，其中仓库150平方米，围墙150米。SR-6-9缝纫机10台，在八一镇开设一间品牌专卖店。 | H43: =I43+J43 -> 45 | I43: 45 | J43: 0 | K43: 经营类 | L43: 林芝市拉片工布服装有限公司 | M43: 林芝市拉片工布服装有限公司 | N43: 林芝市拉片工布服装有限公司 | O43: 林芝市拉片工布服装有限公司 | P43: 林芝市巴宜区农业农村局、林芝市巴宜区米瑞乡人民政府 | Q43: 巩固 | R43: 农牧民专合社
A44: 44 | B44: 2014 | C44: 专项扶贫资金 | E44: 八一镇加定村藏香及民族服饰加工常建设项目 | F44: 八一镇加定村 | G44: 藏香加工：厂房120平方米，YD不锈钢线香机一台、YD-218高产量木粉加工粉粹机1台及传统加工设备。 民族服饰加工：修建库房80平方米，购置N061缩呢机1台、修建羊毛消毒池1座、清洗池1座、850型羊毛、羊绒梳理机1台，木质织呢机8台。 | H44: =I44+J44 -> 75 | I44: 75 | J44: 0 | K44: 经营类 | L44: 工布民族手工艺农牧民专业合作社 | M44: 工布民族手工艺农牧民专业合作社 | N44: 工布民族手工艺农牧民专业合作社 | O44: 工布民族手工艺农牧民专业合作社 | P44: 林芝市巴宜区农业农村局、林芝市巴宜区八一镇人民政府 | Q44: 巩固 | R44: 农牧民专合社
A45: 45 | B45: 2014 | C45: 专项扶贫资金 | E45: 米瑞乡藏猪养殖基地建设项目 | F45: 米瑞乡麦娘麦村 | G45: 麦娘麦村养殖藏猪200头，修建砖混结构猪舍400平方米，围墙380米，占地面积2000㎡及配套设施； | H45: =I45+J45 -> 30 | I45: 30 | J45: 0 | K45: 到户类 | L45: 米瑞乡麦娘麦村1户村民 | M45: 米瑞乡麦娘麦村1户村民 | N45: 米瑞乡麦娘麦村1户村民 | O45: 米瑞乡麦娘麦村1户村民 | Q45: -
A46: 46 | B46: 2014 | C46: 专项扶贫资金 | E46: 米瑞乡朗乃村重建苯日神山扶贫招待所建设项目 | F46: 米瑞乡朗乃村 | G46: 建设集餐饮、住宿、旅游咨询等610平方米旅游接待点，其中接待楼建筑面积318.72平方米，购置货架货柜5套，被褥等8套，太阳能热水器4套等。 | H46: =I46+J46 -> 77 | I46: 77 | J46: 0 | K46: 经营类 | L46: 林芝市巴宜区米瑞乡朗乃村股份经济合作联合社 | M46: 林芝市巴宜区米瑞乡朗乃村股份经济合作联合社 | N46: 林芝市巴宜区米瑞乡朗乃村股份经济合作联合社 | O46: 林芝市巴宜区米瑞乡朗乃村股份经济合作联合社 | P46: 林芝市巴宜区农业农村局、林芝市巴宜区米瑞乡人民政府 | Q46: 调整 | S46: 不好
A47: 47 | B47: 2014 | C47: 专项扶贫资金 | E47: 更张门巴民族乡扎曲村大峡谷温泉及配套设施建设项目 | F47: 更章乡扎曲村 | G47: 建设防洪堤30米，露天温泉池一座，室内洗澡堂4间，接待室3间，更衣室2间，在150米原有路面上修整1.5米宽的台阶。 | H47: =I47+J47 -> 65 | I47: 60 | J47: 5 | K47: 经营类 | L47: 林芝市巴宜区更章门巴民族乡扎曲村股份经济合作联合社 | M47: 林峰 | N47: 林芝市巴宜区更章门巴民族乡扎曲村股份经济合作联合社 | O47: 林芝市巴宜区更章门巴民族乡扎曲村股份经济合作联合社 | P47: 林芝市巴宜区农业农村局、林芝市巴宜区更章乡人民政府 | Q47: 巩固
A48: 48 | B48: 2014 | C48: 专项扶贫资金 | E48: 林芝镇、布久乡、米瑞乡藏猪养殖基地建设项目 | F48: 林芝镇卡斯木村、布久乡仲果村、米瑞乡米瑞村 | G48: 果绕村养殖藏猪225头，修建砖混结构猪舍600平方米，占地面积2500㎡及配套设施；卡斯木村养殖藏猪375头，修建砖混结构猪舍800平方米及配套设施；仲果村养殖藏猪125头，修建砖混结构猪舍400平方米，围墙380米占地面积2000㎡及配套设施；米瑞村养殖藏猪225头，修建到户猪圈650平方米。 | H48: =I48+J48 -> 200 | I48: 200 | J48: 0 | K48: 到户类 | L48: 林芝市巴宜区林芝镇卡斯木村股份经济合作联合社、米瑞乡米瑞村42户村民 | M48: 林芝市巴宜区林芝镇卡斯木村股份经济合作联合社、米瑞乡米瑞村42户村民 | N48: 林芝市巴宜区林芝镇卡斯木村股份经济合作联合社、米瑞乡米瑞村42户村民 | O48: 林芝市巴宜区林芝镇卡斯木村股份经济合作联合社、米瑞乡米瑞村42户村民 | Q48: -
A49: 49 | B49: 2014 | C49: 专项扶贫资金 | E49: 八一镇拉丁嘎旅游接待中心建设项目 | F49: 八一镇拉丁嘎村 | G49: 建设占地面积503.82平米的旅游接待点。配套给排水工程及餐桌椅、床、热水器等。 | H49: =I49+J49 -> 120 | I49: 120 | J49: 0 | K49: 经营类 | L49: 林芝市巴宜区八一镇拉丁嘎村股份经济合作联合社 | M49: 林芝市巴宜区城投公司 | N49: 林芝市巴宜区八一镇拉丁嘎村股份经济合作联合社 | O49: 林芝市巴宜区八一镇拉丁嘎村股份经济合作联合社 | P49: 林芝市巴宜区农业农村局、林芝市巴宜区八一镇人民政府 | Q49: 巩固
A50: 50 | B50: 2014 | C50: 专项扶贫资金 | E50: 米瑞乡吉定村经济林木种植项目 | F50: 米瑞乡吉定村 | G50: 种植核桃50亩，修建网围栏1000米，配套灌溉设施。 | H50: =I50+J50 -> 25 | I50: 25 | J50: 0 | K50: 公益类 | L50: 林芝市巴宜区米瑞乡吉定村股份经济合作联合社 | M50: 林芝市巴宜区米瑞乡吉定村股份经济合作联合社 | N50: 林芝市巴宜区米瑞乡吉定村股份经济合作联合社 | O50: 林芝市巴宜区米瑞乡吉定村股份经济合作联合社 | P50: 林芝市巴宜区农业农村局、林芝市巴宜区米瑞乡人民政府 | Q50: -
A51: 51 | B51: 2014 | C51: 专项扶贫资金 | E51: 林芝镇帮纳村盛康养殖基地建设项目 | F51: 林芝镇帮纳村 | G51: 从周边养殖大户处购置（2-3年期）犏奶牛45头。 | H51: =I51+J51 -> 25 | I51: 25 | J51: 0 | K51: 到户类 | L51: 林芝镇邦纳村45户村民 | M51: 林芝镇邦纳村45户村民 | N51: 林芝镇邦纳村45户村民 | O51: 林芝镇邦纳村45户村民 | Q51: -
A52: 52 | B52: 2014 | C52: 专项扶贫资金 | E52: 林芝镇康扎村村旅游接待住宿项目 | F52: 林芝镇康扎村 | G52: 康扎村村旅游接待点配套工程。 | H52: =I52+J52 -> 69.47 | I52: 69.47 | J52: 0 | K52: 公益类 | L52: 林芝市巴宜区林芝镇康扎村股份经济合作联合社 | M52: 林芝市巴宜区林芝镇康扎村股份经济合作联合社 | N52: 林芝市巴宜区林芝镇康扎村股份经济合作联合社 | O52: 林芝市巴宜区林芝镇康扎村股份经济合作联合社 | P52: 林芝市巴宜区农业农村局、林芝市巴宜区林芝镇人民政府 | Q52: -
A53: 53 | B53: 2014 | C53: 专项扶贫资金 | E53: 林芝县朗欧村旅游接待建设项目 | F53: 林芝镇朗欧村 | G53: 基础回填及挡墙等附属设施。 | H53: =I53+J53 -> 20.8 | I53: 20.8 | J53: 0 | K53: 公益类 | L53: 林芝市巴宜区林芝镇朗欧村股份经济合作联合社 | M53: 王辉 | N53: 林芝市巴宜区林芝镇朗欧村股份经济合作联合社 | O53: 林芝市巴宜区林芝镇朗欧村股份经济合作联合社 | P53: 林芝市巴宜区农业农村局、林芝市巴宜区林芝镇人民政府 | Q53: -
A54: 55 | B54: 2014 | C54: 专项扶贫资金 | E54: 百巴镇伍巴村旅游接待点项目 | F54: 百巴镇伍巴村 | G54: 增加了外墙装饰（整体贴片石），变更了屋顶结构及外观等。工程量及人工费用的增加。 | H54: =I54+J54 -> 16.79 | I54: 16.79 | J54: 0 | K54: 公益类 | L54: 林芝市巴宜区百巴镇折巴村伍巴组股份经济合作社 | M54: 林芝市巴宜区伍巴高原红艺术品加工农牧民专业合作社 | N54: 林芝市巴宜区百巴镇折巴村伍巴组股份经济合作社 | O54: 林芝市巴宜区伍巴高原红艺术品加工农牧民专业合作社 | P54: 林芝市巴宜区农业农村局、林芝市巴宜区百巴镇人民政府 | Q54: - | R54: 有折巴组、伍巴组两个组，确认给？
A55: 56 | B55: 2014 | C55: 专项扶贫资金 | E55: 百巴镇增巴村莫坝沟复垦地灌溉工程 | F55: 百巴镇增巴村 | G55: 新建灌溉水渠1510米，排水渠1600米，解决新开垦的940亩耕地灌溉和排涝问题。 | H55: =I55+J55 -> 133.06 | I55: 133.06 | J55: 0 | K55: 公益类 | L55: 林芝市巴宜区百巴镇增巴村股份经济合作联合社 | M55: 林芝市巴宜区百巴镇增巴村股份经济合作联合社 | N55: 林芝市巴宜区百巴镇增巴村股份经济合作联合社 | O55: 林芝市巴宜区百巴镇增巴村股份经济合作联合社 | P55: 林芝市巴宜区农业农村局、林芝市巴宜区百巴镇人民政府 | Q55: -
A56: 64 | B56: 2014 | C56: 援藏资金 | E56: 林芝县果园改造 | F56: 布久乡珠曲登村 | G56: 新建果园展销店78.18平方米、管理房 64.80平方米、厕所41.27平方米、土壤改良 595 亩、新建水渠 1200 米(30*40M 混凝土 )、木亭6个、铺装工程、大门、景石和网围栏等附属工程 | H56: =I56+J56 -> 956.86 | I56: 956.86 | J56: 0 | K56: 经营类 | L56: 林芝市巴宜区布久乡珠曲登村股份经济合作联合社 | M56: 西藏林芝圣域农牧综合有限公司 | N56: 林芝市巴宜区布久乡珠曲登村股份经济合作联合社 | O56: 林芝市巴宜区布久乡珠曲登村股份经济合作联合社 | P56: 林芝市巴宜区农业农村局、林芝市巴宜区区布久乡人民政府 | Q56: 巩固
A57: 66 | B57: 2015 | C57: 专项扶贫资金 | E57: 百巴镇、米瑞乡蔬菜大棚建设项目 | F57: 百巴镇拉格村、米瑞乡吉定村 | G57: 拉格村新建8米×40米的单拱钢管塑料大棚26座，为满足种植过程中作物对灌溉的需求，配套相应灌溉设施；吉定村新建8米×20米的单拱钢管塑料大棚32座。 | H57: =I57+J57 -> 226 | I57: 226 | J57: 0 | K57: 经营类 | L57: 林芝市巴宜区百巴镇拉格村股份经济合作联合社、米瑞乡吉定村32户村民 | M57: 林芝市巴宜区百巴镇拉格村股份经济合作联合社、米瑞乡吉定村32户村民 | N57: 林芝市巴宜区百巴镇拉格村股份经济合作联合社、米瑞乡吉定村32户村民 | O57: 林芝市巴宜区百巴镇拉格村股份经济合作联合社、米瑞乡吉定村32户村民 | P57: 林芝市巴宜区农业农村局、林芝市巴宜区百巴镇人民政府、林芝市巴宜区米瑞乡人民政府 | Q57: 盘活
A58: 67 | B58: 2015 | C58: 专项扶贫资金 | E58: 布久乡朱曲登村牲畜养殖棚圈建设项目 | F58: 布久乡珠曲登村 | G58: 新建砖混结构牲畜养殖棚1500平方米，其中3米x5米猪舍60座，6米x10米牛舍10座，管理用房104平方米，配套完善围墙和大门，扶持发展藏香猪和奶牛养殖。 | H58: 180 | I58: 180 | J58: 0 | K58: 公益类 | L58: 林芝市巴宜区布久乡珠曲登村股份经济合作联合社 | M58: 林芝市巴宜区布久乡珠曲登村股份经济合作联合社 | N58: 林芝市巴宜区布久乡珠曲登村股份经济合作联合社 | O58: 林芝市巴宜区农业农村局、林芝市巴宜区区布久乡人民政府 | P58: 林芝市巴宜区布久乡珠曲登村股份经济合作联合社
A59: 68 | B59: 2015 | C59: 专项扶贫资金 | E59: 更章乡久巴村水果基地建设项目 | F59: 更章乡久巴村 | G59: 新建8×40米的单拱钢管塑料大棚28座，每座面积为8米×40米=320平方米 | H59: =I59+J59 -> 150 | I59: 150 | J59: 0 | K59: 经营类 | L59: 林芝市巴宜区更章门巴民族乡久巴村股份经济合作联合社 | M59: 林芝市巴宜区更章门巴民族乡久巴村草莓种植专业合作社 | N59: 林芝市巴宜区更章门巴民族乡久巴村股份经济合作联合社 | O59: 林芝市巴宜区更章门巴民族乡久巴村股份经济合作联合社 | P59: 林芝市巴宜区农业农村局、林芝市巴宜区更章乡人民政府 | Q59: 巩固
A60: 69 | B60: 2015 | C60: 专项扶贫资金 | E60: 米瑞乡色果拉村绵羊养殖基地建设项目 | F60: 米瑞乡色果拉村 | G60: 绵羊养殖规模500只，配套建设砖木结构羊圈600平方米，种植苜蓿300亩。 | H60: =I60+J60 -> 80 | I60: 80 | J60: 0 | K60: 经营类 | L60: 林芝市巴宜区米瑞乡色果拉村股份经济合作联合社 | M60: 林芝市巴宜区米瑞乡色果拉村祥和种养殖农牧民合作社 | N60: 林芝市巴宜区米瑞乡色果拉村股份经济合作联合社 | O60: 林芝市巴宜区米瑞乡色果拉村股份经济合作联合社 | P60: 林芝市巴宜区农业农村局、林芝市巴宜区米瑞乡人民政府 | Q60: 巩固
A61: 70 | B61: 2015 | C61: 专项扶贫资金 | E61: 八一镇拉丁嘎村农田灌溉水渠建设项目 | F61: 八一镇拉丁嘎村 | G61: 新建1500m长PE水管，取水口1座，消力池1座，分水池3座，支渠4条，各100m。 | H61: =I61+J61 -> 50 | I61: 50 | J61: 0 | K61: 公益类 | L61: 林芝市巴宜区八一镇拉丁嘎村股份经济合作联合社 | M61: 林芝市巴宜区八一镇拉丁嘎村股份经济合作联合社 | N61: 林芝市巴宜区八一镇拉丁嘎村股份经济合作联合社 | O61: 林芝市巴宜区八一镇拉丁嘎村股份经济合作联合社 | P61: 林芝市巴宜区农业农村局、林芝市巴宜区八一镇人民政府 | Q61: -
A62: 72 | B62: 2015 | C62: 专项扶贫资金 | E62: 米瑞乡泽列村藏香猪养殖项目 | F62: 米瑞乡泽列村 | G62: 扶持27户农牧民群众发展藏香猪养殖，每户修建砖木结构15㎡猪舍1座，户均购置仔猪4头，共108头。 | H62: =I62+J62 -> 25 | I62: 25 | J62: 0 | K62: 到户类 | L62: 米瑞乡泽列村27户村民 | M62: 米瑞乡泽列村27户村民 | N62: 米瑞乡泽列村27户村民 | O62: 米瑞乡泽列村27户村民 | Q62: -
A63: 73 | B63: 2015 | C63: 专项扶贫资金 | E63: 八一镇永久村牲畜养殖项目 | F63: 八一镇永久村 | G63: 扶持八一镇永久村8户26人建设占地面积1250平米的砖木结构猪舍140平米，砖木结构牛舍210平方米，购买犏奶牛70头，藏香猪仔70头。 | H63: =I63+J63 -> 40 | I63: 40 | J63: 0 | K63: 到户类 | L63: 八一镇永久村8户村民 | M63: 八一镇永久村8户村民 | N63: 八一镇永久村8户村民 | O63: 八一镇永久村8户村民 | Q63: -
A64: 74 | B64: 2015 | C64: 专项扶贫资金 | E64: 鲁朗镇拉月温泉建设项目 | F64: 鲁朗镇拉月村 | G64: 建设占地面积1191.81平米的砖混接待休息室200平米，温泉洗浴池7个，共106.47平方米。 | H64: =I64+J64 -> 75 | I64: 75 | J64: 0 | K64: 经营类 | L64: 林芝市巴宜区鲁朗镇拉月村股份经济合作联合社 | M64: 林芝市巴宜区鲁朗镇拉月村股份经济合作联合社 | N64: 林芝市巴宜区鲁朗镇拉月村股份经济合作联合社 | O64: 林芝市巴宜区鲁朗镇拉月村股份经济合作联合社 | P64: 林芝市巴宜区农业农村局、林芝市巴宜区鲁朗镇人民政府 | Q64: 巩固
A65: 75 | B65: 2015 | C65: 专项扶贫资金 | E65: 米瑞乡朗乃村果树种植项目 | F65: 米瑞乡朗乃村 | G65: 一是种植苹果、梨、核桃等水果200亩；二是建设网围栏3700米；三是修建水渠400米。 | H65: =I65+J65 -> 65 | I65: 65 | J65: 0 | K65: 经营类 | L65: 林芝市巴宜区米瑞乡朗乃村股份经济合作联合社 | M65: 林芝市巴宜区米瑞乡朗乃村股份经济合作联合社 | N65: 林芝市巴宜区米瑞乡朗乃村股份经济合作联合社 | O65: 林芝市巴宜区米瑞乡朗乃村股份经济合作联合社 | P65: 林芝市巴宜区农业农村局、林芝市巴宜区米瑞乡人民政府 | Q65: 升级
A66: 76 | B66: 2015 | C66: 专项扶贫资金 | E66: 布久乡简切村民俗旅游接待中心 | F66: 布久乡简切村 | G66: 新建一座三层框架结构民俗旅游接待中心一座，建筑面积为898.平方米，配套相应室外设施，满足餐饮，商铺，房屋出租的功能。 | H66: =I66+J66 -> 350 | I66: 350 | J66: 0 | K66: 经营类 | L66: 林芝市巴宜区布久乡简切村经济联合社 | M66: 个体户 | N66: 林芝市巴宜区布久乡简切村经济联合社 | O66: 林芝市巴宜区布久乡简切村经济联合社 | P66: 林芝市巴宜区农业农村局、林芝市巴宜区区布久乡人民政府 | Q66: 巩固
A67: 77 | B67: 2015 | C67: 专项扶贫资金 | E67: 布久乡简切村果树种植项目 | F67: 布久乡简切村 | G67: 1）、购买和种植苹果树苗2000株，梨树苗2000株，核桃树4000株；2）、新建网围栏2000米。 | H67: =I67+J67 -> 50 | I67: 50 | J67: 0 | K67: 到户类 | L67: 布久乡简切村36户村民 | M67: 布久乡简切村36户村民 | N67: 布久乡简切村36户村民 | O67: 布久乡简切村36户村民 | Q67: -
A68: 78 | B68: 2015 | C68: 专项扶贫资金 | E68: 八一镇公众村玫瑰种植项目 | F68: 八一镇公众村 | G68: 扶持八一镇公众村新建砖混结构加工车间240平方米；新建砖混结构办公区域240平方米；新建砖混结构职工住房60平方米；玫瑰种植70亩，配套相关设施设备包括机耕道、引水管道及配件；新购机械设备18台套。 | H68: =I68+J68 -> 270 | I68: 270 | J68: 0 | K68: 经营类 | L68: 林芝市巴宜区八一镇公众村公众组股份经济合作社 | M68: 巴宜区卡丁圣和农业开发有限公司 | N68: 林芝市巴宜区八一镇公众村公众组股份经济合作社 | O68: 林芝市巴宜区八一镇公众村公众组股份经济合作社 | P68: 林芝市巴宜区农业农村局、林芝市巴宜区八一镇人民政府 | Q68: 调整 | R68: 原经营方跑路，所有权确定给？ | S68: 不好
A69: 79 | B69: 2015 | C69: 专项扶贫资金 | E69: 八一镇公众村果树种植项目 | F69: 八一镇公众村 | G69: 建设项目规模：加定村种植苹果、梨、核桃等水果70亩，色定村种植苹果、梨、核桃等水果80亩；配套输水管道6000米，道路整修3000米，相关设备，建设网围栏2000米。 | H69: =I69+J69 -> 130 | I69: 130 | J69: 0 | K69: 经营类 | L69: 林芝市巴宜区八一镇公众村公众组股份经济合作社 | M69: 巴宜区卡丁圣和农业开发有限公司 | N69: 林芝市巴宜区八一镇公众村公众组股份经济合作社 | O69: 林芝市巴宜区八一镇公众村公众组股份经济合作社 | P69: 林芝市巴宜区农业农村局、林芝市巴宜区八一镇人民政府 | Q69: 调整 | R69: 原经营方跑路，所有权确定给？ | S69: 不好
A70: 80 | B70: 2015 | C70: 专项扶贫资金 | E70: 林芝镇卡斯木村氆氇加工厂建设项目 | F70: 林芝镇卡斯木村 | G70: 项目新建轻钢夹芯板结构生产厂房200平方米，并购置氆氇机30台套。 | H70: =I70+J70 -> 30 | I70: 30 | J70: 0 | K70: 经营类 | L70: 林芝市巴宜区央宗氆氇手工艺品制作加工专业合作社 | M70: 林芝市巴宜区央宗氆氇手工艺品制作加工专业合作社 | N70: 林芝市巴宜区央宗氆氇手工艺品制作加工专业合作社 | O70: 林芝市巴宜区央宗氆氇手工艺品制作加工专业合作社 | P70: 林芝市巴宜区农业农村局、林芝市巴宜区林芝镇人民政府 | Q70: 巩固 | R70: 农牧民专合社
A71: 81 | B71: 2015 | C71: 专项扶贫资金 | E71: 更张乡更张村天麻种植项目 | F71: 更章乡更张村 | G71: 开发7亩土地种植天麻，购置白头麻麻种2810斤，购买菌棒1.05万根。 | H71: =I71+J71 -> 30 | I71: 30 | J71: 0 | K71: 经营类 | L71: 林芝市巴宜区更章门巴民族乡更章村股份经济合作联合社 | M71: 林芝市巴宜区更章门巴民族乡更章村股份经济合作联合社 | N71: 林芝市巴宜区更章门巴民族乡更章村股份经济合作联合社 | O71: 林芝市巴宜区更章门巴民族乡更章村股份经济合作联合社 | P71: 林芝市巴宜区农业农村局、林芝市巴宜区更章乡人民政府 | Q71: 调整 | S71: 不好
A72: 82 | B72: 2015 | C72: 专项扶贫资金 | E72: 百巴镇打麦场建设项目 | F72: 百巴镇折巴村 | G72: 新修91mx36m，3276平方米打麦场 | H72: 30 | I72: 30 | J72: 0 | K72: 公益类 | L72: 林芝市巴宜区百巴镇折巴村伍巴组股份经济合作社 | M72: 林芝市巴宜区百巴镇折巴村伍巴组股份经济合作社 | N72: 林芝市巴宜区百巴镇折巴村伍巴组股份经济合作社 | O72: 林芝市巴宜区农业农村局、林芝市巴宜区百巴镇人民政府 | P72: 林芝市巴宜区百巴镇折巴村伍巴组股份经济合作社
A73: 83 | B73: 2015 | C73: 专项扶贫资金 | E73: 麦娘麦村藏猪养殖项目 | F73: 米瑞乡麦娘麦村 | G73: 米瑞乡麦娘麦村养殖藏猪幼崽480头，修建猪圈1024平方米。 | H73: =I73+J73 -> 40 | I73: 40 | J73: 0 | K73: 到户类 | L73: 米瑞乡麦娘麦村30户村民 | M73: 米瑞乡麦娘麦村30户村民 | N73: 米瑞乡麦娘麦村30户村民 | O73: 米瑞乡麦娘麦村30户村民 | Q73: -
A74: 85 | B74: 2015 | C74: 专项扶贫资金 | E74: 百巴镇连别村精准扶贫项目 | F74: 百巴镇连别村 | G74: 修建砖砌围墙4105米，建8米×40米钢架大棚8栋 | H74: =I74+J74 -> 155 | I74: 155 | J74: 0 | K74: 到户类 | L74: 百巴镇连别村8户村民 | M74: 百巴镇连别村8户村民 | N74: 百巴镇连别村8户村民 | O74: 百巴镇连别村8户村民 | Q74: -
A75: 93 | B75: 2015 | C75: 援藏资金 | E75: 林芝县农家乐家庭旅馆建设 | F75: 八一镇 | G75: 家庭旅馆965.8平方米 | H75: =I75+J75 -> 299.97 | I75: 299.97 | J75: 0 | K75: 经营类 | L75: 林芝市巴宜区八一镇公众村色定组股份经济合作社 | M75: 林芝市巴宜区八一镇公众村色定组股份经济合作社 | N75: 林芝市巴宜区八一镇公众村色定组股份经济合作社 | O75: 林芝市巴宜区八一镇公众村色定组股份经济合作社 | P75: 林芝市巴宜区农业农村局、林芝市巴宜区八一镇人民政府 | Q75: 调整 | S75: 不好
A76: 94 | B76: 2016 | C76: 统筹整合涉农资金 | E76: 鲁朗镇扎西岗村、罗布村洗车场建设项目 | F76: 鲁朗镇扎西岗村、罗布村 | G76: 库房15.04㎡两个、道路硬化200m两个、水池2座、设备采购等（建筑、装饰、安装）。 | H76: =I76+J76 -> 19.13 | I76: 19.13 | J76: 0 | K76: 经营类 | L76: 林芝市巴宜区鲁朗镇罗布村股份经济合作联合社、林芝市巴宜区鲁朗镇扎西岗村股份经济合作联合社 | M76: 罗布村：刘永根，扎西岗村：次仁多吉 | N76: 林芝市巴宜区鲁朗镇罗布村股份经济合作联合社、林芝市巴宜区鲁朗镇扎西岗村股份经济合作联合社 | O76: 林芝市巴宜区鲁朗镇罗布村股份经济合作联合社、林芝市巴宜区鲁朗镇扎西岗村股份经济合作联合社 | P76: 林芝市巴宜区农业农村局、林芝市巴宜区鲁朗镇人民政府 | Q76: 巩固
A77: 95 | B77: 2016 | C77: 统筹整合涉农资金 | E77: 鲁朗镇片区自行车租赁项目 | F77: 鲁朗镇扎西岗村、罗布村 | G77: 新建车棚12*2.5m3座、管理用房31.57㎡2个。场地平整2项、标示牌3个、植草砖870m²、围墙37.2m、排水沟70m、购置单人、多人60辆自行车（建筑、装饰、安装）。 | H77: =I77+J77 -> 141.12 | I77: 141.12 | J77: 0 | K77: 经营类 | L77: 林芝市巴宜区鲁朗镇罗布村股份经济合作联合社、林芝市巴宜区鲁朗镇扎西岗村股份经济合作联合社 | M77: 林芝市巴宜区鲁朗镇罗布村股份经济合作联合社，林芝市巴宜区鲁朗镇扎西岗村股份经济合作联合社 | N77: 林芝市巴宜区鲁朗镇罗布村股份经济合作联合社、林芝市巴宜区鲁朗镇扎西岗村股份经济合作联合社 | O77: 林芝市巴宜区鲁朗镇罗布村股份经济合作联合社、林芝市巴宜区鲁朗镇扎西岗村股份经济合作联合社 | P77: 林芝市巴宜区农业农村局、林芝市巴宜区鲁朗镇人民政府 | Q77: 巩固
A78: 96 | B78: 2016 | C78: 统筹整合涉农资金 | E78: 鲁朗镇扎西岗村林下资源烘干厂房项目 | F78: 鲁朗镇扎西岗村 | G78: 建设53.68m²的厂房，总体电气1项，购买烘干机设备（建筑、装饰、安装）。 | H78: =I78+J78 -> 31.29 | I78: 31.29 | J78: 0 | K78: 经营类 | L78: 林芝市巴宜区鲁朗镇扎西岗村股份经济合作联合社 | M78: 林芝市巴宜区鲁朗镇扎西岗村股份经济合作联合社 | N78: 林芝市巴宜区鲁朗镇扎西岗村股份经济合作联合社 | O78: 林芝市巴宜区鲁朗镇扎西岗村股份经济合作联合社 | P78: 林芝市巴宜区农业农村局、林芝市巴宜区鲁朗镇人民政府 | Q78: 巩固
A79: 97 | B79: 2016 | C79: 统筹整合涉农资金 | E79: 鲁朗镇扎西岗犏奶牛养殖项目 | F79: 鲁朗镇扎西岗村 | G79: 扶持群众发展犏奶牛养殖，户均扶持25头、共购置75头，每户建牛舍40平米，共建设120平米牛舍。 | H79: =I79+J79 -> 59.63 | I79: 59.63 | J79: 0 | K79: 到户类 | L79: 鲁朗镇扎西岗村3户村民 | M79: 鲁朗镇扎西岗村3户村民 | N79: 鲁朗镇扎西岗村3户村民 | O79: 鲁朗镇扎西岗村3户村民 | Q79: -
A80: 98 | B80: 2016 | C80: 统筹整合涉农资金 | E80: 鲁朗镇洛木村藏药材种植项目 | F80: 鲁朗镇洛木村 | G80: 扶持洛木村困难群众发展波菱瓜种植，共种植168亩，配套网围栏等基础设施。 | H80: =I80+J80 -> 45.63 | I80: 45.63 | J80: 0 | K80: 经营类 | L80: 林芝市巴宜区鲁朗镇洛木村股份经济合作联合社 | M80: 林芝市巴宜区鲁朗镇洛木村股份经济合作联合社 | N80: 林芝市巴宜区鲁朗镇洛木村股份经济合作联合社 | O80: 林芝市巴宜区鲁朗镇洛木村股份经济合作联合社 | P80: 林芝市巴宜区农业农村局、林芝市巴宜区鲁朗镇人民政府 | Q80: 调整 | S80: 不好
A81: 99 | B81: 2016 | C81: 统筹整合涉农资金 | E81: 八一镇犏奶牛养殖项目 | F81: 八一镇巴果绕村、巴吉村、多布村、拉丁嘎村、永久村、章麦村、唐地村、尼西村、加乃村 | G81: 购买42头犏奶牛，新建牛舍630㎡。 | H81: =I81+J81 -> 55.68 | I81: 55.68 | J81: 0 | K81: 到户类 | L81: 八一镇永久村1户村民，八一镇拉丁嘎村6户村民，八一镇巴果绕村1户村民，八一镇巴吉村1户村民，八一镇多布村1户村，八一镇加乃村2户村民，八一镇尼西村2户村民，八一镇唐地村5户村民，八一镇章麦村2户村民 | M81: 八一镇永久村1户村民，八一镇拉丁嘎村6户村民，八一镇巴果绕村1户村民，八一镇巴吉村1户村民，八一镇多布村1户村，八一镇加乃村2户村民，八一镇尼西村2户村民，八一镇唐地村5户村民，八一镇章麦村2户村民 | N81: 八一镇永久村1户村民，八一镇拉丁嘎村6户村民，八一镇巴果绕村1户村民，八一镇巴吉村1户村民，八一镇多布村1户村，八一镇加乃村2户村民，八一镇尼西村2户村民，八一镇唐地村5户村民，八一镇章麦村2户村民 | O81: 八一镇永久村1户村民，八一镇拉丁嘎村6户村民，八一镇巴果绕村1户村民，八一镇巴吉村1户村民，八一镇多布村1户村，八一镇加乃村2户村民，八一镇尼西村2户村民，八一镇唐地村5户村民，八一镇章麦村2户村民 | Q81: -
A82: 100 | B82: 2016 | C82: 统筹整合涉农资金 | E82: 八一镇藏香猪项目 | F82: 八一镇巴果绕村、公众村、加当嘎村、拉丁嘎村、章麦村、尼西村 | G82: 购买510头藏香猪猪仔，新建猪舍340㎡。 | H82: =I82+J82 -> 50.6 | I82: 50.6 | J82: 0 | K82: 到户类 | L82: 八一镇拉丁嘎村5户村民，八一镇加当嘎村2户村民，八一镇公众村1户村民，八一镇巴果绕村2户村民，八一镇尼西村1户村民，八一镇唐地村1户村民，八一镇章麦村3户村民 | M82: 八一镇拉丁嘎村5户村民，八一镇加当嘎村2户村民，八一镇公众村1户村民，八一镇巴果绕村2户村民，八一镇尼西村1户村民，八一镇唐地村1户村民，八一镇章麦村3户村民 | N82: 八一镇拉丁嘎村5户村民，八一镇加当嘎村2户村民，八一镇公众村1户村民，八一镇巴果绕村2户村民，八一镇尼西村1户村民，八一镇唐地村1户村民，八一镇章麦村3户村民 | O82: 八一镇拉丁嘎村5户村民，八一镇加当嘎村2户村民，八一镇公众村1户村民，八一镇巴果绕村2户村民，八一镇尼西村1户村民，八一镇唐地村1户村民，八一镇章麦村3户村民 | Q82: -
A83: 101 | B83: 2016 | C83: 统筹整合涉农资金 | E83: 八一镇藏鸡养殖 | F83: 八一镇永久村、尼西村 | G83: 购买藏鸡鸡苗200只。新建鸡舍90㎡。 | H83: =I83+J83 -> 10.08 | I83: 10.08 | J83: 0 | K83: 到户类 | L83: 八一镇永久村1户村民，八一镇尼西村1户村民 | M83: 八一镇永久村1户村民，八一镇尼西村1户村民 | N83: 八一镇永久村1户村民，八一镇尼西村1户村民 | O83: 八一镇永久村1户村民，八一镇尼西村1户村民 | Q83: -
A84: 102 | B84: 2016 | C84: 统筹整合涉农资金 | E84: 林芝镇养殖项目 | F84: 林芝镇真巴村、尼池村、康扎村、曲古村、卡斯木村 | G84: 尼池村新建集中牛舍300㎡，30㎡/间，共10间，新建100㎡混合结构办公室1间、新建35㎡的仓库1间，安装1500m网围栏，购置犏奶牛40头。曲古村、真巴村、康扎村购置犏奶牛35头，到户新建牛舍330㎡，30㎡/间，共11间。卡斯木村新建猪舍2间，每间20㎡，购置藏香猪50头。 | H84: =I84+J84 -> 116.2 | I84: 116.2 | J84: 0 | K84: 到户类 | L84: 林芝镇卡斯木村3户村民，林芝镇尼池村5户村民，林芝镇曲古村1户村民，林芝镇镇巴村5户村民，林芝镇康扎村5户村民 | M84: 林芝镇卡斯木村3户村民，林芝镇尼池村5户村民，林芝镇曲古村1户村民，林芝镇镇巴村5户村民，林芝镇康扎村5户村民 | N84: 林芝镇卡斯木村3户村民，林芝镇尼池村5户村民，林芝镇曲古村1户村民，林芝镇镇巴村5户村民，林芝镇康扎村5户村民 | O84: 林芝镇卡斯木村3户村民，林芝镇尼池村5户村民，林芝镇曲古村1户村民，林芝镇镇巴村5户村民，林芝镇康扎村5户村民 | Q84: -
A85: 103 | B85: 2016 | C85: 统筹整合涉农资金 | E85: 百巴镇奶牛养殖项目 | F85: 百巴镇拉格村、增巴村 | G85: 新建1座集中牛舍200㎡、布设150m排污管道，修建化粪池1座，新建值班室30㎡，购买与安装500米网围栏，铺设给排水系统、供水管道300米，架设输电线路1套，购置犏奶牛65头。扶持增巴村一户购买犏牛3头，配套圈舍建设。 | H85: =I85+J85 -> 106.2 | I85: 106.2 | J85: 0 | K85: 经营类 | L85: 百巴镇增巴村1户村民，林芝市巴宜区百巴镇拉格村股份经济合作联合社 | M85: 百巴镇增巴村1户村民，林芝市巴宜区百巴镇拉格村股份经济合作联合社 | N85: 百巴镇增巴村1户村民，林芝市巴宜区百巴镇拉格村股份经济合作联合社 | O85: 百巴镇增巴村1户村民，林芝市巴宜区百巴镇拉格村股份经济合作联合社 | P85: 林芝市巴宜区农业农村局、林芝市巴宜区百巴镇人民政府 | Q85: 盘活
A86: 104 | B86: 2016 | C86: 统筹整合涉农资金 | E86: 百巴镇藏香猪养殖项目 | F86: 百巴镇折巴村 | G86: 新建猪舍40㎡，购买藏香猪仔猪60头。 | H86: =I86+J86 -> 5.95 | I86: 5.95 | J86: 0 | K86: 到户类 | L86: 百巴镇折巴村2户村民 | M86: 百巴镇折巴村2户村民 | N86: 百巴镇折巴村2户村民 | O86: 百巴镇折巴村2户村民 | Q86: -
A87: 105 | B87: 2016 | C87: 统筹整合涉农资金 | E87: 更章乡犏奶牛养殖项目（扎曲） | F87: 更章乡扎曲村 | G87: 扶持4户群众发展犏奶牛养殖，每户购置4头、修建砖木结构牛圈30平方米，共购置16头犏奶牛、修建牛舍120平方米。 | H87: =I87+J87 -> 18.93 | I87: 18.93 | J87: 0 | K87: 到户类 | L87: 更章乡扎曲村4户村民 | M87: 更章乡扎曲村4户村民 | N87: 更章乡扎曲村4户村民 | O87: 更章乡扎曲村4户村民 | Q87: -
A88: 106 | B88: 2016 | C88: 统筹整合涉农资金 | E88: 更章乡小型藏鸡养殖场项目 | F88: 更章乡更章村 | G88: 建设藏鸡养殖场一个、鸡舍200平方米、藏鸡苗1000只配套网围栏1000米、其他配套设施药品、饲料等。 | H88: =I88+J88 -> 64.27 | I88: 64.27 | J88: 0 | K88: 到户类 | L88: 更章乡更章村7户村民 | M88: 更章乡更章村7户村民 | N88: 更章乡更章村7户村民 | O88: 更章乡更章村7户村民 | Q88: -
A89: 107 | B89: 2016 | C89: 统筹整合涉农资金 | E89: 更章乡藏香猪养殖项目 | F89: 更章乡更章村 | G89: 修建砖木结构60平米猪圈，买50头猪、配套 网围栏100米、其他配套设施药品、饲料等。 | H89: =I89+J89 -> 7.07 | I89: 7.07 | J89: 0 | K89: 到户类 | L89: 更章乡更章村1户村民 | M89: 更章乡更章村1户村民 | N89: 更章乡更章村1户村民 | O89: 更章乡更章村1户村民 | Q89: -
A90: 108 | B90: 2016 | C90: 统筹整合涉农资金 | E90: 更章乡犏牛养殖项目（娘萨） | F90: 更章乡娘萨村 | G90: 5户发展犏奶牛养殖，每户购置4头牛，4户均扩建砖木结构牛圈15平方米，1户新建牛舍30平米。共购置20头犏奶牛。 | H90: =I90+J90 -> 23.55 | I90: 23.55 | J90: 0 | K90: 到户类 | L90: 更章乡娘萨村5户村民 | M90: 更章乡娘萨村5户村民 | N90: 更章乡娘萨村5户村民 | O90: 更章乡娘萨村5户村民 | Q90: -
A91: 109 | B91: 2016 | C91: 统筹整合涉农资金 | E91: 布久乡藏猪养殖项目 | F91: 布久乡仲果村、麦巴村、简切村、仲莎巴村、甲日卡村 | G91: 购买藏香猪仔猪330头（户均30头），修建220㎡猪圈。 | H91: =I91+J91 -> 29.33 | I91: 29.33 | J91: 0 | K91: 到户类 | L91: 布久乡简切村4户村民，布久乡甲日卡村1户村民，布久乡麦巴村2户村民，布久乡仲果村3户村民，布久乡仲萨巴村1户村民 | M91: 布久乡简切村4户村民，布久乡甲日卡村1户村民，布久乡麦巴村2户村民，布久乡仲果村3户村民，布久乡仲萨巴村1户村民 | N91: 布久乡简切村4户村民，布久乡甲日卡村1户村民，布久乡麦巴村2户村民，布久乡仲果村3户村民，布久乡仲萨巴村1户村民 | O91: 布久乡简切村4户村民，布久乡甲日卡村1户村民，布久乡麦巴村2户村民，布久乡仲果村3户村民，布久乡仲萨巴村1户村民 | Q91: -
A92: 110 | B92: 2016 | C92: 统筹整合涉农资金 | E92: 布久乡犏牛养殖项目 | F92: 布久乡杰麦村、仲果村、朵当村、珠曲登村、简切村、嘎玛村、仲莎巴村 | G92: 购买犏奶牛32头及维修牛舍一座。 | H92: =I92+J92 -> 32.97 | I92: 32.97 | J92: 0 | K92: 到户类 | L92: 布久乡简切村3户村民，布久乡杰麦村1户村民，布久乡朵当村3户村民，布久乡嘎玛村4户村民，布久乡仲果村2户村民，布久乡仲萨巴村1户村民，布久乡珠曲登村1户村民 | M92: 布久乡简切村3户村民，布久乡杰麦村1户村民，布久乡朵当村3户村民，布久乡嘎玛村4户村民，布久乡仲果村2户村民，布久乡仲萨巴村1户村民，布久乡珠曲登村1户村民 | N92: 布久乡简切村3户村民，布久乡杰麦村1户村民，布久乡朵当村3户村民，布久乡嘎玛村4户村民，布久乡仲果村2户村民，布久乡仲萨巴村1户村民，布久乡珠曲登村1户村民 | O92: 布久乡简切村3户村民，布久乡杰麦村1户村民，布久乡朵当村3户村民，布久乡嘎玛村4户村民，布久乡仲果村2户村民，布久乡仲萨巴村1户村民，布久乡珠曲登村1户村民 | Q92: -
A93: 111 | B93: 2016 | C93: 统筹整合涉农资金 | E93: 布久乡藏鸡养殖项目 | F93: 布久乡甲日卡村 | G93: 购买藏鸡200只，修建鸡舍50㎡。 | H93: =I93+J93 -> 6.04 | I93: 6.04 | J93: 0 | K93: 到户类 | L93: 布久乡甲日卡村1户村民 | M93: 布久乡甲日卡村1户村民 | N93: 布久乡甲日卡村1户村民 | O93: 布久乡甲日卡村1户村民 | Q93: -
A94: 112 | B94: 2016 | C94: 统筹整合涉农资金 | E94: 布久乡羊养殖项目 | F94: 布久乡孜热村 | G94: 小绵羊20只及修建羊圈30㎡。 | H94: =I94+J94 -> 1.75 | I94: 1.75 | J94: 0 | K94: 到户类 | L94: 布久乡孜热村1户村民 | M94: 布久乡孜热村1户村民 | N94: 布久乡孜热村1户村民 | O94: 布久乡孜热村1户村民 | Q94: -
A95: 113 | B95: 2016 | C95: 统筹整合涉农资金 | E95: 八一镇果树种植经济林木种植项目 | F95: 八一镇巴吉村 | G95: 打水井1眼，购买不锈钢高压水泵1台，购买有机肥20吨，购买网纹管PVC软管1070m，购买苹果树苗1000株。 | H95: =I95+J95 -> 13.38 | I95: 13.38 | J95: 0 | K95: 经营类 | L95: 林芝市巴宜区八一镇巴吉村玉米组股份经济合作社 | M95: 林芝市巴宜区八一镇巴吉村玉米组股份经济合作社 | N95: 林芝市巴宜区八一镇巴吉村玉米组股份经济合作社 | O95: 林芝市巴宜区八一镇巴吉村玉米组股份经济合作社 | P95: 林芝市巴宜区农业农村局、林芝市巴宜区八一镇人民政府 | Q95: 巩固
A96: 114 | B96: 2016 | C96: 统筹整合涉农资金 | E96: 八一镇蔬菜大棚建设项目 | F96: 八一镇加当嘎村 | G96: 修建8m*40m单拱钢架结构温室1座。 | H96: =I96+J96 -> 5.15 | I96: 5.15 | J96: 0 | K96: 到户类 | L96: 八一镇加当嘎村1户村民 | M96: 八一镇加当嘎村1户村民 | N96: 八一镇加当嘎村1户村民 | O96: 八一镇加当嘎村1户村民 | Q96: -
A97: 115 | B97: 2016 | C97: 统筹整合涉农资金 | E97: 林芝镇灵芝种植项目 | F97: 林芝镇朗欧村 | G97: 新建8m*40m单拱钢架结构温室3座，总建筑面积约为960㎡，购买灵芝菌种12600包。 | H97: =I97+J97 -> 23.12 | I97: 23.12 | J97: 0 | K97: 经营类 | L97: 林芝市巴宜区林芝镇朗欧村股份经济合作联合社 | M97: 林芝市巴宜区林芝镇朗欧村股份经济合作联合社 | N97: 林芝市巴宜区林芝镇朗欧村股份经济合作联合社 | O97: 林芝市巴宜区林芝镇朗欧村股份经济合作联合社 | P97: 林芝市巴宜区农业农村局、林芝市巴宜区林芝镇人民政府 | Q97: 升级
A98: 116 | B98: 2016 | C98: 统筹整合涉农资金 | E98: 百巴镇苹果种植项目 | F98: 百巴镇强嘎村 | G98: 孔径60mm×40mmф4镀锌铁丝网围栏800米，购买苹果树苗500株，挖填树坑500株，客土改良500株。 | H98: =I98+J98 -> 5.14 | I98: 5.14 | J98: 0 | K98: 到户类 | L98: 百巴镇强嘎村1户村民 | M98: 百巴镇强嘎村1户村民 | N98: 百巴镇强嘎村1户村民 | O98: 百巴镇强嘎村1户村民 | Q98: -
A99: 117 | B99: 2016 | C99: 统筹整合涉农资金 | E99: 米瑞乡蔬菜温室大棚项目 | F99: 米瑞乡增巴村、朗乃村 | G99: 8m×40m单拱钢架结构温室大棚4座；8m×20m单拱钢架结构温室大棚5座；25*33网纹管pvc软管；客土改良835㎡；有机肥9.7吨。 | H99: =I99+J99 -> 39.06 | I99: 39.06 | J99: 0 | K99: 到户类 | L99: 米瑞乡朗乃村4户村民，米瑞乡增巴村5户村民 | M99: 米瑞乡朗乃村4户村民，米瑞乡增巴村5户村民 | N99: 米瑞乡朗乃村4户村民，米瑞乡增巴村5户村民 | O99: 米瑞乡朗乃村4户村民，米瑞乡增巴村5户村民 | Q99: -
A100: 118 | B100: 2016 | C100: 统筹整合涉农资金 | E100: 布久乡蔬菜种植项目 | F100: 布久乡珠曲登村、简切村 | G100: 修建2座8m*20m单拱钢架结构温室，25*33网纹管PVC软管431.5m。 | H100: =I100+J100 -> 5.12 | I100: 5.12 | J100: 0 | K100: 到户类 | L100: 布久乡简切村1户村民，布久乡珠曲登村1户村民 | M100: 布久乡简切村1户村民，布久乡珠曲登村1户村民 | N100: 布久乡简切村1户村民，布久乡珠曲登村1户村民 | O100: 布久乡简切村1户村民，布久乡珠曲登村1户村民 | Q100: -
...

Sheet 帮扶产业确权表按乡镇
A1: 巴宜区帮扶产业项目“四个一批分类及五权确权表
A3: 序号 | B3: 项目编码 | C3: 项目 年度 | D3: 资金来源 | E3: 乡镇 | F3: 项目 名称 | G3: 项目实施地点 | H3: 项目主要建设内容 | I3: 计划投资（万元） | L3: 项目 分类情况 | M3: 所有权 | N3: 经营权 | O3: 受益权 | P3: 处置权 | Q3: 监督权 | R3: 经营性项目“四个一批”分类 | S3: 备注
I4: 合计 | J4: 政策性资金 | K4: 其他渠道资金
A5: 1 | B5: 8 | C5: 2013 | D5: 专项扶贫资金 | E5: 八一镇 | F5: 八一镇公众村经济林木建设项目 | G5: 八一镇公众村 | H5: 扶持20户低收入群众发展经济林木种植项目，购置水蜜桃、油桃、梨子、核桃树苗18000株，集中种植300亩，及配套灌溉渠道1500米。 | I5: 40 | J5: 40 | K5: 0 | L5: 到户类 | M5: 八一镇公众村20户村民 | N5: 八一镇公众村20户村民 | O5: 八一镇公众村20户村民 | P5: 八一镇公众村20户村民 | Q5: 八一镇公众村村民委员会 | R5: -
A6: 2 | B6: 23 | C6: 2013 | D6: 专项扶贫资金 | E6: 八一镇 | F6: 八一镇尼西村水果蔬菜种植温室项目 | G6: 八一镇尼西村 | H6: 建设规模及内容为修建20米×8米单拱三面砖混温室8座。 | I6: 35 | J6: 35 | K6: 0 | L6: 到户类 | M6: 八一镇尼西村13户村民 | N6: 八一镇尼西村13户村民 | O6: 八一镇尼西村13户村民 | P6: 八一镇尼西村13户村民 | Q6: 八一镇尼西村村民委员会 | R6: -
A7: 3 | B7: 25 | C7: 2013 | D7: 专项扶贫资金 | E7: 八一镇 | F7: 八一镇色定村阿吉林特色经济发展农牧民专业合作社藏民族手工艺品生产厂区建设项目 | G7: 八一镇色定村 | H7: 建立供销一体化的民族手工艺品生产基地242.25平方米，购买烙画机、毛皮软化机、打磨机、粉碎机、真空包装机、烘干机、缝纫机、打孔机、编织机等机械设备，以及相关人员培训。 | I7: 42 | J7: 42 | K7: 0 | L7: 经营类 | M7: 林芝市巴宜区八一镇公众村色定组股份经济合作社 | N7: 林芝县八一镇色定村阿吉特色经济发展农牧民专业合作社 | O7: 林芝市巴宜区八一镇公众村色定组股份经济合作社 | P7: 林芝市巴宜区八一镇公众村色定组股份经济合作社 | Q7: 林芝市巴宜区农业农村局、林芝市巴宜区八一镇人民政府 | R7: 调整 | S7: 农牧民专合社
A8: 4 | B8: 34 | C8: 2014 | D8: 专项扶贫资金 | E8: 八一镇 | F8: 八一镇永久村农家乐建设项目 | G8: 八一镇永久村 | H8: 建设占地面积1485平米的农家乐，其中包括集住宿饮食一体的接待楼1栋300平米，修建砖混结构围墙59.6米。 | I8: 45 | J8: 45 | K8: 0 | L8: 到户类 | M8: 个体户 | N8: 个体户 | O8: 个体户 | P8: 个体户 | Q8: 八一镇永久村村民委员会 | R8: -
A9: 5 | B9: 35 | C9: 2014 | D9: 专项扶贫资金 | E9: 八一镇 | F9: 八一镇加乃村农田灌溉项目 | G9: 八一镇加乃村 | H9: 新修建灌渠两条共计3000m（分别长1600m，1400m），新开荒地132亩，种植核桃102亩。 | I9: 98.41 | J9: 98.41 | K9: 0 | L9: 公益类 | M9: 林芝市巴宜区八一镇加乃村股份经济合作联合社 | N9: 林芝市巴宜区八一镇加乃村股份经济合作联合社 | O9: 林芝市巴宜区八一镇加乃村股份经济合作联合社 | P9: 林芝市巴宜区八一镇加乃村股份经济合作联合社 | Q9: 林芝市巴宜区农业农村局、林芝市巴宜区八一镇人民政府 | R9: -
A10: 6 | B10: 36 | C10: 2014 | D10: 专项扶贫资金 | E10: 八一镇 | F10: 八一镇色定村蜜蜂养殖项目 | G10: 八一镇色定村 | H10: 购置中锋220箱、意蜂220箱，购买白糖11吨，购买养蜂专用保温布250平方米。 | I10: 60 | J10: 60 | K10: 0 | L10: 经营类 | M10: 八一镇色定村异彩种养业农牧民专业合作社 | N10: 八一镇色定村异彩种养业农牧民专业合作社 | O10: 八一镇色定村异彩种养业农牧民专业合作社 | P10: 八一镇色定村异彩种养业农牧民专业合作社 | Q10: 林芝市巴宜区农业农村局、林芝市巴宜区八一镇人民政府 | R10: 巩固 | S10: 农牧民专合社
A11: 7 | B11: 44 | C11: 2014 | D11: 专项扶贫资金 | E11: 八一镇 | F11: 八一镇加定村藏香及民族服饰加工常建设项目 | G11: 八一镇加定村 | H11: 藏香加工：厂房120平方米，YD不锈钢线香机一台、YD-218高产量木粉加工粉粹机1台及传统加工设备。 民族服饰加工：修建库房80平方米，购置N061缩呢机1台、修建羊毛消毒池1座、清洗池1座、850型羊毛、羊绒梳理机1台，木质织呢机8台。 | I11: 75 | J11: 75 | K11: 0 | L11: 经营类 | M11: 工布民族手工艺农牧民专业合作社 | N11: 工布民族手工艺农牧民专业合作社 | O11: 工布民族手工艺农牧民专业合作社 | P11: 工布民族手工艺农牧民专业合作社 | Q11: 林芝市巴宜区农业农村局、林芝市巴宜区八一镇人民政府 | R11: 巩固 | S11: 农牧民专合社
A12: 8 | B12: 49 | C12: 2014 | D12: 专项扶贫资金 | E12: 八一镇 | F12: 八一镇拉丁嘎旅游接待中心建设项目 | G12: 八一镇拉丁嘎村 | H12: 建设占地面积503.82平米的旅游接待点。配套给排水工程及餐桌椅、床、热水器等。 | I12: 120 | J12: 120 | K12: 0 | L12: 经营类 | M12: 林芝市巴宜区八一镇拉丁嘎村股份经济合作联合社 | N12: 林芝市巴宜区城投公司 | O12: 林芝市巴宜区八一镇拉丁嘎村股份经济合作联合社 | P12: 林芝市巴宜区八一镇拉丁嘎村股份经济合作联合社 | Q12: 林芝市巴宜区农业农村局、林芝市巴宜区八一镇人民政府 | R12: 巩固
A13: 9 | B13: 70 | C13: 2015 | D13: 专项扶贫资金 | E13: 八一镇 | F13: 八一镇拉丁嘎村农田灌溉水渠建设项目 | G13: 八一镇拉丁嘎村 | H13: 新建1500m长PE水管，取水口1座，消力池1座，分水池3座，支渠4条，各100m。 | I13: 50 | J13: 50 | K13: 0 | L13: 公益类 | M13: 林芝市巴宜区八一镇拉丁嘎村股份经济合作联合社 | N13: 林芝市巴宜区八一镇拉丁嘎村股份经济合作联合社 | O13: 林芝市巴宜区八一镇拉丁嘎村股份经济合作联合社 | P13: 林芝市巴宜区八一镇拉丁嘎村股份经济合作联合社 | Q13: 林芝市巴宜区农业农村局、林芝市巴宜区八一镇人民政府 | R13: -
A14: 10 | B14: 73 | C14: 2015 | D14: 专项扶贫资金 | E14: 八一镇 | F14: 八一镇永久村牲畜养殖项目 | G14: 八一镇永久村 | H14: 扶持八一镇永久村8户26人建设占地面积1250平米的砖木结构猪舍140平米，砖木结构牛舍210平方米，购买犏奶牛70头，藏香猪仔70头。 | I14: 40 | J14: 40 | K14: 0 | L14: 到户类 | M14: 八一镇永久村8户村民 | N14: 八一镇永久村8户村民 | O14: 八一镇永久村8户村民 | P14: 八一镇永久村8户村民 | Q14: 八一镇永久村村民委员会 | R14: -
A15: 11 | B15: 78 | C15: 2015 | D15: 专项扶贫资金 | E15: 八一镇 | F15: 八一镇公众村玫瑰种植项目 | G15: 八一镇公众村 | H15: 扶持八一镇公众村新建砖混结构加工车间240平方米；新建砖混结构办公区域240平方米；新建砖混结构职工住房60平方米；玫瑰种植70亩，配套相关设施设备包括机耕道、引水管道及配件；新购机械设备18台套。 | I15: 270 | J15: 270 | K15: 0 | L15: 经营类 | M15: 林芝市巴宜区八一镇公众村色定组股份经济合作社 | N15: 巴宜区卡丁圣和农业开发有限公司 | O15: 林芝市巴宜区八一镇公众村色定组股份经济合作社 | P15: 林芝市巴宜区八一镇公众村色定组股份经济合作社 | Q15: 林芝市巴宜区农业农村局、林芝市巴宜区八一镇人民政府 | R15: 调整 | S15: 原经营方跑路，所有权确定给（村集体？）涉及政府拆迁
A16: 12 | B16: 79 | C16: 2015 | D16: 专项扶贫资金 | E16: 八一镇 | F16: 八一镇公众村果树种植项目 | G16: 八一镇公众村 | H16: 建设项目规模：加定村种植苹果、梨、核桃等水果70亩，色定村种植苹果、梨、核桃等水果80亩；配套输水管道6000米，道路整修3000米，相关设备，建设网围栏2000米。 | I16: 130 | J16: 130 | K16: 0 | L16: 经营类 | M16: 林芝市巴宜区八一镇公众村色定、加定组股份经济合作社 | N16: 巴宜区卡丁圣和农业开发有限公司 | O16: 林芝市巴宜区八一镇公众村色定、加定组股份经济合作社 | P16: 林芝市巴宜区八一镇公众村色定、加定组股份经济合作社 | Q16: 林芝市巴宜区农业农村局、林芝市巴宜区八一镇人民政府 | R16: 调整 | S16: 原经营方跑路，所有权确定给（村集体？）
A17: 13 | B17: 93 | C17: 2015 | D17: 援藏资金 | E17: 八一镇 | F17: 林芝县农家乐家庭旅馆建设 | G17: 八一镇 | H17: 家庭旅馆965.8平方米 | I17: 299.97 | J17: 299.97 | K17: 0 | L17: 经营类 | M17: 林芝市巴宜区八一镇公众村色定组股份经济合作社 | N17: 林芝市巴宜区八一镇公众村色定组股份经济合作社 | O17: 林芝市巴宜区八一镇公众村色定组股份经济合作社 | P17: 林芝市巴宜区八一镇公众村色定组股份经济合作社 | Q17: 林芝市巴宜区农业农村局、林芝市巴宜区八一镇人民政府 | R17: 调整 | S17: (涉及征地拆迁）资产处置需与援藏对接
A18: 14 | B18: 99 | C18: 2016 | D18: 统筹整合涉农资金 | E18: 八一镇 | F18: 八一镇犏奶牛养殖项目 | G18: 八一镇巴果绕村、巴吉村、多布村、拉丁嘎村、永久村、章麦村、唐地村、尼西村、加乃村 | H18: 购买42头犏奶牛，新建牛舍630㎡。 | I18: 55.68 | J18: 55.68 | K18: 0 | L18: 到户类 | M18: 八一镇永久村1户村民，八一镇拉丁嘎村6户村民，八一镇巴果绕村1户村民，八一镇巴吉村1户村民，八一镇多布村1户村，八一镇加乃村2户村民，八一镇尼西村2户村民，八一镇唐地村5户村民，八一镇章麦村2户村民 | N18: 八一镇永久村1户村民，八一镇拉丁嘎村6户村民，八一镇巴果绕村1户村民，八一镇巴吉村1户村民，八一镇多布村1户村，八一镇加乃村2户村民，八一镇尼西村2户村民，八一镇唐地村5户村民，八一镇章麦村2户村民 | O18: 八一镇永久村1户村民，八一镇拉丁嘎村6户村民，八一镇巴果绕村1户村民，八一镇巴吉村1户村民，八一镇多布村1户村，八一镇加乃村2户村民，八一镇尼西村2户村民，八一镇唐地村5户村民，八一镇章麦村2户村民 | P18: 八一镇永久村1户村民，八一镇拉丁嘎村6户村民，八一镇巴果绕村1户村民，八一镇巴吉村1户村民，八一镇多布村1户村，八一镇加乃村2户村民，八一镇尼西村2户村民，八一镇唐地村5户村民，八一镇章麦村2户村民 | Q18: （八一镇永久村、八一镇拉丁嘎村、八一镇巴果绕村、八一镇巴吉村、八一镇多布村、八一镇加乃村、八一镇尼西村、八一镇唐地村、八一镇章麦村）村民委员会 | R18: -
A19: 15 | B19: 100 | C19: 2016 | D19: 统筹整合涉农资金 | E19: 八一镇 | F19: 八一镇藏香猪项目 | G19: 八一镇巴果绕村、公众村、加当嘎村、拉丁嘎村、章麦村、尼西村 | H19: 购买510头藏香猪猪仔，新建猪舍340㎡。 | I19: 50.6 | J19: 50.6 | K19: 0 | L19: 到户类 | M19: 八一镇拉丁嘎村5户村民，八一镇加当嘎村2户村民，八一镇公众村1户村民，八一镇巴果绕村2户村民，八一镇尼西村1户村民，八一镇唐地村1户村民，八一镇章麦村3户村民 | N19: 八一镇拉丁嘎村5户村民，八一镇加当嘎村2户村民，八一镇公众村1户村民，八一镇巴果绕村2户村民，八一镇尼西村1户村民，八一镇唐地村1户村民，八一镇章麦村3户村民 | O19: 八一镇拉丁嘎村5户村民，八一镇加当嘎村2户村民，八一镇公众村1户村民，八一镇巴果绕村2户村民，八一镇尼西村1户村民，八一镇唐地村1户村民，八一镇章麦村3户村民 | P19: 八一镇拉丁嘎村5户村民，八一镇加当嘎村2户村民，八一镇公众村1户村民，八一镇巴果绕村2户村民，八一镇尼西村1户村民，八一镇唐地村1户村民，八一镇章麦村3户村民 | Q19: （八一镇拉丁嘎、八一镇加当嘎村、八一镇公众村、八一镇巴果绕村、八一镇尼西村、八一镇唐地村、八一镇章麦村）村民委员会 | R19: -
A20: 16 | B20: 101 | C20: 2016 | D20: 统筹整合涉农资金 | E20: 八一镇 | F20: 八一镇藏鸡养殖 | G20: 八一镇永久村、尼西村 | H20: 购买藏鸡鸡苗200只。新建鸡舍90㎡。 | I20: 10.08 | J20: 10.08 | K20: 0 | L20: 到户类 | M20: 八一镇永久村1户村民，八一镇尼西村1户村民 | N20: 八一镇永久村1户村民，八一镇尼西村1户村民 | O20: 八一镇永久村1户村民，八一镇尼西村1户村民 | P20: 八一镇永久村1户村民，八一镇尼西村1户村民 | Q20: 八一镇永久村、尼西村村民委员会 | R20: -
A21: 17 | B21: 113 | C21: 2016 | D21: 统筹整合涉农资金 | E21: 八一镇 | F21: 八一镇果树种植经济林木种植项目 | G21: 八一镇巴吉村 | H21: 打水井1眼，购买不锈钢高压水泵1台，购买有机肥20吨，购买网纹管PVC软管1070m，购买苹果树苗1000株。 | I21: 13.38 | J21: 13.38 | K21: 0 | L21: 经营类 | M21: 林芝市巴宜区八一镇巴吉村玉米组股份经济合作社 | N21: 林芝市巴宜区八一镇巴吉村玉米组股份经济合作社 | O21: 林芝市巴宜区八一镇巴吉村玉米组股份经济合作社 | P21: 林芝市巴宜区八一镇巴吉村玉米组股份经济合作社 | Q21: 林芝市巴宜区农业农村局、林芝市巴宜区八一镇人民政府 | R21: 巩固
A22: 18 | B22: 114 | C22: 2016 | D22: 统筹整合涉农资金 | E22: 八一镇 | F22: 八一镇蔬菜大棚建设项目 | G22: 八一镇加当嘎村 | H22: 修建8m*40m单拱钢架结构温室1座。 | I22: 5.15 | J22: 5.15 | K22: 0 | L22: 到户类 | M22: 八一镇加当嘎村1户村民 | N22: 八一镇加当嘎村1户村民 | O22: 八一镇加当嘎村1户村民 | P22: 八一镇加当嘎村1户村民 | Q22: 八一镇加当嘎村村民委员会 | R22: -
A23: 19 | B23: 124 | C23: 2016 | D23: 统筹整合涉农资金 | E23: 八一镇 | F23: 八一镇色定村藏香加工厂项目 | G23: 八一镇公众村 | H23: 道路硬化300㎡及厂区绿化。 | I23: 9.54 | J23: 9.54 | K23: 0 | L23: 公益类 | M23: 工布民族手工艺农牧民专业合作社 | N23: 工布民族手工艺农牧民专业合作社 | O23: 工布民族手工艺农牧民专业合作社 | P23: 工布民族手工艺农牧民专业合作社 | Q23: 林芝市巴宜区农业农村局、林芝市巴宜区八一镇人民政府 | R23: - | S23: 农牧民专合社
A24: 20 | B24: 134 | C24: 2016 | D24: 统筹整合涉农资金 | E24: 八一镇 | F24: 八一镇永久村次仁德吉藏家乐扩建项目 | G24: 八一镇永久村 | H24: 购置电视机16台、购置床32张、购置沙发10张。 | I24: 10 | J24: 10 | K24: 0 | L24: 经营类 | M24: 林芝市巴宜区八一镇永久村次仁德吉藏家乐农民专业合作社 | N24: 八一镇永久村次仁德吉藏家乐农民专业合作社 | O24: 林芝市巴宜区八一镇永久村次仁德吉藏家乐农民专业合作社 | P24: 林芝市巴宜区八一镇永久村次仁德吉藏家乐农民专业合作社 | Q24: 林芝市巴宜区农业农村局、林芝市巴宜区八一镇人民政府 | R24: 巩固 | S24: 农牧民专合社（设备已被售卖，用来养猪）
A25: 21 | B25: 135 | C25: 2016 | D25: 统筹整合涉农资金 | E25: 八一镇 | F25: 八一镇巴吉玉米尼玛扎西藏猪养殖基地扩建项目 | G25: 八一镇巴吉村 | H25: 购置藏猪（种）猪20头、购置半成品猪50头、购置玉米30000斤、购置小麦20000斤、购置大豆2500斤、制作广告牌1.5万元。 | I25: 20 | J25: 20 | K25: 0 | L25: 到户类 | M25: 个体户 | N25: 个体户 | O25: 个体户 | P25: 个体户 | Q25: 八一镇巴吉村村民委员会
A26: 22 | B26: 151 | C26: 2017 | D26: 统筹整合涉农资金 | E26: 八一镇 | F26: 八一镇精准扶贫藏猪养殖项目 | G26: 八一镇巴果绕村、唐地村 | H26: 扩建养猪场、购买配套设施、养殖90头藏香猪。 | I26: 15.2 | J26: 15.2 | K26: 0 | L26: 到户类 | M26: 八一镇巴果绕村2户村民，八一镇唐地村1户村民 | N26: 八一镇巴果绕村2户村民，八一镇唐地村1户村民 | O26: 八一镇巴果绕村2户村民，八一镇唐地村1户村民 | P26: 八一镇巴果绕村2户村民，八一镇唐地村1户村民 | Q26: （八一镇巴果绕村、唐地村）村民委员会 | R26: -
A27: 23 | B27: 154 | C27: 2017 | D27: 统筹整合涉农资金 | E27: 八一镇 | F27: 八一镇加乃村多布杰养殖项目 | G27: 八一镇加乃村 | H27: 修建牛棚及配套设施、养殖4头犏奶牛。 | I27: 5.23 | J27: 5.23 | K27: 0 | L27: 到户类 | M27: 八一镇加乃村1户村民 | N27: 八一镇加乃村1户村民 | O27: 八一镇加乃村1户村民 | P27: 八一镇加乃村1户村民 | Q27: 八一镇加乃村村民委员会 | R27: -
A28: 24 | B28: 168 | C28: 2017 | D28: 统筹整合涉农资金 | E28: 八一镇 | F28: 八一镇唐地村葡萄种植项目 | G28: 八一镇唐地村 | H28: 在原有藏药材种植基础上，种植葡萄面积100亩及土地改良，配套相关设施 | I28: 40 | J28: 40 | K28: 0 | L28: 到户类 | M28: 八一镇唐地村72户村民 | N28: 八一镇唐地村72户村民 | O28: 八一镇唐地村72户村民 | P28: 八一镇唐地村72户村民 | Q28: 八一镇唐地村村民委员会 | R28: -
A29: 25 | B29: 180 | C29: 2018 | D29: 统筹整合涉农资金 | E29: 八一镇 | F29: 藏佳香青稞咖啡生产扩建项目 | G29: 八一镇永久村 | H29: 扩建厂房，购买相关设备及原材料 | I29: 30 | J29: 30 | K29: 0 | L29: 经营类 | M29: 西藏林芝藏佳香土特食品有限公司 | N29: 西藏林芝藏佳香土特食品有限公司 | O29: 西藏林芝藏佳香土特食品有限公司 | P29: 西藏林芝藏佳香土特食品有限公司 | Q29: 林芝市巴宜区农业农村局、林芝市巴宜区八一镇人民政府 | R29: 巩固 | S29: 私人企业，原在永久村目前已经搬迁至经开区
A30: 26 | B30: 182 | C30: 2018 | D30: 统筹整合涉农资金 | E30: 八一镇 | F30: 巴宜区八一镇集中安置点 | G30: 八一镇加乃村 | H30: 投资120万元加乃村购买犏奶牛或其他奶牛品种30头，配套购置饲草料，圈舍及相关设施。 | I30: 119.96 | J30: 119.96 | K30: 0 | L30: 到户类 | M30: 八一镇加乃村15户村民 | N30: 八一镇加乃村15户村民 | O30: 八一镇加乃村15户村民 | P30: 八一镇加乃村15户村民 | Q30: 八一镇加乃村村民委员会 | R30: -
A31: 27 | B31: 186 | C31: 2018 | D31: 统筹整合涉农资金 | E31: 八一镇 | F31: 八一镇公众村综合养殖建设项目 | G31: 八一镇公众村 | H31: 发展藏鸡养殖10000只，新建鸡舍2000平米，配套设施。 | I31: 72 | J31: 72 | K31: 0 | L31: 经营类 | M31: 林芝市巴宜区八一镇公众村色定组股份经济合作社 | N31: 西藏润森农牧科技发展有限公司 | O31: 林芝市巴宜区八一镇公众村色定组股份经济合作社 | P31: 林芝市巴宜区八一镇公众村色定组股份经济合作社 | Q31: 林芝市巴宜区农业农村局、林芝市巴宜区八一镇人民政府 | R31: 调整 | S31: 政府投资部分确权到行政村集体（做资产评估）
A32: 28 | B32: 188 | C32: 2018 | D32: 统筹整合涉农资金 | E32: 八一镇 | F32: 八一镇唐地村玉龙山庄农家乐建设项目 | G32: 八一镇唐地村 | H32: 扩建农家乐20间住宿、娱乐厅100㎡及餐饮配套设施。 | I32: 30 | J32: 30 | K32: 0 | L32: 经营类 | M32: 林芝玉龙牧云旅游文化有限公司 | N32: 林芝玉龙牧云旅游文化有限公司 | O32: 林芝玉龙牧云旅游文化有限公司 | P32: 林芝玉龙牧云旅游文化有限公司 | Q32: 林芝市巴宜区农业农村局、林芝市巴宜区八一镇人民政府 | R32: 巩固 | S32: 个体户
A33: 29 | B33: 189 | C33: 2018 | D33: 统筹整合涉农资金 | E33: 八一镇 | F33: 八一镇加定村杰布农家旅馆改造项目 | G33: 八一镇加定村 | H33: 扩大旅游接待中心、改造庭院设计。 | I33: 200.29 | J33: 40 | K33: 160.29 | L33: 经营类 | M33: 巴宜区八一镇公众村杰布农家旅馆 | N33: 巴宜区八一镇公众村杰布农家旅馆 | O33: 巴宜区八一镇公众村杰布农家旅馆 | P33: 巴宜区八一镇公众村杰布农家旅馆 | Q33: 林芝市巴宜区农业农村局、林芝市巴宜区八一镇人民政府 | R33: 巩固 | S33: 个体户
A34: 30 | B34: 194 | C34: 2018 | D34: 统筹整合涉农资金 | E34: 八一镇 | F34: 八一镇拉丁嘎唐绕村比日神山蔬菜种植项目 | G34: 八一镇拉丁嘎唐绕村比日神山 | H34: 扩大蔬菜大棚3座、一座温室大棚面积为320㎡，养殖藏香猪100头。 | I34: 16 | J34: 16 | K34: 0 | L34: 到户类 | M34: 八一镇拉丁嘎村1户村民 | N34: 八一镇拉丁嘎村1户村民 | O34: 八一镇拉丁嘎村1户村民 | P34: 八一镇拉丁嘎村1户村民 | Q34: 八一镇拉丁嘎唐绕村村民委员会 | R34: -
A35: 31 | B35: 197 | C35: 2018 | D35: 统筹整合涉农资金 | E35: 八一镇 | F35: 八一镇唐地村休闲采摘餐饮观光园建设项目 | G35: 八一镇唐地村 | H35: 规划修建蔬菜大棚两座、 配套蓄水池、饮水渠、园区清理整治、道路铺修及雪松种植1000棵，苹果、樱桃、蓝莓采摘园建设。 | I35: 36 | J35: 36 | K35: 0 | L35: 到户类 | M35: 八一镇唐地村1户村民 | N35: 林芝互生生态农业发展有限公司 | O35: 八一镇唐地村1户村民 | P35: 八一镇唐地村1户村民 | Q35: 八一镇唐地村村民委员会 | R35: -
A36: 32 | B36: 201 | C36: 2018 | D36: 统筹整合涉农资金 | E36: 八一镇 | F36: 八一镇公众村格桑养殖项目 | G36: 八一镇公众村 | H36: 修建牛棚及配套设施、养殖4头犏奶牛。 | I36: 5 | J36: 5 | K36: 0 | L36: 到户类 | M36: 八一镇公众村1户村民 | N36: 八一镇公众村1户村民 | O36: 八一镇公众村1户村民 | P36: 八一镇公众村1户村民 | Q36: 八一镇公众村村民委员会 | R36: -
A37: 33 | B37: 202 | C37: 2018 | D37: 统筹整合涉农资金 | E37: 八一镇 | F37: 八一镇加当嘎村边巴次仁奶牛养殖项目 | G37: 八一镇加当嘎村 | H37: 扩建厂房1000㎡。草场围栏1000亩、购买犏奶牛50头。 | I37: 30 | J37: 30 | K37: 0 | L37: 经营类 | M37: 个体户 | N37: 个体户 | O37: 个体户 | P37: 个体户 | Q37: 林芝市巴宜区农业农村局、林芝市巴宜区八一镇人民政府 | R37: 巩固 | S37: 个体户
A38: 34 | B38: 205 | C38: 2018 | D38: 统筹整合涉农资金 | E38: 八一镇 | F38: 八一镇尼西村旺久商店建设项目 | G38: 八一镇尼西村 | H38: 新建80㎡的商店，货架、日常货品。 | I38: 5 | J38: 5 | K38: 0 | L38: 到户类 | M38: 八一镇尼西村1户村民 | N38: 八一镇尼西村1户村民 | O38: 八一镇尼西村1户村民 | P38: 八一镇尼西村1户村民 | Q38: 八一镇尼西村村民委员会 | R38: -
A39: 35 | B39: 209 | C39: 2018 | D39: 统筹整合涉农资金 | E39: 八一镇 | F39: 巴宜区多旺农牧民手工艺糌粑加工厂项目 | G39: 八一镇加定村 | H39: 糌粑加工机器设备、公司道路硬化、其它工艺 | I39: 59 | J39: 59 | K39: 0 | L39: 经营类 | M39: 多旺农牧民手工艺品营销专业合作社 | N39: 多旺农牧民手工艺品营销专业合作社 | O39: 多旺农牧民手工艺品营销专业合作社 | P39: 多旺农牧民手工艺品营销专业合作社 | Q39: 林芝市巴宜区农业农村局、林芝市巴宜区八一镇人民政府 | R39: 巩固 | S39: 农牧民专合社
A40: 36 | B40: 210 | C40: 2018 | D40: 统筹整合涉农资金 | E40: 八一镇 | F40: 林芝市巴宜区八一镇巴吉村措木及林下资源加工厂项目 | G40: 八一镇巴吉村 | H40: 扩建加工厂、购置原材料和精细加工设备 | I40: 40 | J40: 40 | K40: 0 | L40: 经营类 | M40: 林芝市巴宜区八一镇巴吉村措木及林下资源加工农牧民合作社 | N40: 林芝市巴宜区八一镇巴吉村措木及林下资源加工农牧民合作社 | O40: 林芝市巴宜区八一镇巴吉村措木及林下资源加工农牧民合作社 | P40: 林芝市巴宜区八一镇巴吉村措木及林下资源加工农牧民合作社 | Q40: 林芝市巴宜区农业农村局、林芝市巴宜区八一镇人民政府 | R40: 巩固 | S40: 农牧民专合社
A41: 37 | B41: 219 | C41: 2018 | D41: 统筹整合涉农资金 | E41: 八一镇 | F41: 三岩搬迁项目巴宜区八一镇集中安置点大棚建设 | G41: 巴宜区八一镇集中安置点 | H41: 巴宜区八一镇集中安置点：178万用于修建大棚，发展瓜果种植并配套完善相关灌溉设施，土地整治。 | I41: 177.61 | J41: 177.61 | K41: 0 | L41: 经营类 | M41: 林芝市巴宜区八一镇加乃村股份经济合作联合社 | N41: 西藏汇莱农业科技有限公司 | O41: 林芝市巴宜区八一镇加乃村股份经济合作联合社 | P41: 林芝市巴宜区八一镇加乃村股份经济合作联合社 | Q41: 林芝市巴宜区农业农村局、林芝市巴宜区八一镇人民政府 | R41: 升级
A42: 38 | B42: 219 | C42: 2018 | D42: 统筹整合涉农资金 | E42: 八一镇 | F42: 三岩搬迁项目巴宜区八一镇集中安置点林卡 | G42: 巴宜区八一镇集中安置点 | H42: 100万用于修建林卡、围墙、亭子，购买帐篷，并配套相关服务设施 | I42: 100 | J42: 100 | K42: 0 | L42: 经营类 | M42: 林芝市巴宜区八一镇加乃村股份经济合作联合社 | N42: 西藏汇莱农业科技有限公司 | O42: 林芝市巴宜区八一镇加乃村股份经济合作联合社 | P42: 林芝市巴宜区八一镇加乃村股份经济合作联合社 | Q42: 林芝市巴宜区农业农村局、林芝市巴宜区八一镇人民政府 | R42: 巩固
A43: 39 | B43: 226 | C43: 2019 | D43: 统筹整合涉农资金 | E43: 八一镇 | F43: 巴宜区八一镇公众村藏鸡养殖项目 | G43: 八一镇公众村 | H43: 在原有养殖基础上增加10000只藏鸡，配套相关设施设备 | I43: 48.38 | J43: 48.38 | K43: 0 | L43: 经营类 | M43: 林芝市巴宜区八一镇公众村色定组股份经济合作社 | N43: 西藏润森农牧科技发展有限公司 | O43: 林芝市巴宜区八一镇公众村色定组股份经济合作社 | P43: 林芝市巴宜区八一镇公众村色定组股份经济合作社 | Q43: 林芝市巴宜区农业农村局、林芝市巴宜区八一镇人民政府 | R43: 调整
A44: 40 | B44: 228 | C44: 2019 | D44: 统筹整合涉农资金 | E44: 八一镇 | F44: 巴宜区八一镇拉嘎娘灵芝种植项目 | G44: 八一镇拉丁嘎（拉嘎娘） | H44: 修建23座灵芝种植大棚，发展灵芝种植 | I44: 79.88 | J44: 79.88 | K44: 0 | L44: 经营类 | M44: 林芝市巴宜区八一镇拉丁嘎村股份经济合作联合社 | N44: 林芝源瑞农业科技有限公司 | O44: 林芝市巴宜区八一镇拉丁嘎村股份经济合作联合社 | P44: 林芝市巴宜区八一镇拉丁嘎村股份经济合作联合社 | Q44: 林芝市巴宜区农业农村局、林芝市巴宜区八一镇人民政府 | R44: 巩固
A45: 41 | B45: 240 | C45: 2020 | D45: 统筹整合涉农资金 | E45: 八一镇 | F45: 巴宜区八一镇草莓种植项目 | G45: 八一镇唐地村 | H45: 新建温室大棚2座（共1亩），种植草莓1亩。 | I45: 14.77 | J45: 14.77 | K45: 0 | L45: 到户类 | M45: 八一镇唐地村1户村民 | N45: 八一镇唐地村1户村民 | O45: 八一镇唐地村1户村民 | P45: 八一镇唐地村1户村民 | R45: -
A46: 42 | B46: 244 | C46: 2020 | D46: 统筹整合涉农资金 | E46: 八一镇 | F46: 水果产业提质增效项目 | G46: 百巴镇大坝村、百巴镇扎地村、八一镇唐地村、布久乡嘎玛村、米瑞乡色果拉村、更章乡门仲村 | H46: 标准化建设1600余亩水果基地，包括水肥一体化，土壤改良增肥，完善配套设施等，项目完成后，预计三年后挂果。 | I46: 899.85 | J46: 899.85 | K46: 0 | L46: 公益类 | M46: 百巴镇扎地村：林芝市巴宜区百巴镇扎地村扎地组股份经济合作社，百巴镇大坝村：林芝市巴宜区百巴镇大坝村经济联合社，布久乡嘎玛村40户村民，米瑞乡色果拉村：林芝市巴宜区米瑞乡色果拉村祥和种植养殖农牧民合作社，八一镇唐地村：72户村民，更章乡门仲村：林芝市巴宜区更章门巴民族乡门仲村股份经济合作联合社 | N46: 百巴镇扎地村：西藏新纳宗巴苗木种植有限公司，百巴镇大坝村：烟台大山果业开发有限公司巴宜区分公司，布久乡嘎玛村40户村民，米瑞乡色果拉村：林芝市巴宜区米瑞乡色果拉村祥和种植养殖农牧民合作社，八一镇唐地村72户村民，更章乡门仲村：西藏荣源生态农业科技发展有限公司 | O46: 百巴镇扎地村：林芝市巴宜区百巴镇扎地村扎地组股份经济合作社，百巴镇大坝村：林芝市巴宜区百巴镇大坝村经济联合社，布久乡嘎玛村40户村民，米瑞乡色果拉村：林芝市巴宜区米瑞乡色果拉村祥和种植养殖农牧民合作社，八一镇唐地村：72户村民，更章乡门仲村：林芝市巴宜区更章门巴民族乡门仲村股份经济合作联合社 | P46: 百巴镇扎地村：林芝市巴宜区百巴镇扎地村扎地组股份经济合作社，百巴镇大坝村：林芝市巴宜区百巴镇大坝村经济联合社，布久乡嘎玛村40户村民，米瑞乡色果拉村：林芝市巴宜区米瑞乡色果拉村祥和种植养殖农牧民合作社，八一镇唐地村：72户村民，更章乡门仲村：林芝市巴宜区更章门巴民族乡门仲村股份经济合作联合社 | Q46: 林芝市巴宜区农业农村局、林芝市巴宜区百巴镇人民政府、林芝市巴宜区八一镇人民政府、林芝市巴宜区更章乡人民政府、林芝市巴宜区米瑞乡人民政府
A47: 43 | B47: 247 | C47: 2020 | D47: 统筹整合涉农资金 | E47: 八一镇 | F47: 水果产业提质增效项目（二期） | G47: 百巴镇增巴村、八一镇加乃村、八一镇巴吉村、布久乡嘎玛村、百巴镇嘎吉村、米瑞乡朗乃村、林芝镇娘峨村 | H47: 标准化建设1994亩水果基地，包括水肥一体化，土壤改良增肥，完善配套设施等。 | I47: 1099.36 | J47: 1099.36 | K47: 0 | L47: 公益类 | M47: 百巴镇嘎吉村：林芝市巴宜区百巴镇嘎吉村专合社，百巴镇增巴村：林芝市巴宜区百巴镇增巴村股份经济合作联合社，布久乡嘎玛村：林芝市巴宜区布久乡嘎玛村则拉岗组股份经济合作社，林芝镇娘欧村22户村民，林芝市巴宜区米瑞乡朗乃村股份经济合作联合社，八一镇巴吉村：林芝市巴宜区八一镇巴吉村玉米组股份经济合作社，林芝市巴宜区八一镇加乃村股份经济合作联合社 | N47: 百巴镇嘎吉村：烟台大山果业开发有限公司巴宜区分公司，百巴镇增巴村：烟台大山果业开发有限公司巴宜区分公司，布久乡嘎玛村：林芝市巴宜区布久乡嘎玛村则拉岗组股份经济合作社，林芝镇娘欧村22户村民，林芝市巴宜区米瑞乡朗乃村股份经济合作联合社，八一镇巴吉村：西藏罗汉松生态农业科技发展有限责任公司，林芝市巴宜区八一镇加乃村股份经济合作联合社 | O47: 百巴镇嘎吉村：林芝市巴宜区百巴镇嘎吉村专合社，百巴镇增巴村：林芝市巴宜区百巴镇增巴村股份经济合作联合社，布久乡嘎玛村：林芝市巴宜区布久乡嘎玛村则拉岗组股份经济合作社，林芝镇娘欧村22户村民，林芝市巴宜区米瑞乡朗乃村股份经济合作联合社，八一镇巴吉村：林芝市巴宜区八一镇巴吉村玉米组股份经济合作社，林芝市巴宜区八一镇加乃村股份经济合作联合社 | P47: 百巴镇嘎吉村：林芝市巴宜区百巴镇嘎吉村专合社，百巴镇增巴村：林芝市巴宜区百巴镇增巴村股份经济合作联合社，布久乡嘎玛村：林芝市巴宜区布久乡嘎玛村则拉岗组股份经济合作社，林芝镇娘欧村22户村民，林芝市巴宜区米瑞乡朗乃村股份经济合作联合社，八一镇巴吉村：林芝市巴宜区八一镇巴吉村玉米组股份经济合作社，林芝市巴宜区八一镇加乃村股份经济合作联合社 | Q47: 林芝市巴宜区农业农村局、林芝市巴宜区百巴镇人民政府、林芝市巴宜区八一镇人民政府、林芝市巴宜区林芝镇人民政府、林芝市巴宜区米瑞乡人民政府
A48: 44 | B48: 248 | C48: 2020 | D48: 统筹整合涉农资金 | E48: 八一镇 | F48: 八一镇巴吉村旅游产业建设项目（巴宜区八一镇巴吉村旅游产业建设项目一期水肥一体化建设项目） | G48: 八一镇巴吉村 | H48: 结合旅游产业，打造八一镇巴吉村田园综合体600亩，包括综合用房、宿舍配套用房、水肥一体化及配套相关附属设施。 | I48: =1600.01-319.06 -> 1280.95 | J48: =1600.01-319.06 -> 1280.95 | K48: 0 | L48: 经营类 | M48: 林芝市巴宜区八一镇巴吉村巴吉组股份经济合作社 | N48: 西藏依舍旅游开发有限公司 | O48: 林芝市巴宜区八一镇巴吉村巴吉组股份经济合作社 | P48: 林芝市巴宜区八一镇巴吉村巴吉组股份经济合作社 | Q48: 林芝市巴宜区农业农村局、林芝市巴宜区八一镇人民政府 | R48: 巩固
A49: 45 | B49: 248 | C49: 2020 | D49: 统筹整合涉农资金 | E49: 八一镇 | F49: 巴宜区八一镇巴吉村旅游产业建设项目一期水肥一体化建设项目 | G49: 八一镇巴吉村 | H49: 新建取水口1座，蓄水池1座，设备房72平方米及灌溉管网等工程 | I49: =J49+K49 -> 319.06 | J49: 319.06 | K49: 0 | L49: 公益类 | M49: 林芝市巴宜区八一镇巴吉村巴吉组股份经济合作社 | N49: 西藏依舍旅游开发有限公司 | O49: 林芝市巴宜区八一镇巴吉村巴吉组股份经济合作社 | P49: 林芝市巴宜区八一镇巴吉村巴吉组股份经济合作社 | Q49: 林芝市巴宜区农业农村局、林芝市巴宜区八一镇人民政府
A50: 46 | B50: 252 | C50: 2020 | D50: 统筹整合涉农资金 | E50: 八一镇 | F50: 八一镇、更章乡搬迁群众到户奶牛项目 | G50: 八一镇加乃村、更章乡娘萨村 | H50: 购买犏奶牛50头，户均2头，共25户。其中八一镇15头，更章乡10头。 | I50: 39.98 | J50: 39.98 | K50: 0 | L50: 到户类 | M50: 更章乡娘萨村16户村民，八一镇加乃村15户村民 | N50: 更章乡娘萨村16户村民，八一镇加乃村15户村民 | O50: 更章乡娘萨村16户村民，八一镇加乃村15户村民 | P50: 更章乡娘萨村16户村民，八一镇加乃村15户村民 | Q50: （八一镇加乃村、更章乡娘萨村）村民委员会 | R50: -
A51: 47 | B51: 259 | C51: 2020 | D51: 统筹整合涉农资金 | E51: 八一镇 | F51: 巴宜区三岩搬迁点配套产业项目 | G51: 八一镇加乃村安置点、更章乡娘萨村安置点、百巴镇嘎吉村安置点 | H51: 1.加乃村购买犏奶牛60头及配套开垦30亩饲草种植项目。 2.加乃村种植270亩优质青稞并配套购买相关种植收割农业机械。 3.娘萨村购买犏奶牛70头及维修30公里长、宽1.5米的牧道。 4.嘎吉村种植600亩优质青稞并配套购买相关种植收割农业机械。 | I51: 249.68 | J51: 249.68 | K51: 0 | L51: 到户类 | M51: 百巴镇嘎吉村68户村民，更章乡娘萨村16户村民，八一镇犏奶牛：八一镇加乃村15户村民，八一镇青稞：林芝市巴宜区八一镇加乃村股份经济合作联合社 | N51: 百巴镇嘎吉村68户村民，更章乡娘萨村16户村民，八一镇犏奶牛：八一镇加乃村15户村民，八一镇青稞：西藏荣源生态农业科技发展有限公司 | O51: 百巴镇嘎吉村68户村民，更章乡娘萨村16户村民，八一镇犏奶牛：八一镇加乃村15户村民，八一镇青稞：林芝市巴宜区八一镇加乃村股份经济合作联合社 | P51: 百巴镇嘎吉村68户村民，更章乡娘萨村16户村民，八一镇犏奶牛：八一镇加乃村15户村民，八一镇青稞：林芝市巴宜区八一镇加乃村股份经济合作联合社 | Q51: （八一镇加乃村安置点、更章乡娘萨村安置点、百巴镇嘎吉村安置点）村民委员会 | R51: -
A52: 48 | B52: 264 | C52: 2020 | D52: 统筹整合涉农资金 | E52: 八一镇 | F52: 巴宜区八一镇尼西村水渠灌溉项目 | G52: 八一镇尼西村 | H52: 新修灌溉水渠6,035.66米等建设内容。 | I52: 206.71 | J52: 206.71 | K52: 0 | L52: 公益类 | M52: 林芝市巴宜区八一镇尼西村股份经济合作联合社 | N52: 林芝市巴宜区八一镇尼西村股份经济合作联合社 | O52: 林芝市巴宜区八一镇尼西村股份经济合作联合社 | P52: 林芝市巴宜区八一镇尼西村股份经济合作联合社 | Q52: 林芝市巴宜区农业农村局、林芝市巴宜区八一镇人民政府 | R52: -
A53: 49 | B53: 269 | C53: 2020 | D53: 统筹整合涉农资金 | E53: 八一镇 | F53: 巴宜区八一镇永久村明沟建设项目 | G53: 八一镇永久村 | H53: 修建排水渠786.51米 | I53: 28.31 | J53: 28.31 | K53: 0 | L53: 公益类 | M53: 林芝市巴宜区八一镇永久村股份经济合作联合社 | N53: 林芝市巴宜区八一镇永久村股份经济合作联合社 | O53: 林芝市巴宜区八一镇永久村股份经济合作联合社 | P53: 林芝市巴宜区八一镇永久村股份经济合作联合社 | Q53: 林芝市巴宜区农业农村局、林芝市巴宜区八一镇人民政府 | R53: -
A54: 50 | B54: 304 | C54: 2021 | D54: 财政衔接推进乡村振兴 | E54: 八一镇 | F54: 八一镇多布村蓝莓基地扩建提质增效项目 | G54: 八一镇多布村 | H54: 新建9895.48平方米大棚及附属等建设内容 | I54: 349.97 | J54: 349.97 | K54: 0 | L54: 经营类 | M54: 林芝市巴宜区八一镇多布村股份经济合作联合社 | N54: 林芝互生生态农业发展有限公司 | O54: 林芝市巴宜区八一镇多布村股份经济合作联合社 | P54: 林芝市巴宜区八一镇多布村股份经济合作联合社 | Q54: 林芝市巴宜区农业农村局、林芝市巴宜区八一镇人民政府 | R54: 巩固
A55: 51 | B55: 306 | C55: 2021 | D55: 财政衔接推进乡村振兴 | E55: 八一镇 | F55: 八一镇尼西村脆李种植项目 | G55: 八一镇尼西村 | H55: 脆李种植18,254株，网围栏2,498.00米，大门、场地平整及相关配套设施等建设内容。 | I55: 418.97 | J55: 418.97 | K55: 0 | L55: 经营类 | M55: 林芝市巴宜区八一镇尼西村股份经济合作联合社 | N55: 林芝市巴宜区八一镇尼西村股份经济合作联合社 | O55: 林芝市巴宜区八一镇尼西村股份经济合作联合社 | P55: 林芝市巴宜区八一镇尼西村股份经济合作联合社 | Q55: 林芝市巴宜区农业农村局、林芝市巴宜区八一镇人民政府 | R55: 调整
A56: 52 | B56: 308 | C56: 2021 | D56: 财政衔接推进乡村振兴 | E56: 八一镇 | F56: 藏木耳种植项目 | G56: 八一镇公众村 | H56: 新建大棚20.00栋、观光棚2,175.48平方米、灌溉池1.00座、附属工程、消防水泵房266.23平方米、柴发机房及配电房179.52平方米、机井及灌溉水泵房140.35平方米等建设内容 | I56: 1999.42 | J56: 1999.42 | K56: 0 | L56: 经营类 | M56: 林芝市巴宜区八一镇公众村色定组股份经济合作社 | N56: 西藏雪芝源生物科技有限公司 | O56: 林芝市巴宜区八一镇公众村色定组股份经济合作社 | P56: 林芝市巴宜区八一镇公众村色定组股份经济合作社 | Q56: 林芝市巴宜区农业农村局、林芝市巴宜区八一镇人民政府 | R56: 巩固
A57: 53 | B57: 310 | C57: 2021 | D57: 财政衔接推进乡村振兴 | E57: 八一镇 | F57: 八一镇藏鸡养殖场扩建项目 | G57: 八一镇多布村 | H57: 新建鸡舍3栋共924.12平方米，隔离鸡舍25.42平方米，管理用房174.00平方米，饲料加工用房241.36平方米，展厅103.36平方米及附属设施，设备购置等建设内容。 | I57: 499.93 | J57: 499.93 | K57: 0 | L57: 经营类 | M57: 林芝市巴宜区八一镇多布村股份经济合作联合社 | N57: 林芝市巴宜区八一镇多布村股份经济合作联合社 | O57: 林芝市巴宜区八一镇多布村股份经济合作联合社 | P57: 林芝市巴宜区八一镇多布村股份经济合作联合社 | Q57: 林芝市巴宜区农业农村局、林芝市巴宜区八一镇人民政府 | R57: 盘活
A58: 54 | B58: 325 | C58: 2022 | D58: 财政衔接推进乡村振兴 | E58: 八一镇 | F58: 高原特色种植项目 | G58: 米瑞乡米瑞村、通麦村、色果拉村，百巴镇大坝村，更章乡更章村，八一镇加乃村 | H58: 增加保温棉被、卷棉机，及配套水肥一体设施等，对原有大棚提升改造186018平方米。 | I58: 1534.9 | J58: 1534.9 | K58: 0 | L58: 公益类 | M58: 林芝镇大坝村：林芝市巴宜区百巴镇大坝村经济联合社，更章乡更章村：林芝市巴宜区更章门巴民族乡更章村股份经济合作联合社，米瑞乡通麦村：林芝市巴宜区米瑞乡通麦村股份经济合作联合社，米瑞乡色果拉村：林芝市巴宜区米瑞乡色果拉村股份经济合作联合社，八一镇加乃村：林芝市巴宜区八一镇加乃村股份经济合作联合社 | N58: 林芝市巴宜区百巴镇大坝村经济联合社，更章乡更章村：兵杰田园有限公司，米瑞乡通麦村：林芝盛世农业科技有限公司，米瑞乡色果拉村个体户，八一镇加乃村：西藏汇莱农业科技有限公司 | O58: 林芝镇大坝村：林芝市巴宜区百巴镇大坝村经济联合社，更章乡更章村：林芝市巴宜区更章门巴民族乡更章村股份经济合作联合社，米瑞乡通麦村：林芝市巴宜区米瑞乡通麦村股份经济合作联合社，米瑞乡色果拉村：林芝市巴宜区米瑞乡色果拉村股份经济合作联合社，八一镇加乃村：林芝市巴宜区八一镇加乃村股份经济合作联合社 | P58: 林芝镇大坝村：林芝市巴宜区百巴镇大坝村经济联合社，更章乡更章村：林芝市巴宜区更章门巴民族乡更章村股份经济合作联合社，米瑞乡通麦村：林芝市巴宜区米瑞乡通麦村股份经济合作联合社，米瑞乡色果拉村：林芝市巴宜区米瑞乡色果拉村股份经济合作联合社，八一镇加乃村：林芝市巴宜区八一镇加乃村股份经济合作联合社 | Q58: 林芝市巴宜区农业农村局、林芝市巴宜区百巴镇人民政府、林芝市巴宜区八一镇人民政府、林芝市巴宜区更章乡人民政府、林芝市巴宜区米瑞乡人民政府 | R58: -
A59: 55 | B59: 326 | C59: 2022 | D59: 财政衔接推进乡村振兴 | E59: 八一镇 | F59: 雅江雪牛育肥建设项目 | G59: 八一镇加乃村 | H59: 购买犏奶牛200头，修建牛舍6500平方米及相关水、电配套基础设施，购买饲料精饲料100吨，草颗粒饲料400吨等。 | I59: 1799.982 | J59: 1799.982 | K59: 0 | L59: 经营类 | M59: 林芝市巴宜区八一镇加乃村股份经济合作联合社 | N59: 西藏林芝工布建筑建材实业有限公司 | O59: 林芝市巴宜区八一镇加乃村股份经济合作联合社 | P59: 林芝市巴宜区八一镇加乃村股份经济合作联合社 | Q59: 林芝市巴宜区农业农村局、林芝市巴宜区八一镇人民政府 | R59: 升级
A60: 56 | B60: 343 | C60: 2022 | D60: 财政衔接推进乡村振兴 | E60: 八一镇 | F60: 公众村旅游配套产业项目 | G60: 八一镇公众村 | H60: 依托千年核桃树和318国道沿线旅游优势，打造中高端精品民宿27间，购置相关配套设备，形成企业+村集体+农户（含脱贫户）的产业发展模式。 | I60: 995.56 | J60: 995.56 | K60: 0 | L60: 经营类 | M60: 林芝市巴宜区八一镇公众村（行政村）股份经济合作社 | N60: 西藏仟锦旅游管理有限公司 | O60: 林芝市巴宜区八一镇公众村（行政村）股份经济合作社 | P60: 林芝市巴宜区八一镇公众村（行政村）股份经济合作社 | Q60: 林芝市巴宜区农业农村局、林芝市巴宜区八一镇人民政府 | R60: 升级
A61: 57 | B61: 363 | C61: 2023 | D61: 财政衔接推进乡村振兴 | E61: 八一镇 | F61: 巴宜区林下资源种植及设施农业建设项目 | G61: 八一镇加乃村 | H61: 新建温室大棚5栋，占地面积6946.45㎡，水渠改造46.5m，新建网围栏489.24m，购置菌包，配套排水、电气等基础设施。 | I61: 299.27 | J61: 299.27 | K61: 0 | L61: 经营类 | M61: 林芝市巴宜区八一镇加乃村股份经济合作联合社 | N61: 西藏上诚健康产业股份有限公司 | O61: 林芝市巴宜区八一镇加乃村股份经济合作联合社 | P61: 林芝市巴宜区八一镇加乃村股份经济合作联合社 | Q61: 林芝市巴宜区农业农村局、林芝市巴宜区八一镇人民政府 | R61: 巩固
... A64: 60 | B64: 422 | C64: 2017 | D64: 统筹整合涉农资金 | E64: 八一镇 | F64: 巴宜区八一镇加乃村妇女荞麦种植项目 | G64: 八一镇加乃村 | H64: 新建总面积为21.10亩，改良土地21.10亩，包含平整土地，购买回填土；新建708米网围栏；雇佣拖拉机进行拉土作业；购买荞麦种子633斤；购买化肥，总计2.07万元；购买钢制成品大门，总计0.37万元；设 置工程标志牌 | I64: 30 | J64: 30 | K64: 0 | L64: 经营类 | M64: 林芝市巴宜区八一镇加乃村股份经济合作联合社 | N64: 林芝市巴宜区八一镇加乃村股份经济合作联合社 | O64: 林芝市巴宜区八一镇加乃村股份经济合作联合社 | P64: 林芝市巴宜区八一镇加乃村股份经济合作联合社 | Q64: 林芝市巴宜区农业农村局、林芝市巴宜区八一镇人民政府 | R64: 巩固
A65: 61 | B65: 458 | C65: 2020 | D65: 地方政府债券资金 | E65: 八一镇 | F65: 巴宜区八一镇多布村自然村至牧场公路工程 | G65: 八一镇多布村 | H65: 建设全长0.584公里，路基宽度4.5米，路面宽度3.5米及附属公路 | I65: 94.1768 | J65: 94.1768 | K65: 0 | L65: 公益类 | M65: 林芝市巴宜区八一镇多布村股份经济合作联合社 | N65: 林芝市巴宜区八一镇多布村股份经济合作联合社 | O65: 林芝市巴宜区八一镇多布村股份经济合作联合社 | P65: 林芝市巴宜区农业农村局、林芝市巴宜区八一镇人民政府 | Q65: 林芝市巴宜区八一镇多布村股份经济合作联合社
A66: 62 | B66: 484 | C66: 2013 | D66: 专项扶贫资金 | E66: 八一镇 | F66: 八一镇加定村工布民族手工艺农牧民专业合作社 | G66: 八一镇加定村 | H66: 购置民族手工艺加工设备等 | I66: 40 | J66: 40 | K66: 0 | L66: 经营类 | M66: 八一镇工布民族手工艺农牧民专业合作社 | N66: 八一镇工布民族手工艺农牧民专业合作社 | O66: 八一镇工布民族手工艺农牧民专业合作社 | P66: 八一镇工布民族手工艺农牧民专业合作社 | Q66: 林芝市巴宜区农业农村局、林芝市巴宜区八一镇人民政府 | R66: 巩固 | S66: 农牧民专合社
A67: 63 | B67: 489 | C67: 2013 | D67: 专项扶贫资金 | E67: 八一镇 | F67: 八一镇色定村阿吉林民族手工艺品加工项目 | G67: 八一镇色定村 | H67: 新建民族手工艺品加工基地以及附属设施建设 | I67: 50 | J67: 50 | K67: 0 | L67: 经营类 | M67: 林芝县八一镇色定村阿吉特色经济发展农牧民专业合作社 | N67: 林芝县八一镇色定村阿吉特色经济发展农牧民专业合作社 | O67: 林芝县八一镇色定村阿吉特色经济发展农牧民专业合作社 | P67: 林芝县八一镇色定村阿吉特色经济发展农牧民专业合作社 | Q67: 林芝市巴宜区农业农村局、林芝市巴宜区八一镇人民政府 | R67: 调整 | S67: 农牧民专合社
A68: 64 | B68: 496 | C68: 2013 | D68: 专项扶贫资金 | E68: 八一镇 | F68: 八一镇尼西村犏奶牛养殖基地项目 | G68: 八一镇尼西村 | H68: 购买优质母牛40头、种牛2头犏奶牛30头、饲料40吨、新建牛舍200㎡ | I68: 40 | J68: 40 | K68: 0 | L68: 到户类 | M68: 八一镇尼西村1户村民 | N68: 八一镇尼西村1户村民 | O68: 八一镇尼西村1户村民 | P68: 八一镇尼西村1户村民 | R68: -
A69: 65 | B69: 500 | C69: 2013 | D69: 专项扶贫资金 | E69: 八一镇 | F69: 八一镇唐地村才旺农牧民种养殖专业合作社藏香猪养殖基地建设 | G69: 八一镇唐地村 | H69: 购买藏香猪400头，新建猪舍300㎡，围墙3000m以及附属设施等 | I69: 50 | J69: 50 | K69: 0 | L69: 到户类 | M69: 八一镇唐地村13户村民 | N69: 八一镇唐地村13户村民 | O69: 八一镇唐地村13户村民 | P69: 八一镇唐地村13户村民 | R69: -
A70: 66 | B70: 501 | C70: 2014 | D70: 专项扶贫资金 | E70: 八一镇 | F70: 八一镇雪荣村索次农牧民养殖专业合作社藏香猪养殖基 地建设项目 | G70: 八一镇雪荣村 | H70: 新建圈舍300㎡、修建网围栏1000m、引进藏香猪200头、购买饲料等 | I70: 40 | J70: 40 | K70: 0 | L70: 到户类 | M70: 八一镇雪荣村1户村民 | N70: 八一镇雪荣村1户村民 | O70: 八一镇雪荣村1户村民 | P70: 八一镇雪荣村1户村民 | R70: -
A71: 67 | B71: 509 | C71: 2014 | D71: 专项扶贫资金 | E71: 八一镇 | F71: 八一镇巴吉村经济林建设 | G71: 八一镇巴吉村 | H71: 平整土地100亩，新建水渠300m，网围栏800m，购买林木13320株，农家肥60吨 | I71: 55 | J71: 55 | K71: 0 | L71: 公益类 | M71: 林芝市巴宜区八一镇巴吉村巴吉组股份经济合作社 | N71: 林芝市巴宜区八一镇巴吉村巴吉组股份经济合作社 | O71: 林芝市巴宜区八一镇巴吉村巴吉组股份经济合作社 | P71: 林芝市巴宜区八一镇巴吉村巴吉组股份经济合作社 | Q71: 林芝市巴宜区农业农村局、林芝市巴宜区八一镇人民政府 | R71: -
A72: 68 | B72: 510 | C72: 2014 | D72: 专项扶贫资金 | E72: 八一镇 | F72: 八一镇尼西村编奶牛养殖基地项目 | G72: 八一镇尼西村 | H72: 修建牛舍800㎡，围墙1000m, 种植饲草，购置设备等 | I72: 55 | J72: 55 | K72: 0 | L72: 到户类 | M72: 八一镇尼西村21户村民 | N72: 八一镇尼西村21户村民 | O72: 八一镇尼西村21户村民 | P72: 八一镇尼西村21户村民 | R72: -
A73: 69 | B73: 511 | C73: 2014 | D73: 专项扶贫资金 | E73: 八一镇 | F73: 八一镇公众村光明种养殖专业合作社果树种植项目 | G73: 八一镇公众村 | H73: 新建种植基地100亩，购买苹果树苗1000株，水蜜桃树苗500株，核桃树苗500株 | I73: 60 | J73: 60 | K73: 0 | L73: 到户类 | M73: 八一镇公众村1户村民 | N73: 八一镇公众村1户村民 | O73: 八一镇公众村1户村民 | P73: 八一镇公众村1户村民 | R73: -
A74: 70 | B74: 512 | C74: 2014 | D74: 专项扶贫资金 | E74: 八一镇 | F74: 八一镇唐地村神玉农牧民专业合作社犏牛养殖项目 | G74: 八一镇唐地村 | H74: 购买优质编奶牛10头、优质牦20头，购买种牛5头，建设生产厂房300平方米 | I74: 30 | J74: 30 | K74: 0 | L74: 到户类 | M74: 八一镇唐地村1户村民 | N74: 八一镇唐地村1户村民 | O74: 八一镇唐地村1户村民 | P74: 八一镇唐地村1户村民 | R74: -
A75: 71 | B75: 513 | C75: 2014 | D75: 专项扶贫资金 | E75: 八一镇 | F75: 八一镇加定村工布民族手工艺合作社八购置藏香加工设备项目 | G75: 八一镇加定村 | H75: 购置药材粉碎机1台、烘干机1，新建厂房300平方米，围墙150米。 | I75: 30 | J75: 30 | K75: 0 | L75: 经营类 | M75: 八一镇工布民族手工艺农牧民专业合作社 | N75: 八一镇工布民族手工艺农牧民专业合作社 | O75: 八一镇工布民族手工艺农牧民专业合作社 | P75: 八一镇工布民族手工艺农牧民专业合作社 | Q75: 林芝市巴宜区农业农村局、林芝市巴宜区八一镇人民政府 | R75: 巩固 | S75: 农牧民专合社
A76: 72 | B76: 516 | C76: 2014 | D76: 专项扶贫资金 | E76: 八一镇 | F76: 八一镇加定村耕地土壤改良建设项目 | G76: 八一镇加定村 | H76: 地改良89亩，维修水渠3000米，架设网围栏4000米 | I76: 30 | J76: 30 | K76: 0 | L76: 公益类 | M76: 林芝市巴宜区八一镇公众村加定组经济合作社 | N76: 林芝市巴宜区八一镇公众村加定组经济合作社 | O76: 林芝市巴宜区八一镇公众村加定组经济合作社 | P76: 林芝市巴宜区农业农村局、林芝市巴宜区八一镇人民政府 | Q76: 林芝市巴宜区八一镇公众村加定组经济合作社
A77: 73 | B77: 520 | C77: 2015 | D77: 专项扶贫资金 | E77: 八一镇 | F77: 八一镇仲莎村祥域种养殖农牧民专业合作社养殖项目 | G77: 八一镇仲莎村 | H77: 购买母猪20头，仔猪170头，修建网围栏400米，购买饲料6万斤，购买编奶20头，购买核桃苗2000株，核桃基地40亩 | I77: 60 | J77: 60 | K77: 0 | L77: 到户类 | M77: 八一镇仲莎村1户村民 | N77: 八一镇仲莎村1户村民 | O77: 八一镇仲莎村1户村民 | P77: 八一镇仲莎村1户村民 | R77: -
A78: 74 | B78: 526 | C78: 2018 | D78: 统筹整合涉农资金 | E78: 八一镇 | F78: 林芝市巴宜区“三岩”片区易地扶贫搬迁点八一镇、更章乡耕地开垦建设项目 | G78: 八一镇加乃村、更章乡萨嘎村 | H78: 加乃村地整治268314.00平方米、萨嘎村土地整治166285.00平方米等建设内容 | I78: 719.82 | J78: 719.82 | K78: 0 | L78: 公益类 | M78: 林芝市巴宜区八一镇加乃村股份经济合作联合社、林芝市巴宜区更章门巴民族乡娘萨村股份经济合作联合社 | N78: 林芝市巴宜区八一镇加乃村股份经济合作联合社、林芝市巴宜区更章门巴民族乡娘萨村股份经济合作联合社 | O78: 林芝市巴宜区八一镇加乃村股份经济合作联合社、林芝市巴宜区更章门巴民族乡娘萨村股份经济合作联合社 | P78: 林芝市巴宜区农业农村局、林芝市巴宜区八一镇人民政府、林芝市巴宜区更章乡人民政府 | Q78: 林芝市巴宜区八一镇加乃村股份经济合作联合社、林芝市巴宜区更章门巴民族乡娘萨村股份经济合作联合社
B79: 八一镇共有项目74个，涉及总资金16131.74万元，其中专项扶贫资金1589.41万元，统筹整合资金6250.18万元，财政衔接资金7898.002万元，援藏资金299.97万元，地方政府债券94.18万元；涉及经营类项目32个，涉及资金9521.27万元，其中巩固一批项目20个涉及资金4716.87万元，升级一批项目3个涉及资金2973.152万元，盘活一批项目1个涉及资金499.93万元，调整一批项目8个涉及资金1331.32万元；
A80: 1 | B80: 12 | C80: 2013 | D80: 专项扶贫资金 | E80: 百巴镇 | F80: 百巴镇折巴村粮油加工厂项目 | G80: 百巴镇折巴村 | H80: 新建厂房120平方米，购置设备一套。 | I80: 30 | J80: 30 | K80: 0 | L80: 公益类 | M80: 林芝市巴宜区百巴镇折巴村折巴组股份经济合作社 | N80: 林芝市巴宜区百巴镇折巴村折巴组股份经济合作社 | O80: 林芝市巴宜区百巴镇折巴村折巴组股份经济合作社 | P80: 林芝市巴宜区百巴镇折巴村折巴组股份经济合作社 | Q80: 林芝市巴宜区农业农村局、林芝市巴宜区百巴镇人民政府 | R80: -
A81: 2 | B81: 13 | C81: 2013 | D81: 专项扶贫资金 | E81: 百巴镇 | F81: 百巴镇折巴村“优菜”水渠建设项目 | G81: 百巴镇折巴村 | H81: 新建c20钢筋砼1600米(规格:0.4MX0.35M)，4米农用桥一座，配套完善分水口等设施。 | I81: 46 | J81: 46 | K81: 0 | L81: 公益类 | M81: 林芝市巴宜区百巴镇折巴村折巴组股份经济合作社 | N81: 林芝市巴宜区百巴镇折巴村折巴组股份经济合作社 | O81: 林芝市巴宜区百巴镇折巴村折巴组股份经济合作社 | P81: 林芝市巴宜区百巴镇折巴村折巴组股份经济合作社 | Q81: 林芝市巴宜区农业农村局、林芝市巴宜区百巴镇人民政府 | R81: -
A82: 3 | B82: 16 | C82: 2013 | D82: 专项扶贫资金 | E82: 百巴镇 | F82: 百巴镇拉格村农田灌溉水渠 | G82: 百巴镇拉格村 | H82: 修建砼矩形引水主渠1000米，及分水口、农用桥等渠系配套交叉建筑物。 | I82: 39 | J82: 39 | K82: 0 | L82: 公益类 | M82: 林芝市巴宜区百巴镇拉格村股份经济合作联合社 | N82: 林芝市巴宜区百巴镇拉格村股份经济合作联合社 | O82: 林芝市巴宜区百巴镇拉格村股份经济合作联合社 | P82: 林芝市巴宜区百巴镇拉格村股份经济合作联合社 | Q82: 林芝市巴宜区农业农村局、林芝市巴宜区百巴镇人民政府 | R82: -
A83: 4 | B83: 17 | C83: 2013 | D83: 专项扶贫资金 | E83: 百巴镇 | F83: 百巴镇折巴村核桃种植项目 | G83: 百巴镇折巴村 | H83: 开垦山坡地200亩；种植核桃200亩。 | I83: 50 | J83: 50 | K83: 0 | L83: 到户类 | M83: 百巴镇折巴村51户村民 | N83: 百巴镇折巴村51户村民 | O83: 百巴镇折巴村51户村民 | P83: 百巴镇折巴村51户村民 | Q83: 百巴镇折巴村村民委员会 | R83: -
A84: 5 | B84: 18 | C84: 2013 | D84: 专项扶贫资金 | E84: 百巴镇 | F84: 百巴镇强嘎村工布赛马休闲旅游山庄建设项目 | G84: 百巴镇强嘎村 | H84: 建设民俗演艺厅、藏餐厅、射箭场，购置马匹10匹，配套马具、音响设备、射箭用具、餐饮厨具等配套设备。 | I84: 60 | J84: 60 | K84: 0 | L84: 经营类 | M84: 林芝市巴宜区百巴镇强嘎村股份经济合作联合社 | N84: 个体户 | O84: 林芝市巴宜区百巴镇强嘎村股份经济合作联合社 | P84: 林芝市巴宜区百巴镇强嘎村股份经济合作联合社 | Q84: 林芝市巴宜区农业农村局、林芝市巴宜区百巴镇人民政府 | R84: 升级
A85: 6 | B85: 30 | C85: 2013 | D85: 专项扶贫资金 | E85: 百巴镇 | F85: 百巴镇大坝村温室供水项目 | G85: 百巴镇大坝村 | H85: 主渠dn110管2270米，dn90管2060米，新修17条支管，dn管3950米，渠系配套建筑物蓄水池1座。 | I85: 110 | J85: 110 | K85: 0 | L85: 公益类 | M85: 林芝市巴宜区百巴镇大坝村经济联合社 | N85: 林芝市巴宜区百巴镇大坝村经济联合社 | O85: 林芝市巴宜区百巴镇大坝村经济联合社 | P85: 林芝市巴宜区百巴镇大坝村经济联合社 | Q85: 林芝市巴宜区农业农村局、林芝市巴宜区百巴镇人民政府 | R85: -
A86: 7 | B86: 31 | C86: 2013 | D86: 专项扶贫资金 | E86: 百巴镇 | F86: 百巴镇大坝村蔬菜温室工程缺口资金 | G86: 百巴镇大坝村 | H86: 蔬菜温室配套工程 | I86: 43.06 | J86: 43.06 | K86: 0 | L86: 公益类 | M86: 林芝市巴宜区百巴镇大坝村经济联合社 | N86: 林芝市巴宜区百巴镇大坝村经济联合社 | O86: 林芝市巴宜区百巴镇大坝村经济联合社 | P86: 林芝市巴宜区农业农村局、林芝市巴宜区百巴镇人民政府 | Q86: 林芝市巴宜区百巴镇大坝村经济联合社
A87: 8 | B87: 37 | C87: 2014 | D87: 专项扶贫资金 | E87: 百巴镇 | F87: 百巴镇伍巴村旅游接待点项目 | G87: 百巴镇伍巴村 | H87: 建设占地面积600平米的旅游接待点，其中修建两层自驾游旅馆500㎡。配套水电、围墙、洗车设备。 | I87: 135 | J87: 135 | K87: 0 | L87: 经营类 | M87: 林芝市巴宜区百巴镇折巴村伍巴组股份经济合作社 | N87: 林芝市巴宜区伍巴高原红艺术品加工农牧民专业合作社 | O87: 林芝市巴宜区百巴镇折巴村伍巴组股份经济合作社 | P87: 林芝市巴宜区百巴镇折巴村伍巴组股份经济合作社 | Q87: 林芝市巴宜区农业农村局、林芝市巴宜区百巴镇人民政府 | R87: 巩固
A88: 9 | B88: 38 | C88: 2014 | D88: 专项扶贫资金 | E88: 百巴镇 | F88: 百巴镇扎地村天麻种植项目 | G88: 百巴镇扎地村 | H88: 扶持73户农牧民群众355人，开发7亩土地种植天麻。 | I88: 31 | J88: 31 | K88: 0 | L88: 到户类 | M88: 百巴镇扎地村73户村民 | N88: 百巴镇扎地村73户村民 | O88: 百巴镇扎地村73户村民 | P88: 百巴镇扎地村73户村民 | Q88: 百巴镇扎地村村民委员会 | R88: -
A89: 10 | B89: 55 | C89: 2014 | D89: 专项扶贫资金 | E89: 百巴镇 | F89: 百巴镇伍巴村旅游接待点项目 | G89: 百巴镇伍巴村 | H89: 增加了外墙装饰（整体贴片石），变更了屋顶结构及外观等。工程量及人工费用的增加。 | I89: 16.79 | J89: 16.79 | K89: 0 | L89: 公益类 | M89: 林芝市巴宜区百巴镇折巴村伍巴组股份经济合作社 | N89: 林芝市巴宜区伍巴高原红艺术品加工农牧民专业合作社 | O89: 林芝市巴宜区百巴镇折巴村伍巴组股份经济合作社 | P89: 林芝市巴宜区伍巴高原红艺术品加工农牧民专业合作社 | Q89: 林芝市巴宜区农业农村局、林芝市巴宜区百巴镇人民政府 | R89: -
A90: 11 | B90: 56 | C90: 2014 | D90: 专项扶贫资金 | E90: 百巴镇 | F90: 百巴镇增巴村莫坝沟复垦地灌溉工程 | G90: 百巴镇增巴村 | H90: 新建灌溉水渠1510米，排水渠1600米，解决新开垦的940亩耕地灌溉和排涝问题。 | I90: 133.06 | J90: 133.06 | K90: 0 | L90: 公益类 | M90: 林芝市巴宜区百巴镇增巴村股份经济合作联合社 | N90: 林芝市巴宜区百巴镇增巴村股份经济合作联合社 | O90: 林芝市巴宜区百巴镇增巴村股份经济合作联合社 | P90: 林芝市巴宜区百巴镇增巴村股份经济合作联合社 | Q90: 林芝市巴宜区农业农村局、林芝市巴宜区百巴镇人民政府 | R90: -
A91: 12 | B91: 66 | C91: 2015 | D91: 专项扶贫资金 | E91: 百巴镇 | F91: 百巴镇、米瑞乡蔬菜大棚建设项目 | G91: 百巴镇拉格村、米瑞乡吉定村 | H91: 拉格村新建8米×40米的单拱钢管塑料大棚26座，为满足种植过程中作物对灌溉的需求，配套相应灌溉设施；吉定村新建8米×20米的单拱钢管塑料大棚32座。 | I91: 226 | J91: 226 | K91: 0 | L91: 经营类 | M91: 林芝市巴宜区百巴镇拉格村股份经济合作联合社、米瑞乡吉定村32户村民 | N91: 林芝市巴宜区百巴镇拉格村股份经济合作联合社、米瑞乡吉定村32户村民 | O91: 林芝市巴宜区百巴镇拉格村股份经济合作联合社、米瑞乡吉定村32户村民 | P91: 林芝市巴宜区百巴镇拉格村股份经济合作联合社、米瑞乡吉定村32户村民 | Q91: 林芝市巴宜区农业农村局、林芝市巴宜区百巴镇人民政府、林芝市巴宜区米瑞乡人民政府 | R91: 盘活
A92: 13 | B92: 82 | C92: 2015 | D92: 专项扶贫资金 | E92: 百巴镇 | F92: 百巴镇打麦场建设项目 | G92: 百巴镇折巴村 | H92: 新修91mx36m，3276平方米打麦场 | I92: 30 | J92: 30 | K92: 0 | L92: 公益类 | M92: 林芝市巴宜区百巴镇折巴村伍巴组股份经济合作社 | N92: 林芝市巴宜区百巴镇折巴村伍巴组股份经济合作社 | O92: 林芝市巴宜区百巴镇折巴村伍巴组股份经济合作社 | P92: 林芝市巴宜区农业农村局、林芝市巴宜区百巴镇人民政府 | Q92: 林芝市巴宜区百巴镇折巴村伍巴组股份经济合作社
A93: 14 | B93: 85 | C93: 2015 | D93: 专项扶贫资金 | E93: 百巴镇 | F93: 百巴镇连别村精准扶贫项目 | G93: 百巴镇连别村 | H93: 修建砖砌围墙4105米，建8米×40米钢架大棚8栋 | I93: 155 | J93: 155 | K93: 0 | L93: 到户类 | M93: 百巴镇连别村8户村民 | N93: 百巴镇连别村8户村民 | O93: 百巴镇连别村8户村民 | P93: 百巴镇连别村8户村民 | Q93: 百巴镇连别村村民委员会 | R93: -
A94: 15 | B94: 103 | C94: 2016 | D94: 统筹整合涉农资金 | E94: 百巴镇 | F94: 百巴镇奶牛养殖项目 | G94: 百巴镇拉格村、增巴村 | H94: 新建1座集中牛舍200㎡、布设150m排污管道，修建化粪池1座，新建值班室30㎡，购买与安装500米网围栏，铺设给排水系统、供水管道300米，架设输电线路1套，购置犏奶牛65头。扶持增巴村一户购买犏牛3头，配套圈舍建设。 | I94: 106.2 | J94: 106.2 | K94: 0 | L94: 经营类 | M94: 百巴镇增巴村1户村民，林芝市巴宜区百巴镇拉格村股份经济合作联合社 | N94: 百巴镇增巴村1户村民，林芝市巴宜区百巴镇拉格村股份经济合作联合社 | O94: 百巴镇增巴村1户村民，林芝市巴宜区百巴镇拉格村股份经济合作联合社 | P94: 百巴镇增巴村1户村民，林芝市巴宜区百巴镇拉格村股份经济合作联合社 | Q94: 林芝市巴宜区农业农村局、林芝市巴宜区百巴镇人民政府 | R94: 盘活
A95: 16 | B95: 104 | C95: 2016 | D95: 统筹整合涉农资金 | E95: 百巴镇 | F95: 百巴镇藏香猪养殖项目 | G95: 百巴镇折巴村 | H95: 新建猪舍40㎡，购买藏香猪仔猪60头。 | I95: 5.95 | J95: 5.95 | K95: 0 | L95: 到户类 | M95: 百巴镇折巴村2户村民 | N95: 百巴镇折巴村2户村民 | O95: 百巴镇折巴村2户村民 | P95: 百巴镇折巴村2户村民 | Q95: 百巴镇折巴村村民委员会 | R95: -
A96: 17 | B96: 116 | C96: 2016 | D96: 统筹整合涉农资金 | E96: 百巴镇 | F96: 百巴镇苹果种植项目 | G96: 百巴镇强嘎村 | H96: 孔径60mm×40mmф4镀锌铁丝网围栏800米，购买苹果树苗500株，挖填树坑500株，客土改良500株。 | I96: 5.14 | J96: 5.14 | K96: 0 | L96: 到户类 | M96: 百巴镇强嘎村1户村民 | N96: 百巴镇强嘎村1户村民 | O96: 百巴镇强嘎村1户村民 | P96: 百巴镇强嘎村1户村民 | Q96: 百巴镇强嘎村村民委员会 | R96: -
A97: 18 | B97: 120 | C97: 2016 | D97: 统筹整合涉农资金 | E97: 百巴镇 | F97: 百巴镇商店建设项目 | G97: 百巴镇增巴村、拉格村 | H97: 每户新建30㎡商店，购置货架及冰柜相关设备，购置货物，一户增加扩大其工厂增加设备费用。 | I97: 29.46 | J97: 29.46 | K97: 0 | L97: 到户类 | M97: 百巴镇镇巴村1户村民，百巴镇拉格村3户村民 | N97: 百巴镇镇巴村1户村民，百巴镇拉格村3户村民 | O97: 百巴镇镇巴村1户村民，百巴镇拉格村3户村民 | P97: 百巴镇镇巴村1户村民，百巴镇拉格村3户村民 | Q97: （百巴镇增巴村、拉格村）村民委员会 | R97: -
A98: 19 | B98: 125 | C98: 2016 | D98: 统筹整合涉农资金 | E98: 百巴镇 | F98: 百巴镇色贡村出租房项目 | G98: 百巴镇色贡村 | H98: 修建商品房510.75平方米，公厕一座31平米及附属工程。 | I98: 117.38 | J98: 117.38 | K98: 0 | L98: 经营类 | M98: 林芝市巴宜区百巴镇色贡社区股份经济合作联合社 | N98: 林芝市巴宜区百巴镇色贡社区股份经济合作联合社 | O98: 林芝市巴宜区百巴镇色贡社区股份经济合作联合社 | P98: 林芝市巴宜区百巴镇色贡社区股份经济合作联合社 | Q98: 林芝市巴宜区农业农村局、林芝市巴宜区百巴镇人民政府 | R98: 巩固
A99: 20 | B99: 126 | C99: 2016 | D99: 统筹整合涉农资金 | E99: 百巴镇 | F99: 百巴镇章巴村农家乐项目 | G99: 百巴镇章巴村 | H99: 修建藏餐厅723.6平米、道路工程1080平米；并修建相应附属设施。 | I99: 189.3 | J99: 189.3 | K99: 0 | L99: 经营类 | M99: 林芝市巴宜区百巴镇章巴村股份经济合作联合社 | N99: 工布运输合作社 | O99: 林芝市巴宜区百巴镇章巴村股份经济合作联合社 | P99: 林芝市巴宜区百巴镇章巴村股份经济合作联合社 | Q99: 林芝市巴宜区农业农村局、林芝市巴宜区百巴镇人民政府 | R99: 巩固
A100: 21 | B100: 127 | C100: 2016 | D100: 统筹整合涉农资金 | E100: 百巴镇 | F100: 百巴镇灵芝种植项目 | G100: 百巴镇连别村 | H100: 4座温室种植灵芝需要购买8000袋菌包。 | I100: 14.8 | J100: 14.8 | K100: 0 | L100: 经营类 | M100: 林芝市巴宜区百巴镇连别村股份经济合作联合社 | N100: 林芝市巴宜区百巴镇连别村股份经济合作联合社 | O100: 林芝市巴宜区百巴镇连别村股份经济合作联合社 | P100: 林芝市巴宜区百巴镇连别村股份经济合作联合社 | Q100: 林芝市巴宜区农业农村局、林芝市巴宜区百巴镇人民政府 | R100: 调整
A101: 22 | B101: 146 | C101: 2017 | D101: 统筹整合涉农资金 | E101: 百巴镇 | F101: 巴宜区百巴镇银丰生态养殖场建设项目 | G101: 百巴镇堆龙村 | H101: 一期主要建设种猪繁育中心、扩繁场、两个散养区；二期建设育肥中心、检疫、检测中心；三期扩大规模4至6个散养场。 | I101: 400 | J101: 400 | K101: 0 | L101: 经营类 | M101: 林芝市巴宜区百巴镇扎地村堆龙组股份经济合作社 | N101: 林芝市巴宜区银丰农牧科技有限公司 | O101: 林芝市巴宜区百巴镇扎地村堆龙组股份经济合作社 | P101: 林芝市巴宜区百巴镇扎地村堆龙组股份经济合作社 | Q101: 林芝市巴宜区农业农村局、林芝市巴宜区百巴镇人民政府 | R101: 巩固 | S101: 银丰农业
A102: 23 | B102: 148 | C102: 2017 | D102: 统筹整合涉农资金 | E102: 百巴镇 | F102: 百巴镇强嘎村波棱瓜种植项目 | G102: 百巴镇强嘎村 | H102: 种植面积22亩。种子40斤（需资金40斤*140元/斤=5600元），围栏铁丝825米、柱子120根（需资金12540元），黑塑料膜（需资金666平方米/亩*22亩*3元/平方米=43956元），化肥（需资金30斤/亩*22亩*1.28元/斤=884.8元），细铁丝（需资金1000元），竹竿子（需资金200根/亩*22亩*3元/根=22000元），人工费（需资金15天*10人*100元/人=15000元） | I102: 9.6 | J102: 9.6 | K102: 0 | L102: 到户类 | M102: 百巴镇强嘎村7户村民 | N102: 百巴镇强嘎村7户村民 | O102: 百巴镇强嘎村7户村民 | P102: 百巴镇强嘎村7户村民 | Q102: 百巴镇强嘎村村民委员会 | R102: -
A103: 24 | B103: 160 | C103: 2017 | D103: 统筹整合涉农资金 | E103: 百巴镇 | F103: 百巴镇章巴村生态园林建设项目 | G103: 百巴镇章巴村 | H103: 百巴镇章巴村生态园林果树等其他设施。 | I103: 120 | J103: 120 | K103: 0 | L103: 经营类 | M103: 林芝市巴宜区百巴镇章巴村股份经济合作联合社 | N103: 林芝市巴宜区百巴镇章巴村股份经济合作联合社 | O103: 林芝市巴宜区百巴镇章巴村股份经济合作联合社 | P103: 林芝市巴宜区百巴镇章巴村股份经济合作联合社 | Q103: 林芝市巴宜区农业农村局、林芝市巴宜区百巴镇人民政府 | R103: 巩固
...

Sheet 帮扶项目确权表按乡镇
A3: 序号 | B3: 项目 年度 | C3: 资金来源 | D3: 乡镇 | E3: 项目 名称 | F3: 项目实施地点 | G3: 项目主要建设内容 | H3: 计划投资（万元） | K3: 项目 分类情况 | L3: 所有权 | M3: 经营权 | N3: 受益权 | O3: 处置权 | P3: 监督权 | Q3: 经营性项目“四个一批”分类 | R3: 备注
H4: 、 | I4: 政策性资金 | J4: 其他渠道资金
A5: 8 | B5: 2013 | C5: 专项扶贫资金 | D5: 八一镇 | E5: 八一镇公仲村经济林木建设项目 | F5: 八一镇公仲村 | G5: 扶持20户低收入群众发展经济林木种植项目，购置水蜜桃、油桃、梨子、核桃树苗18000株，集中种植300亩，及配套灌溉渠道1500米。 | H5: 40 | I5: 40 | J5: 0 | K5: 到户类 | L5: 八一镇公众村20户村民 | M5: 八一镇公众村20户村民 | N5: 八一镇公众村20户村民 | O5: 八一镇公众村20户村民 | Q5: -
A6: 23 | B6: 2013 | C6: 专项扶贫资金 | D6: 八一镇 | E6: 八一镇尼西村水果蔬菜种植温室项目 | F6: 八一镇尼西村 | G6: 建设规模及内容为修建20米×8米单拱三面砖混温室8座。 | H6: 35 | I6: 35 | J6: 0 | K6: 到户类 | L6: 八一镇尼西村13户村民 | M6: 八一镇尼西村13户村民 | N6: 八一镇尼西村13户村民 | O6: 八一镇尼西村13户村民 | Q6: -
A7: 25 | B7: 2013 | C7: 专项扶贫资金 | D7: 八一镇 | E7: 八一镇色定村阿吉林特色经济发展农牧民专业合作社藏民族手工艺品生产厂区建设项目 | F7: 八一镇色定村 | G7: 建立供销一体化的民族手工艺品生产基地242.25平方米，购买烙画机、毛皮软化机、打磨机、粉碎机、真空包装机、烘干机、缝纫机、打孔机、编织机等机械设备，以及相关人员培训。 | H7: 42 | I7: 42 | J7: 0 | K7: 经营类 | L7: 林芝县八一镇色定村阿吉特色经济发展农牧民专业合作社 | M7: 林芝县八一镇色定村阿吉特色经济发展农牧民专业合作社 | N7: 林芝县八一镇色定村阿吉特色经济发展农牧民专业合作社 | O7: 林芝县八一镇色定村阿吉特色经济发展农牧民专业合作社 | P7: 林芝市巴宜区农业农村局、林芝市巴宜区八一镇人民政府 | Q7: 巩固 | R7: 农牧民专合社
A8: 34 | B8: 2014 | C8: 专项扶贫资金 | D8: 八一镇 | E8: 八一镇永久村农家乐建设项目 | F8: 八一镇永久村 | G8: 建设占地面积1485平米的农家乐，其中包括集住宿饮食一体的接待楼1栋300平米，修建砖混结构围墙59.6米。 | H8: 45 | I8: 45 | J8: 0 | K8: 到户类 | L8: 个体户 | M8: 个体户 | N8: 个体户 | O8: 个体户 | Q8: -
A9: 35 | B9: 2014 | C9: 专项扶贫资金 | D9: 八一镇 | E9: 八一镇加乃村农田灌溉项目 | F9: 八一镇加乃村 | G9: 新修建灌渠两条共计3000m（分别长1600m，1400m），新开荒地132亩，种植核桃102亩。 | H9: 98.41 | I9: 98.41 | J9: 0 | K9: 公益类 | L9: 林芝市巴宜区八一镇加乃村股份经济合作联合社 | M9: 林芝市巴宜区八一镇加乃村股份经济合作联合社 | N9: 林芝市巴宜区八一镇加乃村股份经济合作联合社 | O9: 林芝市巴宜区八一镇加乃村股份经济合作联合社 | P9: 林芝市巴宜区农业农村局、林芝市巴宜区八一镇人民政府 | Q9: -
A10: 36 | B10: 2014 | C10: 专项扶贫资金 | D10: 八一镇 | E10: 八一镇色定村蜜蜂养殖项目 | F10: 八一镇色定村 | G10: 购置中锋220箱、意蜂220箱，购买白糖11吨，购买养蜂专用保温布250平方米。 | H10: 60 | I10: 60 | J10: 0 | K10: 经营类 | L10: 八一镇色定村异彩种养业农牧民专业合作社 | M10: 八一镇色定村异彩种养业农牧民专业合作社 | N10: 八一镇色定村异彩种养业农牧民专业合作社 | O10: 八一镇色定村异彩种养业农牧民专业合作社 | P10: 林芝市巴宜区农业农村局、林芝市巴宜区八一镇人民政府 | Q10: 巩固 | R10: 农牧民专合社
A11: 44 | B11: 2014 | C11: 专项扶贫资金 | D11: 八一镇 | E11: 八一镇加定村藏香及民族服饰加工常建设项目 | F11: 八一镇加定村 | G11: 藏香加工：厂房120平方米，YD不锈钢线香机一台、YD-218高产量木粉加工粉粹机1台及传统加工设备。 民族服饰加工：修建库房80平方米，购置N061缩呢机1台、修建羊毛消毒池1座、清洗池1座、850型羊毛、羊绒梳理机1台，木质织呢机8台。 | H11: 75 | I11: 75 | J11: 0 | K11: 经营类 | L11: 工布民族手工艺农牧民专业合作社 | M11: 工布民族手工艺农牧民专业合作社 | N11: 工布民族手工艺农牧民专业合作社 | O11: 工布民族手工艺农牧民专业合作社 | P11: 林芝市巴宜区农业农村局、林芝市巴宜区八一镇人民政府 | Q11: 巩固 | R11: 农牧民专合社
A12: 49 | B12: 2014 | C12: 专项扶贫资金 | D12: 八一镇 | E12: 八一镇拉丁嘎旅游接待中心建设项目 | F12: 八一镇拉丁嘎村 | G12: 建设占地面积503.82平米的旅游接待点。配套给排水工程及餐桌椅、床、热水器等。 | H12: 120 | I12: 120 | J12: 0 | K12: 经营类 | L12: 林芝市巴宜区八一镇拉丁嘎村股份经济合作联合社 | M12: 林芝市巴宜区创投城市运营管理有限公司 | N12: 林芝市巴宜区八一镇拉丁嘎村股份经济合作联合社 | O12: 林芝市巴宜区八一镇拉丁嘎村股份经济合作联合社 | P12: 林芝市巴宜区农业农村局、林芝市巴宜区八一镇人民政府 | Q12: 巩固
A13: 70 | B13: 2015 | C13: 专项扶贫资金 | D13: 八一镇 | E13: 八一镇拉丁嘎村农田灌溉水渠建设项目 | F13: 八一镇拉丁嘎村 | G13: 新建1500m长PE水管，取水口1座，消力池1座，分水池3座，支渠4条，各100m。 | H13: 50 | I13: 50 | J13: 0 | K13: 公益类 | L13: 林芝市巴宜区八一镇拉丁嘎村股份经济合作联合社 | M13: 林芝市巴宜区八一镇拉丁嘎村股份经济合作联合社 | N13: 林芝市巴宜区八一镇拉丁嘎村股份经济合作联合社 | O13: 林芝市巴宜区八一镇拉丁嘎村股份经济合作联合社 | P13: 林芝市巴宜区农业农村局、林芝市巴宜区八一镇人民政府 | Q13: -
A14: 73 | B14: 2015 | C14: 专项扶贫资金 | D14: 八一镇 | E14: 八一镇永久村牲畜养殖项目 | F14: 八一镇永久村 | G14: 扶持八一镇永久村8户26人建设占地面积1250平米的砖木结构猪舍140平米，砖木结构牛舍210平方米，购买犏奶牛70头，藏香猪仔70头。 | H14: 40 | I14: 40 | J14: 0 | K14: 到户类 | L14: 八一镇永久村8户村民 | M14: 八一镇永久村8户村民 | N14: 八一镇永久村8户村民 | O14: 八一镇永久村8户村民 | Q14: -
A15: 78 | B15: 2015 | C15: 专项扶贫资金 | D15: 八一镇 | E15: 八一镇公众村玫瑰种植项目 | F15: 八一镇公众村 | G15: 扶持八一镇公众村新建砖混结构加工车间240平方米；新建砖混结构办公区域240平方米；新建砖混结构职工住房60平方米；玫瑰种植70亩，配套相关设施设备包括机耕道、引水管道及配件；新购机械设备18台套。 | H15: 270 | I15: 270 | J15: 0 | K15: 经营类 | L15: 林芝市巴宜区八一镇公众村公众组股份经济合作社 | M15: 巴宜区卡丁圣和农业开发有限公司 | N15: 林芝市巴宜区八一镇公众村公众组股份经济合作社 | O15: 林芝市巴宜区八一镇公众村公众组股份经济合作社 | P15: 林芝市巴宜区农业农村局、林芝市巴宜区八一镇人民政府 | Q15: 调整 | R15: 原经营方跑路，所有权确定
A16: 79 | B16: 2015 | C16: 专项扶贫资金 | D16: 八一镇 | E16: 八一镇公众村果树种植项目 | F16: 八一镇公众村 | G16: 建设项目规模：加定村种植苹果、梨、核桃等水果70亩，色定村种植苹果、梨、核桃等水果80亩；配套输水管道6000米，道路整修3000米，相关设备，建设网围栏2000米。 | H16: 130 | I16: 130 | J16: 0 | K16: 经营类 | L16: 林芝市巴宜区八一镇公众村公众组股份经济合作社 | M16: 巴宜区卡丁圣和农业开发有限公司 | N16: 林芝市巴宜区八一镇公众村公众组股份经济合作社 | O16: 林芝市巴宜区八一镇公众村公众组股份经济合作社 | P16: 林芝市巴宜区农业农村局、林芝市巴宜区八一镇人民政府 | Q16: 调整 | R16: 原经营方跑路，所有权确定
A17: 93 | B17: 2015 | C17: 援藏资金 | D17: 八一镇 | E17: 林芝县农家乐家庭旅馆建设 | F17: 八一镇 | G17: 家庭旅馆965.8平方米 | H17: 299.97 | I17: 299.97 | J17: 0 | K17: 经营类 | L17: 林芝市巴宜区八一镇公众村色定组股份经济合作社 | M17: 林芝市巴宜区八一镇公众村色定组股份经济合作社 | N17: 林芝市巴宜区八一镇公众村色定组股份经济合作社 | O17: 林芝市巴宜区八一镇公众村色定组股份经济合作社 | P17: 林芝市巴宜区农业农村局、林芝市巴宜区八一镇人民政府 | Q17: 调整 | R17: 村有多个经济合作社
A18: 99 | B18: 2016 | C18: 统筹整合涉农资金 | D18: 八一镇 | E18: 八一镇犏奶牛养殖项目 | F18: 八一镇巴果绕村、巴吉村、多布村、拉丁嘎村、永久村、章麦村、唐地村、尼西村、加乃村 | G18: 购买42头犏奶牛，新建牛舍630㎡。 | H18: 55.68 | I18: 55.68 | J18: 0 | K18: 到户类 | L18: 八一镇永久村1户村民，八一镇拉丁嘎村6户村民，八一镇巴果绕村1户村民，八一镇巴吉村1户村民，八一镇多布村1户村，八一镇加乃村2户村民，八一镇尼西村2户村民，八一镇唐地村5户村民，八一镇章麦村2户村民 | M18: 八一镇永久村1户村民，八一镇拉丁嘎村6户村民，八一镇巴果绕村1户村民，八一镇巴吉村1户村民，八一镇多布村1户村，八一镇加乃村2户村民，八一镇尼西村2户村民，八一镇唐地村5户村民，八一镇章麦村2户村民 | N18: 八一镇永久村1户村民，八一镇拉丁嘎村6户村民，八一镇巴果绕村1户村民，八一镇巴吉村1户村民，八一镇多布村1户村，八一镇加乃村2户村民，八一镇尼西村2户村民，八一镇唐地村5户村民，八一镇章麦村2户村民 | O18: 八一镇永久村1户村民，八一镇拉丁嘎村6户村民，八一镇巴果绕村1户村民，八一镇巴吉村1户村民，八一镇多布村1户村，八一镇加乃村2户村民，八一镇尼西村2户村民，八一镇唐地村5户村民，八一镇章麦村2户村民 | Q18: -
A19: 100 | B19: 2016 | C19: 统筹整合涉农资金 | D19: 八一镇 | E19: 八一镇藏香猪项目 | F19: 八一镇巴果绕村、公众村、加当嘎村、拉丁嘎村、章麦村、尼西村 | G19: 购买510头藏香猪猪仔，新建猪舍340㎡。 | H19: 50.6 | I19: 50.6 | J19: 0 | K19: 到户类 | L19: 八一镇拉丁嘎村5户村民，八一镇加当嘎村2户村民，八一镇公众村1户村民，八一镇巴果绕村2户村民，八一镇尼西村1户村民，八一镇唐地村1户村民，八一镇章麦村3户村民 | M19: 八一镇拉丁嘎村5户村民，八一镇加当嘎村2户村民，八一镇公众村1户村民，八一镇巴果绕村2户村民，八一镇尼西村1户村民，八一镇唐地村1户村民，八一镇章麦村3户村民 | N19: 八一镇拉丁嘎村5户村民，八一镇加当嘎村2户村民，八一镇公众村1户村民，八一镇巴果绕村2户村民，八一镇尼西村1户村民，八一镇唐地村1户村民，八一镇章麦村3户村民 | O19: 八一镇拉丁嘎村5户村民，八一镇加当嘎村2户村民，八一镇公众村1户村民，八一镇巴果绕村2户村民，八一镇尼西村1户村民，八一镇唐地村1户村民，八一镇章麦村3户村民 | Q19: -
A20: 101 | B20: 2016 | C20: 统筹整合涉农资金 | D20: 八一镇 | E20: 八一镇藏鸡养殖 | F20: 八一镇永久村、尼西村 | G20: 购买藏鸡鸡苗200只。新建鸡舍90㎡。 | H20: 10.08 | I20: 10.08 | J20: 0 | K20: 到户类 | L20: 八一镇永久村1户村民，八一镇尼西村1户村民 | M20: 八一镇永久村1户村民，八一镇尼西村1户村民 | N20: 八一镇永久村1户村民，八一镇尼西村1户村民 | O20: 八一镇永久村1户村民，八一镇尼西村1户村民 | Q20: -
A21: 113 | B21: 2016 | C21: 统筹整合涉农资金 | D21: 八一镇 | E21: 八一镇果树种植经济林木种植项目 | F21: 八一镇巴吉村 | G21: 打水井1眼，购买不锈钢高压水泵1台，购买有机肥20吨，购买网纹管PVC软管1070m，购买苹果树苗1000株。 | H21: 13.38 | I21: 13.38 | J21: 0 | K21: 经营类 | L21: 林芝市巴宜区八一镇巴吉村玉米组股份经济合作社 | M21: 林芝市巴宜区八一镇巴吉村玉米组股份经济合作社 | N21: 林芝市巴宜区八一镇巴吉村玉米组股份经济合作社 | O21: 林芝市巴宜区八一镇巴吉村玉米组股份经济合作社 | P21: 林芝市巴宜区农业农村局、林芝市巴宜区八一镇人民政府 | Q21: 巩固
A22: 114 | B22: 2016 | C22: 统筹整合涉农资金 | D22: 八一镇 | E22: 八一镇蔬菜大棚建设项目 | F22: 八一镇加当嘎村 | G22: 修建8m*40m单拱钢架结构温室1座。 | H22: 5.15 | I22: 5.15 | J22: 0 | K22: 到户类 | L22: 八一镇加当嘎村1户村民 | M22: 八一镇加当嘎村1户村民 | N22: 八一镇加当嘎村1户村民 | O22: 八一镇加当嘎村1户村民 | Q22: -
A23: 124 | B23: 2016 | C23: 统筹整合涉农资金 | D23: 八一镇 | E23: 八一镇色定村藏香加工厂项目 | F23: 八一镇公众村 | G23: 道路硬化300㎡及厂区绿化。 | H23: 9.54 | I23: 9.54 | J23: 0 | K23: 公益类 | L23: 工布民族手工艺农牧民专业合作社 | M23: 工布民族手工艺农牧民专业合作社 | N23: 工布民族手工艺农牧民专业合作社 | O23: 工布民族手工艺农牧民专业合作社 | P23: 林芝市巴宜区农业农村局、林芝市巴宜区八一镇人民政府 | Q23: -
A24: 134 | B24: 2016 | C24: 统筹整合涉农资金 | D24: 八一镇 | E24: 八一镇永久村次仁德吉藏家乐扩建项目 | F24: 八一镇永久村 | G24: 购置电视机16台、购置床32张、购置沙发10张。 | H24: 10 | I24: 10 | J24: 0 | K24: 经营类 | L24: 林芝市巴宜区八一镇永久村次仁德吉藏家乐农民专业合作社 | M24: 八一镇永久村次仁德吉藏家乐农民专业合作社 | N24: 林芝市巴宜区八一镇永久村次仁德吉藏家乐农民专业合作社 | O24: 林芝市巴宜区八一镇永久村次仁德吉藏家乐农民专业合作社 | P24: 林芝市巴宜区农业农村局、林芝市巴宜区八一镇人民政府 | Q24: 巩固 | R24: 农牧民专合社
A25: 135 | B25: 2016 | C25: 统筹整合涉农资金 | D25: 八一镇 | E25: 八一镇巴吉玉米尼玛扎西藏猪养殖基地扩建项目 | F25: 八一镇巴吉村 | G25: 购置藏猪（种）猪20头、购置半成品猪50头、购置玉米30000斤、购置小麦20000斤、购置大豆2500斤、制作广告牌1.5万元。 | H25: 20 | I25: 20 | J25: 0 | K25: 到户类 | L25: 个体户 | M25: 个体户 | N25: 个体户 | O25: 个体户
A26: 151 | B26: 2017 | C26: 统筹整合涉农资金 | D26: 八一镇 | E26: 八一镇精准扶贫藏猪养殖项目 | F26: 八一镇巴果绕村、唐地村 | G26: 扩建养猪场、购买配套设施、养殖90头藏香猪。 | H26: 15.2 | I26: 15.2 | J26: 0 | K26: 到户类 | L26: 八一镇巴果绕村2户村民，八一镇唐地村1户村民 | M26: 八一镇巴果绕村2户村民，八一镇唐地村1户村民 | N26: 八一镇巴果绕村2户村民，八一镇唐地村1户村民 | O26: 八一镇巴果绕村2户村民，八一镇唐地村1户村民 | Q26: -
A27: 154 | B27: 2017 | C27: 统筹整合涉农资金 | D27: 八一镇 | E27: 八一镇加乃村多布杰养殖项目 | F27: 八一镇加乃村 | G27: 修建牛棚及配套设施、养殖4头犏奶牛。 | H27: 5.23 | I27: 5.23 | J27: 0 | K27: 到户类 | L27: 八一镇加乃村1户村民 | M27: 八一镇加乃村1户村民 | N27: 八一镇加乃村1户村民 | O27: 八一镇加乃村1户村民 | Q27: -
A28: 168 | B28: 2017 | C28: 统筹整合涉农资金 | D28: 八一镇 | E28: 八一镇唐地村葡萄种植项目 | F28: 八一镇唐地村 | G28: 在原有藏药材种植基础上，种植葡萄面积100亩及土地改良，配套相关设施 | H28: 40 | I28: 40 | J28: 0 | K28: 到户类 | L28: 八一镇唐地村72户村民 | M28: 八一镇唐地村72户村民 | N28: 八一镇唐地村72户村民 | O28: 八一镇唐地村72户村民 | Q28: -
A29: 180 | B29: 2018 | C29: 统筹整合涉农资金 | D29: 八一镇 | E29: 藏佳香青稞咖啡生产扩建项目 | F29: 八一镇永久村 | G29: 扩建厂房，购买相关设备及原材料 | H29: 30 | I29: 30 | J29: 0 | K29: 经营类 | L29: 西藏林芝藏佳香土特食品有限公司 | M29: 西藏林芝藏佳香土特食品有限公司 | N29: 西藏林芝藏佳香土特食品有限公司 | O29: 西藏林芝藏佳香土特食品有限公司 | P29: 林芝市巴宜区农业农村局、林芝市巴宜区八一镇人民政府 | Q29: 升级 | R29: 私人企业
A30: 182 | B30: 2018 | C30: 统筹整合涉农资金 | D30: 八一镇 | E30: 巴宜区八一镇集中安置点 | F30: 八一镇加乃村 | G30: 投资120万元加乃村购买犏奶牛或其他奶牛品种30头，配套购置饲草料，圈舍及相关设施。 | H30: 119.96 | I30: 119.96 | J30: 0 | K30: 到户类 | L30: 八一镇加乃村15户村民 | M30: 八一镇加乃村15户村民 | N30: 八一镇加乃村15户村民 | O30: 八一镇加乃村15户村民 | Q30: -
A31: 186 | B31: 2018 | C31: 统筹整合涉农资金 | D31: 八一镇 | E31: 八一镇公众村综合养殖建设项目 | F31: 八一镇公众村 | G31: 发展藏鸡养殖10000只，新建鸡舍2000平米，配套设施。 | H31: 72 | I31: 72 | J31: 0 | K31: 经营类 | L31: 林芝市巴宜区八一镇公众村公众组股份经济合作社 | M31: 西藏润森农牧科技发展有限公司 | N31: 林芝市巴宜区八一镇公众村公众组股份经济合作社 | O31: 林芝市巴宜区八一镇公众村公众组股份经济合作社 | P31: 林芝市巴宜区农业农村局、林芝市巴宜区八一镇人民政府 | Q31: 升级 | R31: 私人企业
A32: 188 | B32: 2018 | C32: 统筹整合涉农资金 | D32: 八一镇 | E32: 八一镇唐地村玉龙山庄农家乐建设项目 | F32: 八一镇唐地村 | G32: 扩建农家乐20间住宿、娱乐厅100㎡及餐饮配套设施。 | H32: 30 | I32: 30 | J32: 0 | K32: 经营类 | L32: 杰布 | M32: 杰布 | N32: 杰布 | O32: 杰布 | P32: 林芝市巴宜区农业农村局、林芝市巴宜区八一镇人民政府 | Q32: 巩固 | R32: 个体户
A33: 189 | B33: 2018 | C33: 统筹整合涉农资金 | D33: 八一镇 | E33: 八一镇加定村杰布农家旅馆改造项目 | F33: 八一镇加定村 | G33: 扩大旅游接待中心、改造庭院设计。 | H33: 200.29 | I33: 40 | J33: 160.29 | K33: 经营类 | L33: 杰布庄园 | M33: 杰布庄园 | N33: 杰布庄园 | O33: 杰布庄园 | P33: 林芝市巴宜区农业农村局、林芝市巴宜区八一镇人民政府 | Q33: 巩固 | R33: 个体户
A34: 194 | B34: 2018 | C34: 统筹整合涉农资金 | D34: 八一镇 | E34: 八一镇拉丁嘎唐绕村比日神山蔬菜种植项目 | F34: 八一镇拉丁嘎唐绕村比日神山 | G34: 扩大蔬菜大棚3座、一座温室大棚面积为320㎡，养殖藏香猪100头。 | H34: 16 | I34: 16 | J34: 0 | K34: 到户类 | L34: 八一镇拉丁嘎村1户村民 | M34: 八一镇拉丁嘎村1户村民 | N34: 八一镇拉丁嘎村1户村民 | O34: 八一镇拉丁嘎村1户村民 | Q34: -
A35: 197 | B35: 2018 | C35: 统筹整合涉农资金 | D35: 八一镇 | E35: 八一镇唐地村休闲采摘餐饮观光园建设项目 | F35: 八一镇唐地村 | G35: 规划修建蔬菜大棚两座、 配套蓄水池、饮水渠、园区清理整治、道路铺修及雪松种植1000棵，苹果、樱桃、蓝莓采摘园建设。 | H35: 36 | I35: 36 | J35: 0 | K35: 到户类 | L35: 八一镇唐地村1户村民 | M35: 林芝互生生态农业发展有限公司 | N35: 八一镇唐地村1户村民 | O35: 八一镇唐地村1户村民 | Q35: -
A36: 201 | B36: 2018 | C36: 统筹整合涉农资金 | D36: 八一镇 | E36: 八一镇公众村格桑养殖项目 | F36: 八一镇公众村 | G36: 修建牛棚及配套设施、养殖4头犏奶牛。 | H36: 5 | I36: 5 | J36: 0 | K36: 到户类 | L36: 八一镇公众村1户村民 | M36: 八一镇公众村1户村民 | N36: 八一镇公众村1户村民 | O36: 八一镇公众村1户村民 | Q36: -
A37: 202 | B37: 2018 | C37: 统筹整合涉农资金 | D37: 八一镇 | E37: 八一镇加当嘎村边巴次仁奶牛养殖项目 | F37: 八一镇加当嘎村 | G37: 扩建厂房1000㎡。草场围栏1000亩、购买犏奶牛50头。 | H37: 30 | I37: 30 | J37: 0 | K37: 经营类 | L37: 个体户 | M37: 个体户 | N37: 个体户 | O37: 个体户 | P37: 林芝市巴宜区农业农村局、林芝市巴宜区八一镇人民政府 | Q37: 巩固 | R37: 个体户
A38: 205 | B38: 2018 | C38: 统筹整合涉农资金 | D38: 八一镇 | E38: 八一镇尼西村旺久商店建设项目 | F38: 八一镇尼西村 | G38: 新建80㎡的商店，货架、日常货品。 | H38: 5 | I38: 5 | J38: 0 | K38: 到户类 | L38: 八一镇尼西村1户村民 | M38: 八一镇尼西村1户村民 | N38: 八一镇尼西村1户村民 | O38: 八一镇尼西村1户村民 | Q38: -
A39: 209 | B39: 2018 | C39: 统筹整合涉农资金 | D39: 八一镇 | E39: 巴宜区多旺农牧民手工艺糌粑加工厂项目 | F39: 八一镇加定村 | G39: 糌粑加工机器设备、公司道路硬化、其它工艺 | H39: 59 | I39: 59 | J39: 0 | K39: 经营类 | L39: 多旺农牧民手工艺品营销专业合作社 | M39: 多旺农牧民手工艺品营销专业合作社 | N39: 多旺农牧民手工艺品营销专业合作社 | O39: 多旺农牧民手工艺品营销专业合作社 | P39: 林芝市巴宜区农业农村局、林芝市巴宜区八一镇人民政府 | Q39: 巩固 | R39: 农牧民专合社
A40: 210 | B40: 2018 | C40: 统筹整合涉农资金 | D40: 八一镇 | E40: 林芝市巴宜区八一镇巴吉村措木及林下资源加工厂项目 | F40: 八一镇巴吉村 | G40: 扩建加工厂、购置原材料和精细加工设备 | H40: 40 | I40: 40 | J40: 0 | K40: 经营类 | L40: 林芝市巴宜区八一镇巴吉村措木及林下资源加工农牧民合作社 | M40: 林芝市巴宜区八一镇巴吉村措木及林下资源加工农牧民合作社 | N40: 林芝市巴宜区八一镇巴吉村措木及林下资源加工农牧民合作社 | O40: 林芝市巴宜区八一镇巴吉村措木及林下资源加工农牧民合作社 | P40: 林芝市巴宜区农业农村局、林芝市巴宜区八一镇人民政府 | Q40: 巩固 | R40: 农牧民专合社
A41: 219 | B41: 2018 | C41: 统筹整合涉农资金 | D41: 八一镇 | E41: 三岩搬迁项目巴宜区八一镇集中安置点大棚建设 | F41: 巴宜区八一镇集中安置点 | G41: 巴宜区八一镇集中安置点：178万用于修建大棚，发展瓜果种植并配套完善相关灌溉设施，土地整治。 | H41: 177.61 | I41: 177.61 | J41: 0 | K41: 经营类 | L41: 林芝市巴宜区八一镇加乃村股份经济合作联合社 | M41: 西藏汇莱农业科技有限公司 | N41: 林芝市巴宜区八一镇加乃村股份经济合作联合社 | O41: 林芝市巴宜区八一镇加乃村股份经济合作联合社 | P41: 林芝市巴宜区农业农村局、林芝市巴宜区八一镇人民政府 | Q41: 升级
A42: 219 | B42: 2018 | C42: 统筹整合涉农资金 | D42: 八一镇 | E42: 三岩搬迁项目巴宜区八一镇集中安置点销售中心 | F42: 巴宜区八一镇集中安置点 | G42: 巴宜区八一镇集中安置点：170万用于培育一家现代综合农产品（果蔬）销售中心，通过生产、加工、包装等标准化建设，通过电商及线下销售，实现四个搬迁点共享使用。 | H42: 170 | I42: 170 | J42: 0 | K42: 经营类 | L42: 林芝市巴宜区八一镇加乃村股份经济合作联合社、林芝市巴宜区鲁朗镇明吉村村民委员会、林芝市巴宜区百巴镇强嘎村股份经济合作联合社、林芝市巴宜区更章门巴民族乡娘萨村股份经济合作联合社 | M42: 西藏赤董尼玛事业有限公司 | N42: 林芝市巴宜区八一镇加乃村股份经济合作联合社、林芝市巴宜区鲁朗镇明吉村村民委员会、林芝市巴宜区百巴镇强嘎村股份经济合作联合社、林芝市巴宜区更章门巴民族乡娘萨村股份经济合作联合社 | O42: 林芝市巴宜区八一镇加乃村股份经济合作联合社、林芝市巴宜区鲁朗镇明吉村村民委员会、林芝市巴宜区百巴镇强嘎村股份经济合作联合社、林芝市巴宜区更章门巴民族乡娘萨村股份经济合作联合社 | P42: 林芝市巴宜区农业农村局、林芝市巴宜区八一镇人民政府、林芝市巴宜区百巴镇人民政府、林芝市巴宜区更章乡人民政府、林芝市巴宜区鲁朗镇人民政府 | Q42: 巩固
A43: 219 | B43: 2018 | C43: 统筹整合涉农资金 | D43: 八一镇 | E43: 三岩搬迁项目巴宜区八一镇集中安置点林卡 | F43: 巴宜区八一镇集中安置点 | G43: 100万用于修建林卡、围墙、亭子，购买帐篷，并配套相关服务设施 | H43: 100 | I43: 100 | J43: 0 | K43: 经营类 | L43: 林芝市巴宜区八一镇加乃村股份经济合作联合社 | M43: 西藏汇莱农业科技有限公司 | N43: 林芝市巴宜区八一镇加乃村股份经济合作联合社 | O43: 林芝市巴宜区八一镇加乃村股份经济合作联合社 | P43: 林芝市巴宜区农业农村局、林芝市巴宜区八一镇人民政府 | Q43: 巩固
A44: 226 | B44: 2019 | C44: 统筹整合涉农资金 | D44: 八一镇 | E44: 巴宜区八一镇公众村藏鸡养殖项目 | F44: 八一镇公众村 | G44: 在原有养殖基础上增加10000只藏鸡，配套相关设施设备 | H44: 48.38 | I44: 48.38 | J44: 0 | K44: 经营类 | L44: 林芝市巴宜区八一镇公众村公众组股份经济合作社 | M44: 西藏润森农牧科技发展有限公司 | N44: 林芝市巴宜区八一镇公众村公众组股份经济合作社 | O44: 林芝市巴宜区八一镇公众村公众组股份经济合作社 | P44: 林芝市巴宜区农业农村局、林芝市巴宜区八一镇人民政府 | Q44: 升级 | R44: 私人企业
A45: 228 | B45: 2019 | C45: 统筹整合涉农资金 | D45: 八一镇 | E45: 巴宜区八一镇拉嘎娘灵芝种植项目 | F45: 八一镇拉丁嘎（拉嘎娘） | G45: 修建23座灵芝种植大棚，发展灵芝种植 | H45: 79.88 | I45: 79.88 | J45: 0 | K45: 经营类 | L45: 林芝市巴宜区八一镇拉丁嘎村股份经济合作联合社 | M45: 林芝源瑞农业科技有限公司 | N45: 林芝市巴宜区八一镇拉丁嘎村股份经济合作联合社 | O45: 林芝市巴宜区八一镇拉丁嘎村股份经济合作联合社 | P45: 林芝市巴宜区农业农村局、林芝市巴宜区八一镇人民政府 | Q45: 巩固
A46: 240 | B46: 2020 | C46: 统筹整合涉农资金 | D46: 八一镇 | E46: 巴宜区八一镇草莓种植项目 | F46: 八一镇唐地村 | G46: 新建温室大棚2座（共1亩），种植草莓1亩。 | H46: 14.77 | I46: 14.77 | J46: 0 | K46: 到户类 | L46: 八一镇唐地村1户村民 | M46: 八一镇唐地村1户村民 | N46: 八一镇唐地村1户村民 | O46: 八一镇唐地村1户村民 | Q46: -
A47: 244 | B47: 2020 | C47: 统筹整合涉农资金 | D47: 八一镇 | E47: 水果产业提质增效项目 | F47: 百巴镇大坝村、百巴镇扎地村、八一镇唐地村、布久乡嘎玛村、米瑞乡色果拉村、更章乡门仲村 | G47: 标准化建设1600余亩水果基地，包括水肥一体化，土壤改良增肥，完善配套设施等，项目完成后，预计三年后挂果，。 | H47: 899.85 | I47: 899.85 | J47: 0 | K47: 公益类 | L47: 百巴镇扎地村：林芝市巴宜区百巴镇扎地村扎地组股份经济合作社，百巴镇大坝村：林芝市巴宜区百巴镇大坝村经济联合社，布久乡嘎玛村40户村民，米瑞乡色果拉村：林芝市巴宜区米瑞乡色果拉村祥和种植养殖农牧民合作社，八一镇唐地村：72户村民，更章乡门仲村：林芝市巴宜区更章门巴民族乡门仲村股份经济合作联合社 | M47: 百巴镇扎地村：西藏新纳宗巴苗木种植有限公司，百巴镇大坝村：烟台大山果业开发有限公司巴宜区分公司，布久乡嘎玛村40户村民，米瑞乡色果拉村：林芝市巴宜区米瑞乡色果拉村祥和种植养殖农牧民合作社，八一镇唐地村72户村民，更章乡门仲村：西藏荣源生态农业科技发展有限公司 | N47: 百巴镇扎地村：林芝市巴宜区百巴镇扎地村扎地组股份经济合作社，百巴镇大坝村：林芝市巴宜区百巴镇大坝村经济联合社，布久乡嘎玛村40户村民，米瑞乡色果拉村：林芝市巴宜区米瑞乡色果拉村祥和种植养殖农牧民合作社，八一镇唐地村：72户村民，更章乡门仲村：林芝市巴宜区更章门巴民族乡门仲村股份经济合作联合社 | O47: 百巴镇扎地村：林芝市巴宜区百巴镇扎地村扎地组股份经济合作社，百巴镇大坝村：林芝市巴宜区百巴镇大坝村经济联合社，布久乡嘎玛村40户村民，米瑞乡色果拉村：林芝市巴宜区米瑞乡色果拉村祥和种植养殖农牧民合作社，八一镇唐地村：72户村民，更章乡门仲村：林芝市巴宜区更章门巴民族乡门仲村股份经济合作联合社 | P47: 林芝市巴宜区农业农村局、林芝市巴宜区百巴镇人民政府、林芝市巴宜区八一镇人民政府、林芝市巴宜区更章乡人民政府、林芝市巴宜区米瑞乡人民政府
A48: 247 | B48: 2020 | C48: 统筹整合涉农资金 | D48: 八一镇 | E48: 水果产业提质增效项目（二期） | F48: 百巴镇增巴村、八一镇加乃村、八一镇巴吉村、布久乡嘎玛村、百巴镇嘎吉村、米瑞乡朗乃村、林芝镇娘峨村 | G48: 标准化建设1994亩水果基地，包括水肥一体化，土壤改良增肥，完善配套设施等。 | H48: 1099.36 | I48: 1099.36 | J48: 0 | K48: 公益类 | L48: 百巴镇嘎吉村：林芝市巴宜区百巴镇嘎吉村专合社，百巴镇增巴村：林芝市巴宜区百巴镇增巴村股份经济合作联合社，布久乡嘎玛村：林芝市巴宜区布久乡嘎玛村则拉岗组股份经济合作社，林芝镇娘欧村22户村民，林芝市巴宜区米瑞乡朗乃村股份经济合作联合社，八一镇巴吉村：林芝市巴宜区八一镇巴吉村玉米组股份经济合作社，林芝市巴宜区八一镇加乃村股份经济合作联合社 | M48: 百巴镇嘎吉村：烟台大山果业开发有限公司巴宜区分公司，百巴镇增巴村：烟台大山果业开发有限公司巴宜区分公司，布久乡嘎玛村：林芝市巴宜区布久乡嘎玛村则拉岗组股份经济合作社，林芝镇娘欧村22户村民，林芝市巴宜区米瑞乡朗乃村股份经济合作联合社，八一镇巴吉村：西藏罗汉松生态农业科技发展有限责任公司，林芝市巴宜区八一镇加乃村股份经济合作联合社 | N48: 百巴镇嘎吉村：林芝市巴宜区百巴镇嘎吉村专合社，百巴镇增巴村：林芝市巴宜区百巴镇增巴村股份经济合作联合社，布久乡嘎玛村：林芝市巴宜区布久乡嘎玛村则拉岗组股份经济合作社，林芝镇娘欧村22户村民，林芝市巴宜区米瑞乡朗乃村股份经济合作联合社，八一镇巴吉村：林芝市巴宜区八一镇巴吉村玉米组股份经济合作社，林芝市巴宜区八一镇加乃村股份经济合作联合社 | O48: 百巴镇嘎吉村：林芝市巴宜区百巴镇嘎吉村专合社，百巴镇增巴村：林芝市巴宜区百巴镇增巴村股份经济合作联合社，布久乡嘎玛村：林芝市巴宜区布久乡嘎玛村则拉岗组股份经济合作社，林芝镇娘欧村22户村民，林芝市巴宜区米瑞乡朗乃村股份经济合作联合社，八一镇巴吉村：林芝市巴宜区八一镇巴吉村玉米组股份经济合作社，林芝市巴宜区八一镇加乃村股份经济合作联合社 | P48: 林芝市巴宜区农业农村局、林芝市巴宜区百巴镇人民政府、林芝市巴宜区八一镇人民政府、林芝市巴宜区林芝镇人民政府、林芝市巴宜区米瑞乡人民政府
A49: 248 | B49: 2020 | C49: 统筹整合涉农资金 | D49: 八一镇 | E49: 八一镇巴吉村旅游产业建设项目 | F49: 八一镇巴吉村 | G49: 结合旅游产业，打造八一镇巴吉村田园综合体600亩，配套相关设施。 | H49: 1600.01 | I49: 1600.01 | J49: 0 | K49: 经营类 | L49: =N49 -> 林芝市巴宜区八一镇巴吉村巴吉组股份经济合作社 | M49: 西藏依舍旅游开发有限公司 | N49: 林芝市巴宜区八一镇巴吉村巴吉组股份经济合作社 | O49: 林芝市巴宜区八一镇巴吉村巴吉组股份经济合作社 | P49: 林芝市巴宜区农业农村局、林芝市巴宜区八一镇人民政府 | Q49: 巩固 | R49: 私人企业
A50: 252 | B50: 2020 | C50: 统筹整合涉农资金 | D50: 八一镇 | E50: 八一镇、更章乡搬迁群众到户奶牛项目 | F50: 八一镇加乃村、更章乡娘萨村 | G50: 购买犏奶牛50头，户均2头，共25户。其中八一镇15头，更章乡10头。 | H50: 39.98 | I50: 39.98 | J50: 0 | K50: 到户类 | L50: 更章乡娘萨村16户村民，八一镇加乃村15户村民 | M50: 更章乡娘萨村16户村民，八一镇加乃村15户村民 | N50: 更章乡娘萨村16户村民，八一镇加乃村15户村民 | O50: 更章乡娘萨村16户村民，八一镇加乃村15户村民 | Q50: -
A51: 259 | B51: 2020 | C51: 统筹整合涉农资金 | D51: 八一镇 | E51: 巴宜区三岩搬迁点配套产业项目 | F51: 八一镇加乃村安置点、更章乡娘萨村安置点、百巴镇嘎吉村安置点 | G51: 1.加乃村购买犏奶牛60头及配套开垦30亩饲草种植项目。 2.加乃村种植270亩优质青稞并配套购买相关种植收割农业机械。 3.娘萨村购买犏奶牛70头及维修30公里长、宽1.5米的牧道。 4.嘎吉村种植600亩优质青稞并配套购买相关种植收割农业机械。 | H51: 249.68 | I51: 249.68 | J51: 0 | K51: 到户类 | L51: 百巴镇嘎吉村68户村民，更章乡娘萨村16户村民，八一镇犏奶牛：八一镇加乃村15户村民，八一镇青稞：西藏荣源生态农业科技发展有限公司 | M51: 百巴镇嘎吉村68户村民，更章乡娘萨村16户村民，八一镇犏奶牛：八一镇加乃村15户村民，八一镇青稞：西藏荣源生态农业科技发展有限公司 | N51: 百巴镇嘎吉村68户村民，更章乡娘萨村16户村民，八一镇犏奶牛：八一镇加乃村15户村民，八一镇青稞：林芝市巴宜区八一镇加乃村股份经济合作联合社 | O51: 百巴镇嘎吉村68户村民，更章乡娘萨村16户村民，八一镇犏奶牛：八一镇加乃村15户村民，八一镇青稞：林芝市巴宜区八一镇加乃村股份经济合作联合社 | Q51: -
A52: 264 | B52: 2020 | C52: 统筹整合涉农资金 | D52: 八一镇 | E52: 巴宜区八一镇尼西村水渠灌溉项目 | F52: 八一镇尼西村 | G52: 新修灌溉水渠6,035.66米等建设内容。 | H52: 206.71 | I52: 206.71 | J52: 0 | K52: 公益类 | L52: 林芝市巴宜区八一镇尼西村股份经济合作联合社 | M52: 林芝市巴宜区八一镇尼西村股份经济合作联合社 | N52: 林芝市巴宜区八一镇尼西村股份经济合作联合社 | O52: 林芝市巴宜区八一镇尼西村股份经济合作联合社 | P52: 林芝市巴宜区农业农村局、林芝市巴宜区八一镇人民政府 | Q52: -
A53: 269 | B53: 2020 | C53: 统筹整合涉农资金 | D53: 八一镇 | E53: 巴宜区八一镇永久村明沟建设项目 | F53: 八一镇永久村 | G53: 修建排水渠786.51米 | H53: 28.31 | I53: 28.31 | J53: 0 | K53: 公益类 | L53: 林芝市巴宜区八一镇永久村股份经济合作联合社 | M53: 林芝市巴宜区八一镇永久村股份经济合作联合社 | N53: 林芝市巴宜区八一镇永久村股份经济合作联合社 | O53: 林芝市巴宜区八一镇永久村股份经济合作联合社 | P53: 林芝市巴宜区农业农村局、林芝市巴宜区八一镇人民政府 | Q53: -
A54: 304 | B54: 2021 | C54: 财政衔接推进乡村振兴 | D54: 八一镇 | E54: 八一镇多布村蓝莓基地扩建提质增效项目 | F54: 八一镇多布村 | G54: 新建9895.48平方米大棚及附属等建设内容 | H54: 349.97 | I54: 349.97 | J54: 0 | K54: 经营类 | L54: =N54 -> 林芝市巴宜区八一镇多布村股份经济合作联合社 | M54: 林芝互生生态农业发展有限公司 | N54: 林芝市巴宜区八一镇多布村股份经济合作联合社 | O54: 林芝市巴宜区八一镇多布村股份经济合作联合社 | P54: 林芝市巴宜区农业农村局、林芝市巴宜区八一镇人民政府 | Q54: 巩固
A55: 306 | B55: 2021 | C55: 财政衔接推进乡村振兴 | D55: 八一镇 | E55: 八一镇尼西村脆李种植项目 | F55: 八一镇尼西村 | G55: 脆李种植18,254株，网围栏2,498.00米，大门、场地平整及相关配套设施等建设内容。 | H55: 418.97 | I55: 418.97 | J55: 0 | K55: 经营类 | L55: =N55 -> 林芝市巴宜区八一镇尼西村股份经济合作联合社 | M55: 林芝市巴宜区八一镇尼西村股份经济合作联合社 | N55: 林芝市巴宜区八一镇尼西村股份经济合作联合社 | O55: 林芝市巴宜区八一镇尼西村股份经济合作联合社 | P55: 林芝市巴宜区农业农村局、林芝市巴宜区八一镇人民政府 | Q55: 调整
A56: 307 | B56: 2021 | C56: 财政衔接推进乡村振兴 | D56: 八一镇 | E56: 八一镇土特产加工销售中心项目 | F56: 八一镇永久村 | G56: 通过采购真空冷冻干燥机组、苹果去皮去核机、松茸切片机、热收缩包装机、真空小冻干燥机组、真空冷冻干燥机组等生产、加工、包装设施，培育一家现代综合农产品（果蔬）销售中心。 | H56: 170.17 | I56: 170.17 | J56: 0 | K56: 经营类 | L56: =N56 -> 林芝市巴宜区八一镇加乃村股份经济合作联合社、林芝市巴宜区鲁朗镇明吉村专合社、林芝市巴宜区百巴镇嘎吉村专合社、林芝市巴宜区更章门巴民族乡娘萨村股份经济合作联合社 | M56: 西藏赤董尼玛事业有限公司 | N56: 林芝市巴宜区八一镇加乃村股份经济合作联合社、林芝市巴宜区鲁朗镇明吉村专合社、林芝市巴宜区百巴镇嘎吉村专合社、林芝市巴宜区更章门巴民族乡娘萨村股份经济合作联合社 | O56: 林芝市巴宜区八一镇加乃村股份经济合作联合社、林芝市巴宜区鲁朗镇明吉村专合社、林芝市巴宜区百巴镇嘎吉村专合社、林芝市巴宜区更章门巴民族乡娘萨村股份经济合作联合社 | P56: 林芝市巴宜区农业农村局、林芝市巴宜区八一镇人民政府 | Q56: 巩固
A57: 308 | B57: 2021 | C57: 财政衔接推进乡村振兴 | D57: 八一镇 | E57: 藏木耳种植项目 | F57: 八一镇公众村 | G57: 新建大棚20.00栋、观光棚2,175.48平方米、灌溉池1.00座、附属工程、消防水泵房266.23平方米、柴发机房及配电房179.52平方米、机井及灌溉水泵房140.35平方米等建设内容 | H57: 1999.42 | I57: 1999.42 | J57: 0 | K57: 经营类 | L57: =N57 -> 林芝市巴宜区八一镇公众村公众组股份经济合作社 | M57: 西藏雪芝源生物科技有限公司 | N57: 林芝市巴宜区八一镇公众村公众组股份经济合作社 | O57: 林芝市巴宜区八一镇公众村公众组股份经济合作社 | P57: 林芝市巴宜区农业农村局、林芝市巴宜区八一镇人民政府 | Q57: 巩固
A58: 310 | B58: 2021 | C58: 财政衔接推进乡村振兴 | D58: 八一镇 | E58: 八一镇藏鸡养殖场扩建项目 | F58: 八一镇多布村 | G58: 新建鸡舍3栋共924.12平方米，隔离鸡舍25.42平方米，管理用房174.00平方米，饲料加工用房241.36平方米，展厅103.36平方米及附属设施，设备购置等建设内容。 | H58: 499.93 | I58: 499.93 | J58: 0 | K58: 经营类 | L58: =N58 -> 林芝市巴宜区八一镇多布村股份经济合作联合社 | M58: 林芝市巴宜区八一镇多布村股份经济合作联合社 | N58: 林芝市巴宜区八一镇多布村股份经济合作联合社 | O58: 林芝市巴宜区八一镇多布村股份经济合作联合社 | P58: 林芝市巴宜区农业农村局、林芝市巴宜区八一镇人民政府 | Q58: 盘活
A59: 325 | B59: 2022 | C59: 财政衔接推进乡村振兴 | D59: 八一镇 | E59: 高原特色种植项目 | F59: 米瑞乡米瑞村、通麦村、色果拉村，百巴镇大坝村，更章乡更章村，八一镇加乃村 | G59: 增加保温棉被、卷棉机，及配套水肥一体设施等，对原有大棚提升改造186018平方米。 | H59: 1534.9 | I59: 1534.9 | J59: 0 | K59: 公益类 | L59: 林芝镇大坝村：林芝市巴宜区百巴镇大坝村经济联合社，更章乡更章村：林芝市巴宜区更章门巴民族乡更章村股份经济合作联合社，米瑞乡通麦村：林芝市巴宜区米瑞乡通麦村股份经济合作联合社，米瑞乡色果拉村：林芝市巴宜区米瑞乡色果拉村股份经济合作联合社，八一镇加乃村：林芝市巴宜区米瑞乡色果拉村股份经济合作联合社 | M59: 林芝市巴宜区百巴镇大坝村经济联合社，更章乡更章村：兵杰田园有限公司，米瑞乡通麦村：林芝盛世农业科技有限公司，米瑞乡色果拉村：赵海龙，八一镇加乃村：西藏汇莱农业科技有限公司 | N59: 林芝镇大坝村：林芝市巴宜区百巴镇大坝村经济联合社，更章乡更章村：林芝市巴宜区更章门巴民族乡更章村股份经济合作联合社，米瑞乡通麦村：林芝市巴宜区米瑞乡通麦村股份经济合作联合社，米瑞乡色果拉村：林芝市巴宜区米瑞乡色果拉村股份经济合作联合社，八一镇加乃村：林芝市巴宜区米瑞乡色果拉村股份经济合作联合社 | O59: 林芝镇大坝村：林芝市巴宜区百巴镇大坝村经济联合社，更章乡更章村：林芝市巴宜区更章门巴民族乡更章村股份经济合作联合社，米瑞乡通麦村：林芝市巴宜区米瑞乡通麦村股份经济合作联合社，米瑞乡色果拉村：林芝市巴宜区米瑞乡色果拉村股份经济合作联合社，八一镇加乃村：林芝市巴宜区米瑞乡色果拉村股份经济合作联合社 | P59: 林芝市巴宜区农业农村局、林芝市巴宜区百巴镇人民政府、林芝市巴宜区八一镇人民政府、林芝市巴宜区更章乡人民政府、林芝市巴宜区米瑞乡人民政府 | Q59: -
A60: 326 | B60: 2022 | C60: 财政衔接推进乡村振兴 | D60: 八一镇 | E60: 雅江雪牛育肥建设项目 | F60: 八一镇加乃村 | G60: 购买犏奶牛200头，修建牛舍6500平方米及相关水、电配套基础设施，购买饲料精饲料100吨，草颗粒饲料400吨等。 | H60: 1799.982 | I60: 1799.982 | J60: 0 | K60: 经营类 | L60: =N60 -> 林芝市巴宜区八一镇加乃村股份经济合作联合社 | M60: 西藏林芝工布建筑建材实业有限公司 | N60: 林芝市巴宜区八一镇加乃村股份经济合作联合社 | O60: 林芝市巴宜区八一镇加乃村股份经济合作联合社 | P60: 林芝市巴宜区农业农村局、林芝市巴宜区八一镇人民政府 | Q60: 升级 | R60: 私人企业
A61: 343 | B61: 2022 | C61: 财政衔接推进乡村振兴 | D61: 八一镇 | E61: 公众村旅游配套产业项目 | F61: 八一镇公众村 | G61: 依托千年核桃树和318国道沿线旅游优势，打造中高端精品民宿27间，购置相关配套设备，形成企业+村集体+农户（含脱贫户）的产业发展模式。 | H61: 995.56 | I61: 995.56 | J61: 0 | K61: 经营类 | L61: =N61 -> 林芝市巴宜区八一镇公众村公众组股份经济合作社 | M61: 林芝隐世山居酒店管理有限责任公司 | N61: 林芝市巴宜区八一镇公众村公众组股份经济合作社 | O61: 林芝市巴宜区八一镇公众村公众组股份经济合作社 | P61: 林芝市巴宜区农业农村局、林芝市巴宜区八一镇人民政府 | Q61: 升级
A62: 363 | B62: 2023 | C62: 财政衔接推进乡村振兴 | D62: 八一镇 | E62: 巴宜区林下资源种植及设施农业建设项目 | F62: 八一镇加乃村 | G62: 新建温室大棚5栋，占地面积6946.45㎡，水渠改造46.5m，新建网围栏489.24m，购置菌包，配套排水、电气等基础设施。 | H62: 299.27 | I62: 299.27 | J62: 0 | K62: 经营类 | L62: =N62 -> 林芝市巴宜区八一镇加乃村股份经济合作联合社 | M62: 西藏上诚健康产业股份有限公司 | N62: 林芝市巴宜区八一镇加乃村股份经济合作联合社 | O62: 林芝市巴宜区八一镇加乃村股份经济合作联合社 | P62: 林芝市巴宜区农业农村局、林芝市巴宜区八一镇人民政府 | Q62: 巩固
A63: 405 | B63: 2014 | C63: 专项扶贫资金 | D63: 八一镇 | E63: 八一镇唐地村低产田改造项目 | F63: 八一镇唐地村 | G63: 改造低产田610亩，修建机耕道1000m，水渠240m，客土3000m3，网围栏2000m。 | H63: 44 | I63: 44 | J63: 0 | K63: 公益类 | L63: 林芝市巴宜区八一镇唐地村股份经济合作联合社 | M63: 林芝市巴宜区八一镇唐地村股份经济合作联合社 | N63: 林芝市巴宜区八一镇唐地村股份经济合作联合社 | O63: 林芝市巴宜区八一镇唐地村股份经济合作联合社 | P63: 林芝市巴宜区农业农村局、林芝市巴宜区八一镇人民政府 | Q63: -
A64: 412 | B64: 2016 | C64: 统筹整合涉农资金 | D64: 八一镇 | E64: 巴宜区2016年优质青稞种植项目 | F64: 八一镇巴果统村、林芝镇曲古村、林芝镇立定村 、林芝镇朗欧村 、林芝镇卡斯木村 | G64: 土地整理工程1250亩，机耕道工程1215米，新修农田支渠1477米、通洞3座、分水口35个、排水渠366米，蓄水池2座 | H64: 238 | I64: 238 | J64: 0 | K64: 公益类 | L64: 林芝市巴宜区八一镇巴果绕村股份经济合作联合社，林芝市巴宜区林芝镇曲古村股份经济合作联合社，林芝市巴宜区林芝镇立定村经济联合社，林芝市巴宜区林芝镇朗欧村股份经济合作联合社，林芝市巴宜区林芝镇卡斯木村股份经济合作联合社 | M64: 林芝市巴宜区八一镇巴果绕村股份经济合作联合社，林芝市巴宜区林芝镇曲古村股份经济合作联合社，林芝市巴宜区林芝镇立定村经济联合社，林芝市巴宜区林芝镇朗欧村股份经济合作联合社，林芝市巴宜区林芝镇卡斯木村股份经济合作联合社 | N64: 林芝市巴宜区八一镇巴果绕村股份经济合作联合社，林芝市巴宜区林芝镇曲古村股份经济合作联合社，林芝市巴宜区林芝镇立定村经济联合社，林芝市巴宜区林芝镇朗欧村股份经济合作联合社，林芝市巴宜区林芝镇卡斯木村股份经济合作联合社 | O64: 林芝市巴宜区八一镇巴果绕村股份经济合作联合社，林芝市巴宜区林芝镇曲古村股份经济合作联合社，林芝市巴宜区林芝镇立定村经济联合社，林芝市巴宜区林芝镇朗欧村股份经济合作联合社，林芝市巴宜区林芝镇卡斯木村股份经济合作联合社 | P64: 林芝市巴宜区农业农村局、林芝市巴宜区八一镇人民政府、林芝市巴宜区林芝镇人民政府 | Q64: -
A65: 422 | B65: 2017 | C65: 统筹整合涉农资金 | D65: 八一镇 | E65: 巴宜区八一镇加乃村妇女荞麦种植项目 | F65: 八一镇加乃村 | G65: 新建总面积为21.10亩，改良土地21.10亩，包含平整土地，购买回填土；新建708米网围栏；雇佣拖拉机进行拉土作业；购买荞麦种子633斤；购买化肥，总计2.07万元；购买钢制成品大门，总计0.37万元；设 置工程标志牌 | H65: 30 | I65: 30 | J65: 0 | K65: 经营类 | L65: =N65 -> 林芝市巴宜区八一镇加乃村股份经济合作联合社 | M65: 林芝市巴宜区八一镇加乃村股份经济合作联合社 | N65: 林芝市巴宜区八一镇加乃村股份经济合作联合社 | O65: 林芝市巴宜区八一镇加乃村股份经济合作联合社 | P65: 林芝市巴宜区农业农村局、林芝市巴宜区八一镇人民政府 | Q65: 巩固
A66: 24 | B66: 2013 | C66: 专项扶贫资金 | D66: 更章乡 | E66: 更张乡白玛店村和扎曲村钢架大棚灵芝菌种植项目 | F66: 更章乡白玛店村、扎曲村 | G66: 修建35座钢架大棚，8米*30米＝240平米，种植灵芝菌项目；扎曲村修建20座两连栋大棚温室（面积320平米），配套水渠700米，围墙800米。 | H66: =I66+J66 -> 179 | I66: 179 | J66: 0 | K66: 经营类 | L66: =N66 -> 林芝市巴宜区更章门巴民族乡扎曲村股份经济合作联合社、林芝市巴宜区更章门巴民族乡白玛店社区股份经济合作联合社 | M66: 林芝市巴宜区更章门巴民族乡扎曲村股份经济合作联合社、林芝市巴宜区更章门巴民族乡白玛店社区股份经济合作联合社 | N66: 林芝市巴宜区更章门巴民族乡扎曲村股份经济合作联合社、林芝市巴宜区更章门巴民族乡白玛店社区股份经济合作联合社 | O66: 林芝市巴宜区更章门巴民族乡扎曲村股份经济合作联合社、林芝市巴宜区更章门巴民族乡白玛店社区股份经济合作联合社 | P66: 林芝市巴宜区农业农村局、林芝市巴宜区更章乡人民政府 | Q66: 调整
A67: 42 | B67: 2014 | C67: 专项扶贫资金 | D67: 更章乡 | E67: 更章乡久巴村水果大棚建设项目 | F67: 更章乡久巴村 | G67: 建设8×40m的单拱钢管塑料大棚28座，配套完善温室灌溉系统，修建断面为0.3×0.4m，渠底厚度0.1m、边墙宽0.12m的砼灌溉渠道600m，引水流量0.05m3/s。 | H67: 100 | I67: 100 | J67: 0 | K67: 经营类 | L67: =N67 -> 林芝市巴宜区更章门巴民族乡久巴村股份经济合作联合社 | M67: 林芝市巴宜区更章门巴民族乡久巴村草莓种植专业合作社 | N67: 林芝市巴宜区更章门巴民族乡久巴村股份经济合作联合社 | O67: 林芝市巴宜区更章门巴民族乡久巴村股份经济合作联合社 | P67: 林芝市巴宜区农业农村局、林芝市巴宜区更章乡人民政府 | Q67: 巩固
A68: 47 | B68: 2014 | C68: 专项扶贫资金 | D68: 更章乡 | E68: 更张门巴民族乡扎曲村大峡谷温泉及配套设施建设项目 | F68: 更章乡扎曲村 | G68: 建设防洪堤30米，露天温泉池一座，室内洗澡堂4间，接待室3间，更衣室2间，在150米原有路面上修整1.5米宽的台阶。 | H68: 65 | I68: 60 | J68: 5 | K68: 经营类 | L68: =N68 -> 林芝市巴宜区更章门巴民族乡扎曲村股份经济合作联合社 | M68: 林峰 | N68: 林芝市巴宜区更章门巴民族乡扎曲村股份经济合作联合社 | O68: 林芝市巴宜区更章门巴民族乡扎曲村股份经济合作联合社 | P68: 林芝市巴宜区农业农村局、林芝市巴宜区更章乡人民政府 | Q68: 巩固
A69: 68 | B69: 2015 | C69: 专项扶贫资金 | D69: 更章乡 | E69: 更章乡久巴村水果基地建设项目 | F69: 更章乡久巴村 | G69: 新建8×40米的单拱钢管塑料大棚28座，每座面积为8米×40米=320平方米 | H69: 150 | I69: 150 | J69: 0 | K69: 经营类 | L69: =N69 -> 林芝市巴宜区更章门巴民族乡久巴村股份经济合作联合社 | M69: 林芝市巴宜区更章门巴民族乡久巴村草莓种植专业合作社 | N69: 林芝市巴宜区更章门巴民族乡久巴村股份经济合作联合社 | O69: 林芝市巴宜区更章门巴民族乡久巴村股份经济合作联合社 | P69: 林芝市巴宜区农业农村局、林芝市巴宜区更章乡人民政府 | Q69: 巩固
A70: 81 | B70: 2015 | C70: 专项扶贫资金 | D70: 更章乡 | E70: 更张乡更张村天麻种植项目 | F70: 更章乡更张村 | G70: 开发7亩土地种植天麻，购置白头麻麻种2810斤，购买菌棒1.05万根。 | H70: 30 | I70: 30 | J70: 0 | K70: 经营类 | L70: =N70 -> 林芝市巴宜区更章门巴民族乡更章村股份经济合作联合社 | M70: 林芝市巴宜区更章门巴民族乡更章村股份经济合作联合社 | N70: 林芝市巴宜区更章门巴民族乡更章村股份经济合作联合社 | O70: 林芝市巴宜区更章门巴民族乡更章村股份经济合作联合社 | P70: 林芝市巴宜区农业农村局、林芝市巴宜区更章乡人民政府 | Q70: 调整
A71: 105 | B71: 2016 | C71: 统筹整合涉农资金 | D71: 更章乡 | E71: 更章乡犏奶牛养殖项目（扎曲） | F71: 更章乡扎曲村 | G71: 扶持4户群众发展犏奶牛养殖，每户购置4头、修建砖木结构牛圈30平方米，共购置16头犏奶牛、修建牛舍120平方米。 | H71: 18.93 | I71: 18.93 | J71: 0 | K71: 到户类 | L71: 更章乡扎曲村4户村民 | M71: 更章乡扎曲村4户村民 | N71: 更章乡扎曲村4户村民 | O71: 更章乡扎曲村4户村民 | Q71: -
A72: 106 | B72: 2016 | C72: 统筹整合涉农资金 | D72: 更章乡 | E72: 更章乡小型藏鸡养殖场项目 | F72: 更章乡更章村 | G72: 建设藏鸡养殖场一个、鸡舍200平方米、藏鸡苗1000只配套网围栏1000米、其他配套设施药品、饲料等。 | H72: 64.27 | I72: 64.27 | J72: 0 | K72: 到户类 | L72: 更章乡更章村7户村民 | M72: 更章乡更章村7户村民 | N72: 更章乡更章村7户村民 | O72: 更章乡更章村7户村民 | Q72: -
A73: 107 | B73: 2016 | C73: 统筹整合涉农资金 | D73: 更章乡 | E73: 更章乡藏香猪养殖项目 | F73: 更章乡更章村 | G73: 修建砖木结构60平米猪圈，买50头猪、配套 网围栏100米、其他配套设施药品、饲料等。 | H73: 7.07 | I73: 7.07 | J73: 0 | K73: 到户类 | L73: 更章乡更章村1户村民 | M73: 更章乡更章村1户村民 | N73: 更章乡更章村1户村民 | O73: 更章乡更章村1户村民 | Q73: -
A74: 108 | B74: 2016 | C74: 统筹整合涉农资金 | D74: 更章乡 | E74: 更章乡犏牛养殖项目（娘萨） | F74: 更章乡娘萨村 | G74: 5户发展犏奶牛养殖，每户购置4头牛，4户均扩建砖木结构牛圈15平方米，1户新建牛舍30平米。共购置20头犏奶牛。 | H74: 23.55 | I74: 23.55 | J74: 0 | K74: 到户类 | L74: =M74 -> 更章乡娘萨村5户村民 | M74: 更章乡娘萨村5户村民 | N74: 更章乡娘萨村5户村民 | O74: 更章乡娘萨村5户村民 | Q74: -
A75: 155 | B75: 2017 | C75: 统筹整合涉农资金 | D75: 更章乡 | E75: 更章乡白玛店村犏奶牛养殖项目 | F75: 更章乡白玛店村 | G75: 购买犏奶牛96头，集中养殖,配套圈舍及相关设施。 | H75: 77.57 | I75: 77.57 | J75: 0 | K75: 到户类 | L75: =M75 -> 更章乡白玛店村96户村民 | M75: 更章乡白玛店村96户村民 | N75: 更章乡白玛店村96户村民 | O75: 更章乡白玛店村96户村民 | Q75: -
A76: 163 | B76: 2017 | C76: 统筹整合涉农资金 | D76: 更章乡 | E76: 更章乡久巴村草莓大棚建设项目 | F76: 更章乡久巴村 | G76: 修建8×40米大棚10座及配套设施.。平整土地12亩,客土改良，回填种植土不低于40公分。 | H76: 65 | I76: 65 | J76: 0 | K76: 经营类 | L76: =N76 -> 林芝市巴宜区更章门巴民族乡久巴村股份经济合作联合社 | M76: 林芝市巴宜区更章门巴民族乡久巴村草莓种植专业合作社 | N76: 林芝市巴宜区更章门巴民族乡久巴村股份经济合作联合社 | O76: 林芝市巴宜区更章门巴民族乡久巴村股份经济合作联合社 | P76: 林芝市巴宜区农业农村局、林芝市巴宜区更章乡人民政府 | Q76: 巩固
A77: 183 | B77: 2018 | C77: 统筹整合涉农资金 | D77: 更章乡 | E77: 巴宜区更章乡集中安置点 | F77: 更章乡娘萨村 | G77: 1.投资200万元修建大棚，发展瓜果种植并配套完善相关灌溉设施，土地整治。2.投资120万元娘萨村购买犏奶牛或其他奶牛品种32头，配套购置饲草料，圈舍及相关设施。 | H77: 320 | I77: 320 | J77: 0 | K77: 经营类 | L77: =N77 -> 林芝市巴宜区更章门巴民族乡娘萨村股份经济合作联合社 | M77: 瓜果项目：西藏嘎玛园林生态科技有限公司，养牛项目：更章乡娘萨村16户村民 | N77: 林芝市巴宜区更章门巴民族乡娘萨村股份经济合作联合社 | O77: 林芝市巴宜区更章门巴民族乡娘萨村股份经济合作联合社 | P77: 林芝市巴宜区农业农村局、林芝市巴宜区更章乡人民政府 | Q77: 巩固
A78: 244 | B78: 2020 | C78: 统筹整合涉农资金 | D78: 更章乡 | E78: 水果产业提质增效项目 | F78: 百巴镇大坝村、百巴镇扎地村、八一镇唐地村、布久乡嘎玛村、米瑞乡色果拉村、更章乡门仲村 | G78: 标准化建设1600余亩水果基地，包括水肥一体化，土壤改良增肥，完善配套设施等，项目完成后，预计三年后挂果，。 | H78: 899.85 | I78: 899.85 | J78: 0 | K78: 公益类 | L78: 百巴镇扎地村：林芝市巴宜区百巴镇扎地村扎地组股份经济合作社，百巴镇大坝村：林芝市巴宜区百巴镇大坝村经济联合社，布久乡嘎玛村40户村民，米瑞乡色果拉村：林芝市巴宜区米瑞乡色果拉村祥和种植养殖农牧民合作社，八一镇唐地村：72户村民，更章乡门仲村：林芝市巴宜区更章门巴民族乡门仲村股份经济合作联合社 | M78: 百巴镇扎地村：西藏新纳宗巴苗木种植有限公司，百巴镇大坝村：烟台大山果业开发有限公司巴宜区分公司，布久乡嘎玛村40户村民，米瑞乡色果拉村：林芝市巴宜区米瑞乡色果拉村祥和种植养殖农牧民合作社，八一镇唐地村72户村民，更章乡门仲村：西藏荣源生态农业科技发展有限公司 | N78: 百巴镇扎地村：林芝市巴宜区百巴镇扎地村扎地组股份经济合作社，百巴镇大坝村：林芝市巴宜区百巴镇大坝村经济联合社，布久乡嘎玛村40户村民，米瑞乡色果拉村：林芝市巴宜区米瑞乡色果拉村祥和种植养殖农牧民合作社，八一镇唐地村：72户村民，更章乡门仲村：林芝市巴宜区更章门巴民族乡门仲村股份经济合作联合社 | O78: 百巴镇扎地村：林芝市巴宜区百巴镇扎地村扎地组股份经济合作社，百巴镇大坝村：林芝市巴宜区百巴镇大坝村经济联合社，布久乡嘎玛村40户村民，米瑞乡色果拉村：林芝市巴宜区米瑞乡色果拉村祥和种植养殖农牧民合作社，八一镇唐地村：72户村民，更章乡门仲村：林芝市巴宜区更章门巴民族乡门仲村股份经济合作联合社 | P78: 林芝市巴宜区农业农村局、林芝市巴宜区百巴镇人民政府、林芝市巴宜区八一镇人民政府、林芝市巴宜区更章乡人民政府、林芝市巴宜区米瑞乡人民政府
A79: 246 | B79: 2020 | C79: 统筹整合涉农资金 | D79: 更章乡 | E79: 更章门巴民族乡草莓基地建设项目 | F79: 更章乡 | G79: 新建24m*100m的种植棉被大拱棚5座，配套灌溉及水肥一体化系统及相关配套设备，购买草莓种苗及包装材料。 | H79: 599.15 | I79: 599.15 | J79: 0 | K79: 经营类 | L79: =N79 -> 雅觉草莓合作社 | M79: 雅觉草莓合作社 | N79: 雅觉草莓合作社 | O79: 雅觉草莓合作社 | P79: 林芝市巴宜区农业农村局、林芝市巴宜区更章乡人民政府 | Q79: 巩固 | R79: 给雅觉草莓？
A80: 252 | B80: 2020 | C80: 统筹整合涉农资金 | D80: 更章乡 | E80: 八一镇、更章乡搬迁群众到户奶牛项目 | F80: 八一镇加乃村、更章乡娘萨村 | G80: 购买犏奶牛50头，户均2头，共25户。其中八一镇15头，更章乡10头。 | H80: 39.98 | I80: 39.98 | J80: 0 | K80: 到户类 | L80: =M80 -> 更章乡娘萨村16户村民，八一镇加乃村15户村民 | M80: 更章乡娘萨村16户村民，八一镇加乃村15户村民 | N80: 更章乡娘萨村16户村民，八一镇加乃村15户村民 | O80: 更章乡娘萨村16户村民，八一镇加乃村15户村民 | Q80: -
A81: 257 | B81: 2020 | C81: 统筹整合涉农资金 | D81: 更章乡 | E81: 更章乡娘萨村羊肚菌及蔬菜种植项目 | F81: 更章乡娘萨村安置点 | G81: 更章乡娘萨村羊肚菌及蔬菜种植基地：配套相关附属设施及购买羊肚菌、肥料等。 | H81: 100.04 | I81: 100.04 | J81: 0 | K81: 经营类 | L81: =N81 -> 林芝市巴宜区更章门巴民族乡娘萨村股份经济合作联合社 | M81: 西藏西部联合农业开发有限责任公司 | N81: 林芝市巴宜区更章门巴民族乡娘萨村股份经济合作联合社 | O81: 林芝市巴宜区更章门巴民族乡娘萨村股份经济合作联合社 | P81: 林芝市巴宜区农业农村局、林芝市巴宜区更章乡人民政府 | Q81: 升级
A82: 259 | B82: 2020 | C82: 统筹整合涉农资金 | D82: 更章乡 | E82: 巴宜区三岩搬迁点配套产业项目 | F82: 八一镇加乃村安置点、更章乡娘萨村安置点、百巴镇嘎吉村安置点 | G82: 1.加乃村购买犏奶牛60头及配套开垦30亩饲草种植项目。 2.加乃村种植270亩优质青稞并配套购买相关种植收割农业机械。 3.娘萨村购买犏奶牛70头及维修30公里长、宽1.5米的牧道。 4.嘎吉村种植600亩优质青稞并配套购买相关种植收割农业机械。 | H82: 249.68 | I82: 249.68 | J82: 0 | K82: 到户类 | L82: =M82 -> 百巴镇嘎吉村68户村民，更章乡娘萨村16户村民，八一镇犏奶牛：八一镇加乃村15户村民，八一镇青稞：西藏荣源生态农业科技发展有限公司 | M82: 百巴镇嘎吉村68户村民，更章乡娘萨村16户村民，八一镇犏奶牛：八一镇加乃村15户村民，八一镇青稞：西藏荣源生态农业科技发展有限公司 | N82: 百巴镇嘎吉村68户村民，更章乡娘萨村16户村民，八一镇犏奶牛：八一镇加乃村15户村民，八一镇青稞：林芝市巴宜区八一镇加乃村股份经济合作联合社 | O82: 百巴镇嘎吉村68户村民，更章乡娘萨村16户村民，八一镇犏奶牛：八一镇加乃村15户村民，八一镇青稞：林芝市巴宜区八一镇加乃村股份经济合作联合社 | Q82: -
A83: 325 | B83: 2022 | C83: 财政衔接推进乡村振兴 | D83: 更章乡 | E83: 高原特色种植项目 | F83: 米瑞乡米瑞村、通麦村、色果拉村，百巴镇大坝村，更章乡更章村，八一镇加乃村 | G83: 增加保温棉被、卷棉机，及配套水肥一体设施等，对原有大棚提升改造186018平方米。 | H83: 1534.9 | I83: 1534.9 | J83: 0 | K83: 公益类 | L83: 林芝镇大坝村：林芝市巴宜区百巴镇大坝村经济联合社，更章乡更章村：林芝市巴宜区更章门巴民族乡更章村股份经济合作联合社，米瑞乡通麦村：林芝市巴宜区米瑞乡通麦村股份经济合作联合社，米瑞乡色果拉村：林芝市巴宜区米瑞乡色果拉村股份经济合作联合社，八一镇加乃村：林芝市巴宜区米瑞乡色果拉村股份经济合作联合社 | M83: 林芝市巴宜区百巴镇大坝村经济联合社，更章乡更章村：兵杰田园有限公司，米瑞乡通麦村：林芝盛世农业科技有限公司，米瑞乡色果拉村：赵海龙，八一镇加乃村：西藏汇莱农业科技有限公司 | N83: 林芝镇大坝村：林芝市巴宜区百巴镇大坝村经济联合社，更章乡更章村：林芝市巴宜区更章门巴民族乡更章村股份经济合作联合社，米瑞乡通麦村：林芝市巴宜区米瑞乡通麦村股份经济合作联合社，米瑞乡色果拉村：林芝市巴宜区米瑞乡色果拉村股份经济合作联合社，八一镇加乃村：林芝市巴宜区米瑞乡色果拉村股份经济合作联合社 | O83: 林芝镇大坝村：林芝市巴宜区百巴镇大坝村经济联合社，更章乡更章村：林芝市巴宜区更章门巴民族乡更章村股份经济合作联合社，米瑞乡通麦村：林芝市巴宜区米瑞乡通麦村股份经济合作联合社，米瑞乡色果拉村：林芝市巴宜区米瑞乡色果拉村股份经济合作联合社，八一镇加乃村：林芝市巴宜区米瑞乡色果拉村股份经济合作联合社 | P83: 林芝市巴宜区农业农村局、林芝市巴宜区百巴镇人民政府、林芝市巴宜区八一镇人民政府、林芝市巴宜区更章乡人民政府、林芝市巴宜区米瑞乡人民政府 | Q83: -
A84: 330 | B84: 2022 | C84: 财政衔接推进乡村振兴 | D84: 更章乡 | E84: 巴宜区入户养鸡项目 | F84: 林芝镇、更章乡等 | G84: 帮助巴宜区林芝镇、更张乡群众实施藏鸡到户养殖项目，购买种鸡和饲料以及消毒用品。 | H84: 74.5296 | I84: 74.5296 | J84: 0 | K84: 到户类 | L84: 更章乡白玛店村16户村民，更章乡门仲村4户村民，更章乡扎曲村9户村民，更章乡更章村14户村民，林芝镇邦纳村60户村民，林芝镇娘欧村48户村民，米瑞乡朗乃村31户村民 | M84: 更章乡白玛店村16户村民，更章乡门仲村4户村民，更章乡扎曲村9户村民，更章乡更章村14户村民，林芝镇邦纳村60户村民，林芝镇娘欧村48户村民，米瑞乡朗乃村31户村民 | N84: 更章乡白玛店村16户村民，更章乡门仲村4户村民，更章乡扎曲村9户村民，更章乡更章村14户村民，林芝镇邦纳村60户村民，林芝镇娘欧村48户村民，米瑞乡朗乃村31户村民 | O84: 更章乡白玛店村16户村民，更章乡门仲村4户村民，更章乡扎曲村9户村民，更章乡更章村14户村民，林芝镇邦纳村60户村民，林芝镇娘欧村48户村民，米瑞乡朗乃村31户村民 | Q84: -
A85: 349 | B85: 2023 | C85: 财政衔接推进乡村振兴 | D85: 更章乡 | E85: 更章村村集体民俗旅游配套设施项目 | F85: 更章乡更章村 | G85: 1、民宿建筑工程1089.15平方米；2、给排水管网、消防设施、排污设施；3、人行道铺装等园建工程；4、开展植物工程，对民宿建设点进行绿化美化；5、开展景观水、景观电建设 | H85: 599.98 | I85: 599.98 | J85: 0 | K85: 经营类 | L85: =N85 -> 林芝市巴宜区更章门巴民族乡更章村股份经济合作联合社 | M85: 林芝市巴宜区更章门巴民族乡更章村股份经济合作联合社 | N85: 林芝市巴宜区更章门巴民族乡更章村股份经济合作联合社 | O85: 林芝市巴宜区更章门巴民族乡更章村股份经济合作联合社 | P85: 林芝市巴宜区农业农村局、林芝市巴宜区更章乡人民政府 | Q85: 升级
A86: 359 | B86: 2023 | C86: 财政衔接推进乡村振兴 | D86: 更章乡 | E86: 巴宜区民宿改建项目 | F86: 布久乡杰麦村、布久乡朵当村、更章乡扎曲村 | G86: 按照3星级以上标准配套2000平米的民宿，并配备水、电、讯等配套相关设施，按照整屋定制配套家具及生活电器。 | H86: 1526.3811 | I86: 1526.3811 | J86: 0 | K86: 经营类 | L86: =N86 -> 布久乡朵当村：林芝市巴宜区布久乡朵当村股份经济合作联合社，布久乡杰麦村：巴宜区布久乡杰麦村股份经济合作联合社，更章扎曲村：巴宜区布久乡杰麦村股份经济合作联合社 | M86: 布久乡朵当村：林芝林卡旅游开发有限公司，布久乡杰麦村：巴宜区良辰美景乡村旅游中心（个体工商户），更章乡扎曲村：林芝览众旅游发展有限公司 | N86: 布久乡朵当村：林芝市巴宜区布久乡朵当村股份经济合作联合社，布久乡杰麦村：巴宜区布久乡杰麦村股份经济合作联合社，更章扎曲村：巴宜区布久乡杰麦村股份经济合作联合社 | O86: 布久乡朵当村：林芝市巴宜区布久乡朵当村股份经济合作联合社，布久乡杰麦村：巴宜区布久乡杰麦村股份经济合作联合社，更章扎曲村：巴宜区布久乡杰麦村股份经济合作联合社 | P86: 林芝市巴宜区农业农村局、林芝市巴宜区更章乡人民政府、林芝市巴宜区区布久乡人民政府 | Q86: 巩固
A87: 399 | B87: 2016 | C87: 地方政府债券资金 | D87: 更章乡 | E87: 更章门巴民族农家乐项目 | F87: 更章乡老排龙 | G87: 在原排龙乡所在地装修升级14栋门巴民居建筑配套设施，建立门巴民族特色村寨，促进全乡贫困群众增收。 | H87: 700 | I87: 700 | J87: 0 | K87: 经营类 | L87: =N87 -> 林芝市巴宜区更章乡人民政府 | M87: 林芝市荣发商贸有限公司 | N87: 林芝市巴宜区更章乡人民政府 | O87: 林芝市巴宜区更章乡人民政府 | P87: 林芝市巴宜区农业农村局、林芝市巴宜区更章乡人民政府 | Q87: 巩固 | R87: 镇人民政府
A88: 430 | B88: 2018 | C88: 统筹整合涉农资金 | D88: 更章乡 | E88: 更章乡扎曲村油菜种植项目 | F88: 更章乡扎曲村 | G88: 购买尿素2.8吨，复合化肥5.6吨，种子0.7吨，农耕机械等建设内容 | H88: 8.76 | I88: 8.76 | J88: 0 | K88: 公益类 | L88: 林芝市巴宜区更章门巴民族乡扎曲村股份经济合作联合社 | M88: 林芝市巴宜区更章门巴民族乡扎曲村股份经济合作联合社 | N88: 林芝市巴宜区更章门巴民族乡扎曲村股份经济合作联合社 | O88: 林芝市巴宜区更章门巴民族乡扎曲村股份经济合作联合社 | P88: 林芝市巴宜区农业农村局、林芝市巴宜区更章乡人民政府 | Q88: -
A89: 431 | B89: 2018 | C89: 统筹整合涉农资金 | D89: 更章乡 | E89: 更章乡精准扶贫农业观光园油菜种植项目 | F89: 更章乡白玛店村 | G89: 包括平整土地760.00亩及尿素、复合肥、种子等建设内容 | H89: 30 | I89: 30 | J89: 0 | K89: 公益类 | L89: 林芝市巴宜区更章门巴民族乡久巴村股份经济合作联合社、林芝市巴宜区更章门巴民族乡白玛店社区股份经济合作联合社 | M89: 林芝市巴宜区更章门巴民族乡久巴村股份经济合作联合社、林芝市巴宜区更章门巴民族乡白玛店社区股份经济合作联合社 | N89: 林芝市巴宜区更章门巴民族乡久巴村股份经济合作联合社、林芝市巴宜区更章门巴民族乡白玛店社区股份经济合作联合社 | O89: 林芝市巴宜区更章门巴民族乡久巴村股份经济合作联合社、林芝市巴宜区更章门巴民族乡白玛店社区股份经济合作联合社 | P89: 林芝市巴宜区农业农村局、林芝市巴宜区更章乡人民政府 | Q89: -
A90: 12 | B90: 2013 | C90: 专项扶贫资金 | D90: 百巴镇 | E90: 百巴镇折巴村粮油加工厂项目 | F90: 百巴镇折巴村 | G90: 新建厂房120平方米，购置设备一套。 | H90: 30 | I90: 30 | J90: 0 | K90: 公益类 | L90: 林芝市巴宜区百巴镇折巴村折巴组股份经济合作社 | M90: 林芝市巴宜区百巴镇折巴村折巴组股份经济合作社 | N90: 林芝市巴宜区百巴镇折巴村折巴组股份经济合作社 | O90: 林芝市巴宜区百巴镇折巴村折巴组股份经济合作社 | P90: 林芝市巴宜区农业农村局、林芝市巴宜区百巴镇人民政府 | Q90: -
A91: 13 | B91: 2013 | C91: 专项扶贫资金 | D91: 百巴镇 | E91: 百巴镇折巴村“优菜”水渠建设项目 | F91: 百巴镇折巴村 | G91: 新建c20钢筋砼1600米(规格:0.4MX0.35M)，4米农用桥一座，配套完善分水口等设施。 | H91: 46 | I91: 46 | J91: 0 | K91: 公益类 | L91: 林芝市巴宜区百巴镇折巴村折巴组股份经济合作社 | M91: 林芝市巴宜区百巴镇折巴村折巴组股份经济合作社 | N91: 林芝市巴宜区百巴镇折巴村折巴组股份经济合作社 | O91: 林芝市巴宜区百巴镇折巴村折巴组股份经济合作社 | P91: 林芝市巴宜区农业农村局、林芝市巴宜区百巴镇人民政府 | Q91: -
A92: 16 | B92: 2013 | C92: 专项扶贫资金 | D92: 百巴镇 | E92: 百巴镇拉格村农田灌溉水渠 | F92: 百巴镇拉格村 | G92: 修建砼矩形引水主渠1000米，及分水口、农用桥等渠系配套交叉建筑物。 | H92: 39 | I92: 39 | J92: 0 | K92: 公益类 | L92: 林芝市巴宜区百巴镇拉格村股份经济合作联合社 | M92: 林芝市巴宜区百巴镇拉格村股份经济合作联合社 | N92: 林芝市巴宜区百巴镇拉格村股份经济合作联合社 | O92: 林芝市巴宜区百巴镇拉格村股份经济合作联合社 | P92: 林芝市巴宜区农业农村局、林芝市巴宜区百巴镇人民政府 | Q92: -
A93: 17 | B93: 2013 | C93: 专项扶贫资金 | D93: 百巴镇 | E93: 百巴镇折巴村核桃种植项目 | F93: 百巴镇折巴村 | G93: 开垦山坡地200亩；种植核桃200亩。 | H93: 50 | I93: 50 | J93: 0 | K93: 到户类 | L93: 百巴镇折巴村51户村民 | M93: 百巴镇折巴村51户村民 | N93: 百巴镇折巴村51户村民 | O93: 百巴镇折巴村51户村民 | Q93: -
A94: 18 | B94: 2013 | C94: 专项扶贫资金 | D94: 百巴镇 | E94: 百巴镇强嘎村工布赛马休闲旅游山庄建设项目 | F94: 百巴镇强嘎村 | G94: 建设民俗演艺厅、藏餐厅、射箭场，购置马匹10匹，配套马具、音响设备、射箭用具、餐饮厨具等配套设备。 | H94: 60 | I94: 60 | J94: 0 | K94: 经营类 | L94: =N94 -> 林芝市巴宜区百巴镇强嘎村股份经济合作联合社 | M94: 吕建国 | N94: 林芝市巴宜区百巴镇强嘎村股份经济合作联合社 | O94: 林芝市巴宜区百巴镇强嘎村股份经济合作联合社 | P94: 林芝市巴宜区农业农村局、林芝市巴宜区百巴镇人民政府 | Q94: 升级
A95: 30 | B95: 2013 | C95: 专项扶贫资金 | D95: 百巴镇 | E95: 百巴镇大坝村温室供水 | F95: 百巴镇大坝村 | G95: 主渠dn110管2270米，dn90管2060米，新修17条支管，dn管3950米，渠系配套建筑物蓄水池1座。 | H95: 110 | I95: 110 | J95: 0 | K95: 公益类 | L95: 林芝市巴宜区百巴镇大坝村经济联合社 | M95: 林芝市巴宜区百巴镇大坝村经济联合社 | N95: 林芝市巴宜区百巴镇大坝村经济联合社 | O95: 林芝市巴宜区百巴镇大坝村经济联合社 | P95: 林芝市巴宜区农业农村局、林芝市巴宜区百巴镇人民政府 | Q95: -
A96: 37 | B96: 2014 | C96: 专项扶贫资金 | D96: 百巴镇 | E96: 百巴镇伍巴村旅游接待点项目 | F96: 百巴镇伍巴村 | G96: 建设占地面积600平米的旅游接待点，其中修建两层自驾游旅馆500㎡。配套水电、围墙、洗车设备。 | H96: 135 | I96: 135 | J96: 0 | K96: 经营类 | L96: =N96 -> 林芝市巴宜区伍巴高原红艺术品加工农牧民专业合作社 | M96: 林芝市巴宜区伍巴高原红艺术品加工农牧民专业合作社 | N96: 林芝市巴宜区伍巴高原红艺术品加工农牧民专业合作社 | O96: 林芝市巴宜区伍巴高原红艺术品加工农牧民专业合作社 | P96: 林芝市巴宜区农业农村局、林芝市巴宜区百巴镇人民政府 | Q96: 巩固
A97: 38 | B97: 2014 | C97: 专项扶贫资金 | D97: 百巴镇 | E97: 百巴镇扎地村天麻种植项目 | F97: 百巴镇扎地村 | G97: 扶持73户农牧民群众355人，开发7亩土地种植天麻。 | H97: 31 | I97: 31 | J97: 0 | K97: 到户类 | L97: 百巴镇扎地村73户村民 | M97: 百巴镇扎地村73户村民 | N97: 百巴镇扎地村73户村民 | O97: 百巴镇扎地村73户村民 | Q97: -
A98: 55 | B98: 2014 | C98: 专项扶贫资金 | D98: 百巴镇 | E98: 百巴镇伍巴村旅游接待点项目 | F98: 百巴镇伍巴村 | G98: 增加了外墙装饰（整体贴片石），变更了屋顶结构及外观等。工程量及人工费用的增加。 | H98: 16.79 | I98: 16.79 | J98: 0 | K98: 公益类 | L98: 林芝市巴宜区伍巴高原红艺术品加工农牧民专业合作社 | M98: 林芝市巴宜区伍巴高原红艺术品加工农牧民专业合作社 | N98: 林芝市巴宜区伍巴高原红艺术品加工农牧民专业合作社 | O98: 林芝市巴宜区伍巴高原红艺术品加工农牧民专业合作社 | P98: 林芝市巴宜区农业农村局、林芝市巴宜区百巴镇人民政府 | Q98: -
A99: 56 | B99: 2014 | C99: 专项扶贫资金 | D99: 百巴镇 | E99: 百巴镇增巴村莫坝沟复垦地灌溉工程 | F99: 百巴镇增巴村 | G99: 新建灌溉水渠1510米，排水渠1600米，解决新开垦的940亩耕地灌溉和排涝问题。 | H99: 133.06 | I99: 133.06 | J99: 0 | K99: 公益类 | L99: 林芝市巴宜区百巴镇增巴村股份经济合作联合社 | M99: 林芝市巴宜区百巴镇增巴村股份经济合作联合社 | N99: 林芝市巴宜区百巴镇增巴村股份经济合作联合社 | O99: 林芝市巴宜区百巴镇增巴村股份经济合作联合社 | P99: 林芝市巴宜区农业农村局、林芝市巴宜区百巴镇人民政府 | Q99: -
A100: 66 | B100: 2015 | C100: 专项扶贫资金 | D100: 百巴镇 | E100: 百巴镇、米瑞乡蔬菜大棚建设项目 | F100: 百巴镇拉格村、米瑞乡吉定村 | G100: 拉格村新建8米×40米的单拱钢管塑料大棚26座，为满足种植过程中作物对灌溉的需求，配套相应灌溉设施；吉定村新建8米×20米的单拱钢管塑料大棚32座。 | H100: 226 | I100: 226 | J100: 0 | K100: 经营类 | L100: =N100 -> 林芝市巴宜区百巴镇拉格村股份经济合作联合社、米瑞乡吉定村32户村民 | M100: 林芝市巴宜区百巴镇拉格村股份经济合作联合社、米瑞乡吉定村32户村民 | N100: 林芝市巴宜区百巴镇拉格村股份经济合作联合社、米瑞乡吉定村32户村民 | O100: 林芝市巴宜区百巴镇拉格村股份经济合作联合社、米瑞乡吉定村32户村民 | P100: 林芝市巴宜区农业农村局、林芝市巴宜区百巴镇人民政府、林芝市巴宜区米瑞乡人民政府 | Q100: 盘活
A101: 85 | B101: 2015 | C101: 专项扶贫资金 | D101: 百巴镇 | E101: 百巴镇连别村精准扶贫项目 | F101: 百巴镇连别村 | G101: 修建砖砌围墙4105米，建8米×40米钢架大棚8栋 | H101: 155 | I101: 155 | J101: 0 | K101: 到户类 | L101: 百巴镇连别村8户村民 | M101: 百巴镇连别村8户村民 | N101: 百巴镇连别村8户村民 | O101: 百巴镇连别村8户村民 | Q101: -
A102: 103 | B102: 2016 | C102: 统筹整合涉农资金 | D102: 百巴镇 | E102: 百巴镇奶牛养殖项目 | F102: 百巴镇拉格村、增巴村 | G102: 新建1座集中牛舍200㎡、布设150m排污管道，修建化粪池1座，新建值班室30㎡，购买与安装500米网围栏，铺设给排水系统、供水管道300米，架设输电线路1套，购置犏奶牛65头。扶持增巴村一户购买犏牛3头，配套圈舍建设。 | H102: 106.2 | I102: 106.2 | J102: 0 | K102: 经营类 | L102: =N102 -> 林芝市巴宜区百巴镇拉格村股份经济合作联合社、林芝市巴宜区百巴镇增巴村股份经济合作联合社 | M102: 百巴镇增巴村1户村民，林芝市巴宜区百巴镇拉格村股份经济合作联合社 | N102: 林芝市巴宜区百巴镇拉格村股份经济合作联合社、林芝市巴宜区百巴镇增巴村股份经济合作联合社 | O102: 林芝市巴宜区百巴镇拉格村股份经济合作联合社、林芝市巴宜区百巴镇增巴村股份经济合作联合社 | P102: 林芝市巴宜区农业农村局、林芝市巴宜区百巴镇人民政府 | Q102: 盘活
...

Sheet 八一镇
A1: 巴宜区帮扶产业项目八一镇“四个一批分类及五权确权表
A3: 序号 | B3: 项目编码 | C3: 项目 年度 | D3: 资金来源 | E3: 乡镇 | F3: 项目 名称 | G3: 项目实施地点 | H3: 项目主要建设内容 | I3: 计划投资（万元） | L3: 项目 分类情况 | M3: 所有权 | N3: 经营权 | O3: 受益权 | P3: 处置权 | Q3: 监督权 | R3: 经营性项目“四个一批”分类 | S3: 备注
I4: 合计 | J4: 政策性资金 | K4: 其他渠道资金
A5: 1 | B5: 8 | C5: 2013 | D5: 专项扶贫资金 | E5: 八一镇 | F5: 八一镇公众村经济林木建设项目 | G5: 八一镇公众村 | H5: 扶持20户低收入群众发展经济林木种植项目，购置水蜜桃、油桃、梨子、核桃树苗18000株，集中种植300亩，及配套灌溉渠道1500米。 | I5: 40 | J5: 40 | K5: 0 | L5: 到户类 | M5: 八一镇公众村20户村民 | N5: 八一镇公众村20户村民 | O5: 八一镇公众村20户村民 | P5: 八一镇公众村20户村民 | Q5: 八一镇公众村村民委员会 | R5: -
A6: 2 | B6: 23 | C6: 2013 | D6: 专项扶贫资金 | E6: 八一镇 | F6: 八一镇尼西村水果蔬菜种植温室项目 | G6: 八一镇尼西村 | H6: 建设规模及内容为修建20米×8米单拱三面砖混温室8座。 | I6: 35 | J6: 35 | K6: 0 | L6: 到户类 | M6: 八一镇尼西村13户村民 | N6: 八一镇尼西村13户村民 | O6: 八一镇尼西村13户村民 | P6: 八一镇尼西村13户村民 | Q6: 八一镇尼西村村民委员会 | R6: -
A7: 3 | B7: 25 | C7: 2013 | D7: 专项扶贫资金 | E7: 八一镇 | F7: 八一镇色定村阿吉林特色经济发展农牧民专业合作社藏民族手工艺品生产厂区建设项目 | G7: 八一镇色定村 | H7: 建立供销一体化的民族手工艺品生产基地242.25平方米，购买烙画机、毛皮软化机、打磨机、粉碎机、真空包装机、烘干机、缝纫机、打孔机、编织机等机械设备，以及相关人员培训。 | I7: 42 | J7: 42 | K7: 0 | L7: 经营类 | M7: 林芝市巴宜区八一镇公众村色定组股份经济合作社 | N7: 林芝县八一镇色定村阿吉特色经济发展农牧民专业合作社 | O7: 林芝市巴宜区八一镇公众村色定组股份经济合作社 | P7: 林芝市巴宜区八一镇公众村色定组股份经济合作社 | Q7: 林芝市巴宜区农业农村局、林芝市巴宜区八一镇人民政府 | R7: 巩固 | S7: 农牧民专合社
A8: 4 | B8: 34 | C8: 2014 | D8: 专项扶贫资金 | E8: 八一镇 | F8: 八一镇永久村农家乐建设项目 | G8: 八一镇永久村 | H8: 建设占地面积1485平米的农家乐，其中包括集住宿饮食一体的接待楼1栋300平米，修建砖混结构围墙59.6米。 | I8: 45 | J8: 45 | K8: 0 | L8: 到户类 | M8: 个体户 | N8: 个体户 | O8: 个体户 | P8: 个体户 | Q8: 八一镇永久村村民委员会 | R8: -
A9: 5 | B9: 35 | C9: 2014 | D9: 专项扶贫资金 | E9: 八一镇 | F9: 八一镇加乃村农田灌溉项目 | G9: 八一镇加乃村 | H9: 新修建灌渠两条共计3000m（分别长1600m，1400m），新开荒地132亩，种植核桃102亩。 | I9: 98.41 | J9: 98.41 | K9: 0 | L9: 公益类 | M9: 林芝市巴宜区八一镇加乃村股份经济合作联合社 | N9: 林芝市巴宜区八一镇加乃村股份经济合作联合社 | O9: 林芝市巴宜区八一镇加乃村股份经济合作联合社 | P9: 林芝市巴宜区八一镇加乃村股份经济合作联合社 | Q9: 林芝市巴宜区农业农村局、林芝市巴宜区八一镇人民政府 | R9: -
A10: 6 | B10: 36 | C10: 2014 | D10: 专项扶贫资金 | E10: 八一镇 | F10: 八一镇色定村蜜蜂养殖项目 | G10: 八一镇色定村 | H10: 购置中锋220箱、意蜂220箱，购买白糖11吨，购买养蜂专用保温布250平方米。 | I10: 60 | J10: 60 | K10: 0 | L10: 经营类 | M10: 八一镇色定村异彩种养业农牧民专业合作社 | N10: 八一镇色定村异彩种养业农牧民专业合作社 | O10: 八一镇色定村异彩种养业农牧民专业合作社 | P10: 八一镇色定村异彩种养业农牧民专业合作社 | Q10: 林芝市巴宜区农业农村局、林芝市巴宜区八一镇人民政府 | R10: 巩固 | S10: 农牧民专合社
A11: 7 | B11: 44 | C11: 2014 | D11: 专项扶贫资金 | E11: 八一镇 | F11: 八一镇加定村藏香及民族服饰加工常建设项目 | G11: 八一镇加定村 | H11: 藏香加工：厂房120平方米，YD不锈钢线香机一台、YD-218高产量木粉加工粉粹机1台及传统加工设备。 民族服饰加工：修建库房80平方米，购置N061缩呢机1台、修建羊毛消毒池1座、清洗池1座、850型羊毛、羊绒梳理机1台，木质织呢机8台。 | I11: 75 | J11: 75 | K11: 0 | L11: 经营类 | M11: 工布民族手工艺农牧民专业合作社 | N11: 工布民族手工艺农牧民专业合作社 | O11: 工布民族手工艺农牧民专业合作社 | P11: 工布民族手工艺农牧民专业合作社 | Q11: 林芝市巴宜区农业农村局、林芝市巴宜区八一镇人民政府 | R11: 巩固 | S11: 农牧民专合社
A12: 8 | B12: 49 | C12: 2014 | D12: 专项扶贫资金 | E12: 八一镇 | F12: 八一镇拉丁嘎旅游接待中心建设项目 | G12: 八一镇拉丁嘎村 | H12: 建设占地面积503.82平米的旅游接待点。配套给排水工程及餐桌椅、床、热水器等。 | I12: 120 | J12: 120 | K12: 0 | L12: 经营类 | M12: 林芝市巴宜区八一镇拉丁嘎村股份经济合作联合社 | N12: 林芝市巴宜区城投公司 | O12: 林芝市巴宜区八一镇拉丁嘎村股份经济合作联合社 | P12: 林芝市巴宜区八一镇拉丁嘎村股份经济合作联合社 | Q12: 林芝市巴宜区农业农村局、林芝市巴宜区八一镇人民政府 | R12: 巩固
A13: 9 | B13: 70 | C13: 2015 | D13: 专项扶贫资金 | E13: 八一镇 | F13: 八一镇拉丁嘎村农田灌溉水渠建设项目 | G13: 八一镇拉丁嘎村 | H13: 新建1500m长PE水管，取水口1座，消力池1座，分水池3座，支渠4条，各100m。 | I13: 50 | J13: 50 | K13: 0 | L13: 公益类 | M13: 林芝市巴宜区八一镇拉丁嘎村股份经济合作联合社 | N13: 林芝市巴宜区八一镇拉丁嘎村股份经济合作联合社 | O13: 林芝市巴宜区八一镇拉丁嘎村股份经济合作联合社 | P13: 林芝市巴宜区八一镇拉丁嘎村股份经济合作联合社 | Q13: 林芝市巴宜区农业农村局、林芝市巴宜区八一镇人民政府 | R13: -
A14: 10 | B14: 73 | C14: 2015 | D14: 专项扶贫资金 | E14: 八一镇 | F14: 八一镇永久村牲畜养殖项目 | G14: 八一镇永久村 | H14: 扶持八一镇永久村8户26人建设占地面积1250平米的砖木结构猪舍140平米，砖木结构牛舍210平方米，购买犏奶牛70头，藏香猪仔70头。 | I14: 40 | J14: 40 | K14: 0 | L14: 到户类 | M14: 八一镇永久村8户村民 | N14: 八一镇永久村8户村民 | O14: 八一镇永久村8户村民 | P14: 八一镇永久村8户村民 | Q14: 八一镇永久村村民委员会 | R14: -
A15: 11 | B15: 78 | C15: 2015 | D15: 专项扶贫资金 | E15: 八一镇 | F15: 八一镇公众村玫瑰种植项目 | G15: 八一镇公众村 | H15: 扶持八一镇公众村新建砖混结构加工车间240平方米；新建砖混结构办公区域240平方米；新建砖混结构职工住房60平方米；玫瑰种植70亩，配套相关设施设备包括机耕道、引水管道及配件；新购机械设备18台套。 | I15: 270 | J15: 270 | K15: 0 | L15: 经营类 | M15: 林芝市巴宜区八一镇公众村色定组股份经济合作社 | N15: 巴宜区卡丁圣和农业开发有限公司 | O15: 林芝市巴宜区八一镇公众村色定组股份经济合作社 | P15: 林芝市巴宜区八一镇公众村色定组股份经济合作社 | Q15: 林芝市巴宜区农业农村局、林芝市巴宜区八一镇人民政府 | R15: 调整 | S15: 原经营方跑路，所有权确定给（村集体？）涉及政府拆迁
A16: 12 | B16: 79 | C16: 2015 | D16: 专项扶贫资金 | E16: 八一镇 | F16: 八一镇公众村果树种植项目 | G16: 八一镇公众村 | H16: 建设项目规模：加定村种植苹果、梨、核桃等水果70亩，色定村种植苹果、梨、核桃等水果80亩；配套输水管道6000米，道路整修3000米，相关设备，建设网围栏2000米。 | I16: 130 | J16: 130 | K16: 0 | L16: 经营类 | M16: 林芝市巴宜区八一镇公众村色定、加定组股份经济合作社 | N16: 巴宜区卡丁圣和农业开发有限公司 | O16: 林芝市巴宜区八一镇公众村色定、加定组股份经济合作社 | P16: 林芝市巴宜区八一镇公众村色定、加定组股份经济合作社 | Q16: 林芝市巴宜区农业农村局、林芝市巴宜区八一镇人民政府 | R16: 调整 | S16: 原经营方跑路，所有权确定给（村集体？）
A17: 13 | B17: 93 | C17: 2015 | D17: 援藏资金 | E17: 八一镇 | F17: 林芝县农家乐家庭旅馆建设 | G17: 八一镇 | H17: 家庭旅馆965.8平方米 | I17: 299.97 | J17: 299.97 | K17: 0 | L17: 经营类 | M17: 林芝市巴宜区八一镇公众村色定组股份经济合作社 | N17: 林芝市巴宜区八一镇公众村色定组股份经济合作社 | O17: 林芝市巴宜区八一镇公众村色定组股份经济合作社 | P17: 林芝市巴宜区八一镇公众村色定组股份经济合作社 | Q17: 林芝市巴宜区农业农村局、林芝市巴宜区八一镇人民政府 | R17: 调整 | S17: (涉及征地拆迁）资产处置需与援藏对接
A18: 14 | B18: 99 | C18: 2016 | D18: 统筹整合涉农资金 | E18: 八一镇 | F18: 八一镇犏奶牛养殖项目 | G18: 八一镇巴果绕村、巴吉村、多布村、拉丁嘎村、永久村、章麦村、唐地村、尼西村、加乃村 | H18: 购买42头犏奶牛，新建牛舍630㎡。 | I18: 55.68 | J18: 55.68 | K18: 0 | L18: 到户类 | M18: 八一镇永久村1户村民，八一镇拉丁嘎村6户村民，八一镇巴果绕村1户村民，八一镇巴吉村1户村民，八一镇多布村1户村，八一镇加乃村2户村民，八一镇尼西村2户村民，八一镇唐地村5户村民，八一镇章麦村2户村民 | N18: 八一镇永久村1户村民，八一镇拉丁嘎村6户村民，八一镇巴果绕村1户村民，八一镇巴吉村1户村民，八一镇多布村1户村，八一镇加乃村2户村民，八一镇尼西村2户村民，八一镇唐地村5户村民，八一镇章麦村2户村民 | O18: 八一镇永久村1户村民，八一镇拉丁嘎村6户村民，八一镇巴果绕村1户村民，八一镇巴吉村1户村民，八一镇多布村1户村，八一镇加乃村2户村民，八一镇尼西村2户村民，八一镇唐地村5户村民，八一镇章麦村2户村民 | P18: 八一镇永久村1户村民，八一镇拉丁嘎村6户村民，八一镇巴果绕村1户村民，八一镇巴吉村1户村民，八一镇多布村1户村，八一镇加乃村2户村民，八一镇尼西村2户村民，八一镇唐地村5户村民，八一镇章麦村2户村民 | Q18: （八一镇永久村、八一镇拉丁嘎村、八一镇巴果绕村、八一镇巴吉村、八一镇多布村、八一镇加乃村、八一镇尼西村、八一镇唐地村、八一镇章麦村）村民委员会 | R18: -
A19: 15 | B19: 100 | C19: 2016 | D19: 统筹整合涉农资金 | E19: 八一镇 | F19: 八一镇藏香猪项目 | G19: 八一镇巴果绕村、公众村、加当嘎村、拉丁嘎村、章麦村、尼西村 | H19: 购买510头藏香猪猪仔，新建猪舍340㎡。 | I19: 50.6 | J19: 50.6 | K19: 0 | L19: 到户类 | M19: 八一镇拉丁嘎村5户村民，八一镇加当嘎村2户村民，八一镇公众村1户村民，八一镇巴果绕村2户村民，八一镇尼西村1户村民，八一镇唐地村1户村民，八一镇章麦村3户村民 | N19: 八一镇拉丁嘎村5户村民，八一镇加当嘎村2户村民，八一镇公众村1户村民，八一镇巴果绕村2户村民，八一镇尼西村1户村民，八一镇唐地村1户村民，八一镇章麦村3户村民 | O19: 八一镇拉丁嘎村5户村民，八一镇加当嘎村2户村民，八一镇公众村1户村民，八一镇巴果绕村2户村民，八一镇尼西村1户村民，八一镇唐地村1户村民，八一镇章麦村3户村民 | P19: 八一镇拉丁嘎村5户村民，八一镇加当嘎村2户村民，八一镇公众村1户村民，八一镇巴果绕村2户村民，八一镇尼西村1户村民，八一镇唐地村1户村民，八一镇章麦村3户村民 | Q19: （八一镇拉丁嘎、八一镇加当嘎村、八一镇公众村、八一镇巴果绕村、八一镇尼西村、八一镇唐地村、八一镇章麦村）村民委员会 | R19: -
A20: 16 | B20: 101 | C20: 2016 | D20: 统筹整合涉农资金 | E20: 八一镇 | F20: 八一镇藏鸡养殖 | G20: 八一镇永久村、尼西村 | H20: 购买藏鸡鸡苗200只。新建鸡舍90㎡。 | I20: 10.08 | J20: 10.08 | K20: 0 | L20: 到户类 | M20: 八一镇永久村1户村民，八一镇尼西村1户村民 | N20: 八一镇永久村1户村民，八一镇尼西村1户村民 | O20: 八一镇永久村1户村民，八一镇尼西村1户村民 | P20: 八一镇永久村1户村民，八一镇尼西村1户村民 | Q20: 八一镇永久村、尼西村村民委员会 | R20: -
A21: 17 | B21: 113 | C21: 2016 | D21: 统筹整合涉农资金 | E21: 八一镇 | F21: 八一镇果树种植经济林木种植项目 | G21: 八一镇巴吉村 | H21: 打水井1眼，购买不锈钢高压水泵1台，购买有机肥20吨，购买网纹管PVC软管1070m，购买苹果树苗1000株。 | I21: 13.38 | J21: 13.38 | K21: 0 | L21: 经营类 | M21: 林芝市巴宜区八一镇巴吉村玉米组股份经济合作社 | N21: 林芝市巴宜区八一镇巴吉村玉米组股份经济合作社 | O21: 林芝市巴宜区八一镇巴吉村玉米组股份经济合作社 | P21: 林芝市巴宜区八一镇巴吉村玉米组股份经济合作社 | Q21: 林芝市巴宜区农业农村局、林芝市巴宜区八一镇人民政府 | R21: 巩固
A22: 18 | B22: 114 | C22: 2016 | D22: 统筹整合涉农资金 | E22: 八一镇 | F22: 八一镇蔬菜大棚建设项目 | G22: 八一镇加当嘎村 | H22: 修建8m*40m单拱钢架结构温室1座。 | I22: 5.15 | J22: 5.15 | K22: 0 | L22: 到户类 | M22: 八一镇加当嘎村1户村民 | N22: 八一镇加当嘎村1户村民 | O22: 八一镇加当嘎村1户村民 | P22: 八一镇加当嘎村1户村民 | Q22: 八一镇加当嘎村村民委员会 | R22: -
A23: 19 | B23: 124 | C23: 2016 | D23: 统筹整合涉农资金 | E23: 八一镇 | F23: 八一镇色定村藏香加工厂项目 | G23: 八一镇公众村 | H23: 道路硬化300㎡及厂区绿化。 | I23: 9.54 | J23: 9.54 | K23: 0 | L23: 公益类 | M23: 工布民族手工艺农牧民专业合作社 | N23: 工布民族手工艺农牧民专业合作社 | O23: 工布民族手工艺农牧民专业合作社 | P23: 工布民族手工艺农牧民专业合作社 | Q23: 林芝市巴宜区农业农村局、林芝市巴宜区八一镇人民政府 | R23: - | S23: 农牧民专合社
A24: 20 | B24: 134 | C24: 2016 | D24: 统筹整合涉农资金 | E24: 八一镇 | F24: 八一镇永久村次仁德吉藏家乐扩建项目 | G24: 八一镇永久村 | H24: 购置电视机16台、购置床32张、购置沙发10张。 | I24: 10 | J24: 10 | K24: 0 | L24: 经营类 | M24: 林芝市巴宜区八一镇永久村次仁德吉藏家乐农民专业合作社 | N24: 八一镇永久村次仁德吉藏家乐农民专业合作社 | O24: 林芝市巴宜区八一镇永久村次仁德吉藏家乐农民专业合作社 | P24: 林芝市巴宜区八一镇永久村次仁德吉藏家乐农民专业合作社 | Q24: 林芝市巴宜区农业农村局、林芝市巴宜区八一镇人民政府 | R24: 巩固 | S24: 农牧民专合社（设备已被售卖，用来养猪）
A25: 21 | B25: 135 | C25: 2016 | D25: 统筹整合涉农资金 | E25: 八一镇 | F25: 八一镇巴吉玉米尼玛扎西藏猪养殖基地扩建项目 | G25: 八一镇巴吉村 | H25: 购置藏猪（种）猪20头、购置半成品猪50头、购置玉米30000斤、购置小麦20000斤、购置大豆2500斤、制作广告牌1.5万元。 | I25: 20 | J25: 20 | K25: 0 | L25: 到户类 | M25: 个体户 | N25: 个体户 | O25: 个体户 | P25: 个体户 | Q25: 八一镇巴吉村村民委员会
A26: 22 | B26: 151 | C26: 2017 | D26: 统筹整合涉农资金 | E26: 八一镇 | F26: 八一镇精准扶贫藏猪养殖项目 | G26: 八一镇巴果绕村、唐地村 | H26: 扩建养猪场、购买配套设施、养殖90头藏香猪。 | I26: 15.2 | J26: 15.2 | K26: 0 | L26: 到户类 | M26: 八一镇巴果绕村2户村民，八一镇唐地村1户村民 | N26: 八一镇巴果绕村2户村民，八一镇唐地村1户村民 | O26: 八一镇巴果绕村2户村民，八一镇唐地村1户村民 | P26: 八一镇巴果绕村2户村民，八一镇唐地村1户村民 | Q26: （八一镇巴果绕村、唐地村）村民委员会 | R26: -
A27: 23 | B27: 154 | C27: 2017 | D27: 统筹整合涉农资金 | E27: 八一镇 | F27: 八一镇加乃村多布杰养殖项目 | G27: 八一镇加乃村 | H27: 修建牛棚及配套设施、养殖4头犏奶牛。 | I27: 5.23 | J27: 5.23 | K27: 0 | L27: 到户类 | M27: 八一镇加乃村1户村民 | N27: 八一镇加乃村1户村民 | O27: 八一镇加乃村1户村民 | P27: 八一镇加乃村1户村民 | Q27: 八一镇加乃村村民委员会 | R27: -
A28: 24 | B28: 168 | C28: 2017 | D28: 统筹整合涉农资金 | E28: 八一镇 | F28: 八一镇唐地村葡萄种植项目 | G28: 八一镇唐地村 | H28: 在原有藏药材种植基础上，种植葡萄面积100亩及土地改良，配套相关设施 | I28: 40 | J28: 40 | K28: 0 | L28: 到户类 | M28: 八一镇唐地村72户村民 | N28: 八一镇唐地村72户村民 | O28: 八一镇唐地村72户村民 | P28: 八一镇唐地村72户村民 | Q28: 八一镇唐地村村民委员会 | R28: -
A29: 25 | B29: 180 | C29: 2018 | D29: 统筹整合涉农资金 | E29: 八一镇 | F29: 藏佳香青稞咖啡生产扩建项目 | G29: 八一镇永久村 | H29: 扩建厂房，购买相关设备及原材料 | I29: 30 | J29: 30 | K29: 0 | L29: 经营类 | M29: 西藏林芝藏佳香土特食品有限公司 | N29: 西藏林芝藏佳香土特食品有限公司 | O29: 西藏林芝藏佳香土特食品有限公司 | P29: 西藏林芝藏佳香土特食品有限公司 | Q29: 林芝市巴宜区农业农村局、林芝市巴宜区八一镇人民政府 | R29: 升级 | S29: 私人企业，原在永久村目前已经搬迁至经开区
A30: 26 | B30: 182 | C30: 2018 | D30: 统筹整合涉农资金 | E30: 八一镇 | F30: 巴宜区八一镇集中安置点 | G30: 八一镇加乃村 | H30: 投资120万元加乃村购买犏奶牛或其他奶牛品种30头，配套购置饲草料，圈舍及相关设施。 | I30: 119.96 | J30: 119.96 | K30: 0 | L30: 到户类 | M30: 八一镇加乃村15户村民 | N30: 八一镇加乃村15户村民 | O30: 八一镇加乃村15户村民 | P30: 八一镇加乃村15户村民 | Q30: 八一镇加乃村村民委员会 | R30: -
A31: 27 | B31: 186 | C31: 2018 | D31: 统筹整合涉农资金 | E31: 八一镇 | F31: 八一镇公众村综合养殖建设项目 | G31: 八一镇公众村 | H31: 发展藏鸡养殖10000只，新建鸡舍2000平米，配套设施。 | I31: 72 | J31: 72 | K31: 0 | L31: 经营类 | M31: 林芝市巴宜区八一镇公众村色定组股份经济合作社 | N31: 西藏润森农牧科技发展有限公司 | O31: 林芝市巴宜区八一镇公众村色定组股份经济合作社 | P31: 林芝市巴宜区八一镇公众村色定组股份经济合作社 | Q31: 林芝市巴宜区农业农村局、林芝市巴宜区八一镇人民政府 | R31: 调整 | S31: 政府投资部分确权到行政村集体（做资产评估）
A32: 28 | B32: 188 | C32: 2018 | D32: 统筹整合涉农资金 | E32: 八一镇 | F32: 八一镇唐地村玉龙山庄农家乐建设项目 | G32: 八一镇唐地村 | H32: 扩建农家乐20间住宿、娱乐厅100㎡及餐饮配套设施。 | I32: 30 | J32: 30 | K32: 0 | L32: 经营类 | M32: 林芝玉龙牧云旅游文化有限公司 | N32: 林芝玉龙牧云旅游文化有限公司 | O32: 林芝玉龙牧云旅游文化有限公司 | P32: 林芝玉龙牧云旅游文化有限公司 | Q32: 林芝市巴宜区农业农村局、林芝市巴宜区八一镇人民政府 | R32: 巩固 | S32: 个体户
A33: 29 | B33: 189 | C33: 2018 | D33: 统筹整合涉农资金 | E33: 八一镇 | F33: 八一镇加定村杰布农家旅馆改造项目 | G33: 八一镇加定村 | H33: 扩大旅游接待中心、改造庭院设计。 | I33: 200.29 | J33: 40 | K33: 160.29 | L33: 经营类 | M33: 巴宜区八一镇公众村杰布农家旅馆 | N33: 巴宜区八一镇公众村杰布农家旅馆 | O33: 巴宜区八一镇公众村杰布农家旅馆 | P33: 巴宜区八一镇公众村杰布农家旅馆 | Q33: 林芝市巴宜区农业农村局、林芝市巴宜区八一镇人民政府 | R33: 巩固 | S33: 个体户
A34: 30 | B34: 194 | C34: 2018 | D34: 统筹整合涉农资金 | E34: 八一镇 | F34: 八一镇拉丁嘎唐绕村比日神山蔬菜种植项目 | G34: 八一镇拉丁嘎唐绕村比日神山 | H34: 扩大蔬菜大棚3座、一座温室大棚面积为320㎡，养殖藏香猪100头。 | I34: 16 | J34: 16 | K34: 0 | L34: 到户类 | M34: 八一镇拉丁嘎村1户村民 | N34: 八一镇拉丁嘎村1户村民 | O34: 八一镇拉丁嘎村1户村民 | P34: 八一镇拉丁嘎村1户村民 | Q34: 八一镇拉丁嘎唐绕村村民委员会 | R34: -
A35: 31 | B35: 197 | C35: 2018 | D35: 统筹整合涉农资金 | E35: 八一镇 | F35: 八一镇唐地村休闲采摘餐饮观光园建设项目 | G35: 八一镇唐地村 | H35: 规划修建蔬菜大棚两座、 配套蓄水池、饮水渠、园区清理整治、道路铺修及雪松种植1000棵，苹果、樱桃、蓝莓采摘园建设。 | I35: 36 | J35: 36 | K35: 0 | L35: 到户类 | M35: 八一镇唐地村1户村民 | N35: 林芝互生生态农业发展有限公司 | O35: 八一镇唐地村1户村民 | P35: 八一镇唐地村1户村民 | Q35: 八一镇唐地村村民委员会 | R35: -
A36: 32 | B36: 201 | C36: 2018 | D36: 统筹整合涉农资金 | E36: 八一镇 | F36: 八一镇公众村格桑养殖项目 | G36: 八一镇公众村 | H36: 修建牛棚及配套设施、养殖4头犏奶牛。 | I36: 5 | J36: 5 | K36: 0 | L36: 到户类 | M36: 八一镇公众村1户村民 | N36: 八一镇公众村1户村民 | O36: 八一镇公众村1户村民 | P36: 八一镇公众村1户村民 | Q36: 八一镇公众村村民委员会 | R36: -
A37: 33 | B37: 202 | C37: 2018 | D37: 统筹整合涉农资金 | E37: 八一镇 | F37: 八一镇加当嘎村边巴次仁奶牛养殖项目 | G37: 八一镇加当嘎村 | H37: 扩建厂房1000㎡。草场围栏1000亩、购买犏奶牛50头。 | I37: 30 | J37: 30 | K37: 0 | L37: 经营类 | M37: 个体户 | N37: 个体户 | O37: 个体户 | P37: 个体户 | Q37: 林芝市巴宜区农业农村局、林芝市巴宜区八一镇人民政府 | R37: 巩固 | S37: 个体户
A38: 34 | B38: 205 | C38: 2018 | D38: 统筹整合涉农资金 | E38: 八一镇 | F38: 八一镇尼西村旺久商店建设项目 | G38: 八一镇尼西村 | H38: 新建80㎡的商店，货架、日常货品。 | I38: 5 | J38: 5 | K38: 0 | L38: 到户类 | M38: 八一镇尼西村1户村民 | N38: 八一镇尼西村1户村民 | O38: 八一镇尼西村1户村民 | P38: 八一镇尼西村1户村民 | Q38: 八一镇尼西村村民委员会 | R38: -
A39: 35 | B39: 209 | C39: 2018 | D39: 统筹整合涉农资金 | E39: 八一镇 | F39: 巴宜区多旺农牧民手工艺糌粑加工厂项目 | G39: 八一镇加定村 | H39: 糌粑加工机器设备、公司道路硬化、其它工艺 | I39: 59 | J39: 59 | K39: 0 | L39: 经营类 | M39: 多旺农牧民手工艺品营销专业合作社 | N39: 多旺农牧民手工艺品营销专业合作社 | O39: 多旺农牧民手工艺品营销专业合作社 | P39: 多旺农牧民手工艺品营销专业合作社 | Q39: 林芝市巴宜区农业农村局、林芝市巴宜区八一镇人民政府 | R39: 巩固 | S39: 农牧民专合社
A40: 36 | B40: 210 | C40: 2018 | D40: 统筹整合涉农资金 | E40: 八一镇 | F40: 林芝市巴宜区八一镇巴吉村措木及林下资源加工厂项目 | G40: 八一镇巴吉村 | H40: 扩建加工厂、购置原材料和精细加工设备 | I40: 40 | J40: 40 | K40: 0 | L40: 经营类 | M40: 林芝市巴宜区八一镇巴吉村措木及林下资源加工农牧民合作社 | N40: 林芝市巴宜区八一镇巴吉村措木及林下资源加工农牧民合作社 | O40: 林芝市巴宜区八一镇巴吉村措木及林下资源加工农牧民合作社 | P40: 林芝市巴宜区八一镇巴吉村措木及林下资源加工农牧民合作社 | Q40: 林芝市巴宜区农业农村局、林芝市巴宜区八一镇人民政府 | R40: 巩固 | S40: 农牧民专合社
A41: 37 | B41: 219 | C41: 2018 | D41: 统筹整合涉农资金 | E41: 八一镇 | F41: 三岩搬迁项目巴宜区八一镇集中安置点大棚建设 | G41: 巴宜区八一镇集中安置点 | H41: 巴宜区八一镇集中安置点：178万用于修建大棚，发展瓜果种植并配套完善相关灌溉设施，土地整治。 | I41: 177.61 | J41: 177.61 | K41: 0 | L41: 经营类 | M41: 林芝市巴宜区八一镇加乃村股份经济合作联合社 | N41: 西藏汇莱农业科技有限公司 | O41: 林芝市巴宜区八一镇加乃村股份经济合作联合社 | P41: 林芝市巴宜区八一镇加乃村股份经济合作联合社 | Q41: 林芝市巴宜区农业农村局、林芝市巴宜区八一镇人民政府 | R41: 升级
A42: 38 | B42: 219 | C42: 2018 | D42: 统筹整合涉农资金 | E42: 八一镇 | F42: 三岩搬迁项目巴宜区八一镇集中安置点林卡 | G42: 巴宜区八一镇集中安置点 | H42: 100万用于修建林卡、围墙、亭子，购买帐篷，并配套相关服务设施 | I42: 100 | J42: 100 | K42: 0 | L42: 经营类 | M42: 林芝市巴宜区八一镇加乃村股份经济合作联合社 | N42: 西藏汇莱农业科技有限公司 | O42: 林芝市巴宜区八一镇加乃村股份经济合作联合社 | P42: 林芝市巴宜区八一镇加乃村股份经济合作联合社 | Q42: 林芝市巴宜区农业农村局、林芝市巴宜区八一镇人民政府 | R42: 巩固
A43: 39 | B43: 226 | C43: 2019 | D43: 统筹整合涉农资金 | E43: 八一镇 | F43: 巴宜区八一镇公众村藏鸡养殖项目 | G43: 八一镇公众村 | H43: 在原有养殖基础上增加10000只藏鸡，配套相关设施设备 | I43: 48.38 | J43: 48.38 | K43: 0 | L43: 经营类 | M43: 林芝市巴宜区八一镇公众村色定组股份经济合作社 | N43: 西藏润森农牧科技发展有限公司 | O43: 林芝市巴宜区八一镇公众村色定组股份经济合作社 | P43: 林芝市巴宜区八一镇公众村色定组股份经济合作社 | Q43: 林芝市巴宜区农业农村局、林芝市巴宜区八一镇人民政府 | R43: 调整
A44: 40 | B44: 228 | C44: 2019 | D44: 统筹整合涉农资金 | E44: 八一镇 | F44: 巴宜区八一镇拉嘎娘灵芝种植项目 | G44: 八一镇拉丁嘎（拉嘎娘） | H44: 修建23座灵芝种植大棚，发展灵芝种植 | I44: 79.88 | J44: 79.88 | K44: 0 | L44: 经营类 | M44: 林芝市巴宜区八一镇拉丁嘎村股份经济合作联合社 | N44: 林芝源瑞农业科技有限公司 | O44: 林芝市巴宜区八一镇拉丁嘎村股份经济合作联合社 | P44: 林芝市巴宜区八一镇拉丁嘎村股份经济合作联合社 | Q44: 林芝市巴宜区农业农村局、林芝市巴宜区八一镇人民政府 | R44: 巩固
A45: 41 | B45: 240 | C45: 2020 | D45: 统筹整合涉农资金 | E45: 八一镇 | F45: 巴宜区八一镇草莓种植项目 | G45: 八一镇唐地村 | H45: 新建温室大棚2座（共1亩），种植草莓1亩。 | I45: 14.77 | J45: 14.77 | K45: 0 | L45: 到户类 | M45: 八一镇唐地村1户村民 | N45: 八一镇唐地村1户村民 | O45: 八一镇唐地村1户村民 | P45: 八一镇唐地村1户村民 | R45: -
A46: 42 | B46: 244 | C46: 2020 | D46: 统筹整合涉农资金 | E46: 八一镇 | F46: 水果产业提质增效项目 | G46: 百巴镇大坝村、百巴镇扎地村、八一镇唐地村、布久乡嘎玛村、米瑞乡色果拉村、更章乡门仲村 | H46: 标准化建设1600余亩水果基地，包括水肥一体化，土壤改良增肥，完善配套设施等，项目完成后，预计三年后挂果。 | I46: 899.85 | J46: 899.85 | K46: 0 | L46: 公益类 | M46: 百巴镇扎地村：林芝市巴宜区百巴镇扎地村扎地组股份经济合作社，百巴镇大坝村：林芝市巴宜区百巴镇大坝村经济联合社，布久乡嘎玛村40户村民，米瑞乡色果拉村：林芝市巴宜区米瑞乡色果拉村祥和种植养殖农牧民合作社，八一镇唐地村：72户村民，更章乡门仲村：林芝市巴宜区更章门巴民族乡门仲村股份经济合作联合社 | N46: 百巴镇扎地村：西藏新纳宗巴苗木种植有限公司，百巴镇大坝村：烟台大山果业开发有限公司巴宜区分公司，布久乡嘎玛村40户村民，米瑞乡色果拉村：林芝市巴宜区米瑞乡色果拉村祥和种植养殖农牧民合作社，八一镇唐地村72户村民，更章乡门仲村：西藏荣源生态农业科技发展有限公司 | O46: 百巴镇扎地村：林芝市巴宜区百巴镇扎地村扎地组股份经济合作社，百巴镇大坝村：林芝市巴宜区百巴镇大坝村经济联合社，布久乡嘎玛村40户村民，米瑞乡色果拉村：林芝市巴宜区米瑞乡色果拉村祥和种植养殖农牧民合作社，八一镇唐地村：72户村民，更章乡门仲村：林芝市巴宜区更章门巴民族乡门仲村股份经济合作联合社 | P46: 百巴镇扎地村：林芝市巴宜区百巴镇扎地村扎地组股份经济合作社，百巴镇大坝村：林芝市巴宜区百巴镇大坝村经济联合社，布久乡嘎玛村40户村民，米瑞乡色果拉村：林芝市巴宜区米瑞乡色果拉村祥和种植养殖农牧民合作社，八一镇唐地村：72户村民，更章乡门仲村：林芝市巴宜区更章门巴民族乡门仲村股份经济合作联合社 | Q46: 林芝市巴宜区农业农村局、林芝市巴宜区百巴镇人民政府、林芝市巴宜区八一镇人民政府、林芝市巴宜区更章乡人民政府、林芝市巴宜区米瑞乡人民政府
A47: 43 | B47: 247 | C47: 2020 | D47: 统筹整合涉农资金 | E47: 八一镇 | F47: 水果产业提质增效项目（二期） | G47: 百巴镇增巴村、八一镇加乃村、八一镇巴吉村、布久乡嘎玛村、百巴镇嘎吉村、米瑞乡朗乃村、林芝镇娘峨村 | H47: 标准化建设1994亩水果基地，包括水肥一体化，土壤改良增肥，完善配套设施等。 | I47: 1099.36 | J47: 1099.36 | K47: 0 | L47: 公益类 | M47: 百巴镇嘎吉村：林芝市巴宜区百巴镇嘎吉村专合社，百巴镇增巴村：林芝市巴宜区百巴镇增巴村股份经济合作联合社，布久乡嘎玛村：林芝市巴宜区布久乡嘎玛村则拉岗组股份经济合作社，林芝镇娘欧村22户村民，林芝市巴宜区米瑞乡朗乃村股份经济合作联合社，八一镇巴吉村：林芝市巴宜区八一镇巴吉村玉米组股份经济合作社，林芝市巴宜区八一镇加乃村股份经济合作联合社 | N47: 百巴镇嘎吉村：烟台大山果业开发有限公司巴宜区分公司，百巴镇增巴村：烟台大山果业开发有限公司巴宜区分公司，布久乡嘎玛村：林芝市巴宜区布久乡嘎玛村则拉岗组股份经济合作社，林芝镇娘欧村22户村民，林芝市巴宜区米瑞乡朗乃村股份经济合作联合社，八一镇巴吉村：西藏罗汉松生态农业科技发展有限责任公司，林芝市巴宜区八一镇加乃村股份经济合作联合社 | O47: 百巴镇嘎吉村：林芝市巴宜区百巴镇嘎吉村专合社，百巴镇增巴村：林芝市巴宜区百巴镇增巴村股份经济合作联合社，布久乡嘎玛村：林芝市巴宜区布久乡嘎玛村则拉岗组股份经济合作社，林芝镇娘欧村22户村民，林芝市巴宜区米瑞乡朗乃村股份经济合作联合社，八一镇巴吉村：林芝市巴宜区八一镇巴吉村玉米组股份经济合作社，林芝市巴宜区八一镇加乃村股份经济合作联合社 | P47: 百巴镇嘎吉村：林芝市巴宜区百巴镇嘎吉村专合社，百巴镇增巴村：林芝市巴宜区百巴镇增巴村股份经济合作联合社，布久乡嘎玛村：林芝市巴宜区布久乡嘎玛村则拉岗组股份经济合作社，林芝镇娘欧村22户村民，林芝市巴宜区米瑞乡朗乃村股份经济合作联合社，八一镇巴吉村：林芝市巴宜区八一镇巴吉村玉米组股份经济合作社，林芝市巴宜区八一镇加乃村股份经济合作联合社 | Q47: 林芝市巴宜区农业农村局、林芝市巴宜区百巴镇人民政府、林芝市巴宜区八一镇人民政府、林芝市巴宜区林芝镇人民政府、林芝市巴宜区米瑞乡人民政府
A48: 44 | B48: 248 | C48: 2020 | D48: 统筹整合涉农资金 | E48: 八一镇 | F48: 八一镇巴吉村旅游产业建设项目（巴宜区八一镇巴吉村旅游产业建设项目一期水肥一体化建设项目） | G48: 八一镇巴吉村 | H48: 结合旅游产业，打造八一镇巴吉村田园综合体600亩，包括综合用房、宿舍配套用房、水肥一体化及配套相关附属设施。 | I48: =1600.01-319.06 -> 1280.95 | J48: =1600.01-319.06 -> 1280.95 | K48: 0 | L48: 经营类 | M48: 林芝市巴宜区八一镇巴吉村巴吉组股份经济合作社 | N48: 西藏依舍旅游开发有限公司 | O48: 林芝市巴宜区八一镇巴吉村巴吉组股份经济合作社 | P48: 林芝市巴宜区八一镇巴吉村巴吉组股份经济合作社 | Q48: 林芝市巴宜区农业农村局、林芝市巴宜区八一镇人民政府 | R48: 巩固
A49: 45 | B49: 248 | C49: 2020 | D49: 统筹整合涉农资金 | E49: 八一镇 | F49: 巴宜区八一镇巴吉村旅游产业建设项目一期水肥一体化建设项目 | G49: 八一镇巴吉村 | H49: 新建取水口1座，蓄水池1座，设备房72平方米及灌溉管网等工程 | I49: =J49+K49 -> 319.06 | J49: 319.06 | K49: 0 | L49: 公益类 | M49: 林芝市巴宜区八一镇巴吉村巴吉组股份经济合作社 | N49: 西藏依舍旅游开发有限公司 | O49: 林芝市巴宜区八一镇巴吉村巴吉组股份经济合作社 | P49: 林芝市巴宜区八一镇巴吉村巴吉组股份经济合作社 | Q49: 林芝市巴宜区农业农村局、林芝市巴宜区八一镇人民政府
A50: 46 | B50: 252 | C50: 2020 | D50: 统筹整合涉农资金 | E50: 八一镇 | F50: 八一镇、更章乡搬迁群众到户奶牛项目 | G50: 八一镇加乃村、更章乡娘萨村 | H50: 购买犏奶牛50头，户均2头，共25户。其中八一镇15头，更章乡10头。 | I50: 39.98 | J50: 39.98 | K50: 0 | L50: 到户类 | M50: 更章乡娘萨村16户村民，八一镇加乃村15户村民 | N50: 更章乡娘萨村16户村民，八一镇加乃村15户村民 | O50: 更章乡娘萨村16户村民，八一镇加乃村15户村民 | P50: 更章乡娘萨村16户村民，八一镇加乃村15户村民 | Q50: （八一镇加乃村、更章乡娘萨村）村民委员会 | R50: -
A51: 47 | B51: 259 | C51: 2020 | D51: 统筹整合涉农资金 | E51: 八一镇 | F51: 巴宜区三岩搬迁点配套产业项目 | G51: 八一镇加乃村安置点、更章乡娘萨村安置点、百巴镇嘎吉村安置点 | H51: 1.加乃村购买犏奶牛60头及配套开垦30亩饲草种植项目。 2.加乃村种植270亩优质青稞并配套购买相关种植收割农业机械。 3.娘萨村购买犏奶牛70头及维修30公里长、宽1.5米的牧道。 4.嘎吉村种植600亩优质青稞并配套购买相关种植收割农业机械。 | I51: 249.68 | J51: 249.68 | K51: 0 | L51: 到户类 | M51: 百巴镇嘎吉村68户村民，更章乡娘萨村16户村民，八一镇犏奶牛：八一镇加乃村15户村民，八一镇青稞：林芝市巴宜区八一镇加乃村股份经济合作联合社 | N51: 百巴镇嘎吉村68户村民，更章乡娘萨村16户村民，八一镇犏奶牛：八一镇加乃村15户村民，八一镇青稞：西藏荣源生态农业科技发展有限公司 | O51: 百巴镇嘎吉村68户村民，更章乡娘萨村16户村民，八一镇犏奶牛：八一镇加乃村15户村民，八一镇青稞：林芝市巴宜区八一镇加乃村股份经济合作联合社 | P51: 百巴镇嘎吉村68户村民，更章乡娘萨村16户村民，八一镇犏奶牛：八一镇加乃村15户村民，八一镇青稞：林芝市巴宜区八一镇加乃村股份经济合作联合社 | Q51: （八一镇加乃村安置点、更章乡娘萨村安置点、百巴镇嘎吉村安置点）村民委员会 | R51: -
A52: 48 | B52: 264 | C52: 2020 | D52: 统筹整合涉农资金 | E52: 八一镇 | F52: 巴宜区八一镇尼西村水渠灌溉项目 | G52: 八一镇尼西村 | H52: 新修灌溉水渠6,035.66米等建设内容。 | I52: 206.71 | J52: 206.71 | K52: 0 | L52: 公益类 | M52: 林芝市巴宜区八一镇尼西村股份经济合作联合社 | N52: 林芝市巴宜区八一镇尼西村股份经济合作联合社 | O52: 林芝市巴宜区八一镇尼西村股份经济合作联合社 | P52: 林芝市巴宜区八一镇尼西村股份经济合作联合社 | Q52: 林芝市巴宜区农业农村局、林芝市巴宜区八一镇人民政府 | R52: -
A53: 49 | B53: 269 | C53: 2020 | D53: 统筹整合涉农资金 | E53: 八一镇 | F53: 巴宜区八一镇永久村明沟建设项目 | G53: 八一镇永久村 | H53: 修建排水渠786.51米 | I53: 28.31 | J53: 28.31 | K53: 0 | L53: 公益类 | M53: 林芝市巴宜区八一镇永久村股份经济合作联合社 | N53: 林芝市巴宜区八一镇永久村股份经济合作联合社 | O53: 林芝市巴宜区八一镇永久村股份经济合作联合社 | P53: 林芝市巴宜区八一镇永久村股份经济合作联合社 | Q53: 林芝市巴宜区农业农村局、林芝市巴宜区八一镇人民政府 | R53: -
A54: 50 | B54: 304 | C54: 2021 | D54: 财政衔接推进乡村振兴 | E54: 八一镇 | F54: 八一镇多布村蓝莓基地扩建提质增效项目 | G54: 八一镇多布村 | H54: 新建9895.48平方米大棚及附属等建设内容 | I54: 349.97 | J54: 349.97 | K54: 0 | L54: 经营类 | M54: 林芝市巴宜区八一镇多布村股份经济合作联合社 | N54: 林芝互生生态农业发展有限公司 | O54: 林芝市巴宜区八一镇多布村股份经济合作联合社 | P54: 林芝市巴宜区八一镇多布村股份经济合作联合社 | Q54: 林芝市巴宜区农业农村局、林芝市巴宜区八一镇人民政府 | R54: 巩固
A55: 51 | B55: 306 | C55: 2021 | D55: 财政衔接推进乡村振兴 | E55: 八一镇 | F55: 八一镇尼西村脆李种植项目 | G55: 八一镇尼西村 | H55: 脆李种植18,254株，网围栏2,498.00米，大门、场地平整及相关配套设施等建设内容。 | I55: 418.97 | J55: 418.97 | K55: 0 | L55: 经营类 | M55: 林芝市巴宜区八一镇尼西村股份经济合作联合社 | N55: 林芝市巴宜区八一镇尼西村股份经济合作联合社 | O55: 林芝市巴宜区八一镇尼西村股份经济合作联合社 | P55: 林芝市巴宜区八一镇尼西村股份经济合作联合社 | Q55: 林芝市巴宜区农业农村局、林芝市巴宜区八一镇人民政府 | R55: 调整
A56: 52 | B56: 308 | C56: 2021 | D56: 财政衔接推进乡村振兴 | E56: 八一镇 | F56: 藏木耳种植项目 | G56: 八一镇公众村 | H56: 新建大棚20.00栋、观光棚2,175.48平方米、灌溉池1.00座、附属工程、消防水泵房266.23平方米、柴发机房及配电房179.52平方米、机井及灌溉水泵房140.35平方米等建设内容 | I56: 1999.42 | J56: 1999.42 | K56: 0 | L56: 经营类 | M56: 林芝市巴宜区八一镇公众村色定组股份经济合作社 | N56: 西藏雪芝源生物科技有限公司 | O56: 林芝市巴宜区八一镇公众村色定组股份经济合作社 | P56: 林芝市巴宜区八一镇公众村色定组股份经济合作社 | Q56: 林芝市巴宜区农业农村局、林芝市巴宜区八一镇人民政府 | R56: 巩固
A57: 53 | B57: 310 | C57: 2021 | D57: 财政衔接推进乡村振兴 | E57: 八一镇 | F57: 八一镇藏鸡养殖场扩建项目 | G57: 八一镇多布村 | H57: 新建鸡舍3栋共924.12平方米，隔离鸡舍25.42平方米，管理用房174.00平方米，饲料加工用房241.36平方米，展厅103.36平方米及附属设施，设备购置等建设内容。 | I57: 499.93 | J57: 499.93 | K57: 0 | L57: 经营类 | M57: 林芝市巴宜区八一镇多布村股份经济合作联合社 | N57: 林芝市巴宜区八一镇多布村股份经济合作联合社 | O57: 林芝市巴宜区八一镇多布村股份经济合作联合社 | P57: 林芝市巴宜区八一镇多布村股份经济合作联合社 | Q57: 林芝市巴宜区农业农村局、林芝市巴宜区八一镇人民政府 | R57: 盘活
A58: 54 | B58: 325 | C58: 2022 | D58: 财政衔接推进乡村振兴 | E58: 八一镇 | F58: 高原特色种植项目 | G58: 米瑞乡米瑞村、通麦村、色果拉村，百巴镇大坝村，更章乡更章村，八一镇加乃村 | H58: 增加保温棉被、卷棉机，及配套水肥一体设施等，对原有大棚提升改造186018平方米。 | I58: 1534.9 | J58: 1534.9 | K58: 0 | L58: 公益类 | M58: 林芝镇大坝村：林芝市巴宜区百巴镇大坝村经济联合社，更章乡更章村：林芝市巴宜区更章门巴民族乡更章村股份经济合作联合社，米瑞乡通麦村：林芝市巴宜区米瑞乡通麦村股份经济合作联合社，米瑞乡色果拉村：林芝市巴宜区米瑞乡色果拉村股份经济合作联合社，八一镇加乃村：林芝市巴宜区八一镇加乃村股份经济合作联合社 | N58: 林芝市巴宜区百巴镇大坝村经济联合社，更章乡更章村：兵杰田园有限公司，米瑞乡通麦村：林芝盛世农业科技有限公司，米瑞乡色果拉村个体户，八一镇加乃村：西藏汇莱农业科技有限公司 | O58: 林芝镇大坝村：林芝市巴宜区百巴镇大坝村经济联合社，更章乡更章村：林芝市巴宜区更章门巴民族乡更章村股份经济合作联合社，米瑞乡通麦村：林芝市巴宜区米瑞乡通麦村股份经济合作联合社，米瑞乡色果拉村：林芝市巴宜区米瑞乡色果拉村股份经济合作联合社，八一镇加乃村：林芝市巴宜区八一镇加乃村股份经济合作联合社 | P58: 林芝镇大坝村：林芝市巴宜区百巴镇大坝村经济联合社，更章乡更章村：林芝市巴宜区更章门巴民族乡更章村股份经济合作联合社，米瑞乡通麦村：林芝市巴宜区米瑞乡通麦村股份经济合作联合社，米瑞乡色果拉村：林芝市巴宜区米瑞乡色果拉村股份经济合作联合社，八一镇加乃村：林芝市巴宜区八一镇加乃村股份经济合作联合社 | Q58: 林芝市巴宜区农业农村局、林芝市巴宜区百巴镇人民政府、林芝市巴宜区八一镇人民政府、林芝市巴宜区更章乡人民政府、林芝市巴宜区米瑞乡人民政府 | R58: -
A59: 55 | B59: 326 | C59: 2022 | D59: 财政衔接推进乡村振兴 | E59: 八一镇 | F59: 雅江雪牛育肥建设项目 | G59: 八一镇加乃村 | H59: 购买犏奶牛200头，修建牛舍6500平方米及相关水、电配套基础设施，购买饲料精饲料100吨，草颗粒饲料400吨等。 | I59: 1799.982 | J59: 1799.982 | K59: 0 | L59: 经营类 | M59: 林芝市巴宜区八一镇加乃村股份经济合作联合社 | N59: 西藏林芝工布建筑建材实业有限公司 | O59: 林芝市巴宜区八一镇加乃村股份经济合作联合社 | P59: 林芝市巴宜区八一镇加乃村股份经济合作联合社 | Q59: 林芝市巴宜区农业农村局、林芝市巴宜区八一镇人民政府 | R59: 升级
A60: 56 | B60: 343 | C60: 2022 | D60: 财政衔接推进乡村振兴 | E60: 八一镇 | F60: 公众村旅游配套产业项目 | G60: 八一镇公众村 | H60: 依托千年核桃树和318国道沿线旅游优势，打造中高端精品民宿27间，购置相关配套设备，形成企业+村集体+农户（含脱贫户）的产业发展模式。 | I60: 995.56 | J60: 995.56 | K60: 0 | L60: 经营类 | M60: 林芝市巴宜区八一镇公众村（行政村）股份经济合作社 | N60: 西藏仟锦旅游管理有限公司 | O60: 林芝市巴宜区八一镇公众村（行政村）股份经济合作社 | P60: 林芝市巴宜区八一镇公众村（行政村）股份经济合作社 | Q60: 林芝市巴宜区农业农村局、林芝市巴宜区八一镇人民政府 | R60: 升级
A61: 57 | B61: 363 | C61: 2023 | D61: 财政衔接推进乡村振兴 | E61: 八一镇 | F61: 巴宜区林下资源种植及设施农业建设项目 | G61: 八一镇加乃村 | H61: 新建温室大棚5栋，占地面积6946.45㎡，水渠改造46.5m，新建网围栏489.24m，购置菌包，配套排水、电气等基础设施。 | I61: 299.27 | J61: 299.27 | K61: 0 | L61: 经营类 | M61: 林芝市巴宜区八一镇加乃村股份经济合作联合社 | N61: 西藏上诚健康产业股份有限公司 | O61: 林芝市巴宜区八一镇加乃村股份经济合作联合社 | P61: 林芝市巴宜区八一镇加乃村股份经济合作联合社 | Q61: 林芝市巴宜区农业农村局、林芝市巴宜区八一镇人民政府 | R61: 巩固
... A64: 60 | B64: 422 | C64: 2017 | D64: 统筹整合涉农资金 | E64: 八一镇 | F64: 巴宜区八一镇加乃村妇女荞麦种植项目 | G64: 八一镇加乃村 | H64: 新建总面积为21.10亩，改良土地21.10亩，包含平整土地，购买回填土；新建708米网围栏；雇佣拖拉机进行拉土作业；购买荞麦种子633斤；购买化肥，总计2.07万元；购买钢制成品大门，总计0.37万元；设 置工程标志牌 | I64: 30 | J64: 30 | K64: 0 | L64: 经营类 | M64: 林芝市巴宜区八一镇加乃村股份经济合作联合社 | N64: 林芝市巴宜区八一镇加乃村股份经济合作联合社 | O64: 林芝市巴宜区八一镇加乃村股份经济合作联合社 | P64: 林芝市巴宜区八一镇加乃村股份经济合作联合社 | Q64: 林芝市巴宜区农业农村局、林芝市巴宜区八一镇人民政府 | R64: 巩固
B65: 八一镇共有项目60个，涉及总资金14777.742万元，其中专项扶贫资金1049.41万元，统筹整合资金5530.36万元，财政衔接资金7898.002万元，援藏资金299.97万元；涉及经营类项目29个，涉及资金9401.272万元，其中巩固一批项目18个涉及资金4658.87万元，升级一批项目4个涉及资金3003.152万元，盘活一批项目1个涉及资金499.93万元，调整一批项目6个涉及资金1239.32万元；

Sheet 百巴镇
A1: 巴宜区帮扶产业项目百巴镇“四个一批分类及五权确权表
A3: 序号 | B3: 项目编码 | C3: 项目 年度 | D3: 资金来源 | E3: 乡镇 | F3: 项目 名称 | G3: 项目实施地点 | H3: 项目主要建设内容 | I3: 计划投资（万元） | L3: 项目 分类情况 | M3: 所有权 | N3: 经营权 | O3: 受益权 | P3: 处置权 | Q3: 监督权 | R3: 经营性项目“四个一批”分类 | S3: 备注
I4: 合计 | J4: 政策性资金 | K4: 其他渠道资金
A5: 1 | B5: 12 | C5: 2013 | D5: 专项扶贫资金 | E5: 百巴镇 | F5: 百巴镇折巴村粮油加工厂项目 | G5: 百巴镇折巴村 | H5: 新建厂房120平方米，购置设备一套。 | I5: 30 | J5: 30 | K5: 0 | L5: 公益类 | M5: 林芝市巴宜区百巴镇折巴村折巴组股份经济合作社 | N5: 林芝市巴宜区百巴镇折巴村折巴组股份经济合作社 | O5: 林芝市巴宜区百巴镇折巴村折巴组股份经济合作社 | P5: 林芝市巴宜区百巴镇折巴村折巴组股份经济合作社 | Q5: 林芝市巴宜区农业农村局、林芝市巴宜区百巴镇人民政府 | R5: -
A6: 2 | B6: 13 | C6: 2013 | D6: 专项扶贫资金 | E6: 百巴镇 | F6: 百巴镇折巴村“优菜”水渠建设项目 | G6: 百巴镇折巴村 | H6: 新建c20钢筋砼1600米(规格:0.4MX0.35M)，4米农用桥一座，配套完善分水口等设施。 | I6: 46 | J6: 46 | K6: 0 | L6: 公益类 | M6: 林芝市巴宜区百巴镇折巴村折巴组股份经济合作社 | N6: 林芝市巴宜区百巴镇折巴村折巴组股份经济合作社 | O6: 林芝市巴宜区百巴镇折巴村折巴组股份经济合作社 | P6: 林芝市巴宜区百巴镇折巴村折巴组股份经济合作社 | Q6: 林芝市巴宜区农业农村局、林芝市巴宜区百巴镇人民政府 | R6: -
A7: 3 | B7: 16 | C7: 2013 | D7: 专项扶贫资金 | E7: 百巴镇 | F7: 百巴镇拉格村农田灌溉水渠 | G7: 百巴镇拉格村 | H7: 修建砼矩形引水主渠1000米，及分水口、农用桥等渠系配套交叉建筑物。 | I7: 39 | J7: 39 | K7: 0 | L7: 公益类 | M7: 林芝市巴宜区百巴镇拉格村股份经济合作联合社 | N7: 林芝市巴宜区百巴镇拉格村股份经济合作联合社 | O7: 林芝市巴宜区百巴镇拉格村股份经济合作联合社 | P7: 林芝市巴宜区百巴镇拉格村股份经济合作联合社 | Q7: 林芝市巴宜区农业农村局、林芝市巴宜区百巴镇人民政府 | R7: -
A8: 4 | B8: 17 | C8: 2013 | D8: 专项扶贫资金 | E8: 百巴镇 | F8: 百巴镇折巴村核桃种植项目 | G8: 百巴镇折巴村 | H8: 开垦山坡地200亩；种植核桃200亩。 | I8: 50 | J8: 50 | K8: 0 | L8: 到户类 | M8: 百巴镇折巴村51户村民 | N8: 百巴镇折巴村51户村民 | O8: 百巴镇折巴村51户村民 | P8: 百巴镇折巴村51户村民 | Q8: 百巴镇折巴村村民委员会 | R8: -
A9: 5 | B9: 18 | C9: 2013 | D9: 专项扶贫资金 | E9: 百巴镇 | F9: 百巴镇强嘎村工布赛马休闲旅游山庄建设项目 | G9: 百巴镇强嘎村 | H9: 建设民俗演艺厅、藏餐厅、射箭场，购置马匹10匹，配套马具、音响设备、射箭用具、餐饮厨具等配套设备。 | I9: 60 | J9: 60 | K9: 0 | L9: 经营类 | M9: 林芝市巴宜区百巴镇强嘎村股份经济合作联合社 | N9: 个体户 | O9: 林芝市巴宜区百巴镇强嘎村股份经济合作联合社 | P9: 林芝市巴宜区百巴镇强嘎村股份经济合作联合社 | Q9: 林芝市巴宜区农业农村局、林芝市巴宜区百巴镇人民政府 | R9: 升级
A10: 6 | B10: 30 | C10: 2013 | D10: 专项扶贫资金 | E10: 百巴镇 | F10: 百巴镇大坝村温室供水项目 | G10: 百巴镇大坝村 | H10: 主渠dn110管2270米，dn90管2060米，新修17条支管，dn管3950米，渠系配套建筑物蓄水池1座。 | I10: 110 | J10: 110 | K10: 0 | L10: 公益类 | M10: 林芝市巴宜区百巴镇大坝村经济联合社 | N10: 林芝市巴宜区百巴镇大坝村经济联合社 | O10: 林芝市巴宜区百巴镇大坝村经济联合社 | P10: 林芝市巴宜区百巴镇大坝村经济联合社 | Q10: 林芝市巴宜区农业农村局、林芝市巴宜区百巴镇人民政府 | R10: -
A11: 7 | B11: 37 | C11: 2014 | D11: 专项扶贫资金 | E11: 百巴镇 | F11: 百巴镇伍巴村旅游接待点项目 | G11: 百巴镇伍巴村 | H11: 建设占地面积600平米的旅游接待点，其中修建两层自驾游旅馆500㎡。配套水电、围墙、洗车设备。 | I11: 135 | J11: 135 | K11: 0 | L11: 经营类 | M11: 林芝市巴宜区百巴镇折巴村伍巴组股份经济合作社 | N11: 林芝市巴宜区伍巴高原红艺术品加工农牧民专业合作社 | O11: 林芝市巴宜区百巴镇折巴村伍巴组股份经济合作社 | P11: 林芝市巴宜区百巴镇折巴村伍巴组股份经济合作社 | Q11: 林芝市巴宜区农业农村局、林芝市巴宜区百巴镇人民政府 | R11: 巩固
A12: 8 | B12: 38 | C12: 2014 | D12: 专项扶贫资金 | E12: 百巴镇 | F12: 百巴镇扎地村天麻种植项目 | G12: 百巴镇扎地村 | H12: 扶持73户农牧民群众355人，开发7亩土地种植天麻。 | I12: 31 | J12: 31 | K12: 0 | L12: 到户类 | M12: 百巴镇扎地村73户村民 | N12: 百巴镇扎地村73户村民 | O12: 百巴镇扎地村73户村民 | P12: 百巴镇扎地村73户村民 | Q12: 百巴镇扎地村村民委员会 | R12: -
A13: 9 | B13: 55 | C13: 2014 | D13: 专项扶贫资金 | E13: 百巴镇 | F13: 百巴镇伍巴村旅游接待点项目 | G13: 百巴镇伍巴村 | H13: 增加了外墙装饰（整体贴片石），变更了屋顶结构及外观等。工程量及人工费用的增加。 | I13: 16.79 | J13: 16.79 | K13: 0 | L13: 公益类 | M13: 林芝市巴宜区百巴镇折巴村伍巴组股份经济合作社 | N13: 林芝市巴宜区伍巴高原红艺术品加工农牧民专业合作社 | O13: 林芝市巴宜区百巴镇折巴村伍巴组股份经济合作社 | P13: 林芝市巴宜区伍巴高原红艺术品加工农牧民专业合作社 | Q13: 林芝市巴宜区农业农村局、林芝市巴宜区百巴镇人民政府 | R13: -
A14: 10 | B14: 56 | C14: 2014 | D14: 专项扶贫资金 | E14: 百巴镇 | F14: 百巴镇增巴村莫坝沟复垦地灌溉工程 | G14: 百巴镇增巴村 | H14: 新建灌溉水渠1510米，排水渠1600米，解决新开垦的940亩耕地灌溉和排涝问题。 | I14: 133.06 | J14: 133.06 | K14: 0 | L14: 公益类 | M14: 林芝市巴宜区百巴镇增巴村股份经济合作联合社 | N14: 林芝市巴宜区百巴镇增巴村股份经济合作联合社 | O14: 林芝市巴宜区百巴镇增巴村股份经济合作联合社 | P14: 林芝市巴宜区百巴镇增巴村股份经济合作联合社 | Q14: 林芝市巴宜区农业农村局、林芝市巴宜区百巴镇人民政府 | R14: -
A15: 11 | B15: 66 | C15: 2015 | D15: 专项扶贫资金 | E15: 百巴镇 | F15: 百巴镇、米瑞乡蔬菜大棚建设项目 | G15: 百巴镇拉格村、米瑞乡吉定村 | H15: 拉格村新建8米×40米的单拱钢管塑料大棚26座，为满足种植过程中作物对灌溉的需求，配套相应灌溉设施；吉定村新建8米×20米的单拱钢管塑料大棚32座。 | I15: 226 | J15: 226 | K15: 0 | L15: 经营类 | M15: 林芝市巴宜区百巴镇拉格村股份经济合作联合社、米瑞乡吉定村32户村民 | N15: 林芝市巴宜区百巴镇拉格村股份经济合作联合社、米瑞乡吉定村32户村民 | O15: 林芝市巴宜区百巴镇拉格村股份经济合作联合社、米瑞乡吉定村32户村民 | P15: 林芝市巴宜区百巴镇拉格村股份经济合作联合社、米瑞乡吉定村32户村民 | Q15: 林芝市巴宜区农业农村局、林芝市巴宜区百巴镇人民政府、林芝市巴宜区米瑞乡人民政府 | R15: 盘活
A16: 12 | B16: 85 | C16: 2015 | D16: 专项扶贫资金 | E16: 百巴镇 | F16: 百巴镇连别村精准扶贫项目 | G16: 百巴镇连别村 | H16: 修建砖砌围墙4105米，建8米×40米钢架大棚8栋 | I16: 155 | J16: 155 | K16: 0 | L16: 到户类 | M16: 百巴镇连别村8户村民 | N16: 百巴镇连别村8户村民 | O16: 百巴镇连别村8户村民 | P16: 百巴镇连别村8户村民 | Q16: 百巴镇连别村村民委员会 | R16: -
... A23: 19 | B23: 127 | C23: 2016 | D23: 统筹整合涉农资金 | E23: 百巴镇 | F23: 百巴镇灵芝种植项目 | G23: 百巴镇连别村 | H23: 4座温室种植灵芝需要购买8000袋菌包。 | I23: 14.8 | J23: 14.8 | K23: 0 | L23: 经营类 | M23: 林芝市巴宜区百巴镇连别村股份经济合作联合社 | N23: 林芝市巴宜区百巴镇连别村股份经济合作联合社 | O23: 林芝市巴宜区百巴镇连别村股份经济合作联合社 | P23: 林芝市巴宜区百巴镇连别村股份经济合作联合社 | Q23: 林芝市巴宜区农业农村局、林芝市巴宜区百巴镇人民政府 | R23: 调整
A24: 20 | B24: 146 | C24: 2017 | D24: 统筹整合涉农资金 | E24: 百巴镇 | F24: 巴宜区百巴镇银丰生态养殖场建设项目 | G24: 百巴镇堆龙村 | H24: 一期主要建设种猪繁育中心、扩繁场、两个散养区；二期建设育肥中心、检疫、检测中心；三期扩大规模4至6个散养场。 | I24: 400 | J24: 400 | K24: 0 | L24: 经营类 | M24: 林芝市巴宜区百巴镇扎地村堆龙组股份经济合作社 | N24: 林芝市巴宜区银丰农牧科技有限公司 | O24: 林芝市巴宜区百巴镇扎地村堆龙组股份经济合作社 | P24: 林芝市巴宜区百巴镇扎地村堆龙组股份经济合作社 | Q24: 林芝市巴宜区农业农村局、林芝市巴宜区百巴镇人民政府 | R24: 巩固 | S24: 银丰农业
A25: 21 | B25: 148 | C25: 2017 | D25: 统筹整合涉农资金 | E25: 百巴镇 | F25: 百巴镇强嘎村波棱瓜种植项目 | G25: 百巴镇强嘎村 | H25: 种植面积22亩。种子40斤（需资金40斤*140元/斤=5600元），围栏铁丝825米、柱子120根（需资金12540元），黑塑料膜（需资金666平方米/亩*22亩*3元/平方米=43956元），化肥（需资金30斤/亩*22亩*1.28元/斤=884.8元），细铁丝（需资金1000元），竹竿子（需资金200根/亩*22亩*3元/根=22000元），人工费（需资金15天*10人*100元/人=15000元） | I25: 9.6 | J25: 9.6 | K25: 0 | L25: 到户类 | M25: 百巴镇强嘎村7户村民 | N25: 百巴镇强嘎村7户村民 | O25: 百巴镇强嘎村7户村民 | P25: 百巴镇强嘎村7户村民 | Q25: 百巴镇强嘎村村民委员会 | R25: -
A26: 22 | B26: 160 | C26: 2017 | D26: 统筹整合涉农资金 | E26: 百巴镇 | F26: 百巴镇章巴村生态园林建设项目 | G26: 百巴镇章巴村 | H26: 百巴镇章巴村生态园林果树等其他设施。 | I26: 120 | J26: 120 | K26: 0 | L26: 经营类 | M26: 林芝市巴宜区百巴镇章巴村股份经济合作联合社 | N26: 林芝市巴宜区百巴镇章巴村股份经济合作联合社 | O26: 林芝市巴宜区百巴镇章巴村股份经济合作联合社 | P26: 林芝市巴宜区百巴镇章巴村股份经济合作联合社 | Q26: 林芝市巴宜区农业农村局、林芝市巴宜区百巴镇人民政府 | R26: 巩固
A27: 23 | B27: 161 | C27: 2017 | D27: 统筹整合涉农资金 | E27: 百巴镇 | F27: 百巴镇强嘎村犏奶牛养殖项目 | G27: 百巴镇强嘎村 | H27: 犏奶牛养殖项目，新建牛舍300平方米（牛舍顶部使用树脂瓦）平整院子200平方米，网围栏500米，犏奶牛30头（1年生长期犏奶牛）、购置送牛奶车子1台。 | I27: 35 | J27: 35 | K27: 0 | L27: 经营类 | M27: 林芝市巴宜区百巴镇强嘎村股份经济合作联合社 | N27: 西藏合胜生态农牧科技有限公司 | O27: 林芝市巴宜区百巴镇强嘎村股份经济合作联合社 | P27: 林芝市巴宜区百巴镇强嘎村股份经济合作联合社 | Q27: 林芝市巴宜区农业农村局、林芝市巴宜区百巴镇人民政府 | R27: 巩固
A28: 24 | B28: 184 | C28: 2018 | D28: 统筹整合涉农资金 | E28: 百巴镇 | F28: 银丰农牧堆龙村有机肥厂配套建设项目 | G28: 百巴镇扎地村 | H28: 建设占地约15亩的有机肥厂一座，年产有机肥5万至8万吨，配套相关设施设备 | I28: 1760 | J28: 1760 | K28: 0 | L28: 经营类 | M28: 林芝市巴宜区创投城市运营管理有限公司 | N28: 林芝市巴宜区银丰农牧科技有限公司 | O28: 林芝市巴宜区创投城市运营管理有限公司 | P28: 林芝市巴宜区创投城市运营管理有限公司 | Q28: 林芝市巴宜区国资委、林芝市巴宜区百巴镇人民政府 | R28: 巩固
A29: 25 | B29: 187 | C29: 2018 | D29: 统筹整合涉农资金 | E29: 百巴镇 | F29: 巴宜区百巴镇百亚吉林藏家乐扩建项目 | G29: 百巴镇人民政府 | H29: 修缮茶馆射箭场120平方米，可容纳22人射箭、若干人观看，扩建藏餐馆、射箭场面积280平方米，可容纳200多人就餐、饮茶。 | I29: 24 | J29: 24 | K29: 0 | L29: 经营类 | M29: 林芝市巴宜区百巴镇百巴村股份经济合作联合社 | N29: 林芝市巴宜区百巴镇百巴村股份经济合作联合社 | O29: 林芝市巴宜区百巴镇百巴村股份经济合作联合社 | P29: 林芝市巴宜区百巴镇百巴村股份经济合作联合社 | Q29: 林芝市巴宜区农业农村局、林芝市巴宜区百巴镇人民政府 | R29: 调整
A30: 26 | B30: 192 | C30: 2018 | D30: 统筹整合涉农资金 | E30: 百巴镇 | F30: 折巴村（伍巴自然村）苗圃基地建设项目 | G30: 百巴镇折巴村 | H30: 建设苗木基地300亩，配套基础设施，引进花卉苗木。 | I30: 599.55 | J30: 599.55 | K30: 0 | L30: 经营类 | M30: 林芝市巴宜区百巴镇折巴村伍巴组股份经济合作社 | N30: 林芝市宏鑫农业发展有限公司 | O30: 林芝市巴宜区百巴镇折巴村伍巴组股份经济合作社 | P30: 林芝市巴宜区百巴镇折巴村伍巴组股份经济合作社 | Q30: 林芝市巴宜区农业农村局、林芝市巴宜区百巴镇人民政府 | R30: 盘活
A31: 27 | B31: 204 | C31: 2018 | D31: 统筹整合涉农资金 | E31: 百巴镇 | F31: 百巴镇色贡村拉姆洗车场扩建项目 | G31: 百巴镇色贡村 | H31: 1、洗车场地扩建、路面硬化、修建排水渠； 2、购买洗车设备 | I31: 5 | J31: 5 | K31: 0 | L31: 到户类 | M31: 百巴镇色贡村1户村民 | N31: 百巴镇色贡村1户村民 | O31: 百巴镇色贡村1户村民 | P31: 百巴镇色贡村1户村民 | Q31: 百巴镇色贡村村民委员会 | R31: -
A32: 28 | B32: 206 | C32: 2018 | D32: 统筹整合涉农资金 | E32: 百巴镇 | F32: 百巴镇色贡村商店建设项目 | G32: 百巴镇色贡村 | H32: 1、在小集镇上为仓决、格松卓嘎家租赁2间商铺及装修；2、为色贡自然村嘎仁家修建30平方米的商店一个。3、购买3家的货架、商品等 | I32: 15 | J32: 15 | K32: 0 | L32: 到户类 | M32: 百巴镇色贡村3户村民 | N32: 百巴镇色贡村3户村民 | O32: 百巴镇色贡村3户村民 | P32: 百巴镇色贡村3户村民 | Q32: 百巴镇色贡村村民委员会 | R32: -
A33: 29 | B33: 211 | C33: 2018 | D33: 统筹整合涉农资金 | E33: 百巴镇 | F33: 拉格村藏香猪养殖项目 | G33: 百巴镇拉格村仲尼组 | H33: 购买猪苗350头，铁丝网围栏2500米 | I33: 50 | J33: 50 | K33: 0 | L33: 经营类 | M33: 林芝市巴宜区百巴镇拉格村股份经济合作联合社 | N33: 林芝市巴宜区百巴镇拉格村工布纳聚藏猪养殖农牧民专业合作社 | O33: 林芝市巴宜区百巴镇拉格村股份经济合作联合社 | P33: 林芝市巴宜区百巴镇拉格村股份经济合作联合社 | Q33: 林芝市巴宜区农业农村局、林芝市巴宜区百巴镇人民政府 | R33: 巩固
A34: 30 | B34: 219-1 | C34: 2018 | D34: 统筹整合涉农资金 | E34: 百巴镇 | F34: 三岩搬迁项目巴宜区百巴镇集中安置点苗木基地 | G34: 巴宜区百巴镇集中安置点 | H34: 巴宜区百巴镇集中安置点：300万用于修建130亩苗木基地，苗木培育，并配套完善相关灌溉设施，土地整治。 | I34: 299.68 | J34: 299.68 | K34: 0 | L34: 经营类 | M34: 林芝市巴宜区百巴镇强嘎村股份经济合作联合社 | N34: 林芝市宏鑫农业发展有限公司 | O34: 林芝市巴宜区百巴镇强嘎村股份经济合作联合社 | P34: 林芝市巴宜区百巴镇强嘎村股份经济合作联合社 | Q34: 林芝市巴宜区农业农村局、林芝市巴宜区百巴镇人民政府 | R34: 升级
A35: 31 | B35: 219-2 | C35: 2018 | D35: 统筹整合涉农资金 | E35: 百巴镇 | F35: 三岩搬迁项目巴宜区百巴镇集中安置点藏猪繁育基地 | G35: 巴宜区百巴镇集中安置点 | H35: 巴宜区百巴镇集中安置点：600万用于新建折巴村藏猪养殖繁育基地一座，猪圈8栋、饲养1000头藏香猪，配套附属设施。 | I35: 594.09 | J35: 594.09 | K35: 0 | L35: 经营类 | M35: 林芝市巴宜区百巴镇强嘎村股份经济合作联合社 | N35: 林芝鸿泰农牧有限公司 | O35: 林芝市巴宜区百巴镇强嘎村股份经济合作联合社 | P35: 林芝市巴宜区百巴镇强嘎村股份经济合作联合社 | Q35: 林芝市巴宜区农业农村局、林芝市巴宜区百巴镇人民政府 | R35: 巩固
A36: 32 | B36: 225 | C36: 2019 | D36: 统筹整合涉农资金 | E36: 百巴镇 | F36: 巴宜区百巴镇强嘎村索果自然村玉米种植项目 | G36: 百巴镇强嘎村索果自然村 | H36: 种植玉米500亩，包括购买玉米种子、肥料地膜，播种机等配套设备； | I36: 26.65 | J36: 26.65 | K36: 0 | L36: 公益类 | M36: 百巴镇强嘎村40户村民 | N36: 百巴镇强嘎村40户村民 | O36: 百巴镇强嘎村40户村民 | P36: 百巴镇强嘎村40户村民 | Q36: 林芝市巴宜区农业农村局、林芝市巴宜区百巴镇人民政府 | R36: -
A37: 33 | B37: 229 | C37: 2019 | D37: 统筹整合涉农资金 | E37: 百巴镇 | F37: 百巴镇开朗村奶牛养殖项目 | G37: 百巴镇开朗村 | H37: 购置相关饲草料及相关配套设施 | I37: 41.02 | J37: 41.02 | K37: 0 | L37: 到户类 | M37: 百巴镇开朗村75户村民 | N37: 百巴镇开朗村75户村民 | O37: 百巴镇开朗村75户村民 | P37: 百巴镇开朗村75户村民 | Q37: 百巴镇开朗村村民委员会 | R37: -
A38: 34 | B38: 237 | C38: 2020 | D38: 统筹整合涉农资金 | E38: 百巴镇 | F38: 百巴镇增巴村果树种植项目 | G38: 百巴镇增巴村 | H38: 扩建种植100亩，品种改良300亩。 | I38: 127.07 | J38: 127.07 | K38: 0 | L38: 经营类 | M38: 林芝市巴宜区百巴镇增巴村股份经济合作联合社 | N38: 百巴镇增巴村阿玛嘛杰合作社 | O38: 林芝市巴宜区百巴镇增巴村股份经济合作联合社 | P38: 林芝市巴宜区百巴镇增巴村股份经济合作联合社 | Q38: 林芝市巴宜区农业农村局、林芝市巴宜区百巴镇人民政府 | R38: 调整
A39: 35 | B39: 242 | C39: 2020 | D39: 统筹整合涉农资金 | E39: 百巴镇 | F39: 百巴镇强嘎村奶牛养殖项目 | G39: 百巴镇强嘎村 | H39: 采购娟姗奶牛20头。 | I39: 19.15 | J39: 19.15 | K39: 0 | L39: 到户类 | M39: 百巴镇强嘎村20户村民 | N39: 百巴镇强嘎村20户村民 | O39: 百巴镇强嘎村20户村民 | P39: 百巴镇强嘎村20户村民 | Q39: 百巴镇强嘎村村民委员会 | R39: -
A40: 36 | B40: 244 | C40: 2020 | D40: 统筹整合涉农资金 | E40: 百巴镇 | F40: 水果产业提质增效项目 | G40: 百巴镇大坝村、百巴镇扎地村、八一镇唐地村、布久乡嘎玛村、米瑞乡色果拉村、更章乡门仲村 | H40: 标准化建设1600余亩水果基地，包括水肥一体化，土壤改良增肥，完善配套设施等，项目完成后，预计三年后挂果，。 | I40: 899.85 | J40: 899.85 | K40: 0 | L40: 公益类 | M40: 百巴镇扎地村：林芝市巴宜区百巴镇扎地村扎地组股份经济合作社，百巴镇大坝村：林芝市巴宜区百巴镇大坝村经济联合社，布久乡嘎玛村40户村民，米瑞乡色果拉村：林芝市巴宜区米瑞乡色果拉村祥和种植养殖农牧民合作社，八一镇唐地村：72户村民，更章乡门仲村：林芝市巴宜区更章门巴民族乡门仲村股份经济合作联合社 | N40: 百巴镇扎地村：西藏新纳宗巴苗木种植有限公司，百巴镇大坝村：烟台大山果业开发有限公司巴宜区分公司，布久乡嘎玛村40户村民，米瑞乡色果拉村：林芝市巴宜区米瑞乡色果拉村祥和种植养殖农牧民合作社，八一镇唐地村72户村民，更章乡门仲村：西藏荣源生态农业科技发展有限公司 | O40: 百巴镇扎地村：林芝市巴宜区百巴镇扎地村扎地组股份经济合作社，百巴镇大坝村：林芝市巴宜区百巴镇大坝村经济联合社，布久乡嘎玛村40户村民，米瑞乡色果拉村：林芝市巴宜区米瑞乡色果拉村祥和种植养殖农牧民合作社，八一镇唐地村：72户村民，更章乡门仲村：林芝市巴宜区更章门巴民族乡门仲村股份经济合作联合社 | P40: 百巴镇扎地村：林芝市巴宜区百巴镇扎地村扎地组股份经济合作社，百巴镇大坝村：林芝市巴宜区百巴镇大坝村经济联合社，布久乡嘎玛村40户村民，米瑞乡色果拉村：林芝市巴宜区米瑞乡色果拉村祥和种植养殖农牧民合作社，八一镇唐地村：72户村民，更章乡门仲村：林芝市巴宜区更章门巴民族乡门仲村股份经济合作联合社 | Q40: 林芝市巴宜区农业农村局、林芝市巴宜区百巴镇人民政府、林芝市巴宜区八一镇人民政府、林芝市巴宜区更章乡人民政府、林芝市巴宜区米瑞乡人民政府
A41: 37 | B41: 247 | C41: 2020 | D41: 统筹整合涉农资金 | E41: 百巴镇 | F41: 水果产业提质增效项目（二期） | G41: 百巴镇增巴村、八一镇加乃村、八一镇巴吉村、布久乡嘎玛村、百巴镇嘎吉村、米瑞乡朗乃村、林芝镇娘欧村 | H41: 标准化建设1994亩水果基地，包括水肥一体化，土壤改良增肥，完善配套设施等。 | I41: 1099.36 | J41: 1099.36 | K41: 0 | L41: 公益类 | M41: 百巴镇嘎吉村：林芝市巴宜区百巴镇嘎吉村专合社，百巴镇增巴村：林芝市巴宜区百巴镇增巴村股份经济合作联合社，布久乡嘎玛村：林芝市巴宜区布久乡嘎玛村则拉岗组股份经济合作社，林芝镇娘欧村22户村民，林芝市巴宜区米瑞乡朗乃村股份经济合作联合社，八一镇巴吉村：林芝市巴宜区八一镇巴吉村玉米组股份经济合作社，林芝市巴宜区八一镇加乃村股份经济合作联合社 | N41: 百巴镇嘎吉村：烟台大山果业开发有限公司巴宜区分公司，百巴镇增巴村：烟台大山果业开发有限公司巴宜区分公司，布久乡嘎玛村：林芝市巴宜区布久乡嘎玛村则拉岗组股份经济合作社，林芝镇娘欧村22户村民，林芝市巴宜区米瑞乡朗乃村股份经济合作联合社，八一镇巴吉村：西藏罗汉松生态农业科技发展有限责任公司，林芝市巴宜区八一镇加乃村股份经济合作联合社 | O41: 百巴镇嘎吉村：林芝市巴宜区百巴镇嘎吉村专合社，百巴镇增巴村：林芝市巴宜区百巴镇增巴村股份经济合作联合社，布久乡嘎玛村：林芝市巴宜区布久乡嘎玛村则拉岗组股份经济合作社，林芝镇娘欧村22户村民，林芝市巴宜区米瑞乡朗乃村股份经济合作联合社，八一镇巴吉村：林芝市巴宜区八一镇巴吉村玉米组股份经济合作社，林芝市巴宜区八一镇加乃村股份经济合作联合社 | P41: 百巴镇嘎吉村：林芝市巴宜区百巴镇嘎吉村专合社，百巴镇增巴村：林芝市巴宜区百巴镇增巴村股份经济合作联合社，布久乡嘎玛村：林芝市巴宜区布久乡嘎玛村则拉岗组股份经济合作社，林芝镇娘欧村22户村民，林芝市巴宜区米瑞乡朗乃村股份经济合作联合社，八一镇巴吉村：林芝市巴宜区八一镇巴吉村玉米组股份经济合作社，林芝市巴宜区八一镇加乃村股份经济合作联合社 | Q41: 林芝市巴宜区农业农村局、林芝市巴宜区百巴镇人民政府、林芝市巴宜区八一镇人民政府、林芝市巴宜区林芝镇人民政府、林芝市巴宜区米瑞乡人民政府
A42: 38 | B42: 251 | C42: 2020 | D42: 统筹整合涉农资金 | E42: 百巴镇 | F42: 百巴镇嘎吉村搬迁群众到户犏奶牛项目 | G42: 百巴镇嘎吉村 | H42: 按照户均35平方米的标准修建牛舍87个，购买犏奶牛176头。 | I42: 307.12 | J42: 307.12 | K42: 0 | L42: 到户类 | M42: 百巴镇嘎吉村88户村民 | N42: 百巴镇嘎吉村88户村民 | O42: 百巴镇嘎吉村88户村民 | P42: 百巴镇嘎吉村88户村民 | Q42: 百巴镇嘎吉村村民委员会 | R42: -
A43: 39 | B43: 258 | C43: 2020 | D43: 统筹整合涉农资金 | E43: 百巴镇 | F43: 百巴镇嘎吉村养殖项目 | G43: 百巴镇嘎吉村 | H43: 购买犏奶牛176头。 | I43: 130.16 | J43: 130.16 | K43: 0 | L43: 到户类 | M43: 百巴镇嘎吉村88户村民 | N43: 百巴镇嘎吉村88户村民 | O43: 百巴镇嘎吉村88户村民 | P43: 百巴镇嘎吉村88户村民 | Q43: 百巴镇嘎吉村村民委员会 | R43: -
A44: 40 | B44: 259 | C44: 2020 | D44: 统筹整合涉农资金 | E44: 百巴镇 | F44: 巴宜区三岩搬迁点配套产业项目 | G44: 八一镇加乃村安置点、更章乡娘萨村安置点、百巴镇嘎吉村安置点 | H44: 1.加乃村购买犏奶牛60头及配套开垦30亩饲草种植项目。 2.加乃村种植270亩优质青稞并配套购买相关种植收割农业机械。 3.娘萨村购买犏奶牛70头及维修30公里长、宽1.5米的牧道。 4.嘎吉村种植600亩优质青稞并配套购买相关种植收割农业机械。 | I44: 249.68 | J44: 249.68 | K44: 0 | L44: 到户类 | M44: 百巴镇嘎吉村68户村民，更章乡娘萨村16户村民，八一镇犏奶牛：八一镇加乃村15户村民，八一镇青稞：林芝市巴宜区八一镇加乃村股份经济合作联合社 | N44: 百巴镇嘎吉村68户村民，更章乡娘萨村16户村民，八一镇犏奶牛：八一镇加乃村15户村民，八一镇青稞：西藏荣源生态农业科技发展有限公司 | O44: 百巴镇嘎吉村68户村民，更章乡娘萨村16户村民，八一镇犏奶牛：八一镇加乃村15户村民，八一镇青稞：林芝市巴宜区八一镇加乃村股份经济合作联合社 | P44: 百巴镇嘎吉村68户村民，更章乡娘萨村16户村民，八一镇犏奶牛：八一镇加乃村15户村民，八一镇青稞：林芝市巴宜区八一镇加乃村股份经济合作联合社 | Q44: （八一镇加乃村、更章乡娘萨村、百巴镇嘎吉村）村民委员会 | R44: -
A45: 41 | B45: 260 | C45: 2020 | D45: 统筹整合涉农资金 | E45: 百巴镇 | F45: 巴宜区三岩搬迁点文旅项目 | G45: 百巴镇小集镇、鲁朗镇 | H45: 1.百巴镇修建300平方旅游配套设施。 2.修建200平方旅游配套设施。 | I45: 453.06 | J45: 453.06 | K45: 0 | L45: 经营类 | M45: 林芝市巴宜区鲁朗镇明吉村专合社、林芝市巴宜区百巴镇嘎吉专合社 | N45: 林芝市巴宜区鲁朗镇明吉村专合社、林芝市巴宜区百巴镇嘎吉专合社 | O45: 林芝市巴宜区鲁朗镇明吉村专合社、林芝市巴宜区百巴镇嘎吉专合社 | P45: 林芝市巴宜区鲁朗镇明吉村专合社、林芝市巴宜区百巴镇嘎吉专合社 | Q45: 林芝市巴宜区农业农村局、林芝市巴宜区鲁朗镇人民政府、林芝市巴宜区百巴镇人民政府 | R45: 巩固
A46: 42 | B46: 294 | C46: 2021 | D46: 财政衔接推进乡村振兴 | E46: 百巴镇 | F46: 巴宜区百巴镇章巴沟藏猪养殖项目 | G46: 百巴镇章巴村 | H46: 建设现代化藏猪养殖基地占地面积约85亩，包括猪舍建筑面积约20亩、消毒防疫设施、养殖设备、藏猪（能繁母猪、猪仔）购置等，并配套相关附属 | I46: 2999.98 | J46: 2999.98 | K46: 0 | L46: 经营类 | M46: 林芝市巴宜区百巴镇章巴村股份经济合作联合社 | N46: 林芝市巴宜区百巴镇章巴村股份经济合作联合社 | O46: 林芝市巴宜区百巴镇章巴村股份经济合作联合社 | P46: 林芝市巴宜区百巴镇章巴村股份经济合作联合社 | Q46: 林芝市巴宜区农业农村局、林芝市巴宜区百巴镇人民政府 | R46: 盘活
A47: 43 | B47: 296 | C47: 2021 | D47: 财政衔接推进乡村振兴 | E47: 百巴镇 | F47: 百巴镇强嘎村生态养鸡场扩建项目 | G47: 百巴镇强嘎村 | H47: 新建4栋鸡舍2,476.00平方米，综合楼164.22平方米，仓库203.01平方米，病死处理间18.87平方米及附属等建设内容。 | I47: 299.64 | J47: 299.64 | K47: 0 | L47: 经营类 | M47: 林芝市巴宜区百巴镇强嘎村股份经济合作联合社 | N47: 西藏闽豪农业发展有限公司 | O47: 林芝市巴宜区百巴镇强嘎村股份经济合作联合社 | P47: 林芝市巴宜区百巴镇强嘎村股份经济合作联合社 | Q47: 林芝市巴宜区农业农村局、林芝市巴宜区百巴镇人民政府 | R47: 巩固
A48: 44 | B48: 297 | C48: 2021 | D48: 财政衔接推进乡村振兴 | E48: 百巴镇 | F48: 到户犏奶牛养殖项目 | G48: 百巴镇嘎吉村 | H48: 扶持百巴镇嘎吉村搬迁群众发展犏奶牛养殖，购置4-5岁犏奶牛235.00头，购置2-3岁犏奶牛2-3岁犏奶牛68头 | I48: 233.96 | J48: 233.96 | K48: 0 | L48: 到户类 | M48: 百巴镇嘎吉村88户村民 | N48: 百巴镇嘎吉村88户村民 | O48: 百巴镇嘎吉村88户村民 | P48: 百巴镇嘎吉村88户村民 | Q48: 百巴镇嘎吉村村民委员会 | R48: -
A49: 45 | B49: 311 | C49: 2021 | D49: 财政衔接推进乡村振兴 | E49: 百巴镇 | F49: 西藏高原苹果苗木繁育基地项目 | G49: 百巴镇增巴村 | H49: 修建苹果苗木组织培养室400平方，泵房60平方，采会圃20亩，多品种示范园20亩，温室大棚1152平方米及相关配套设施。 | I49: 1999.82 | J49: 1999.82 | K49: 0 | L49: 经营类 | M49: 林芝市巴宜区百巴镇增巴村股份经济合作联合社 | N49: 烟台大山果业开发有限公司巴宜区分公司 | O49: 林芝市巴宜区百巴镇增巴村股份经济合作联合社 | P49: 林芝市巴宜区百巴镇增巴村股份经济合作联合社 | Q49: 林芝市巴宜区农业农村局、林芝市巴宜区百巴镇人民政府 | R49: 巩固 | S49: 私人企业
A50: 46 | B50: 315 | C50: 2021 | D50: 财政衔接推进乡村振兴 | E50: 百巴镇 | F50: 百巴镇嘎吉村排水沟建设项目 | G50: 百巴镇嘎吉村 | H50: 建设规模及工程内容为新建排水沟1,034.00米，挡墙40米等附属工程。 | I50: 244.18 | J50: 244.18 | K50: 0 | L50: 公益类 | M50: 林芝市巴宜区百巴镇嘎吉村专合社 | N50: 林芝市巴宜区百巴镇嘎吉村专合社 | O50: 林芝市巴宜区百巴镇嘎吉村专合社 | P50: 林芝市巴宜区百巴镇嘎吉村专合社 | Q50: 林芝市巴宜区农业农村局、林芝市巴宜区百巴镇人民政府 | R50: -
A51: 47 | B51: 324 | C51: 2022 | D51: 财政衔接推进乡村振兴 | E51: 百巴镇 | F51: 巴宜区苹果提质增效改造项目 | G51: 百巴镇大坝村 百巴镇增巴村 | H51: 1000亩苹果基地进行品种改良8万株，土地增肥（采购复合肥、水溶肥等肥料200吨），配套水肥一体化设备。 | I51: 1799.997 | J51: 1799.997 | K51: 0 | L51: 经营类 | M51: 林芝萨亟布有限公司 | N51: 林芝萨亟布有限公司 | O51: 林芝萨亟布有限公司 | P51: 林芝萨亟布有限公司 | Q51: 林芝市巴宜区农业农村局、林芝市巴宜区百巴镇人民政府 | R51: 巩固
A52: 48 | B52: 325 | C52: 2022 | D52: 财政衔接推进乡村振兴 | E52: 百巴镇 | F52: 高原特色种植项目 | G52: 米瑞乡米瑞村、通麦村、色果拉村，百巴镇大坝村，更章乡更章村，八一镇加乃村 | H52: 增加保温棉被、卷棉机，及配套水肥一体设施等，对原有大棚提升改造186018平方米。 | I52: 1534.9 | J52: 1534.9 | K52: 0 | L52: 公益类 | M52: 林芝镇大坝村：林芝市巴宜区百巴镇大坝村经济联合社，更章乡更章村：林芝市巴宜区更章门巴民族乡更章村股份经济合作联合社，米瑞乡通麦村：林芝市巴宜区米瑞乡通麦村股份经济合作联合社，米瑞乡色果拉村：林芝市巴宜区米瑞乡色果拉村股份经济合作联合社，八一镇加乃村：林芝市巴宜区米瑞乡色果拉村股份经济合作联合社 | N52: 林芝市巴宜区百巴镇大坝村经济联合社，更章乡更章村：兵杰田园有限公司，米瑞乡通麦村：林芝盛世农业科技有限公司，米瑞乡色果拉村：赵海龙，八一镇加乃村：西藏汇莱农业科技有限公司 | O52: 林芝镇大坝村：林芝市巴宜区百巴镇大坝村经济联合社，更章乡更章村：林芝市巴宜区更章门巴民族乡更章村股份经济合作联合社，米瑞乡通麦村：林芝市巴宜区米瑞乡通麦村股份经济合作联合社，米瑞乡色果拉村：林芝市巴宜区米瑞乡色果拉村股份经济合作联合社，八一镇加乃村：林芝市巴宜区米瑞乡色果拉村股份经济合作联合社 | P52: 林芝镇大坝村：林芝市巴宜区百巴镇大坝村经济联合社，更章乡更章村：林芝市巴宜区更章门巴民族乡更章村股份经济合作联合社，米瑞乡通麦村：林芝市巴宜区米瑞乡通麦村股份经济合作联合社，米瑞乡色果拉村：林芝市巴宜区米瑞乡色果拉村股份经济合作联合社，八一镇加乃村：林芝市巴宜区米瑞乡色果拉村股份经济合作联合社 | Q52: 林芝市巴宜区农业农村局、林芝市巴宜区百巴镇人民政府、林芝市巴宜区八一镇人民政府、林芝市巴宜区更章乡人民政府、林芝市巴宜区米瑞乡人民政府 | R52: -
A53: 49 | B53: 350 | C53: 2023 | D53: 财政衔接推进乡村振兴 | E53: 百巴镇 | F53: 拉格村藏猪养殖项目 | G53: 百巴镇拉格村 | H53: 采购能繁母猪（8个月龄后备母藏猪40斤以上）300头，种公猪（8个月以上）10头，饲料和网围栏以及立柱等 | I53: 371.94679 | J53: 371.94679 | K53: 0 | L53: 经营类 | M53: 林芝市巴宜区百巴镇拉格村股份经济合作联合社 | N53: 林芝市巴宜区百巴镇拉格村工布纳聚藏猪养殖农牧民专业合作社 | O53: 林芝市巴宜区百巴镇拉格村股份经济合作联合社 | P53: 林芝市巴宜区百巴镇拉格村股份经济合作联合社 | Q53: 林芝市巴宜区农业农村局、林芝市巴宜区百巴镇人民政府 | R53: 巩固
A54: 50 | B54: 354 | C54: 2023 | D54: 财政衔接推进乡村振兴 | E54: 百巴镇 | F54: 开朗村犏奶牛养殖项目 | G54: 百巴镇开朗村 | H54: 采购犏奶牛（4-5岁）120头，苜蓿草（二级）94吨，粉料100吨等 | I54: 199 | J54: 199 | K54: 0 | L54: 到户类 | M54: 百巴镇开朗村77户村民 | N54: 百巴镇开朗村77户村民 | O54: 百巴镇开朗村77户村民 | P54: 百巴镇开朗村77户村民 | Q54: 百巴镇开朗村村民委员会 | R54: -
A55: 51 | B55: 357 | C55: 2023 | D55: 财政衔接推进乡村振兴 | E55: 百巴镇 | F55: 百巴镇育肥牛基地改扩建项目 | G55: 百巴镇大坝村 | H55: 新建管理用房195.52平方米，门卫室53.32平方米，兽医室、消毒室35.36平方米，饲料库、精料间1299.22平方米，干粪晾晒棚396.48平方米，1＃牛棚2611.64平方米，2＃牛棚2611.64平方米，附属工程1.00项及设备购置等建设内容 | I55: 1799.53 | J55: 1799.53 | K55: 0 | L55: 经营类 | M55: 林芝市巴宜区百巴镇大坝村经济联合社 | N55: 西藏润森农牧科技发展有限公司 | O55: 林芝市巴宜区百巴镇大坝村经济联合社 | P55: 林芝市巴宜区百巴镇大坝村经济联合社 | Q55: 林芝市巴宜区农业农村局、林芝市巴宜区百巴镇人民政府 | R55: 升级
A56: 52 | B56: 358 | C56: 2023 | D56: 财政衔接推进乡村振兴 | E56: 百巴镇 | F56: 巴宜区百巴镇百巴村乡村旅游户外设施建设项目 | G56: 百巴镇百巴村 | H56: 1、漂流物资采购，水上救援物资设备采购；2、攀岩设备采购、攀岩个人保护装备采购、救援人员物资设备采购；3、飞拉达设备采购、丛林探险（树上、索桥等设备）；4、徒步设备采购；5、骑行设备采购；6、骑马设备物资采购等。 | I56: 1784.571 | J56: 1784.571 | K56: 0 | L56: 经营类 | M56: 林芝萨亟布有限公司 | N56: 松赞绿谷旅游服务有限公司他们运营 | O56: 林芝萨亟布有限公司 | P56: 林芝萨亟布有限公司 | Q56: 林芝市巴宜区农业农村局、林芝市巴宜区百巴镇人民政府 | R56: 巩固
A57: 53 | B57: 360 | C57: 2023 | D57: 财政衔接推进乡村振兴 | E57: 百巴镇 | F57: 嘎吉村养猪场提升改造项目 | G57: 百巴镇嘎吉村 | H57: 本项目主要建设内容为新建道路硬化3594.88㎡、新建排水边沟581.63米、新建网围栏1220米、新建车辆消毒池大门及采购猪仔、饲料等。其中购买小猪崽500头、能繁母猪80头、饲料210吨 | I57: 299.57 | J57: 299.57 | K57: 0 | L57: 经营类 | M57: 林芝市巴宜区百巴镇嘎吉村专合社 | N57: 林芝鸿泰农牧有限公司 | O57: 林芝市巴宜区百巴镇嘎吉村专合社 | P57: 林芝市巴宜区百巴镇嘎吉村专合社 | Q57: 林芝市巴宜区农业农村局、林芝市巴宜区百巴镇人民政府 | R57: 巩固
A58: 54 | B58: 398 | C58: 2016 | D58: 地方政府债券资金 | E58: 百巴镇 | F58: 百巴扶贫商品房项目 | G58: 百巴镇 | H58: 修建商品房611.72平方米，席间出租屋两栋共357.5平方米，公厕一座32.3平方米，洗车棚一座43.2平方米及其他附属工程。 | I58: 342.69 | J58: 342.69 | K58: 0 | L58: 经营类 | M58: 林芝萨亟布有限公司 | N58: 个体户 | O58: 林芝萨亟布有限公司 | P58: 林芝萨亟布有限公司 | Q58: 林芝市巴宜区农业农村局、林芝市巴宜区百巴镇人民政府 | R58: 巩固
A59: 55 | B59: 406 | C59: 2014 | D59: 专项扶贫资金 | E59: 百巴镇 | F59: 百巴镇增巴村莫巴沟撂荒地复垦建设项目 | G59: 百巴镇增巴村 | H59: 撂荒地914亩地，客土量14万立方，网围栏1500米。 | I59: 183 | J59: 183 | K59: 0 | L59: 公益类 | M59: 林芝市巴宜区百巴镇增巴村股份经济合作联合社 | N59: 林芝市巴宜区百巴镇增巴村股份经济合作联合社 | O59: 林芝市巴宜区百巴镇增巴村股份经济合作联合社 | P59: 林芝市巴宜区百巴镇增巴村股份经济合作联合社 | Q59: 林芝市巴宜区农业农村局、林芝市巴宜区百巴镇人民政府 | R59: -
A60: 56 | B60: 424 | C60: 2017 | D60: 统筹整合涉农资金 | E60: 百巴镇 | F60: 林芝市巴宜区“三岩”片区易地扶贫搬迁点百巴镇耕地开垦建设项目 | G60: 百巴镇嘎吉村 | H60: 折巴村土地整治701743.81㎡，伍巴村土地整治223820㎡等建设内容（耕地实际属于嘎吉村） | I60: 500 | J60: 500 | K60: 0 | L60: 公益类 | M60: 林芝市巴宜区百巴镇嘎吉村专合社 | N60: 林芝市巴宜区百巴镇嘎吉村专合社 | O60: 林芝市巴宜区百巴镇嘎吉村专合社 | P60: 林芝市巴宜区百巴镇嘎吉村专合社 | Q60: 林芝市巴宜区农业农村局、林芝市巴宜区百巴镇人民政府 | R60: -
A61: 57 | B61: 452 | C61: 2023 | D61: 财政衔接推进乡村振兴 | E61: 百巴镇 | F61: 巴宜区藏猪育肥项目 | G61: 百巴镇真巴村 | H61: 采购饲料等 | I61: 429.52 | J61: 429.52 | K61: 0 | L61: 公益类 | M61: 林芝萨亟布有限公司 | N61: 林芝萨亟布有限公司 | O61: 林芝萨亟布有限公司 | P61: 林芝萨亟布有限公司 | Q61: 林芝市巴宜区农业农村局、林芝市巴宜区百巴镇人民政府
A62: 58 | B62: 469 | C62: 2022 | D62: 财政衔接推进乡村振兴 | E62: 百巴镇 | F62: 百巴镇开朗村综合服务站建设项目 | G62: 百巴镇开朗村 | H62: 修建农机具、汽车等综合服务站100平米及购买相关设备 | I62: 31.36 | J62: 31.36 | K62: 0 | L62: 公益类 | M62: 林芝市巴宜区百巴镇开朗村股份经济合作联合社 | N62: 个体户 | O62: 林芝市巴宜区百巴镇开朗村股份经济合作联合社 | P62: 林芝市巴宜区百巴镇开朗村股份经济合作联合社 | Q62: 林芝市巴宜区农业农村局、林芝市巴宜区百巴镇人民政府 | R62: -
B63: 百巴镇共有项目58个，涉及总资金23818.784万元，其中专项扶贫资金1214.85万元，统筹整合资金8233.27万元，财政衔接资金14027.97万元，地方政府债券资金342.69万元；涉及经营类项目27个，涉及资金17008.87万元，其中巩固一批项目17个涉及资金10752.06万元，升级一批项目3个涉及资金2159.21万元，盘活一批项目4个涉及资金3931.73万元，调整一批项目3个涉及资金165.87万元；

Sheet 布久乡
A1: 巴宜区帮扶产业项目布久乡“四个一批分类及五权确权表
A3: 序号 | B3: 项目编码 | C3: 项目 年度 | D3: 资金来源 | E3: 乡镇 | F3: 项目 名称 | G3: 项目实施地点 | H3: 项目主要建设内容 | I3: 计划投资（万元） | L3: 项目 分类情况 | M3: 所有权 | N3: 经营权 | O3: 受益权 | P3: 处置权 | Q3: 监督权 | R3: 经营性项目“四个一批”分类 | S3: 备注
I4: 合计 | J4: 政策性资金 | K4: 其他渠道资金
A5: 1 | B5: 7 | C5: 2013 | D5: 专项扶贫资金 | E5: 布久乡 | F5: 布久乡麦巴村经济林木建设项目 | G5: 布久乡麦巴村 | H5: 扶持15户低收入群众发展经济林木种植项目，购置核桃树苗7200株，集中连片种植180亩核桃。 | I5: 18 | J5: 18 | K5: 0 | L5: 到户类 | M5: 布久项目麦巴村15户村民 | N5: 布久项目麦巴村15户村民 | O5: 布久项目麦巴村15户村民 | P5: 布久项目麦巴村15户村民 | Q5: 布久乡麦巴村村民委员会 | R5: -
A6: 2 | B6: 29 | C6: 2013 | D6: 专项扶贫资金 | E6: 布久乡 | F6: 布久乡孜热村水渠维修 | G6: 布久乡孜热村 | H6: 维修桥梁1座，填埋过水管等 | I6: 10.35 | J6: 10.35 | K6: 0 | L6: 公益类 | M6: 林芝市巴宜区布久乡孜热村股份经济合作联合社 | N6: 林芝市巴宜区布久乡孜热村股份经济合作联合社 | O6: 林芝市巴宜区布久乡孜热村股份经济合作联合社 | P6: 林芝市巴宜区布久乡孜热村股份经济合作联合社 | Q6: 林芝市巴宜区农业农村局、林芝市巴宜区布久乡人民政府 | R6: -
A7: 3 | B7: 39 | C7: 2014 | D7: 专项扶贫资金 | E7: 布久乡 | F7: 布久乡孜热村绵羊养殖项目 | G7: 布久乡孜热村 | H7: 购置绵羊养殖750只，配套修建砖木结构羊圈400平方米，苜蓿草种植100亩，网围栏1500米。 | I7: 45 | J7: 45 | K7: 0 | L7: 到户类 | M7: 布久乡孜热村55户村民 | N7: 布久乡孜热村55户村民 | O7: 布久乡孜热村55户村民 | P7: 布久乡孜热村55户村民 | Q7: 布久乡孜热村村民委员会 | R7: -
A8: 4 | B8: 48 | C8: 2014 | D8: 专项扶贫资金 | E8: 布久乡 | F8: 林芝镇、布久乡、米瑞乡藏猪养殖基地建设项目 | G8: 林芝镇卡斯木村、布久乡仲果村、米瑞乡米瑞村 | H8: 果绕村养殖藏猪225头，修建砖混结构猪舍600平方米，占地面积2500㎡及配套设施；卡斯木村养殖藏猪375头，修建砖混结构猪舍800平方米及配套设施；仲果村养殖藏猪125头，修建砖混结构猪舍400平方米，围墙380米占地面积2000㎡及配套设施；米瑞村养殖藏猪225头，修建到户猪圈650平方米。 | I8: 200 | J8: 200 | K8: 0 | L8: 到户类 | M8: 林芝市巴宜区林芝镇卡斯木村股份经济合作联合社、米瑞乡米瑞村42户村民 | N8: 林芝市巴宜区林芝镇卡斯木村股份经济合作联合社、米瑞乡米瑞村42户村民 | O8: 林芝市巴宜区林芝镇卡斯木村股份经济合作联合社、米瑞乡米瑞村42户村民 | P8: 林芝市巴宜区林芝镇卡斯木村股份经济合作联合社、米瑞乡米瑞村42户村民 | Q8: （林芝镇卡斯木村、布久乡仲果村、米瑞乡米瑞村）村民委员会 | R8: -
A9: 5 | B9: 64 | C9: 2014 | D9: 援藏资金 | E9: 布久乡 | F9: 林芝县果园改造 | G9: 布久乡珠曲登村 | H9: 新建果园展销店78.18平方米、管理房 64.80平方米、厕所41.27平方米、土壤改良 595 亩、新建水渠 1200 米(30*40M 混凝土 )、木亭6个、铺装工程、大门、景石和网围栏等附属工程 | I9: 956.86 | J9: 956.86 | K9: 0 | L9: 经营类 | M9: 林芝市巴宜区布久乡珠曲登村股份经济合作联合社 | N9: 西藏林芝圣域农牧综合有限公司 | O9: 林芝市巴宜区布久乡珠曲登村股份经济合作联合社 | P9: 林芝市巴宜区布久乡珠曲登村股份经济合作联合社 | Q9: 林芝市巴宜区农业农村局、林芝市巴宜区布久乡人民政府 | R9: 巩固
A10: 6 | B10: 76 | C10: 2015 | D10: 专项扶贫资金 | E10: 布久乡 | F10: 布久乡简切村民俗旅游接待中心 | G10: 布久乡简切村 | H10: 新建一座三层框架结构民俗旅游接待中心一座，建筑面积为898.平方米，配套相应室外设施，满足餐饮，商铺，房屋出租的功能。 | I10: 350 | J10: 350 | K10: 0 | L10: 经营类 | M10: 林芝市巴宜区布久乡简切村经济联合社 | N10: 个体户 | O10: 林芝市巴宜区布久乡简切村经济联合社 | P10: 林芝市巴宜区布久乡简切村经济联合社 | Q10: 林芝市巴宜区农业农村局、林芝市巴宜区布久乡人民政府 | R10: 巩固
A11: 7 | B11: 77 | C11: 2015 | D11: 专项扶贫资金 | E11: 布久乡 | F11: 布久乡简切村果树种植项目 | G11: 布久乡简切村 | H11: 1）、购买和种植苹果树苗2000株，梨树苗2000株，核桃树4000株；2）、新建网围栏2000米。 | I11: 50 | J11: 50 | K11: 0 | L11: 到户类 | M11: 布久乡简切村36户村民 | N11: 布久乡简切村36户村民 | O11: 布久乡简切村36户村民 | P11: 布久乡简切村36户村民 | Q11: 布久乡简切村村民委员会 | R11: -
A12: 8 | B12: 109 | C12: 2016 | D12: 统筹整合涉农资金 | E12: 布久乡 | F12: 布久乡藏猪养殖项目 | G12: 布久乡仲果村、麦巴村、简切村、仲莎巴村、甲日卡村 | H12: 购买藏香猪仔猪330头（户均30头），修建220㎡猪圈。 | I12: 29.33 | J12: 29.33 | K12: 0 | L12: 到户类 | M12: 布久乡简切村4户村民，布久乡甲日卡村1户村民，布久乡麦巴村2户村民，布久乡仲果村3户村民，布久乡仲萨巴村1户村民 | N12: 布久乡简切村4户村民，布久乡甲日卡村1户村民，布久乡麦巴村2户村民，布久乡仲果村3户村民，布久乡仲萨巴村1户村民 | O12: 布久乡简切村4户村民，布久乡甲日卡村1户村民，布久乡麦巴村2户村民，布久乡仲果村3户村民，布久乡仲萨巴村1户村民 | P12: 布久乡简切村4户村民，布久乡甲日卡村1户村民，布久乡麦巴村2户村民，布久乡仲果村3户村民，布久乡仲萨巴村1户村民 | Q12: （布久乡仲果村、麦巴村、简切村、仲莎巴村、甲日卡村）村民委员会 | R12: -
A13: 9 | B13: 110 | C13: 2016 | D13: 统筹整合涉农资金 | E13: 布久乡 | F13: 布久乡犏牛养殖项目 | G13: 布久乡杰麦村、仲果村、朵当村、珠曲登村、简切村、嘎玛村、仲莎巴村 | H13: 购买犏奶牛32头及维修牛舍一座。 | I13: 32.97 | J13: 32.97 | K13: 0 | L13: 到户类 | M13: 布久乡简切村3户村民，布久乡杰麦村1户村民，布久乡朵当村3户村民，布久乡嘎玛村4户村民，布久乡仲果村2户村民，布久乡仲萨巴村1户村民，布久乡珠曲登村1户村民 | N13: 布久乡简切村3户村民，布久乡杰麦村1户村民，布久乡朵当村3户村民，布久乡嘎玛村4户村民，布久乡仲果村2户村民，布久乡仲萨巴村1户村民，布久乡珠曲登村1户村民 | O13: 布久乡简切村3户村民，布久乡杰麦村1户村民，布久乡朵当村3户村民，布久乡嘎玛村4户村民，布久乡仲果村2户村民，布久乡仲萨巴村1户村民，布久乡珠曲登村1户村民 | P13: 布久乡简切村3户村民，布久乡杰麦村1户村民，布久乡朵当村3户村民，布久乡嘎玛村4户村民，布久乡仲果村2户村民，布久乡仲萨巴村1户村民，布久乡珠曲登村1户村民 | Q13: （布久乡杰麦村、仲果村、朵当村、珠曲登村、简切村、嘎玛村、仲莎巴村）村民委员会 | R13: -
A14: 10 | B14: 111 | C14: 2016 | D14: 统筹整合涉农资金 | E14: 布久乡 | F14: 布久乡藏鸡养殖项目 | G14: 布久乡甲日卡村 | H14: 购买藏鸡200只，修建鸡舍50㎡。 | I14: 6.04 | J14: 6.04 | K14: 0 | L14: 到户类 | M14: 布久乡甲日卡村1户村民 | N14: 布久乡甲日卡村1户村民 | O14: 布久乡甲日卡村1户村民 | P14: 布久乡甲日卡村1户村民 | Q14: 布久乡甲日卡村村民委员会 | R14: -
A15: 11 | B15: 112 | C15: 2016 | D15: 统筹整合涉农资金 | E15: 布久乡 | F15: 布久乡羊养殖项目 | G15: 布久乡孜热村 | H15: 小绵羊20只及修建羊圈30㎡。 | I15: 1.75 | J15: 1.75 | K15: 0 | L15: 到户类 | M15: 布久乡孜热村1户村民 | N15: 布久乡孜热村1户村民 | O15: 布久乡孜热村1户村民 | P15: 布久乡孜热村1户村民 | Q15: 布久乡孜热村村民委员会 | R15: -
A16: 12 | B16: 118 | C16: 2016 | D16: 统筹整合涉农资金 | E16: 布久乡 | F16: 布久乡蔬菜种植项目 | G16: 布久乡珠曲登村、简切村 | H16: 修建2座8m*20m单拱钢架结构温室，25*33网纹管PVC软管431.5m。 | I16: 5.12 | J16: 5.12 | K16: 0 | L16: 到户类 | M16: 布久乡简切村1户村民，布久乡珠曲登村1户村民 | N16: 布久乡简切村1户村民，布久乡珠曲登村1户村民 | O16: 布久乡简切村1户村民，布久乡珠曲登村1户村民 | P16: 布久乡简切村1户村民，布久乡珠曲登村1户村民 | Q16: （布久乡珠曲登村、简切村）村民委员会 | R16: -
... A19: 15 | B19: 123 | C19: 2016 | D19: 统筹整合涉农资金 | E19: 布久乡 | F19: 布久乡珠曲登村修建磨面坊项目 | G19: 布久乡珠曲登村 | H19: 相关设备购置1项（购买磨面机、榨油机、饲料机、清粮机及电炒锅各1台），修建180㎡基础设施。 | I19: 35.38 | J19: 35.38 | K19: 0 | L19: 经营类 | M19: 林芝市巴宜区布久乡珠曲登村股份经济合作联合社 | N19: 林芝市巴宜区布久乡珠曲登村股份经济合作联合社 | O19: 林芝市巴宜区布久乡珠曲登村股份经济合作联合社 | P19: 林芝市巴宜区布久乡珠曲登村股份经济合作联合社 | Q19: 林芝市巴宜区农业农村局、林芝市巴宜区区布久乡人民政府 | R19: 巩固
A20: 16 | B20: 130 | C20: 2016 | D20: 统筹整合涉农资金 | E20: 布久乡 | F20: 布久乡杰麦村犏奶牛养殖项目 | G20: 布久乡杰麦村 | H20: 扶持扎西旺堆合作社发展犏牛养殖，购置犏牛20头，建设牛舍等设施。 | I20: 20.03 | J20: 20.03 | K20: 0 | L20: 经营类 | M20: 林芝市巴宜区布久乡杰麦村扎堆种养殖合作社 | N20: 林芝市巴宜区布久乡杰麦村扎堆种养殖合作社 | O20: 林芝市巴宜区布久乡杰麦村扎堆种养殖合作社 | P20: 林芝市巴宜区布久乡杰麦村扎堆种养殖合作社 | Q20: 林芝市巴宜区农业农村局、林芝市巴宜区区布久乡人民政府 | R20: 巩固 | S20: 农牧民专合社
A21: 17 | B21: 131 | C21: 2016 | D21: 统筹整合涉农资金 | E21: 布久乡 | F21: 布久乡藏香加工厂建设项目 | G21: 布久乡杰麦村 | H21: 厂方120平方米，不锈钢线香机一台、高产量木粉加工粉碎机一台及传统加工设备 | I21: 31.92 | J21: 31.92 | K21: 0 | L21: 经营类 | M21: 林芝市巴宜区布久乡杰麦村维通利民藏香加工生产农牧民专业合作社 | N21: 林芝市巴宜区布久乡杰麦村维通利民藏香加工生产农牧民专业合作社 | O21: 林芝市巴宜区布久乡杰麦村维通利民藏香加工生产农牧民专业合作社 | P21: 林芝市巴宜区布久乡杰麦村维通利民藏香加工生产农牧民专业合作社 | Q21: 林芝市巴宜区农业农村局、林芝市巴宜区区布久乡人民政府 | R21: 巩固 | S21: 农牧民专合社
A22: 18 | B22: 153 | C22: 2017 | D22: 统筹整合涉农资金 | E22: 布久乡 | F22: 布久乡简切村藏香猪养殖项目（到户） | G22: 布久乡简切村 | H22: 新建20平米猪舍1座，购买藏香猪仔猪30头。 | I22: 2.64 | J22: 2.64 | K22: 0 | L22: 到户类 | M22: 布久乡简切村1户村民 | N22: 布久乡简切村1户村民 | O22: 布久乡简切村1户村民 | P22: 布久乡简切村1户村民 | Q22: 布久乡简切村村民委员会 | R22: -
A23: 19 | B23: 162 | C23: 2017 | D23: 统筹整合涉农资金 | E23: 布久乡 | F23: 布久乡甲日卡村果蔬大棚建设项目 | G23: 布久乡甲日卡村 | H23: 新建8×40温室大棚8座及相关配套设施,平整土地6亩，回填种植土不低于40公分。 | I23: 40 | J23: 40 | K23: 0 | L23: 经营类 | M23: 林芝市巴宜区布久乡甲日卡村股份经济合作联合社 | N23: 西藏农牧大学 | O23: 林芝市巴宜区布久乡甲日卡村股份经济合作联合社 | P23: 林芝市巴宜区布久乡甲日卡村股份经济合作联合社 | Q23: 林芝市巴宜区农业农村局、林芝市巴宜区区布久乡人民政府 | R23: 巩固
A24: 20 | B24: 199 | C24: 2018 | D24: 统筹整合涉农资金 | E24: 布久乡 | F24: 布久乡珠曲登村犏奶牛养殖项目（到户） | G24: 布久乡珠曲登村 | H24: 修建牛棚及配套设施、养殖4头犏奶牛。 | I24: 5.72 | J24: 5.72 | K24: 0 | L24: 到户类 | M24: 布久乡珠曲登村1户村民 | N24: 布久乡珠曲登村1户村民 | O24: 布久乡珠曲登村1户村民 | P24: 布久乡珠曲登村1户村民 | Q24: 布久乡珠曲登村村民委员会 | R24: -
A25: 21 | B25: 200 | C25: 2018 | D25: 统筹整合涉农资金 | E25: 布久乡 | F25: 布久乡简切村犏奶牛养殖项目（到户） | G25: 布久乡简切村 | H25: 修建牛棚及配套设施、养殖4头犏奶牛。 | I25: 5 | J25: 5 | K25: 0 | L25: 到户类 | M25: 布久乡简切村1户村民 | N25: 布久乡简切村1户村民 | O25: 布久乡简切村1户村民 | P25: 布久乡简切村1户村民 | Q25: 布久乡简切村村民委员会 | R25: -
A26: 22 | B26: 208 | C26: 2018 | D26: 统筹整合涉农资金 | E26: 布久乡 | F26: 林芝巴宜区布久乡花卉产业示范基地项目 | G26: 布久乡朵当村（卡达村） | H26: 花卉种植160亩 | I26: 400 | J26: 200 | K26: 200 | L26: 经营类 | M26: 林芝市巴宜区布久乡朵当村股份经济合作联合社 | N26: 林芝林卡旅游开发有限公司 | O26: 林芝市巴宜区布久乡朵当村股份经济合作联合社 | P26: 林芝市巴宜区布久乡朵当村股份经济合作联合社 | Q26: 林芝市巴宜区农业农村局、林芝市巴宜区区布久乡人民政府 | R26: 巩固
A27: 23 | B27: 223 | C27: 2019 | D27: 统筹整合涉农资金 | E27: 布久乡 | F27: 巴宜区布久乡甲日卡村农机维修建设项目 | G27: 布久乡甲日卡村 | H27: 完善加工生产条件，购置农机加工设备及配套设施 | I27: 5 | J27: 5 | K27: 0 | L27: 到户类 | M27: 布久乡甲日卡村1户村民 | N27: 布久乡甲日卡村1户村民 | O27: 布久乡甲日卡村1户村民 | P27: 布久乡甲日卡村1户村民 | Q27: 布久乡甲日卡村村民委员会 | R27: -
A28: 24 | B28: 231 | C28: 2019 | D28: 统筹整合涉农资金 | E28: 布久乡 | F28: 巴宜区布久乡嘎玛村西藏圣域农牧果树种植推广项目 | G28: 布久乡嘎玛村 | H28: 桃、苹果、葡萄新品种引进种植及相关配套设施 | I28: 299.31 | J28: 299.31 | K28: 0 | L28: 经营类 | M28: 林芝市巴宜区布久乡嘎玛村行政村股份经济合作社 | N28: 西藏林芝圣域农牧综合有限公司 | O28: 林芝市巴宜区布久乡嘎玛村行政村股份经济合作社 | P28: 林芝市巴宜区布久乡嘎玛村行政村股份经济合作社 | Q28: 林芝市巴宜区农业农村局、林芝市巴宜区区布久乡人民政府 | R28: 升级
A29: 25 | B29: 244 | C29: 2020 | D29: 统筹整合涉农资金 | E29: 布久乡 | F29: 水果产业提质增效项目 | G29: 百巴镇大坝村、百巴镇扎地村、八一镇唐地村、布久乡嘎玛村、米瑞乡色果拉村、更章乡门仲村 | H29: 标准化建设1600余亩水果基地，包括水肥一体化，土壤改良增肥，完善配套设施等，项目完成后，预计三年后挂果。 | I29: 899.85 | J29: 899.85 | K29: 0 | L29: 公益类 | M29: 百巴镇扎地村：林芝市巴宜区百巴镇扎地村扎地组股份经济合作社，百巴镇大坝村：林芝市巴宜区百巴镇大坝村经济联合社，布久乡嘎玛村40户村民，米瑞乡色果拉村：林芝市巴宜区米瑞乡色果拉村祥和种植养殖农牧民合作社，八一镇唐地村：72户村民，更章乡门仲村：林芝市巴宜区更章门巴民族乡门仲村股份经济合作联合社 | N29: 百巴镇扎地村：西藏新纳宗巴苗木种植有限公司，百巴镇大坝村：烟台大山果业开发有限公司巴宜区分公司，布久乡嘎玛村40户村民，米瑞乡色果拉村：林芝市巴宜区米瑞乡色果拉村祥和种植养殖农牧民合作社，八一镇唐地村72户村民，更章乡门仲村：西藏荣源生态农业科技发展有限公司 | O29: 百巴镇扎地村：林芝市巴宜区百巴镇扎地村扎地组股份经济合作社，百巴镇大坝村：林芝市巴宜区百巴镇大坝村经济联合社，布久乡嘎玛村40户村民，米瑞乡色果拉村：林芝市巴宜区米瑞乡色果拉村祥和种植养殖农牧民合作社，八一镇唐地村：72户村民，更章乡门仲村：林芝市巴宜区更章门巴民族乡门仲村股份经济合作联合社 | P29: 百巴镇扎地村：林芝市巴宜区百巴镇扎地村扎地组股份经济合作社，百巴镇大坝村：林芝市巴宜区百巴镇大坝村经济联合社，布久乡嘎玛村40户村民，米瑞乡色果拉村：林芝市巴宜区米瑞乡色果拉村祥和种植养殖农牧民合作社，八一镇唐地村：72户村民，更章乡门仲村：林芝市巴宜区更章门巴民族乡门仲村股份经济合作联合社 | Q29: 林芝市巴宜区农业农村局、林芝市巴宜区百巴镇人民政府、林芝市巴宜区八一镇人民政府、林芝市巴宜区更章乡人民政府、林芝市巴宜区米瑞乡人民政府
A30: 26 | B30: 247 | C30: 2020 | D30: 统筹整合涉农资金 | E30: 布久乡 | F30: 水果产业提质增效项目（二期） | G30: 百巴镇增巴村、八一镇加乃村、八一镇巴吉村、布久乡嘎玛村、百巴镇嘎吉村、米瑞乡朗乃村、林芝镇娘欧村 | H30: 标准化建设1994亩水果基地，包括水肥一体化，土壤改良增肥，完善配套设施等。 | I30: 1099.36 | J30: 1099.36 | K30: 0 | L30: 公益类 | M30: 百巴镇嘎吉村：林芝市巴宜区百巴镇嘎吉村专合社，百巴镇增巴村：林芝市巴宜区百巴镇增巴村股份经济合作联合社，布久乡嘎玛村：林芝市巴宜区布久乡嘎玛村则拉岗组股份经济合作社，林芝镇娘欧村22户村民，林芝市巴宜区米瑞乡朗乃村股份经济合作联合社，八一镇巴吉村：林芝市巴宜区八一镇巴吉村玉米组股份经济合作社，林芝市巴宜区八一镇加乃村股份经济合作联合社 | N30: 百巴镇嘎吉村：烟台大山果业开发有限公司巴宜区分公司，百巴镇增巴村：烟台大山果业开发有限公司巴宜区分公司，布久乡嘎玛村：林芝市巴宜区布久乡嘎玛村则拉岗组股份经济合作社，林芝镇娘欧村22户村民，林芝市巴宜区米瑞乡朗乃村股份经济合作联合社，八一镇巴吉村：西藏罗汉松生态农业科技发展有限责任公司，林芝市巴宜区八一镇加乃村股份经济合作联合社 | O30: 百巴镇嘎吉村：林芝市巴宜区百巴镇嘎吉村专合社，百巴镇增巴村：林芝市巴宜区百巴镇增巴村股份经济合作联合社，布久乡嘎玛村：林芝市巴宜区布久乡嘎玛村则拉岗组股份经济合作社，林芝镇娘欧村22户村民，林芝市巴宜区米瑞乡朗乃村股份经济合作联合社，八一镇巴吉村：林芝市巴宜区八一镇巴吉村玉米组股份经济合作社，林芝市巴宜区八一镇加乃村股份经济合作联合社 | P30: 百巴镇嘎吉村：林芝市巴宜区百巴镇嘎吉村专合社，百巴镇增巴村：林芝市巴宜区百巴镇增巴村股份经济合作联合社，布久乡嘎玛村：林芝市巴宜区布久乡嘎玛村则拉岗组股份经济合作社，林芝镇娘欧村22户村民，林芝市巴宜区米瑞乡朗乃村股份经济合作联合社，八一镇巴吉村：林芝市巴宜区八一镇巴吉村玉米组股份经济合作社，林芝市巴宜区八一镇加乃村股份经济合作联合社 | Q30: 林芝市巴宜区农业农村局、林芝市巴宜区百巴镇人民政府、林芝市巴宜区八一镇人民政府、林芝市巴宜区林芝镇人民政府、林芝市巴宜区米瑞乡人民政府
A31: 27 | B31: 353 | C31: 2023 | D31: 财政衔接推进乡村振兴 | E31: 布久乡 | F31: 布久乡杰麦村产业园建设项目 | G31: 布久乡杰麦村 | H31: 新建1#楼1140.00平方米，2#楼1020.00平方米，3#楼1020.00平方米，5#楼1880.77平方米，总平给排水工程1.00项，总平电气工程1.00项，园建部分1.00项，植物部分1.00项，景观电气1.00项，景观灌溉1.00项等建设内容。 | I31: 1499.87 | J31: 1499.87 | K31: 0 | L31: 经营类 | M31: 巴宜区布久乡杰麦村股份经济合作联合社 | N31: 林芝市亮洁洗涤有限公司、巴宜区怡美洗涤厂（个体工商户）、林芝市巴宜区合美水洗厂（个人工商户） | O31: 巴宜区布久乡杰麦村股份经济合作联合社 | P31: 巴宜区布久乡杰麦村股份经济合作联合社 | Q31: 林芝市巴宜区农业农村局、林芝市巴宜区区布久乡人民政府 | R31: 巩固
A32: 28 | B32: 359 | C32: 2023 | D32: 财政衔接推进乡村振兴 | E32: 布久乡 | F32: 巴宜区民宿改建项目 | G32: 布久乡杰麦村、布久乡朵当村、更章乡扎曲村 | H32: 按照3星级以上标准配套2000平米的民宿，并配备水、电、讯等配套相关设施，按照整屋定制配套家具及生活电器。 | I32: 1526.3811 | J32: 1526.3811 | K32: 0 | L32: 经营类 | M32: 布久乡朵当村：林芝市巴宜区布久乡朵当村股份经济合作联合社，布久乡杰麦村：巴宜区布久乡杰麦村股份经济合作联合社，更章扎曲村：巴宜区布久乡杰麦村股份经济合作联合社 | N32: 布久乡朵当村：林芝林卡旅游开发有限公司，布久乡杰麦村：巴宜区良辰美景乡村旅游中心（个体工商户），更章乡扎曲村：林芝览众旅游发展有限公司 | O32: 布久乡朵当村：林芝市巴宜区布久乡朵当村股份经济合作联合社，布久乡杰麦村：巴宜区布久乡杰麦村股份经济合作联合社，更章扎曲村：巴宜区布久乡杰麦村股份经济合作联合社 | P32: 布久乡朵当村：林芝市巴宜区布久乡朵当村股份经济合作联合社，布久乡杰麦村：巴宜区布久乡杰麦村股份经济合作联合社，更章扎曲村：巴宜区布久乡杰麦村股份经济合作联合社 | Q32: 林芝市巴宜区农业农村局、林芝市巴宜区更章乡人民政府、林芝市巴宜区区布久乡人民政府 | R32: 巩固
B33: 布久乡共有项目28个，涉及总资金7448.07万元，其中专项扶贫资金673.35万元，统筹整合资金2791.61万元，财政衔接资金3026.25元，援藏资金956.86万元；涉及经营类项目10个，涉及资金4959.75万元，其中巩固一批项目9个涉及资金4660.44万元，升级一批项目1个涉及资金299.31万元，盘活一批项目0个涉及资金0.00万元，调整一批项目0个涉及资金0.00万元；其中项目编码48、244、247、359号项目涉及多个乡镇资金有重叠）

Sheet 创投公司
A1: 巴宜区帮扶产业项目创投公司“四个一批分类及五权确权表
A3: 序号 | B3: 项目编码 | C3: 项目 年度 | D3: 资金来源 | E3: 乡镇 | F3: 项目 名称 | G3: 项目实施地点 | H3: 项目主要建设内容 | I3: 计划投资（万元） | L3: 项目 分类情况 | M3: 所有权 | N3: 经营权 | O3: 受益权 | P3: 处置权 | Q3: 监督权 | R3: 经营性项目“四个一批”分类 | S3: 备注
I4: 合计 | J4: 政策性资金 | K4: 其他渠道资金
A5: 1 | B5: 145 | C5: 2017 | D5: 统筹整合涉农资金 | E5: 创投公司 | F5: 巴宜区米瑞乡金玉农业科技产业园建设项目 | G5: 米瑞乡色果拉村 | H5: 园区占地900余亩，建智能大棚，现代化标准连体塑料温棚，水肥一体化等配套设施。 | I5: 2300.0068 | J5: 500 | K5: 1800.0068 | L5: 经营类 | M5: 林芝市巴宜区创投城市运营管理有限公司 | N5: 林芝市巴宜区创投城市运营管理有限公司 | O5: 林芝市巴宜区创投城市运营管理有限公司 | P5: 林芝市巴宜区创投城市运营管理有限公司 | Q5: 林芝市巴宜区国资委 | R5: 升级
A6: 2 | B6: 158 | C6: 2017 | D6: 统筹整合涉农资金 | E6: 创投公司 | F6: 世界柏树王园林景区升级改造项目 | G6: 八一镇大柏树景区 | H6: 修建游客接待中心、生态停车场、A级生态公厕、购物长廊、广场、观景台等及配套设施。 | I6: 3361.71 | J6: 3361.71 | K6: 0 | L6: 经营类 | M6: 林芝市巴宜区创投城市运营管理有限公司 | N6: 林芝市巴宜区创投城市运营管理有限公司 | O6: 林芝市巴宜区创投城市运营管理有限公司 | P6: 林芝市巴宜区创投城市运营管理有限公司 | Q6: 林芝市巴宜区国资委 | R6: 巩固 | S6: 柏树景区实际已移交文旅局
A7: 3 | B7: 159 | C7: 2017 | D7: 统筹整合涉农资金 | E7: 创投公司 | F7: 巴宜区八一镇建筑构件工业园配套工程建设项目 | G7: 八一镇公众村 | H7: 包括道路硬化 30273.00 平方米、电气、给排水、绿化等建设内容。 | I7: 513.08 | J7: 513.08 | K7: 0 | L7: 公益类 | M7: 林芝市巴宜区创投城市运营管理有限公司 | N7: 林芝市巴宜区创投城市运营管理有限公司 | O7: 林芝市巴宜区创投城市运营管理有限公司 | P7: 林芝市巴宜区创投城市运营管理有限公司 | Q7: 林芝市巴宜区国资委 | R7: -
A8: 4 | B8: 170 | C8: 2017 | D8: 统筹整合涉农资金 | E8: 创投公司 | F8: 巴宜区八一镇建筑构件工业园大门围墙建设项目 | G8: 八一镇公众村 | H8: 修建建筑构件工业园大门、围墙及相关设施。 | I8: 748.02 | J8: 748.02 | K8: 0 | L8: 公益类 | M8: 林芝市巴宜区创投城市运营管理有限公司 | N8: 林芝市巴宜区创投城市运营管理有限公司 | O8: 林芝市巴宜区创投城市运营管理有限公司 | P8: 林芝市巴宜区创投城市运营管理有限公司 | Q8: 林芝市巴宜区国资委 | R8: -
A9: 5 | B9: 171 | C9: 2017 | D9: 统筹整合涉农资金 | E9: 创投公司 | F9: 巴宜区精准扶贫现代农业观光园道路建设项目 | G9: 更章乡白玛店村 | H9: 路工程、卵石步道、混凝土步道、排水沟、植草砖等建设内容。 | I9: 575.57 | J9: 575.57 | K9: 0 | L9: 公益类 | M9: 林芝市巴宜区创投城市运营管理有限公司 | N9: 林芝沃圃生农业开发有限公司 | O9: 林芝市巴宜区创投城市运营管理有限公司 | P9: 林芝市巴宜区创投城市运营管理有限公司 | Q9: 林芝市巴宜区国资委 | R9: - | S9: 更章产业园
A10: 6 | B10: 173 | C10: 2017 | D10: 统筹整合涉农资金 | E10: 创投公司 | F10: 巴宜区精准扶贫现代农业观光园防风林建设项目 | G10: 更章乡白玛店村 | H10: 乔木栽植 1919 棵，灌木栽植3752.06 ㎡，花种播种 47375.94㎡,种植土工程 593.67m³。 | I10: 408.98 | J10: 408.98 | K10: 0 | L10: 公益类 | M10: 林芝市巴宜区创投城市运营管理有限公司 | N10: 林芝沃圃生农业开发有限公司 | O10: 林芝市巴宜区创投城市运营管理有限公司 | P10: 林芝市巴宜区创投城市运营管理有限公司 | Q10: 林芝市巴宜区国资委 | R10: - | S10: 更章产业园
A11: 7 | B11: 193 | C11: 2018 | D11: 统筹整合涉农资金 | E11: 创投公司 | F11: 林芝市巴宜区精准扶贫现代农业观光园信息中心建设项目 | G11: 更章乡久巴村、白玛店 | H11: 新建占地7000平方的信息发布及展销中心，配套完善水肥一体化灌溉系统及相关设施。 | I11: 1733.2 | J11: 733.2 | K11: 1000 | L11: 经营类 | M11: 林芝市巴宜区创投城市运营管理有限公司 | N11: 林芝沃圃生农业开发有限公司 | O11: 林芝市巴宜区创投城市运营管理有限公司 | P11: 林芝市巴宜区创投城市运营管理有限公司 | Q11: 林芝市巴宜区国资委 | R11: 盘活 | S11: 更章产业园
A12: 8 | B12: 207 | C12: 2018 | D12: 统筹整合涉农资金 | E12: 创投公司 | F12: 巴宜区八一镇建筑构件工业园产业项目配套工程建设项目 | G12: 八一镇公众村 | H12: 建设园区市政道路及给排水管网等市政设施，建设垃圾填埋及污水处理厂，等附属设施。 | I12: 3695 | J12: 3695 | K12: 0 | L12: 公益类 | M12: 林芝市巴宜区创投城市运营管理有限公司 | N12: 林芝市巴宜区创投城市运营管理有限公司 | O12: 林芝市巴宜区创投城市运营管理有限公司 | P12: 林芝市巴宜区创投城市运营管理有限公司 | Q12: 林芝市巴宜区国资委 | R12: -
A13: 9 | B13: 235 | C13: 2019 | D13: 统筹整合涉农资金 | E13: 创投公司 | F13: 建筑产业构建园纬三路 | G13: 八一镇公众村 | H13: 硬化道路、电气、给排水等。 | I13: 4851.21 | J13: 4851.21 | K13: 0 | L13: 公益类 | M13: 林芝市巴宜区创投城市运营管理有限公司 | N13: 林芝市巴宜区创投城市运营管理有限公司 | O13: 林芝市巴宜区创投城市运营管理有限公司 | P13: 林芝市巴宜区创投城市运营管理有限公司 | Q13: 林芝市巴宜区国资委 | R13: -
A14: 10 | B14: 236 | C14: 2019 | D14: 统筹整合涉农资金 | E14: 创投公司 | F14: 建筑产业构件园污水处理厂 | G14: 八一镇公众村 | H14: 包括新建综合楼171.69平方米，新建监测房12.44 平方米、新建污泥脱水间及加药间173.95 平方米新建设备间513.22平方米、附属等建设内容。 | I14: 1925.18 | J14: 1925.18 | K14: 0 | L14: 公益类 | M14: 林芝市巴宜区创投城市运营管理有限公司 | N14: 林芝市巴宜区创投城市运营管理有限公司 | O14: 林芝市巴宜区创投城市运营管理有限公司 | P14: 林芝市巴宜区创投城市运营管理有限公司 | Q14: 林芝市巴宜区国资委 | R14: -
A15: 11 | B15: 212 | C15: 2018 | D15: 统筹整合涉农资金 | E15: 创投公司 | F15: 巴宜区藏香猪产业饲料加工厂建设项目 | G15: 八一镇色定村 | H15: 购买土地20亩，新建饲料加工厂一座，引进颗粒料、粉料生产线，配套相关运输车辆、厂房等相关设施设备。 | I15: 2867.71 | J15: 2867.71 | K15: 0 | L15: 经营类 | M15: 林芝市巴建藏猪产业饲料加工生产有限责任公司 | N15: 林芝市巴建藏猪产业饲料加工生产有限责任公司 | O15: 林芝市巴建藏猪产业饲料加工生产有限责任公司 | P15: 林芝市巴建藏猪产业饲料加工生产有限责任公司 | Q15: 林芝市巴宜区农业农村局、林芝市巴宜区八一镇人民政府 | R15: 巩固
A16: 12 | B16: 230 | C16: 2019 | D16: 统筹整合涉农资金 | E16: 创投公司 | F16: 工布原乡旅游配套产业续建项目 | G16: 布久乡小集镇旁 | H16: 占地约5000平米，新建工布原乡旅游配套设施等相关工程。 | I16: 3246.22 | J16: 2335 | K16: 911.22 | L16: 经营类 | M16: 林芝市巴宜区创投城市运营管理有限公司 | N16: 林芝市巴宜区创投城市运营管理有限公司 | O16: 林芝市巴宜区创投城市运营管理有限公司 | P16: 林芝市巴宜区创投城市运营管理有限公司 | Q16: 林芝市巴宜区国资委 | R16: 升级
A17: 13 | B17: 239 | C17: 2020 | D17: 统筹整合涉农资金 | E17: 创投公司 | F17: 巴宜区八一镇宇高农业改扩建项目 | G17: 八一镇多布村 | H17: 维修猪舍，种猪改良及仔猪购置，内部屠宰，有机肥加工，配套相关设施。 | I17: 1000 | J17: 500 | K17: 500 | L17: 经营类 | M17: 林芝市巴宜区创投城市运营管理有限公司 | N17: 林芝市巴宜区创投城市运营管理有限公司 | O17: 林芝市巴宜区创投城市运营管理有限公司 | P17: 林芝市巴宜区创投城市运营管理有限公司 | Q17: 林芝市巴宜区国资委 | R17: 巩固
A18: 14 | B18: 293 | C18: 2021 | D18: 财政衔接推进乡村振兴 | E18: 创投公司 | F18: 更章乡种植基地建设项目 | G18: 更章乡白玛店村 | H18: 新建配套管理用房 820.76平方米,柴油发电机房 47.32 平方米，生产加工车间 1909.44平方米，综合服务中心 2082.27 平方米，室外附属给排水电气工程1.00项，设备购置 1.00 项，绿化4823.34 平方米水泥道路及硬化 6645.04 平方米等建设内容。 | I18: 1999.86 | J18: 1999.86 | K18: 0 | L18: 经营类 | M18: 林芝市巴宜区创投城市运营管理有限公司 | N18: 林芝沃圃生农业开发有限公司 | O18: 林芝市巴宜区创投城市运营管理有限公司 | P18: 林芝市巴宜区创投城市运营管理有限公司 | Q18: 林芝市巴宜区国资委 | R18: 盘活 | S18: 更章产业园
A19: 15 | B19: 305 | C19: 2021 | D19: 财政衔接推进乡村振兴 | E19: 创投公司 | F19: 更章乡农业现代观光园温室大棚建设项目 | G19: 更章乡白玛店村 | H19: 完善30座温室大棚钢结构、外模及保温棉被建设，每座24m*100m，铺设电力管网、水肥一体化及配套附属工程。 | I19: 916.96 | J19: 916.96 | K19: 0 | L19: 经营类 | M19: 林芝市巴宜区创投城市运营管理有限公司 | N19: 林芝沃圃生农业开发有限公司 | O19: 林芝市巴宜区创投城市运营管理有限公司 | P19: 林芝市巴宜区创投城市运营管理有限公司 | Q19: 林芝市巴宜区国资委 | R19: 盘活 | S19: 更章产业园
A20: 16 | B20: 328 | C20: 2022 | D20: 财政衔接推进乡村振兴 | E20: 创投公司 | F20: 巴宜区农畜产品深加工建设项目 | G20: 巴宜区布久乡 | H20: 产业用房:4848.49平方米:土石方工程一项;给水排水管网一项;电气工程一项;园建工程一项;植物工程一项;景观水一项;景观电一项等建设内容。 | I20: 1942.31 | J20: 1942.31 | K20: 0 | L20: 经营类 | M20: 林芝市巴宜区创投城市运营管理有限公司 | N20: 林芝市巴宜区创投城市运营管理有限公司 | O20: 林芝市巴宜区创投城市运营管理有限公司 | P20: 林芝市巴宜区创投城市运营管理有限公司 | Q20: 林芝市巴宜区国资委 | R20: 巩固
A21: 17 | B21: 345 | C21: 2022 | D21: 援藏资金 | E21: 创投公司 | F21: 巴宜区农业观光产业示范基地基础设施提升项目 | G21: 八一镇巴吉村 | H21: 导视系统1.00项，室外配套设施 1.00 项，大柏树-农副产品展示中心193.95 平方米,村活动中心 233.70平方米，室外安装工程1.00项，消防工程1.00项、设备购置等建设内容。 | I21: 1680 | J21: 1680 | K21: 0 | L21: 公益类 | M21: 林芝市巴宜区创投城市运营管理有限公司 | N21: 林芝市巴宜区创投城市运营管理有限公司 | O21: 林芝市巴宜区创投城市运营管理有限公司 | P21: 林芝市巴宜区创投城市运营管理有限公司 | Q21: 林芝市巴宜区国资委 | R21: - | S21: 柏树景区实际已移交文旅局
A22: 18 | B22: 347 | C22: 2022 | D22: 援藏资金 | E22: 创投公司 | F22: 巴宜区大柏树防火道路和设施建设项目 | G22: 八一镇巴吉村 | H22: 新建防火观测站116.31平方米，浆砌石挡土墙 3866.00立方米，棱形窗式护面墙护坡6275.57 平方米，混凝土路面13429.70平方米，步行道 750平方米，排水沟 4613.00米，大门1座，消防水池5个等建设内容。 | I22: 1784.62 | J22: 1784.62 | K22: 0 | L22: 公益类 | M22: 林芝市巴宜区创投城市运营管理有限公司 | N22: 林芝市巴宜区创投城市运营管理有限公司 | O22: 林芝市巴宜区创投城市运营管理有限公司 | P22: 林芝市巴宜区创投城市运营管理有限公司 | Q22: 林芝市巴宜区国资委 | R22: - | S22: 柏树景区实际已移交文旅局
A23: 19 | B23: 402 | C23: 2016 | D23: 地方政府债券资金 | E23: 创投公司 | F23: 巴宜区贡布乳业扩建项目 | G23: 巴宜区 | H23: 投资项目资金，新建利乐生产线及厂房、附属，参与公司经营，在原有基础上实现增资扩股后占股33%，收益作为贫困户补贴。 | I23: 394 | J23: 394 | K23: 0 | L23: 经营类 | M23: 林芝市巴宜区创投城市运营管理有限公司 | N23: 林芝市巴宜区创投城市运营管理有限公司 | O23: 林芝市巴宜区创投城市运营管理有限公司 | P23: 林芝市巴宜区创投城市运营管理有限公司 | Q23: 林芝市巴宜区国资委 | R23: 巩固
A24: 20 | B24: 403 | C24: 2016 | D24: 地方政府债券资金 | E24: 创投公司 | F24: 林芝市巴宜区异地扶贫开发商住房项目 | G24: 巴宜区 | H24: 新建商住楼18089.30㎡，物管用房825.83㎡，道路硬化2140.28㎡，绿化1425.36㎡，停车位540㎡，花岗岩铺装427.14㎡，车行桥2座、垃圾桶7个，假山水池1座、旧围墙粉刷277.36米、新建围墙58.50米及总体给排水电等附属设施。 | I24: 6964.8622 | J24: 5774.92 | K24: 1189.9422 | L24: 经营类 | M24: 林芝市巴宜区创投城市运营管理有限公司 | N24: 林芝市巴宜区创投城市运营管理有限公司 | O24: 林芝市巴宜区创投城市运营管理有限公司 | P24: 林芝市巴宜区创投城市运营管理有限公司 | Q24: 林芝市巴宜区国资委 | R24: 巩固
A25: 21 | B25: 464 | C25: 2022 | D25: 援藏资金 | E25: 创投公司 | F25: 巴宜区大柏树景区提质扩容建设项目-景观提升工程 | G25: 八一镇巴吉村 | H25: 园建工程1.00项，标识牌工程1.00项，安装工程1.00项，园林绿化工程1.00项等建设内容 | I25: 2209.17 | J25: 2209.17 | K25: 0 | L25: 公益类 | M25: 林芝市巴宜区创投城市运营管理有限公司 | N25: 林芝市巴宜区创投城市运营管理有限公司 | O25: 林芝市巴宜区创投城市运营管理有限公司 | P25: 林芝市巴宜区创投城市运营管理有限公司 | Q25: 林芝市巴宜区国资委 | R25: - | S25: 柏树景区实际已移交文旅局
B26: 创投公司共有项目21个，涉及总资金39716.50万元，其中专项扶贫资金0.00万元，统筹整合资金23014.66万元，财政衔接资金4859.13万元，援藏资金5673.79万元，地方政府债券6168.92万元；涉及经营类项目11个，涉及资金21325.67万元，其中巩固一批项目6个涉及资金14840.65万元，升级一批项目2个涉及资金2835.00万元，盘活一批项目3个涉及资金3650.02万元，调整一批项目0个涉及资金0.00万元；确权的主要问题：145号项目法律判决移交给创投，地点在米瑞乡，158、345、347、464柏树景区创投公司已归还文旅局，328号布久乡说已经给平台公司。

Sheet 更章乡
A1: 巴宜区帮扶产业项目“四个一批分类及五权确权表
A3: 序号 | B3: 项目编码 | C3: 项目 年度 | D3: 资金来源 | E3: 乡镇 | F3: 项目 名称 | G3: 项目实施地点 | H3: 项目主要建设内容 | I3: 计划投资（万元） | L3: 项目 分类情况 | M3: 所有权 | N3: 经营权 | O3: 受益权 | P3: 处置权 | Q3: 监督权 | R3: 经营性项目“四个一批”分类 | S3: 备注
I4: 合计 | J4: 政策性资金 | K4: 其他渠道资金
A5: 1 | B5: 24 | C5: 2013 | D5: 专项扶贫资金 | E5: 更章乡 | F5: 更张乡白玛店村和扎曲村钢架大棚灵芝菌种植项目 | G5: 更张乡白玛店村、扎曲村 | H5: 修建35座钢架大棚，8米*30米＝240平米，种植灵芝菌项目；扎曲村修建20座两连栋大棚温室（面积320平米），配套水渠700米，围墙800米。 | I5: 179 | J5: 179 | K5: 0 | L5: 经营类 | M5: 林芝市巴宜区更章门巴民族乡扎曲村股份经济合作联合社、林芝市巴宜区更章门巴民族乡白玛店社区股份经济合作联合社 | N5: 林芝市巴宜区更章门巴民族乡扎曲村股份经济合作联合社、林芝市巴宜区更章门巴民族乡白玛店社区股份经济合作联合社 | O5: 林芝市巴宜区更章门巴民族乡扎曲村股份经济合作联合社、林芝市巴宜区更章门巴民族乡白玛店社区股份经济合作联合社 | P5: 林芝市巴宜区更章门巴民族乡扎曲村股份经济合作联合社、林芝市巴宜区更章门巴民族乡白玛店社区股份经济合作联合社 | Q5: 林芝市巴宜区农业农村局、林芝市巴宜区更章乡人民政府 | R5: 调整
A6: 2 | B6: 42 | C6: 2014 | D6: 专项扶贫资金 | E6: 更章乡 | F6: 更章乡久巴村水果大棚建设项目 | G6: 更章乡久巴村 | H6: 建设8×40m的单拱钢管塑料大棚28座，配套完善温室灌溉系统，修建断面为0.3×0.4m，渠底厚度0.1m、边墙宽0.12m的砼灌溉渠道600m，引水流量0.05m3/s。 | I6: 100 | J6: 100 | K6: 0 | L6: 经营类 | M6: 林芝市巴宜区更章门巴民族乡久巴村股份经济合作联合社 | N6: 林芝市巴宜区更章门巴民族乡久巴村草莓种植专业合作社 | O6: 林芝市巴宜区更章门巴民族乡久巴村股份经济合作联合社 | P6: 林芝市巴宜区更章门巴民族乡久巴村股份经济合作联合社 | Q6: 林芝市巴宜区农业农村局、林芝市巴宜区更章乡人民政府 | R6: 巩固
A7: 3 | B7: 47 | C7: 2014 | D7: 专项扶贫资金 | E7: 更章乡 | F7: 更张门巴民族乡扎曲村大峡谷温泉及配套设施建设项目 | G7: 更章乡扎曲村 | H7: 建设防洪堤30米，露天温泉池一座，室内洗澡堂4间，接待室3间，更衣室2间，在150米原有路面上修整1.5米宽的台阶。 | I7: 65 | J7: 60 | K7: 5 | L7: 经营类 | M7: 林芝市巴宜区更章门巴民族乡扎曲村股份经济合作联合社 | N7: 林峰 | O7: 林芝市巴宜区更章门巴民族乡扎曲村股份经济合作联合社 | P7: 林芝市巴宜区更章门巴民族乡扎曲村股份经济合作联合社 | Q7: 林芝市巴宜区农业农村局、林芝市巴宜区更章乡人民政府 | R7: 巩固
A8: 4 | B8: 68 | C8: 2015 | D8: 专项扶贫资金 | E8: 更章乡 | F8: 更章乡久巴村水果基地建设项目 | G8: 更章乡久巴村 | H8: 新建8×40米的单拱钢管塑料大棚28座，每座面积为8米×40米=320平方米 | I8: 150 | J8: 150 | K8: 0 | L8: 经营类 | M8: 林芝市巴宜区更章门巴民族乡久巴村股份经济合作联合社 | N8: 林芝市巴宜区更章门巴民族乡久巴村草莓种植专业合作社 | O8: 林芝市巴宜区更章门巴民族乡久巴村股份经济合作联合社 | P8: 林芝市巴宜区更章门巴民族乡久巴村股份经济合作联合社 | Q8: 林芝市巴宜区农业农村局、林芝市巴宜区更章乡人民政府 | R8: 巩固
A9: 5 | B9: 81 | C9: 2015 | D9: 专项扶贫资金 | E9: 更章乡 | F9: 更章乡更章村天麻种植项目 | G9: 更章乡更章村 | H9: 开发7亩土地种植天麻，购置白头麻麻种2810斤，购买菌棒1.05万根。 | I9: 30 | J9: 30 | K9: 0 | L9: 经营类 | M9: 林芝市巴宜区更章门巴民族乡更章村股份经济合作联合社 | N9: 林芝市巴宜区更章门巴民族乡更章村股份经济合作联合社 | O9: 林芝市巴宜区更章门巴民族乡更章村股份经济合作联合社 | P9: 林芝市巴宜区更章门巴民族乡更章村股份经济合作联合社 | Q9: 林芝市巴宜区农业农村局、林芝市巴宜区更章乡人民政府 | R9: 调整
A10: 6 | B10: 105 | C10: 2016 | D10: 统筹整合涉农资金 | E10: 更章乡 | F10: 更章乡犏奶牛养殖项目（扎曲） | G10: 更章乡扎曲村 | H10: 扶持4户群众发展犏奶牛养殖，每户购置4头、修建砖木结构牛圈30平方米，共购置16头犏奶牛、修建牛舍120平方米。 | I10: 18.93 | J10: 18.93 | K10: 0 | L10: 到户类 | M10: 更章乡扎曲村4户村民 | N10: 更章乡扎曲村4户村民 | O10: 更章乡扎曲村4户村民 | P10: 更章乡扎曲村4户村民 | Q10: 更章乡扎曲村村民委员会 | R10: -
A11: 7 | B11: 106 | C11: 2016 | D11: 统筹整合涉农资金 | E11: 更章乡 | F11: 更章乡小型藏鸡养殖场项目 | G11: 更章乡更章村 | H11: 建设藏鸡养殖场一个、鸡舍200平方米、藏鸡苗1000只配套网围栏1000米、其他配套设施药品、饲料等。 | I11: 64.27 | J11: 64.27 | K11: 0 | L11: 到户类 | M11: 更章乡更章村7户村民 | N11: 更章乡更章村7户村民 | O11: 更章乡更章村7户村民 | P11: 更章乡更章村7户村民 | Q11: 更章乡更章村村民委员会 | R11: -
A12: 8 | B12: 107 | C12: 2016 | D12: 统筹整合涉农资金 | E12: 更章乡 | F12: 更章乡藏香猪养殖项目 | G12: 更章乡更章村 | H12: 修建砖木结构60平米猪圈，买50头猪、配套 网围栏100米、其他配套设施药品、饲料等。 | I12: 7.07 | J12: 7.07 | K12: 0 | L12: 到户类 | M12: 更章乡更章村1户村民 | N12: 更章乡更章村1户村民 | O12: 更章乡更章村1户村民 | P12: 更章乡更章村1户村民 | Q12: 更章乡更章村村民委员会 | R12: -
A13: 9 | B13: 108 | C13: 2016 | D13: 统筹整合涉农资金 | E13: 更章乡 | F13: 更章乡犏牛养殖项目（娘萨） | G13: 更章乡娘萨村 | H13: 5户发展犏奶牛养殖，每户购置4头牛，4户均扩建砖木结构牛圈15平方米，1户新建牛舍30平米。共购置20头犏奶牛。 | I13: 23.55 | J13: 23.55 | K13: 0 | L13: 到户类 | M13: 更章乡娘萨村5户村民 | N13: 更章乡娘萨村5户村民 | O13: 更章乡娘萨村5户村民 | P13: 更章乡娘萨村5户村民 | Q13: 更章乡娘萨村村民委员会 | R13: -
A14: 10 | B14: 155 | C14: 2017 | D14: 统筹整合涉农资金 | E14: 更章乡 | F14: 更章乡白玛店村犏奶牛养殖项目 | G14: 更章乡白玛店村 | H14: 购买犏奶牛96头，集中养殖,配套圈舍及相关设施。 | I14: 77.57 | J14: 77.57 | K14: 0 | L14: 到户类 | M14: 更章乡白玛店村96户村民 | N14: 更章乡白玛店村96户村民 | O14: 更章乡白玛店村96户村民 | P14: 更章乡白玛店村96户村民 | Q14: 更章乡白玛店村村民委员会 | R14: -
A15: 11 | B15: 163 | C15: 2017 | D15: 统筹整合涉农资金 | E15: 更章乡 | F15: 更章乡久巴村草莓大棚建设项目 | G15: 更章乡久巴村 | H15: 修建8×40米大棚10座及配套设施.。平整土地12亩,客土改良，回填种植土不低于40公分。 | I15: 65 | J15: 65 | K15: 0 | L15: 经营类 | M15: 林芝市巴宜区更章门巴民族乡久巴村股份经济合作联合社 | N15: 林芝市巴宜区更章门巴民族乡久巴村草莓种植专业合作社 | O15: 林芝市巴宜区更章门巴民族乡久巴村股份经济合作联合社 | P15: 林芝市巴宜区更章门巴民族乡久巴村股份经济合作联合社 | Q15: 林芝市巴宜区农业农村局、林芝市巴宜区更章乡人民政府 | R15: 巩固
A16: 12 | B16: 183 | C16: 2018 | D16: 统筹整合涉农资金 | E16: 更章乡 | F16: 巴宜区更章乡集中安置点 | G16: 更章乡娘萨村 | H16: 1.投资200万元修建大棚，发展瓜果种植并配套完善相关灌溉设施，土地整治。2.投资120万元娘萨村购买犏奶牛或其他奶牛品种32头，配套购置饲草料，圈舍及相关设施。 | I16: 320 | J16: 320 | K16: 0 | L16: 经营类 | M16: 林芝市巴宜区更章门巴民族乡娘萨村股份经济合作联合社 | N16: 瓜果项目：西藏嘎玛园林生态科技有限公司，养牛项目：更章乡娘萨村16户村民 | O16: 林芝市巴宜区更章门巴民族乡娘萨村股份经济合作联合社 | P16: 林芝市巴宜区更章门巴民族乡娘萨村股份经济合作联合社 | Q16: 林芝市巴宜区农业农村局、林芝市巴宜区更章乡人民政府 | R16: 巩固
A17: 13 | B17: 244 | C17: 2020 | D17: 统筹整合涉农资金 | E17: 更章乡 | F17: 水果产业提质增效项目 | G17: 百巴镇大坝村、百巴镇扎地村、八一镇唐地村、布久乡嘎玛村、米瑞乡色果拉村、更章乡门仲村 | H17: 标准化建设1600余亩水果基地，包括水肥一体化，土壤改良增肥，完善配套设施等，项目完成后，预计三年后挂果，。 | I17: 899.85 | J17: 899.85 | K17: 0 | L17: 公益类 | M17: 百巴镇扎地村：林芝市巴宜区百巴镇扎地村扎地组股份经济合作社，百巴镇大坝村：林芝市巴宜区百巴镇大坝村经济联合社，布久乡嘎玛村40户村民，米瑞乡色果拉村：林芝市巴宜区米瑞乡色果拉村祥和种植养殖农牧民合作社，八一镇唐地村：72户村民，更章乡门仲村：林芝市巴宜区更章门巴民族乡门仲村股份经济合作联合社 | N17: 百巴镇扎地村：西藏新纳宗巴苗木种植有限公司，百巴镇大坝村：烟台大山果业开发有限公司巴宜区分公司，布久乡嘎玛村40户村民，米瑞乡色果拉村：林芝市巴宜区米瑞乡色果拉村祥和种植养殖农牧民合作社，八一镇唐地村72户村民，更章乡门仲村：西藏荣源生态农业科技发展有限公司 | O17: 百巴镇扎地村：林芝市巴宜区百巴镇扎地村扎地组股份经济合作社，百巴镇大坝村：林芝市巴宜区百巴镇大坝村经济联合社，布久乡嘎玛村40户村民，米瑞乡色果拉村：林芝市巴宜区米瑞乡色果拉村祥和种植养殖农牧民合作社，八一镇唐地村：72户村民，更章乡门仲村：林芝市巴宜区更章门巴民族乡门仲村股份经济合作联合社 | P17: 百巴镇扎地村：林芝市巴宜区百巴镇扎地村扎地组股份经济合作社，百巴镇大坝村：林芝市巴宜区百巴镇大坝村经济联合社，布久乡嘎玛村40户村民，米瑞乡色果拉村：林芝市巴宜区米瑞乡色果拉村祥和种植养殖农牧民合作社，八一镇唐地村：72户村民，更章乡门仲村：林芝市巴宜区更章门巴民族乡门仲村股份经济合作联合社 | Q17: 林芝市巴宜区农业农村局、林芝市巴宜区百巴镇人民政府、林芝市巴宜区八一镇人民政府、林芝市巴宜区更章乡人民政府、林芝市巴宜区米瑞乡人民政府
A18: 14 | B18: 246 | C18: 2020 | D18: 统筹整合涉农资金 | E18: 更章乡 | F18: 更章门巴民族乡草莓基地建设项目 | G18: 更章乡 | H18: 新建24m*100m的种植棉被大拱棚5座，配套灌溉及水肥一体化系统及相关配套设备，购买草莓种苗及包装材料。 | I18: 599.15 | J18: 599.15 | K18: 0 | L18: 经营类 | M18: 雅觉草莓合作社 | N18: 雅觉草莓合作社 | O18: 雅觉草莓合作社 | P18: 雅觉草莓合作社 | Q18: 林芝市巴宜区农业农村局、林芝市巴宜区更章乡人民政府 | R18: 巩固
A19: 15 | B19: 252 | C19: 2020 | D19: 统筹整合涉农资金 | E19: 更章乡 | F19: 八一镇、更章乡搬迁群众到户奶牛项目 | G19: 八一镇加乃村、更章乡娘萨村 | H19: 购买犏奶牛50头，户均2头，共25户。其中八一镇15头，更章乡10头。 | I19: 39.98 | J19: 39.98 | K19: 0 | L19: 到户类 | M19: 更章乡娘萨村16户村民，八一镇加乃村15户村民 | N19: 更章乡娘萨村16户村民，八一镇加乃村15户村民 | O19: 更章乡娘萨村16户村民，八一镇加乃村15户村民 | P19: 更章乡娘萨村16户村民，八一镇加乃村15户村民 | Q19: 八一镇加乃村村民委员会、更章乡娘萨村村民委员会 | R19: -
A20: 16 | B20: 257 | C20: 2020 | D20: 统筹整合涉农资金 | E20: 更章乡 | F20: 更章乡娘萨村羊肚菌及蔬菜种植项目 | G20: 更章乡娘萨村安置点 | H20: 更章乡娘萨村羊肚菌及蔬菜种植基地：配套相关附属设施及购买羊肚菌、肥料等。 | I20: 100.04 | J20: 100.04 | K20: 0 | L20: 经营类 | M20: 林芝市巴宜区更章门巴民族乡娘萨村股份经济合作联合社 | N20: 西藏西部联合农业开发有限责任公司 | O20: 林芝市巴宜区更章门巴民族乡娘萨村股份经济合作联合社 | P20: 林芝市巴宜区更章门巴民族乡娘萨村股份经济合作联合社 | Q20: 林芝市巴宜区农业农村局、林芝市巴宜区更章乡人民政府 | R20: 升级
A21: 17 | B21: 259 | C21: 2020 | D21: 统筹整合涉农资金 | E21: 更章乡 | F21: 巴宜区三岩搬迁点配套产业项目 | G21: 八一镇加乃村安置点、更章乡娘萨村安置点、百巴镇嘎吉村安置点 | H21: 1.加乃村购买犏奶牛60头及配套开垦30亩饲草种植项目。 2.加乃村种植270亩优质青稞并配套购买相关种植收割农业机械。 3.娘萨村购买犏奶牛70头及维修30公里长、宽1.5米的牧道。 4.嘎吉村种植600亩优质青稞并配套购买相关种植收割农业机械。 | I21: 249.68 | J21: 249.68 | K21: 0 | L21: 到户类 | M21: 百巴镇嘎吉村68户村民，更章乡娘萨村16户村民，八一镇犏奶牛：八一镇加乃村15户村民，八一镇青稞：林芝市巴宜区八一镇加乃村股份经济合作联合社 | N21: 百巴镇嘎吉村68户村民，更章乡娘萨村16户村民，八一镇犏奶牛：八一镇加乃村15户村民，八一镇青稞：西藏荣源生态农业科技发展有限公司 | O21: 百巴镇嘎吉村68户村民，更章乡娘萨村16户村民，八一镇犏奶牛：八一镇加乃村15户村民，八一镇青稞：林芝市巴宜区八一镇加乃村股份经济合作联合社 | P21: 百巴镇嘎吉村68户村民，更章乡娘萨村16户村民，八一镇犏奶牛：八一镇加乃村15户村民，八一镇青稞：林芝市巴宜区八一镇加乃村股份经济合作联合社 | R21: -
A22: 18 | B22: 325 | C22: 2022 | D22: 财政衔接推进乡村振兴 | E22: 更章乡 | F22: 高原特色种植项目 | G22: 米瑞乡米瑞村、通麦村、色果拉村，百巴镇大坝村，更章乡更章村，八一镇加乃村 | H22: 增加保温棉被、卷棉机，及配套水肥一体设施等，对原有大棚提升改造186018平方米。 | I22: 1534.9 | J22: 1534.9 | K22: 0 | L22: 公益类 | M22: 林芝镇大坝村：林芝市巴宜区百巴镇大坝村经济联合社，更章乡更章村：林芝市巴宜区更章门巴民族乡更章村股份经济合作联合社，米瑞乡通麦村：林芝市巴宜区米瑞乡通麦村股份经济合作联合社，米瑞乡色果拉村：林芝市巴宜区米瑞乡色果拉村股份经济合作联合社，八一镇加乃村：林芝市巴宜区米瑞乡色果拉村股份经济合作联合社 | N22: 林芝市巴宜区百巴镇大坝村经济联合社，更章乡更章村：兵杰田园有限公司，米瑞乡通麦村：林芝盛世农业科技有限公司，米瑞乡色果拉村个体户，八一镇加乃村：西藏汇莱农业科技有限公司 | O22: 林芝镇大坝村：林芝市巴宜区百巴镇大坝村经济联合社，更章乡更章村：林芝市巴宜区更章门巴民族乡更章村股份经济合作联合社，米瑞乡通麦村：林芝市巴宜区米瑞乡通麦村股份经济合作联合社，米瑞乡色果拉村：林芝市巴宜区米瑞乡色果拉村股份经济合作联合社，八一镇加乃村：林芝市巴宜区米瑞乡色果拉村股份经济合作联合社 | P22: 林芝镇大坝村：林芝市巴宜区百巴镇大坝村经济联合社，更章乡更章村：林芝市巴宜区更章门巴民族乡更章村股份经济合作联合社，米瑞乡通麦村：林芝市巴宜区米瑞乡通麦村股份经济合作联合社，米瑞乡色果拉村：林芝市巴宜区米瑞乡色果拉村股份经济合作联合社，八一镇加乃村：林芝市巴宜区米瑞乡色果拉村股份经济合作联合社 | Q22: 林芝市巴宜区农业农村局、林芝市巴宜区百巴镇人民政府、林芝市巴宜区八一镇人民政府、林芝市巴宜区更章乡人民政府、林芝市巴宜区米瑞乡人民政府 | R22: -
A23: 19 | B23: 330 | C23: 2022 | D23: 财政衔接推进乡村振兴 | E23: 更章乡 | F23: 巴宜区入户养鸡项目 | G23: 林芝镇、更章乡等 | H23: 帮助巴宜区林芝镇、更章乡群众实施藏鸡到户养殖项目，购买种鸡和饲料以及消毒用品。 | I23: 74.5296 | J23: 74.5296 | K23: 0 | L23: 到户类 | M23: 更章乡白玛店村16户村民，更章乡门仲村4户村民，更章乡扎曲村9户村民，更章乡更章村14户村民，林芝镇邦纳村60户村民，林芝镇娘欧村48户村民，米瑞乡朗乃村31户村民 | N23: 更章乡白玛店村16户村民，更章乡门仲村4户村民，更章乡扎曲村9户村民，更章乡更章村14户村民，林芝镇邦纳村60户村民，林芝镇娘欧村48户村民，米瑞乡朗乃村31户村民 | O23: 更章乡白玛店村16户村民，更章乡门仲村4户村民，更章乡扎曲村9户村民，更章乡更章村14户村民，林芝镇邦纳村60户村民，林芝镇娘欧村48户村民，米瑞乡朗乃村31户村民 | P23: 更章乡白玛店村16户村民，更章乡门仲村4户村民，更章乡扎曲村9户村民，更章乡更章村14户村民，林芝镇邦纳村60户村民，林芝镇娘欧村48户村民，米瑞乡朗乃村31户村民 | Q23: （更章乡白玛店村、更章乡门仲村、更章乡扎曲村、更章乡更章村、林芝镇邦纳村、林芝镇娘欧村、米瑞乡朗乃村）村民委员会 | R23: -
A24: 20 | B24: 349 | C24: 2023 | D24: 财政衔接推进乡村振兴 | E24: 更章乡 | F24: 更章村村集体民俗旅游配套设施项目 | G24: 更章乡更章村 | H24: 1、民宿建筑工程1089.15平方米；2、给排水管网、消防设施、排污设施；3、人行道铺装等园建工程；4、开展植物工程，对民宿建设点进行绿化美化；5、开展景观水、景观电建设 | I24: 599.98 | J24: 599.98 | K24: 0 | L24: 经营类 | M24: 林芝市巴宜区更章门巴民族乡更章村股份经济合作联合社 | N24: 林芝市巴宜区更章门巴民族乡更章村股份经济合作联合社 | O24: 林芝市巴宜区更章门巴民族乡更章村股份经济合作联合社 | P24: 林芝市巴宜区更章门巴民族乡更章村股份经济合作联合社 | Q24: 林芝市巴宜区农业农村局、林芝市巴宜区更章乡人民政府 | R24: 升级
A25: 21 | B25: 359 | C25: 2023 | D25: 财政衔接推进乡村振兴 | E25: 更章乡 | F25: 巴宜区民宿改建项目 | G25: 布久乡杰麦村、布久乡朵当村、更章乡扎曲村 | H25: 按照3星级以上标准配套2000平米的民宿，并配备水、电、讯等配套相关设施，按照整屋定制配套家具及生活电器。 | I25: 1526.3811 | J25: 1526.3811 | K25: 0 | L25: 经营类 | M25: 布久乡朵当村：林芝市巴宜区布久乡朵当村股份经济合作联合社，布久乡杰麦村：巴宜区布久乡杰麦村股份经济合作联合社，更章扎曲村：巴宜区布久乡杰麦村股份经济合作联合社 | N25: 布久乡朵当村：林芝林卡旅游开发有限公司，布久乡杰麦村：巴宜区良辰美景乡村旅游中心（个体工商户），更章乡扎曲村：林芝览众旅游发展有限公司 | O25: 布久乡朵当村：林芝市巴宜区布久乡朵当村股份经济合作联合社，布久乡杰麦村：巴宜区布久乡杰麦村股份经济合作联合社，更章扎曲村：巴宜区布久乡杰麦村股份经济合作联合社 | P25: 布久乡朵当村：林芝市巴宜区布久乡朵当村股份经济合作联合社，布久乡杰麦村：巴宜区布久乡杰麦村股份经济合作联合社，更章扎曲村：巴宜区布久乡杰麦村股份经济合作联合社 | Q25: 林芝市巴宜区农业农村局、林芝市巴宜区更章乡人民政府、林芝市巴宜区布久乡人民政府 | R25: 巩固
A26: 22 | B26: 399 | C26: 2016 | D26: 地方政府债券资金 | E26: 更章乡 | F26: 更章门巴民族农家乐项目 | G26: 更章乡老排龙 | H26: 在原排龙乡所在地装修升级14栋门巴民居建筑配套设施，建立门巴民族特色村寨，促进全乡贫困群众增收。 | I26: 700 | J26: 700 | K26: 0 | L26: 经营类 | M26: 林芝市巴宜区更章乡人民政府 | N26: 林芝市荣发商贸有限公司 | O26: 林芝市巴宜区更章乡人民政府 | P26: 林芝市巴宜区更章乡人民政府 | Q26: 林芝市巴宜区农业农村局、林芝市巴宜区更章乡人民政府 | R26: 巩固 | S26: 乡人民政府
A27: 23 | B27: 430 | C27: 2018 | D27: 统筹整合涉农资金 | E27: 更章乡 | F27: 更章乡扎曲村油菜种植项目 | G27: 更章乡扎曲村 | H27: 购买尿素2.8吨，复合化肥5.6吨，种子0.7吨，农耕机械等建设内容 | I27: 8.76 | J27: 8.76 | K27: 0 | L27: 公益类 | M27: 林芝市巴宜区更章门巴民族乡扎曲村股份经济合作联合社 | N27: 林芝市巴宜区更章门巴民族乡扎曲村股份经济合作联合社 | O27: 林芝市巴宜区更章门巴民族乡扎曲村股份经济合作联合社 | P27: 林芝市巴宜区更章门巴民族乡扎曲村股份经济合作联合社 | Q27: 林芝市巴宜区农业农村局、林芝市巴宜区更章乡人民政府 | R27: -
A28: 24 | B28: 431 | C28: 2018 | D28: 统筹整合涉农资金 | E28: 更章乡 | F28: 更章乡精准扶贫农业观光园油菜种植项目 | G28: 更章乡白玛店村 | H28: 包括平整土地760.00亩及尿素、复合肥、种子等建设内容 | I28: 30 | J28: 30 | K28: 0 | L28: 公益类 | M28: 林芝市巴宜区更章门巴民族乡久巴村股份经济合作联合社、林芝市巴宜区更章门巴民族乡白玛店社区股份经济合作联合社 | N28: 林芝市巴宜区更章门巴民族乡久巴村股份经济合作联合社、林芝市巴宜区更章门巴民族乡白玛店社区股份经济合作联合社 | O28: 林芝市巴宜区更章门巴民族乡久巴村股份经济合作联合社、林芝市巴宜区更章门巴民族乡白玛店社区股份经济合作联合社 | P28: 林芝市巴宜区更章门巴民族乡久巴村股份经济合作联合社、林芝市巴宜区更章门巴民族乡白玛店社区股份经济合作联合社 | Q28: 林芝市巴宜区农业农村局、林芝市巴宜区更章乡人民政府 | R28: -
B29: 更章乡共有项目24个，涉及总资金7458.64万元，其中专项扶贫资金519.00万元，统筹整合资金2503.85万元，财政衔接资金3735.79万元，援藏资金0.00万元，地方政府债券700万元；涉及经营类项目12个，涉及资金4429.55万元，其中巩固一批项目8个涉及资金3520.53万元，升级一批项目2个涉及资金700.02万元，盘活一批项目0个涉及资金0.00万元，调整一批项目2个涉及资金209.00万元；（其中项目编码244、252、259、325、330、359号项目涉及多个乡镇资金有重叠）

Sheet 林芝镇
A1: 巴宜区帮扶产业项目林芝镇“四个一批分类及五权确权表
A3: 序号 | B3: 项目编码 | C3: 项目 年度 | D3: 资金来源 | E3: 乡镇 | F3: 项目 名称 | G3: 项目实施地点 | H3: 项目主要建设内容 | I3: 计划投资（万元） | L3: 项目 分类情况 | M3: 所有权 | N3: 经营权 | O3: 受益权 | P3: 处置权 | Q3: 监督权 | R3: 经营性项目“四个一批”分类 | S3: 备注
I4: 合计 | J4: 政策性资金 | K4: 其他渠道资金
A5: 1 | B5: 2 | C5: 2013 | D5: 专项扶贫资金 | E5: 林芝镇 | F5: 林芝镇卡斯木村旅游接待点建设项目 | G5: 林芝镇卡斯木村 | H5: 建设占地面积600平米的旅游接待点，其中、接待楼1栋400平米，伙房及储物间200平米，修建砖混结构围墙59.6米。 | I5: 80 | J5: 80 | K5: 0 | L5: 公益类 | M5: 林芝市巴宜区林芝镇卡斯木村股份经济合作联合社 | N5: 林芝市巴宜区林芝镇卡斯木村股份经济合作联合社 | O5: 林芝市巴宜区林芝镇卡斯木村股份经济合作联合社 | P5: 林芝市巴宜区林芝镇卡斯木村股份经济合作联合社 | Q5: 林芝市巴宜区农业农村局、林芝市巴宜区林芝镇人民政府 | R5: -
A6: 2 | B6: 3 | C6: 2013 | D6: 专项扶贫资金 | E6: 林芝镇 | F6: 林芝镇朗欧村旅游接待点建设项目 | G6: 林芝镇朗欧村 | H6: 建设占地面积600平米的旅游接待点，其中、接待楼1栋400平米，伙房及储物间200平米，修建砖混结构围墙59.6米。 | I6: 80 | J6: 80 | K6: 0 | L6: 经营类 | M6: 林芝市巴宜区林芝镇朗欧村股份经济合作联合社 | N6: 个体户 | O6: 林芝市巴宜区林芝镇朗欧村股份经济合作联合社 | P6: 林芝市巴宜区林芝镇朗欧村股份经济合作联合社 | Q6: 林芝市巴宜区农业农村局、林芝市巴宜区林芝镇人民政府 | R6: 巩固
A7: 3 | B7: 4 | C7: 2013 | D7: 专项扶贫资金 | E7: 林芝镇 | F7: 林芝镇尼池村糌粑面粉加工场项目 | G7: 林芝镇尼池村 | H7: 修建砖混结构厂房及仓库86.4㎡，水泥砖围墙79.4m，购置Ф100型电动石磨、阁润100型自动青稞翻炒机各1台（套），配套大门1座及水电等附属设施。 | I7: 22 | J7: 22 | K7: 0 | L7: 经营类 | M7: 林芝市巴宜区林芝镇尼池村尼池组股份经济合作社 | N7: 林芝市巴宜区林芝镇尼池村尼池组股份经济合作社 | O7: 林芝市巴宜区林芝镇尼池村尼池组股份经济合作社 | P7: 林芝市巴宜区林芝镇尼池村尼池组股份经济合作社 | Q7: 林芝市巴宜区农业农村局、林芝市巴宜区林芝镇人民政府 | R7: 巩固
A8: 4 | B8: 19 | C8: 2013 | D8: 专项扶贫资金 | E8: 林芝镇 | F8: 林芝镇立定村果园建设项目 | G8: 林芝镇立定村 | H8: 种植核桃树苗200亩；苹果树苗100亩；李子树苗、苹果树苗共100亩。 | I8: 40 | J8: 40 | K8: 0 | L8: 到户类 | M8: 林芝镇立定村25户村、邦纳村13户村、娘欧村22户村民 | N8: 林芝镇立定村25户村、邦纳村13户村、娘欧村22户村民 | O8: 林芝镇立定村25户村、邦纳村13户村、娘欧村22户村民 | P8: 林芝镇立定村25户村、邦纳村13户村、娘欧村22户村民 | Q8: 林芝镇立定村村民委员会 | R8: -
A9: 5 | B9: 26 | C9: 2013 | D9: 专项扶贫资金 | E9: 林芝镇 | F9: 林芝镇康扎村旅游接待住宿项目 | G9: 林芝镇康扎村 | H9: 建一栋占地面积641.83平米（含伙房及储物间100平米）集住宿餐饮为一体的接待点，购置76套床，156套床单及被套、配备餐桌等相应设备，配套建设大门1座等 | I9: 300 | J9: 150 | K9: 150 | L9: 公益类 | M9: 林芝市巴宜区林芝镇康扎村股份经济合作联合社 | N9: 林芝市巴宜区林芝镇康扎村股份经济合作联合社 | O9: 林芝市巴宜区林芝镇康扎村股份经济合作联合社 | P9: 林芝市巴宜区林芝镇康扎村股份经济合作联合社 | Q9: 林芝市巴宜区农业农村局、林芝市巴宜区林芝镇人民政府 | R9: -
A10: 6 | B10: 48 | C10: 2014 | D10: 专项扶贫资金 | E10: 林芝镇 | F10: 林芝镇、布久乡、米瑞乡藏猪养殖基地建设项目 | G10: 林芝镇卡斯木村、布久乡仲果村、米瑞乡米瑞村 | H10: 果绕村养殖藏猪225头，修建砖混结构猪舍600平方米，占地面积2500㎡及配套设施；卡斯木村养殖藏猪375头，修建砖混结构猪舍800平方米及配套设施；仲果村养殖藏猪125头，修建砖混结构猪舍400平方米，围墙380米占地面积2000㎡及配套设施；米瑞村养殖藏猪225头，修建到户猪圈650平方米。 | I10: 200 | J10: 200 | K10: 0 | L10: 到户类 | M10: 林芝市巴宜区林芝镇卡斯木村股份经济合作联合社、米瑞乡米瑞村42户村民 | N10: 林芝市巴宜区林芝镇卡斯木村股份经济合作联合社、米瑞乡米瑞村42户村民 | O10: 林芝市巴宜区林芝镇卡斯木村股份经济合作联合社、米瑞乡米瑞村42户村民 | P10: 林芝市巴宜区林芝镇卡斯木村股份经济合作联合社、米瑞乡米瑞村42户村民 | Q10: 林芝镇卡斯木村村民委员会、布久乡仲果村村民委员会、米瑞乡米瑞村村民委员会 | R10: -
A11: 7 | B11: 51 | C11: 2014 | D11: 专项扶贫资金 | E11: 林芝镇 | F11: 林芝镇帮纳村盛康养殖基地建设项目 | G11: 林芝镇帮纳村 | H11: 从周边养殖大户处购置（2-3年期）犏奶牛45头。 | I11: 25 | J11: 25 | K11: 0 | L11: 到户类 | M11: 林芝镇邦纳村45户村民 | N11: 林芝镇邦纳村45户村民 | O11: 林芝镇邦纳村45户村民 | P11: 林芝镇邦纳村45户村民 | Q11: 林芝镇帮纳村村民委员会 | R11: -
A12: 8 | B12: 52 | C12: 2014 | D12: 专项扶贫资金 | E12: 林芝镇 | F12: 林芝镇康扎村村旅游接待住宿项目 | G12: 林芝镇康扎村 | H12: 康扎村村旅游接待点配套工程。 | I12: 69.47 | J12: 69.47 | K12: 0 | L12: 公益类 | M12: 林芝市巴宜区林芝镇康扎村股份经济合作联合社 | N12: 林芝市巴宜区林芝镇康扎村股份经济合作联合社 | O12: 林芝市巴宜区林芝镇康扎村股份经济合作联合社 | P12: 林芝市巴宜区林芝镇康扎村股份经济合作联合社 | Q12: 林芝市巴宜区农业农村局、林芝市巴宜区林芝镇人民政府 | R12: -
A13: 9 | B13: 53 | C13: 2014 | D13: 专项扶贫资金 | E13: 林芝镇 | F13: 林芝县朗欧村旅游接待建设项目 | G13: 林芝镇朗欧村 | H13: 基础回填及挡墙等附属设施。 | I13: 20.8 | J13: 20.8 | K13: 0 | L13: 公益类 | M13: 林芝市巴宜区林芝镇朗欧村股份经济合作联合社 | N13: 王辉 | O13: 林芝市巴宜区林芝镇朗欧村股份经济合作联合社 | P13: 林芝市巴宜区林芝镇朗欧村股份经济合作联合社 | Q13: 林芝市巴宜区农业农村局、林芝市巴宜区林芝镇人民政府 | R13: -
A14: 10 | B14: 80 | C14: 2015 | D14: 专项扶贫资金 | E14: 林芝镇 | F14: 林芝镇卡斯木村氆氇加工厂建设项目 | G14: 林芝镇卡斯木村 | H14: 项目新建轻钢夹芯板结构生产厂房200平方米，并购置氆氇机30台套。 | I14: 30 | J14: 30 | K14: 0 | L14: 经营类 | M14: 林芝市巴宜区央宗氆氇手工艺品制作加工专业合作社 | N14: 林芝市巴宜区央宗氆氇手工艺品制作加工专业合作社 | O14: 林芝市巴宜区央宗氆氇手工艺品制作加工专业合作社 | P14: 林芝市巴宜区央宗氆氇手工艺品制作加工专业合作社 | Q14: 林芝市巴宜区农业农村局、林芝市巴宜区林芝镇人民政府 | R14: 巩固 | S14: 农牧民专合社
A15: 11 | B15: 102 | C15: 2016 | D15: 统筹整合涉农资金 | E15: 林芝镇 | F15: 林芝镇养殖项目 | G15: 林芝镇真巴村、尼池村、康扎村、曲古村、卡斯木村 | H15: 尼池村新建集中牛舍300㎡，30㎡/间，共10间，新建100㎡混合结构办公室1间、新建35㎡的仓库1间，安装1500m网围栏，购置犏奶牛40头。曲古村、真巴村、康扎村购置犏奶牛35头，到户新建牛舍330㎡，30㎡/间，共11间。卡斯木村新建猪舍2间，每间20㎡，购置藏香猪50头。 | I15: 116.2 | J15: 116.2 | K15: 0 | L15: 到户类 | M15: 林芝镇卡斯木村3户村民，林芝镇尼池村5户村民，林芝镇曲古村1户村民，林芝镇镇巴村5户村民，林芝镇康扎村5户村民 | N15: 林芝镇卡斯木村3户村民，林芝镇尼池村5户村民，林芝镇曲古村1户村民，林芝镇镇巴村5户村民，林芝镇康扎村5户村民 | O15: 林芝镇卡斯木村3户村民，林芝镇尼池村5户村民，林芝镇曲古村1户村民，林芝镇镇巴村5户村民，林芝镇康扎村5户村民 | P15: 林芝镇卡斯木村3户村民，林芝镇尼池村5户村民，林芝镇曲古村1户村民，林芝镇镇巴村5户村民，林芝镇康扎村5户村民 | Q15: 林芝镇真巴村村民委员会、尼池村村民委员会、康扎村、曲古村村民委员会、卡斯木村村民委员会 | R15: -
A16: 12 | B16: 115 | C16: 2016 | D16: 统筹整合涉农资金 | E16: 林芝镇 | F16: 林芝镇灵芝种植项目 | G16: 林芝镇朗欧村 | H16: 新建8m*40m单拱钢架结构温室3座，总建筑面积约为960㎡，购买灵芝菌种12600包。 | I16: 23.12 | J16: 23.12 | K16: 0 | L16: 经营类 | M16: 林芝市巴宜区林芝镇朗欧村股份经济合作联合社 | N16: 林芝市巴宜区林芝镇朗欧村股份经济合作联合社 | O16: 林芝市巴宜区林芝镇朗欧村股份经济合作联合社 | P16: 林芝市巴宜区林芝镇朗欧村股份经济合作联合社 | Q16: 林芝市巴宜区农业农村局、林芝市巴宜区林芝镇人民政府 | R16: 升级
A17: 13 | B17: 147 | C17: 2017 | D17: 统筹整合涉农资金 | E17: 林芝镇 | F17: 巴宜区林芝镇嘎拉村农业综合体建设项目 | G17: 林芝镇嘎啦村 | H17: 该项目占地面积320.9亩，实际游览面积180.00亩。修建门卫室17.64㎡，舞台58.65㎡，室外景观。游客集散广场4241.48m，游步道1864.54m，市政人行道143.14㎡，花径小路207.16㎡，民俗演绎中心368.32㎡、砼道路1558.08㎡、停车场植草砖1380.25㎡，入口景墙，爱情步道，婚纱摄影基地、景观亭风貌改造、长廊、室外导视工程、绿化工程及相关电气设备安装和给排水工程。 | I17: 1300 | J17: 1300 | K17: 0 | L17: 经营类 | M17: 林芝市巴宜区林芝镇真巴村嘎拉组股份经济合作社 | N17: 林芝市巴宜区林芝镇真巴村嘎拉组股份经济合作社 | O17: 林芝市巴宜区林芝镇真巴村嘎拉组股份经济合作社 | P17: 林芝市巴宜区林芝镇真巴村嘎拉组股份经济合作社 | Q17: 林芝市巴宜区农业农村局、林芝市巴宜区林芝镇人民政府 | R17: 巩固
A18: 14 | B18: 149 | C18: 2017 | D18: 统筹整合涉农资金 | E18: 林芝镇 | F18: 林芝镇帮纳村枸杞种植项目 | G18: 林芝镇帮纳村 | H18: 购买枸杞苗及其他配套设施。 | I18: 39.79 | J18: 39.79 | K18: 0 | L18: 经营类 | M18: 林芝市巴宜区林芝镇帮纳村股份经济合作联合社 | N18: 林芝市巴宜区林芝镇帮纳村股份经济合作联合社 | O18: 林芝市巴宜区林芝镇帮纳村股份经济合作联合社 | P18: 林芝市巴宜区林芝镇帮纳村股份经济合作联合社 | Q18: 林芝市巴宜区农业农村局、林芝市巴宜区林芝镇人民政府 | R18: 调整
A19: 15 | B19: 150 | C19: 2017 | D19: 统筹整合涉农资金 | E19: 林芝镇 | F19: 林芝镇朗欧村灵芝种植 （野外） | G19: 林芝镇朗欧村 | H19: 购买灵芝菌种，修建网围栏2000米。 | I19: 20.98 | J19: 20.98 | K19: 0 | L19: 经营类 | M19: 林芝市巴宜区林芝镇朗欧村股份经济合作联合社 | N19: 林芝市巴宜区林芝镇朗欧村股份经济合作联合社 | O19: 林芝市巴宜区林芝镇朗欧村股份经济合作联合社 | P19: 林芝市巴宜区林芝镇朗欧村股份经济合作联合社 | Q19: 林芝市巴宜区农业农村局、林芝市巴宜区林芝镇人民政府 | R19: 升级
A20: 16 | B20: 156 | C20: 2017 | D20: 统筹整合涉农资金 | E20: 林芝镇 | F20: 林芝镇康扎村犏奶牛养殖项目（到户） | G20: 林芝镇康扎村 | H20: 新建牛舍40㎡，购买犏奶牛4头。 | I20: 5.23 | J20: 5.23 | K20: 0 | L20: 到户类 | M20: 林芝镇康扎村1户村民 | N20: 林芝镇康扎村1户村民 | O20: 林芝镇康扎村1户村民 | P20: 林芝镇康扎村1户村民 | Q20: 林芝镇康扎村村民委员会 | R20: -
A21: 17 | B21: 164 | C21: 2017 | D21: 统筹整合涉农资金 | E21: 林芝镇 | F21: 林芝镇嘎拉村家庭旅馆升级改造项目 | G21: 林芝镇嘎拉村 | H21: 整合改造提升10户客房、卫生间、排污管及配套设施 | I21: 50 | J21: 50 | K21: 0 | L21: 到户类 | M21: 林芝镇嘎拉村10户村民 | N21: 林芝镇嘎拉村10户村民 | O21: 林芝镇嘎拉村10户村民 | P21: 林芝镇嘎拉村10户村民 | Q21: 林芝镇嘎拉村村民委员会 | R21: -
A22: 18 | B22: 167 | C22: 2017 | D22: 统筹整合涉农资金 | E22: 林芝镇 | F22: 林芝鸿宇养殖开发有限公司林芝镇立定村商品鸡养殖项目 | G22: 林芝镇立定村 | H22: 在原有计划养殖规模上增加商品鸡养殖10000只及鸡舍、饲料等相关配套 | I22: 30 | J22: 30 | K22: 0 | L22: 经营类 | M22: 林芝市巴宜区林芝镇立定村经济联合社 | N22: 西藏林芝鸿宇养殖开发有限公司 | O22: 林芝市巴宜区林芝镇立定村经济联合社 | P22: 林芝市巴宜区林芝镇立定村经济联合社 | Q22: 林芝市巴宜区农业农村局、林芝市巴宜区林芝镇人民政府 | R22: 巩固
A23: 19 | B23: 185 | C23: 2018 | D23: 统筹整合涉农资金 | E23: 林芝镇 | F23: 林芝镇旅游综合体建设项目 | G23: 林芝镇 | H23: 建设旅游综合体2000平方米，配套相关基础设施。 | I23: 779.98 | J23: 530 | K23: 249.98 | L23: 经营类 | M23: 林芝市巴宜区林芝镇人民政府 | N23: 林芝市巴宜区林芝镇人民政府 | O23: 林芝市巴宜区林芝镇人民政府 | P23: 林芝市巴宜区林芝镇人民政府 | Q23: 林芝市巴宜区农业农村局、林芝市巴宜区林芝镇人民政府 | R23: 升级 | S23: 镇人民政府
A24: 20 | B24: 196 | C24: 2018 | D24: 统筹整合涉农资金 | E24: 林芝镇 | F24: 巴宜区林芝镇藏鸡养殖项目（二） | G24: 林芝镇立定村 | H24: 藏鸡养殖20000只，简易鸡舍建设鸡舍1000平米，消毒间40平米及配套设施建设 。 | I24: 200 | J24: 90 | K24: 110 | L24: 经营类 | M24: 林芝市巴宜区林芝镇立定村经济联合社 | N24: 西藏林芝鸿宇养殖开发有限公司 | O24: 林芝市巴宜区林芝镇立定村经济联合社 | P24: 林芝市巴宜区林芝镇立定村经济联合社 | Q24: 林芝市巴宜区农业农村局、林芝市巴宜区林芝镇人民政府 | R24: 巩固
A25: 21 | B25: 213 | C25: 2018 | D25: 统筹整合涉农资金 | E25: 林芝镇 | F25: 巴宜区林芝镇帮纳村生态鸡养殖扩建项目 | G25: 林芝镇帮纳村 | H25: 新建散养藏鸡舍拟1500平米，配套饲料仓库2000平米以及饲料加工设备一套，管理用房120平米，修建道路1500米，网围栏2400米，一年拟养3万只藏鸡，大概占地100亩。 | I25: 400 | J25: 200 | K25: 200 | L25: 经营类 | M25: 林芝市巴宜区林芝镇帮纳村股份经济合作联合社 | N25: 林芝市巴宜区江南农牧科技发展有限公司 | O25: 林芝市巴宜区林芝镇帮纳村股份经济合作联合社 | P25: 林芝市巴宜区林芝镇帮纳村股份经济合作联合社 | Q25: 林芝市巴宜区农业农村局、林芝市巴宜区林芝镇人民政府 | R25: 巩固
A26: 22 | B26: 214 | C26: 2018 | D26: 统筹整合涉农资金 | E26: 林芝镇 | F26: 巴宜区卡斯木村团结传统手工艺加工厂项目 | G26: 林芝镇卡斯木村 | H26: 合作社巴宜门店装修资金及采购设备，厂房扩建 | I26: 30 | J26: 30 | K26: 0 | L26: 到户类 | M26: 林芝镇卡斯木民族团结传统手工艺加工厂专业合作社 | N26: 民族团结传统手工艺加工厂专业合作社 | O26: 林芝镇卡斯木民族团结传统手工艺加工厂专业合作社 | P26: 林芝镇卡斯木民族团结传统手工艺加工厂专业合作社 | Q26: 林芝镇卡斯木村村民委员会
A27: 23 | B27: 215 | C27: 2018 | D27: 统筹整合涉农资金 | E27: 林芝镇 | F27: 巴宜区林芝镇真巴村农家乐项目 | G27: 林芝镇真巴村 | H27: 购置帐篷及配套设施 | I27: 30 | J27: 30 | K27: 0 | L27: 经营类 | M27: 林芝市巴宜区林芝镇真巴村真巴组股份经济合作社 | N27: 巴宜区仙境花海牧场餐厅 | O27: 林芝市巴宜区林芝镇真巴村真巴组股份经济合作社 | P27: 林芝市巴宜区林芝镇真巴村真巴组股份经济合作社 | Q27: 林芝市巴宜区农业农村局、林芝市巴宜区林芝镇人民政府 | R27: 升级
A28: 24 | B28: 247 | C28: 2020 | D28: 统筹整合涉农资金 | E28: 林芝镇 | F28: 水果产业提质增效项目（二期） | G28: 百巴镇增巴村、八一镇加乃村、八一镇巴吉村、布久乡嘎玛村、百巴镇嘎吉村、米瑞乡朗乃村、林芝镇娘峨村 | H28: 标准化建设1994亩水果基地，包括水肥一体化，土壤改良增肥，完善配套设施等。 | I28: 1099.36 | J28: 1099.36 | K28: 0 | L28: 公益类 | M28: 百巴镇嘎吉村：林芝市巴宜区百巴镇嘎吉村专合社，百巴镇增巴村：林芝市巴宜区百巴镇增巴村股份经济合作联合社，布久乡嘎玛村：林芝市巴宜区布久乡嘎玛村则拉岗组股份经济合作社，林芝镇娘欧村22户村民，林芝市巴宜区米瑞乡朗乃村股份经济合作联合社，八一镇巴吉村：林芝市巴宜区八一镇巴吉村玉米组股份经济合作社，林芝市巴宜区八一镇加乃村股份经济合作联合社 | N28: 百巴镇嘎吉村：烟台大山果业开发有限公司巴宜区分公司，百巴镇增巴村：烟台大山果业开发有限公司巴宜区分公司，布久乡嘎玛村：林芝市巴宜区布久乡嘎玛村则拉岗组股份经济合作社，林芝镇娘欧村22户村民，林芝市巴宜区米瑞乡朗乃村股份经济合作联合社，八一镇巴吉村：西藏罗汉松生态农业科技发展有限责任公司，林芝市巴宜区八一镇加乃村股份经济合作联合社 | O28: 百巴镇嘎吉村：林芝市巴宜区百巴镇嘎吉村专合社，百巴镇增巴村：林芝市巴宜区百巴镇增巴村股份经济合作联合社，布久乡嘎玛村：林芝市巴宜区布久乡嘎玛村则拉岗组股份经济合作社，林芝镇娘欧村22户村民，林芝市巴宜区米瑞乡朗乃村股份经济合作联合社，八一镇巴吉村：林芝市巴宜区八一镇巴吉村玉米组股份经济合作社，林芝市巴宜区八一镇加乃村股份经济合作联合社 | P28: 百巴镇嘎吉村：林芝市巴宜区百巴镇嘎吉村专合社，百巴镇增巴村：林芝市巴宜区百巴镇增巴村股份经济合作联合社，布久乡嘎玛村：林芝市巴宜区布久乡嘎玛村则拉岗组股份经济合作社，林芝镇娘欧村22户村民，林芝市巴宜区米瑞乡朗乃村股份经济合作联合社，八一镇巴吉村：林芝市巴宜区八一镇巴吉村玉米组股份经济合作社，林芝市巴宜区八一镇加乃村股份经济合作联合社 | Q28: 林芝市巴宜区农业农村局、林芝市巴宜区百巴镇人民政府、林芝市巴宜区八一镇人民政府、林芝市巴宜区林芝镇人民政府、林芝市巴宜区米瑞乡人民政府
A29: 25 | B29: 295 | C29: 2021 | D29: 财政衔接推进乡村振兴 | E29: 林芝镇 | F29: 林芝镇帮纳村育肥牛基地建设项目 | G29: 林芝镇帮纳村 | H29: 对现有圈舍进行改造，购置母犏奶牛120.00头、雅江雪牛150头。 | I29: 348.19 | J29: 348.19 | K29: 0 | L29: 经营类 | M29: 林芝市巴宜区林芝镇帮纳村股份经济合作联合社 | N29: 林芝市兰泽赤锦种养殖农民专业合作社 | O29: 林芝市巴宜区林芝镇帮纳村股份经济合作联合社 | P29: 林芝市兰泽赤锦种养殖农民专业合作社 | Q29: 林芝市巴宜区农业农村局、林芝市巴宜区林芝镇人民政府 | R29: 升级
A30: 26 | B30: 298 | C30: 2021 | D30: 财政衔接推进乡村振兴 | E30: 林芝镇 | F30: 农家乐扩建项目 | G30: 林芝镇真巴村 | H30: 真巴村央吉林卡，立足真巴村现有自然资源、地理位置优势，拟对真巴村央吉林卡10亩地进行扩建提升，增加体验项目包括真人cs、卡丁山地车、特色响箭场、采摘园，打造休闲体验一体基地。 | I30: 197.43 | J30: 197.43 | K30: 0 | L30: 经营类 | M30: 林芝市巴宜区林芝镇真巴村（行政村）股份经济合作社 | N30: 巴宜区仙境花海牧场餐厅 | O30: 林芝市巴宜区林芝镇真巴村（行政村）股份经济合作社 | P30: 林芝市巴宜区林芝镇真巴村（行政村）股份经济合作社 | Q30: 林芝市巴宜区农业农村局、林芝市巴宜区林芝镇人民政府 | R30: 巩固
A31: 27 | B31: 299 | C31: 2021 | D31: 财政衔接推进乡村振兴 | E31: 林芝镇 | F31: 达则村养殖良种奶牛项目 | G31: 林芝镇达则村 | H31: 购买37头优良奶牛及饲料、购置饲料34吨 | I31: 49.91 | J31: 49.91 | K31: 0 | L31: 到户类 | M31: 林芝镇达则村37户村民 | N31: 林芝镇达则村37户村民 | O31: 林芝镇达则村37户村民 | P31: 林芝镇达则村37户村民 | Q31: 林芝镇达则村村民委员会 | R31: -
A32: 28 | B32: 303 | C32: 2021 | D32: 财政衔接推进乡村振兴 | E32: 林芝镇 | F32: 林芝镇种鸡场建设项目 | G32: 林芝镇达则村 | H32: 修建种鸡繁育厂房1000平方米，孵化间500平方米，管理用房，采购种鸡鸡苗10000只、孵化设备，净化环境设备、种鸡温控设备、育雏笼、种鸡产蛋笼、粪污处理设备，防疫消毒设施、蓄水池、围墙、场地硬化及水电配套设施等。 | I32: 999.84 | J32: 999.84 | K32: 0 | L32: 经营类 | M32: 林芝市巴宜区林芝镇达则村股份经济合作联合社 | N32: 林芝市巴宜区江南农牧科技发展有限公司 | O32: 林芝市巴宜区林芝镇达则村股份经济合作联合社 | P32: 林芝市巴宜区林芝镇达则村股份经济合作联合社 | Q32: 林芝市巴宜区农业农村局、林芝市巴宜区林芝镇人民政府 | R32: 巩固
A33: 29 | B33: 330 | C33: 2022 | D33: 财政衔接推进乡村振兴 | E33: 林芝镇 | F33: 巴宜区入户养鸡项目 | G33: 林芝镇、更章乡等 | H33: 帮助巴宜区林芝镇、更张乡群众实施藏鸡到户养殖项目，购买种鸡和饲料以及消毒用品。 | I33: 74.5296 | J33: 74.5296 | K33: 0 | L33: 到户类 | M33: 更章乡白玛店村16户村民，更章乡门仲村4户村民，更章乡扎曲村9户村民，更章乡更章村14户村民，林芝镇邦纳村60户村民，林芝镇娘欧村48户村民，米瑞乡朗乃村31户村民 | N33: 更章乡白玛店村16户村民，更章乡门仲村4户村民，更章乡扎曲村9户村民，更章乡更章村14户村民，林芝镇邦纳村60户村民，林芝镇娘欧村48户村民，米瑞乡朗乃村31户村民 | O33: 更章乡白玛店村16户村民，更章乡门仲村4户村民，更章乡扎曲村9户村民，更章乡更章村14户村民，林芝镇邦纳村60户村民，林芝镇娘欧村48户村民，米瑞乡朗乃村31户村民 | P33: 更章乡白玛店村16户村民，更章乡门仲村4户村民，更章乡扎曲村9户村民，更章乡更章村14户村民，林芝镇邦纳村60户村民，林芝镇娘欧村48户村民，米瑞乡朗乃村31户村民 | Q33: （更章乡白玛店村、更章乡门仲村、更章乡扎曲村、更章乡更章村、林芝镇邦纳村、林芝镇娘欧村、米瑞乡朗乃村）村民委员 | R33: -
A34: 30 | B34: 333 | C34: 2022 | D34: 财政衔接推进乡村振兴 | E34: 林芝镇 | F34: 卡斯木村藏香猪到户养殖项目 | G34: 林芝镇卡斯木村 | H34: 购置能繁母猪200头到户养殖。 | I34: 50 | J34: 50 | K34: 0 | L34: 到户类 | M34: 林芝镇卡斯木村24户村民 | N34: 林芝镇卡斯木村24户村民 | O34: 林芝镇卡斯木村24户村民 | P34: 林芝镇卡斯木村24户村民 | Q34: 林芝镇卡斯木村村民委员会 | R34: -
A35: 31 | B35: 338 | C35: 2022 | D35: 财政衔接推进乡村振兴 | E35: 林芝镇 | F35: 尼池村设施农业提升改造项目 | G35: 林芝镇尼池村 | H35: 对现有200亩蔬菜基地进行提升改造，同时建设采摘园及配套相关设施，形成企业+村集体+农户（含脱贫户）的产业发展模式。 | I35: 999.93 | J35: 999.93 | K35: 0 | L35: 经营类 | M35: 林芝市巴宜区林芝镇尼池村（行政村）股份经济合作社 | N35: 山东天立方农业发展有限公司 | O35: 林芝市巴宜区林芝镇尼池村（行政村）股份经济合作社 | P35: 林芝市巴宜区林芝镇尼池村（行政村）股份经济合作社 | Q35: 林芝市巴宜区农业农村局、林芝市巴宜区林芝镇人民政府 | R35: 升级
A36: 32 | B36: 340 | C36: 2022 | D36: 财政衔接推进乡村振兴 | E36: 林芝镇 | F36: 巴宜区林芝镇青稞产业配套设施项目 | G36: 林芝镇真巴村 | H36: 渠道工程1.23km，为基本农田570余亩供水灌溉 | I36: 107.02 | J36: 107.02 | K36: 0 | L36: 公益类 | M36: 林芝市巴宜区林芝镇真巴村（行政村）份经济合作社 | N36: 林芝市巴宜区林芝镇真巴村（行政村）股份经济合作社 | O36: 林芝市巴宜区林芝镇真巴村（行政村）股份经济合作社 | P36: 林芝市巴宜区林芝镇真巴村（行政村）股份经济合作社 | Q36: 林芝市巴宜区农业农村局、林芝市巴宜区林芝镇人民政府 | R36: -
A37: 33 | B37: 351 | C37: 2023 | D37: 财政衔接推进乡村振兴 | E37: 林芝镇 | F37: 朗欧村犏奶牛到户养殖项目 | G37: 林芝镇朗欧村 | H37: 47户每户购置5头犏奶牛，共购置犏奶牛235头,实施到户集中养殖；搭建1410平方米牛舍。 | I37: 419.86 | J37: 419.86 | K37: 0 | L37: 到户类 | M37: 林芝镇娘欧村47户村民 | N37: 林芝镇娘欧村47户村民 | O37: 林芝镇娘欧村47户村民 | P37: 林芝镇娘欧村47户村民 | R37: -
A38: 34 | B38: 352 | C38: 2023 | D38: 财政衔接推进乡村振兴 | E38: 林芝镇 | F38: 卡斯木村林下生态鸡养殖项目 | G38: 林芝镇卡斯木村 | H38: 林下养殖面积约10亩，购置简易鸡舍（集装箱），增设1000米网围栏，购买鸡苗5000只并配套部分饲料和部分电缆和水管。 | I38: 108.24515 | J38: 108.24515 | K38: 0 | L38: 经营类 | M38: 林芝市巴宜区林芝镇卡斯木村股份经济合作联合社 | N38: 林芝市巴宜区林芝镇卡斯木村股份经济合作联合社 | O38: 林芝市巴宜区林芝镇卡斯木村股份经济合作联合社 | P38: 林芝市巴宜区林芝镇卡斯木村股份经济合作联合社 | Q38: 林芝市巴宜区农业农村局、林芝市巴宜区林芝镇人民政府 | R38: 升级
A39: 35 | B39: 397 | C39: 2016 | D39: 地方政府债券资金 | E39: 林芝镇 | F39: 林芝镇农副产品综合市场项目 | G39: 林芝镇 | H39: 新建368.12㎡，287.50㎡的大楼各一栋，给排水工程、电气工程、拆除工程等建设内容。 | I39: 185.26 | J39: 185.26 | K39: 0 | L39: 经营类 | M39: 林芝镇人民政府 | N39: 林芝市巴宜区林芝镇人民政府 | O39: 林芝镇人民政府 | P39: 林芝镇人民政府 | Q39: 林芝市巴宜区农业农村局、林芝市巴宜区林芝镇人民政府 | R39: 升级 | S39: 镇人民政府
A40: 36 | B40: 412 | C40: 2016 | D40: 统筹整合涉农资金 | E40: 林芝镇 | F40: 巴宜区2016年优质青稞种植项目 | G40: 八一镇巴果绕村、林芝镇曲古村、林芝镇立定村 、林芝镇朗欧村 、林芝镇卡斯木村 | H40: 土地整理工程1250亩，机耕道工程1215米，新修农田支渠1477米、通洞3座、分水口35个、排水渠366米，蓄水池2座 | I40: 238 | J40: 238 | K40: 0 | L40: 公益类 | M40: 林芝市巴宜区八一镇巴果绕村股份经济合作联合社，林芝市巴宜区林芝镇曲古村股份经济合作联合社，林芝市巴宜区林芝镇立定村经济联合社，林芝市巴宜区林芝镇朗欧村股份经济合作联合社，林芝市巴宜区林芝镇卡斯木村股份经济合作联合社 | N40: 林芝市巴宜区八一镇巴果绕村股份经济合作联合社，林芝市巴宜区林芝镇曲古村股份经济合作联合社，林芝市巴宜区林芝镇立定村经济联合社，林芝市巴宜区林芝镇朗欧村股份经济合作联合社，林芝市巴宜区林芝镇卡斯木村股份经济合作联合社 | O40: 林芝市巴宜区八一镇巴果绕村股份经济合作联合社，林芝市巴宜区林芝镇曲古村股份经济合作联合社，林芝市巴宜区林芝镇立定村经济联合社，林芝市巴宜区林芝镇朗欧村股份经济合作联合社，林芝市巴宜区林芝镇卡斯木村股份经济合作联合社 | P40: 林芝市巴宜区八一镇巴果绕村股份经济合作联合社，林芝市巴宜区林芝镇曲古村股份经济合作联合社，林芝市巴宜区林芝镇立定村经济联合社，林芝市巴宜区林芝镇朗欧村股份经济合作联合社，林芝市巴宜区林芝镇卡斯木村股份经济合作联合社 | Q40: 林芝市巴宜区农业农村局、林芝市巴宜区八一镇人民政府、林芝市巴宜区林芝镇人民政府 | R40: -
B41: 林芝镇共有项目36个，涉及总资金8060.16万元，其中专项扶贫资金717.27万元，统筹整合资金3802.68万元，财政衔接资金3354.95万元，地方政府债券资金185.26万元，援藏资金0.00万元；涉及经营类项目18个，涉及资金5234.79万元，其中巩固一批项目9个涉及资金2949.27万元，升级一批项目8个涉及资金2245.73万元，盘活一批项目0个涉及资金0.00万元，调整一批项目1个涉及资金39.79万元；（其中项目编码48、247、412号项目涉及多个乡镇资金有重叠）

Sheet 米瑞乡
A1: 巴宜区帮扶产业项目米瑞乡“四个一批分类及五权确权表
A3: 序号 | B3: 项目编码 | C3: 项目 年度 | D3: 资金来源 | E3: 乡镇 | F3: 项目 名称 | G3: 项目实施地点 | H3: 项目主要建设内容 | I3: 计划投资（万元） | L3: 项目 分类情况 | M3: 所有权 | N3: 经营权 | O3: 受益权 | P3: 处置权 | Q3: 监督权 | R3: 经营性项目“四个一批”分类 | S3: 备注
I4: 合计 | J4: 政策性资金 | K4: 其他渠道资金
A5: 1 | B5: 5 | C5: 2013 | D5: 专项扶贫资金 | E5: 米瑞乡 | F5: 林芝县鲁朗镇东久村、林芝镇邦纳村、米瑞乡泽列村犏奶牛养殖项目 | G5: 鲁朗镇东久村、邦纳村，米瑞乡泽列村 | H5: 购置犏奶牛130头，种植草地100亩；新建砖木结构牛舍65座； | I5: 67 | J5: 67 | K5: 0 | L5: 到户类 | M5: 米瑞乡泽列村27户；鲁朗镇东久村18户，林芝镇帮纳村20户村民 | N5: 米瑞乡泽列村27户；鲁朗镇东久村18户，林芝镇帮纳村20户村民 | O5: 米瑞乡泽列村27户；鲁朗镇东久村18户，林芝镇帮纳村20户村民 | P5: 米瑞乡泽列村27户；鲁朗镇东久村18户，林芝镇帮纳村20户村民 | R5: -
A6: 2 | B6: 6 | C6: 2013 | D6: 专项扶贫资金 | E6: 米瑞乡 | F6: 米瑞乡通麦村养羊项目 | G6: 米瑞乡通麦村 | H6: 购置绵羊200头，苜蓿草种植100亩，新建砖木结构50平米羊舍10栋 | I6: 14 | J6: 14 | K6: 0 | L6: 经营类 | M6: 林芝市巴宜区米瑞通麦绵羊养殖农牧民专业合作社 | N6: 林芝市巴宜区米瑞通麦绵羊养殖农牧民专业合作社 | O6: 林芝市巴宜区米瑞通麦绵羊养殖农牧民专业合作社 | P6: 林芝市巴宜区米瑞通麦绵羊养殖农牧民专业合作社 | Q6: 林芝市巴宜区农业农村局、林芝市巴宜区米瑞乡人民政府 | R6: 巩固 | S6: 农牧民专合社
A7: 3 | B7: 9 | C7: 2013 | D7: 专项扶贫资金 | E7: 米瑞乡 | F7: 米瑞乡色果拉藏鸡养殖基地建设项目 | G7: 米瑞乡色果拉 | H7: 建设一个6000平方米的集中养殖点，其中包括鸡舍240平方米、活动场2400平方米、仓库及住宿房104平方米，以31户入社群众为主体，带动全村共46户群众（其中20户104名群众为扶贫对象）发展藏鸡养殖5000只，并配套修建大门及围墙等设施。包括培训经费2万元。 | I7: 50 | J7: 50 | K7: 0 | L7: 经营类 | M7: 林芝市巴宜区米瑞乡色果拉村股份经济合作联合社 | N7: 林芝市巴宜区米瑞乡色果拉村祥和种植养殖农牧民合作社 | O7: 林芝市巴宜区米瑞乡色果拉村股份经济合作联合社 | P7: 林芝市巴宜区米瑞乡色果拉村股份经济合作联合社 | Q7: 林芝市巴宜区农业农村局、林芝市巴宜区米瑞乡人民政府 | R7: 盘活
A8: 4 | B8: 10 | C8: 2013 | D8: 专项扶贫资金 | E8: 米瑞乡 | F8: 米瑞乡麦娘麦村蔬菜大棚建设项目 | G8: 米瑞乡麦娘麦村 | H8: 扶持米瑞乡麦娘麦村38户农牧民群众（其中扶贫对象22户，辐射带动户16户）共196人，发展蔬菜种植产业。按平均每1户一座共38座，共建设8×30m的单拱钢管插棚38座，每座面积为240m2；配套完善大棚灌溉土渠450米。 | I8: 76 | J8: 76 | K8: 0 | L8: 到户类 | M8: 米瑞乡麦娘麦村（仲萨村）33户村民 | N8: 米瑞乡麦娘麦村（仲萨村）33户村民 | O8: 米瑞乡麦娘麦村（仲萨村）33户村民 | P8: 米瑞乡麦娘麦村（仲萨村）33户村民 | R8: -
A9: 5 | B9: 11 | C9: 2013 | D9: 专项扶贫资金 | E9: 米瑞乡 | F9: 米瑞乡嘎萨村土豆、苜蓿草种植项目 | G9: 米瑞乡嘎萨村 | H9: 扶持米瑞乡嘎萨村16户108人治理撂荒地200亩，种植土豆50亩、紫花苜蓿草150亩。 | I9: 18 | J9: 18 | K9: 0 | L9: 到户类 | M9: 米瑞乡嘎萨村16户村民 | N9: 米瑞乡嘎萨村16户村民 | O9: 米瑞乡嘎萨村16户村民 | P9: 米瑞乡嘎萨村16户村民 | R9: -
A10: 6 | B10: 14 | C10: 2013 | D10: 专项扶贫资金 | E10: 米瑞乡 | F10: 米瑞乡通麦村农田灌溉水渠 | G10: 米瑞乡通麦村 | H10: 新建引水渠道1400米，及分水口农用桥等渠系配套建筑物。 | I10: 51 | J10: 51 | K10: 0 | L10: 公益类 | M10: 林芝市巴宜区米瑞乡通麦村股份经济合作联合社 | N10: 林芝市巴宜区米瑞乡通麦村股份经济合作联合社 | O10: 林芝市巴宜区米瑞乡通麦村股份经济合作联合社 | P10: 林芝市巴宜区米瑞乡通麦村股份经济合作联合社 | Q10: 林芝市巴宜区农业农村局、林芝市巴宜区米瑞乡人民政府 | R10: -
A11: 7 | B11: 20 | C11: 2013 | D11: 专项扶贫资金 | E11: 米瑞乡 | F11: 米瑞乡吉定村藏香猪养殖项目 | G11: 米瑞乡吉定村 | H11: 购置藏香猪1166头；修建猪圈53座。 | I11: 40 | J11: 40 | K11: 0 | L11: 到户类 | M11: 米瑞乡吉定村32户村民 | N11: 米瑞乡吉定村32户村民 | O11: 米瑞乡吉定村32户村民 | P11: 米瑞乡吉定村32户村民 | R11: -
A12: 8 | B12: 21 | C12: 2013 | D12: 专项扶贫资金 | E12: 米瑞乡 | F12: 米瑞乡德木达嘎鲁丁糌粑加工厂建设项目 | G12: 米瑞乡曲尼贡嘎村 | H12: 新建加工厂房2栋（一栋130㎡，另一栋170㎡）共300㎡；购置6FP2550型磨面机1台、6ZQ28A清粮机1台，YZYX120-8型螺旋榨油机1台、YBLL320X14板框滤油机1台；购置100型电动石磨4台（套）、阁润自动青稞翻炒机各3台（套）、电动缝口机1台；配套修建场区围墙260米、大门1座及水电线路等设施。 | I12: 80 | J12: 80 | K12: 0 | L12: 经营类 | M12: 米瑞乡德木康桑水磨糌粑面粉农民专业合作社 | N12: 米瑞乡德木康桑水磨糌粑面粉农民专业合作社 | O12: 米瑞乡德木康桑水磨糌粑面粉农民专业合作社 | P12: 米瑞乡德木康桑水磨糌粑面粉农民专业合作社 | Q12: 林芝市巴宜区农业农村局、林芝市巴宜区米瑞乡人民政府 | R12: 巩固 | S12: 农牧民专合社
A13: 9 | B13: 22 | C13: 2013 | D13: 专项扶贫资金 | E13: 米瑞乡 | F13: 米瑞乡曲尼贡嘎村藏香猪养殖项目 | G13: 米瑞乡曲尼贡嘎村 | H13: 建造4800平方米藏猪养殖基地;购置藏香仔猪1000头,母猪300头,种公猪20头；购置防疫/防病设备一套。 | I13: 79 | J13: 79 | K13: 0 | L13: 经营类 | M13: 林芝市米瑞乡曲尼贡嘎村达白养殖农牧民专业合作社 | N13: 林芝市米瑞乡曲尼贡嘎村达白养殖农牧民专业合作社 | O13: 林芝市米瑞乡曲尼贡嘎村达白养殖农牧民专业合作社 | P13: 林芝市米瑞乡曲尼贡嘎村达白养殖农牧民专业合作社 | Q13: 林芝市巴宜区农业农村局、林芝市巴宜区米瑞乡人民政府 | R13: 巩固 | S13: 农牧民专合社
A14: 10 | B14: 28 | C14: 2013 | D14: 专项扶贫资金 | E14: 米瑞乡 | F14: 米瑞乡色果拉村农田灌溉水渠修护项目 | G14: 米瑞乡色果拉村 | H14: 色果拉村3000米主渠和2800米支渠的修护 | I14: 10 | J14: 10 | K14: 0 | L14: 公益类 | M14: 林芝市巴宜区米瑞乡色果拉村股份经济合作联合社 | N14: 林芝市巴宜区米瑞乡色果拉村股份经济合作联合社 | O14: 林芝市巴宜区米瑞乡色果拉村股份经济合作联合社 | P14: 林芝市巴宜区米瑞乡色果拉村股份经济合作联合社 | Q14: 林芝市巴宜区农业农村局、林芝市巴宜区米瑞乡人民政府 | R14: -
A15: 11 | B15: 40 | C15: 2014 | D15: 专项扶贫资金 | E15: 米瑞乡 | F15: 米瑞乡增巴村旅游接待点建设 | G15: 米瑞乡增巴村 | H15: 建设集住宿饮食一体的接待楼1栋320平米，配套相关附属设施。 | I15: 80 | J15: 80 | K15: 0 | L15: 经营类 | M15: 林芝市巴宜区米瑞乡增巴村经济联合社 | N15: 个体户 | O15: 林芝市巴宜区米瑞乡增巴村经济联合社 | P15: 林芝市巴宜区米瑞乡增巴村经济联合社 | Q15: 林芝市巴宜区农业农村局、林芝市巴宜区米瑞乡人民政府 | R15: 巩固
A16: 12 | B16: 41 | C16: 2014 | D16: 专项扶贫资金 | E16: 米瑞乡 | F16: 米瑞乡曲尼贡嘎村达嘎杂自然村藏鸡养殖项目 | G16: 米瑞乡达嘎杂自然村 | H16: 建设6000平方米的集中养殖点，其中包括鸡舍400平方米、活动场2400平方米，仓库及住宿200平方米，发展藏鸡养殖8000只，并配套完善大门建设及围墙等设施。 | I16: 70 | J16: 70 | K16: 0 | L16: 到户类 | M16: 和谐种养殖合作社 | N16: 和谐种养殖合作社 | O16: 和谐种养殖合作社 | P16: 和谐种养殖合作社 | Q16: 米瑞乡达嘎杂自然村
A17: 13 | B17: 43 | C17: 2014 | D17: 专项扶贫资金 | E17: 米瑞乡 | F17: 米瑞乡通麦村工布服装加工厂建设项目 | G17: 米瑞乡通麦村 | H17: 修建加工厂房300平方米，其中仓库150平方米，围墙150米。SR-6-9缝纫机10台，在八一镇开设一间品牌专卖店。 | I17: 45 | J17: 45 | K17: 0 | L17: 经营类 | M17: 林芝市拉片工布服装有限公司 | N17: 林芝市拉片工布服装有限公司 | O17: 林芝市拉片工布服装有限公司 | P17: 林芝市拉片工布服装有限公司 | Q17: 林芝市巴宜区农业农村局、林芝市巴宜区米瑞乡人民政府 | R17: 巩固 | S17: 农牧民专合社
A18: 14 | B18: 45 | C18: 2014 | D18: 专项扶贫资金 | E18: 米瑞乡 | F18: 米瑞乡藏猪养殖基地建设项目 | G18: 米瑞乡麦娘麦村 | H18: 麦娘麦村养殖藏猪200头，修建砖混结构猪舍400平方米，围墙380米，占地面积2000㎡及配套设施； | I18: 30 | J18: 30 | K18: 0 | L18: 到户类 | M18: 米瑞乡麦娘麦村1户村民 | N18: 米瑞乡麦娘麦村1户村民 | O18: 米瑞乡麦娘麦村1户村民 | P18: 米瑞乡麦娘麦村1户村民 | Q18: 米瑞乡麦娘麦村村民委员会 | R18: -
A19: 15 | B19: 46 | C19: 2014 | D19: 专项扶贫资金 | E19: 米瑞乡 | F19: 米瑞乡朗乃村重建苯日神山扶贫招待所建设项目 | G19: 米瑞乡朗乃村 | H19: 建设集餐饮、住宿、旅游咨询等610平方米旅游接待点，其中接待楼建筑面积318.72平方米，购置货架货柜5套，被褥等8套，太阳能热水器4套等。 | I19: 77 | J19: 77 | K19: 0 | L19: 经营类 | M19: 林芝市巴宜区米瑞乡朗乃村股份经济合作联合社 | N19: 林芝市巴宜区米瑞乡朗乃村股份经济合作联合社 | O19: 林芝市巴宜区米瑞乡朗乃村股份经济合作联合社 | P19: 林芝市巴宜区米瑞乡朗乃村股份经济合作联合社 | Q19: 林芝市巴宜区农业农村局、林芝市巴宜区米瑞乡人民政府 | R19: 调整
A20: 16 | B20: 48 | C20: 2014 | D20: 专项扶贫资金 | E20: 米瑞乡 | F20: 林芝镇、布久乡、米瑞乡藏猪养殖基地建设项目 | G20: 林芝镇卡斯木村、布久乡仲果村、米瑞乡米瑞村 | H20: 色果绕村养殖藏猪225头，修建砖混结构猪舍600平方米，占地面积2500㎡及配套设施；卡斯木村养殖藏猪375头，修建砖混结构猪舍800平方米及配套设施；仲果村养殖藏猪125头，修建砖混结构猪舍400平方米，围墙380米占地面积2000㎡及配套设施；米瑞村养殖藏猪225头，修建到户猪圈650平方米。 | I20: 200 | J20: 200 | K20: 0 | L20: 到户类 | M20: 林芝市巴宜区林芝镇卡斯木村股份经济合作联合社、米瑞乡米瑞村42户村民 | N20: 林芝市巴宜区林芝镇卡斯木村股份经济合作联合社、米瑞乡米瑞村42户村民 | O20: 林芝市巴宜区林芝镇卡斯木村股份经济合作联合社、米瑞乡米瑞村42户村民 | P20: 林芝市巴宜区林芝镇卡斯木村股份经济合作联合社、米瑞乡米瑞村42户村民 | Q20: 林芝镇卡斯木村村民委员会、布久乡仲果村村民委员会、米瑞乡米瑞村村民委员会 | R20: -
A21: 17 | B21: 50 | C21: 2014 | D21: 专项扶贫资金 | E21: 米瑞乡 | F21: 米瑞乡吉定村经济林木种植项目 | G21: 米瑞乡吉定村 | H21: 种植核桃50亩，修建网围栏1000米，配套灌溉设施。 | I21: 25 | J21: 25 | K21: 0 | L21: 公益类 | M21: 林芝市巴宜区米瑞乡吉定村股份经济合作联合社 | N21: 林芝市巴宜区米瑞乡吉定村股份经济合作联合社 | O21: 林芝市巴宜区米瑞乡吉定村股份经济合作联合社 | P21: 林芝市巴宜区米瑞乡吉定村股份经济合作联合社 | Q21: 林芝市巴宜区农业农村局、林芝市巴宜区米瑞乡人民政府 | R21: -
A22: 18 | B22: 66 | C22: 2015 | D22: 专项扶贫资金 | E22: 米瑞乡 | F22: 百巴镇、米瑞乡蔬菜大棚建设项目 | G22: 百巴镇拉格村、米瑞乡吉定村 | H22: 拉格村新建8米×40米的单拱钢管塑料大棚26座，为满足种植过程中作物对灌溉的需求，配套相应灌溉设施；吉定村新建8米×20米的单拱钢管塑料大棚32座。 | I22: 226 | J22: 226 | K22: 0 | L22: 到户类 | M22: 林芝市巴宜区百巴镇拉格村股份经济合作联合社、米瑞乡吉定村32户村民 | N22: 林芝市巴宜区百巴镇拉格村股份经济合作联合社、米瑞乡吉定村32户村民 | O22: 林芝市巴宜区百巴镇拉格村股份经济合作联合社、米瑞乡吉定村32户村民 | P22: 林芝市巴宜区百巴镇拉格村股份经济合作联合社、米瑞乡吉定村32户村民 | Q22: 林芝市巴宜区农业农村局、林芝市巴宜区百巴镇人民政府、林芝市巴宜区米瑞乡人民政府 | R22: 盘活
A23: 19 | B23: 69 | C23: 2015 | D23: 专项扶贫资金 | E23: 米瑞乡 | F23: 米瑞乡色果拉村绵羊养殖基地建设项目 | G23: 米瑞乡色果拉村 | H23: 绵羊养殖规模500只，配套建设砖木结构羊圈600平方米，种植苜蓿300亩。 | I23: 80 | J23: 80 | K23: 0 | L23: 经营类 | M23: 林芝市巴宜区米瑞乡色果拉村股份经济合作联合社 | N23: 林芝市巴宜区米瑞乡色果拉村祥和种养殖农牧民合作社 | O23: 林芝市巴宜区米瑞乡色果拉村股份经济合作联合社 | P23: 林芝市巴宜区米瑞乡色果拉村股份经济合作联合社 | Q23: 林芝市巴宜区农业农村局、林芝市巴宜区米瑞乡人民政府 | R23: 巩固
A24: 20 | B24: 72 | C24: 2015 | D24: 专项扶贫资金 | E24: 米瑞乡 | F24: 米瑞乡泽列村藏香猪养殖项目 | G24: 米瑞乡泽列村 | H24: 扶持27户农牧民群众发展藏香猪养殖，每户修建砖木结构15㎡猪舍1座，户均购置仔猪4头，共108头。 | I24: 25 | J24: 25 | K24: 0 | L24: 到户类 | M24: 米瑞乡泽列村27户村民 | N24: 米瑞乡泽列村27户村民 | O24: 米瑞乡泽列村27户村民 | P24: 米瑞乡泽列村27户村民 | Q24: 米瑞乡泽列村村民委员会 | R24: -
A25: 21 | B25: 75 | C25: 2015 | D25: 专项扶贫资金 | E25: 米瑞乡 | F25: 米瑞乡朗乃村果树种植项目 | G25: 米瑞乡朗乃村 | H25: 一是种植苹果、梨、核桃等水果200亩；二是建设网围栏3700米；三是修建水渠400米。 | I25: 65 | J25: 65 | K25: 0 | L25: 经营类 | M25: 林芝市巴宜区米瑞乡朗乃村股份经济合作联合社 | N25: 林芝市巴宜区米瑞乡朗乃村股份经济合作联合社 | O25: 林芝市巴宜区米瑞乡朗乃村股份经济合作联合社 | P25: 林芝市巴宜区米瑞乡朗乃村股份经济合作联合社 | Q25: 林芝市巴宜区农业农村局、林芝市巴宜区米瑞乡人民政府 | R25: 升级
A26: 22 | B26: 83 | C26: 2015 | D26: 专项扶贫资金 | E26: 米瑞乡 | F26: 麦娘麦村藏猪养殖项目 | G26: 米瑞乡麦娘麦村 | H26: 米瑞乡麦娘麦村养殖藏猪幼崽480头，修建猪圈1024平方米。 | I26: 40 | J26: 40 | K26: 0 | L26: 到户类 | M26: 米瑞乡麦娘麦村30户村民 | N26: 米瑞乡麦娘麦村30户村民 | O26: 米瑞乡麦娘麦村30户村民 | P26: 米瑞乡麦娘麦村30户村民 | Q26: 米瑞乡麦娘麦村村民委员会 | R26: -
A27: 23 | B27: 117 | C27: 2016 | D27: 统筹整合涉农资金 | E27: 米瑞乡 | F27: 米瑞乡蔬菜温室大棚项目 | G27: 米瑞乡增巴村、朗乃村 | H27: 8m×40m单拱钢架结构温室大棚4座；8m×20m单拱钢架结构温室大棚5座；25*33网纹管pvc软管；客土改良835㎡；有机肥9.7吨。 | I27: 39.06 | J27: 39.06 | K27: 0 | L27: 到户类 | M27: 米瑞乡朗乃村4户村民，米瑞乡增巴村5户村民 | N27: 米瑞乡朗乃村4户村民，米瑞乡增巴村5户村民 | O27: 米瑞乡朗乃村4户村民，米瑞乡增巴村5户村民 | P27: 米瑞乡朗乃村4户村民，米瑞乡增巴村5户村民 | Q27: （米瑞乡增巴村、朗乃村）村民委员会 | R27: -
A28: 24 | B28: 121 | C28: 2016 | D28: 统筹整合涉农资金 | E28: 米瑞乡 | F28: 米瑞乡自营百货商店建设项目 | G28: 米瑞乡泽列村 | H28: 基础设施25㎡；商品购置1项。 | I28: 5.071 | J28: 5.071 | K28: 0 | L28: 到户类 | M28: 米瑞乡泽列村1户村民 | N28: 米瑞乡泽列村1户村民 | O28: 米瑞乡泽列村1户村民 | P28: 米瑞乡泽列村1户村民 | Q28: 米瑞乡泽列村村民委员会 | R28: -
